Workbook
Name 核算项目: #REF!

Sheet 清算项目基本情况表
A1: T10000清算项目基本情况表
A2: （从事房地产开发的纳税人适用）
A3: 纳税人识别号： | C3: 91652801576209018D | G3: 纳税人名称： | I3: 新疆通力房地产开发有限公司库尔勒分公司 | Z3: *填表日期： | AC3: 2023-08-02
A4: 金额单位:人民币元(列至角分) | Z4: 面积单位:平方米
A5: 项目基本情况
A6: *项目名称 | D6: 沁春锦苑三期 | H6: *项目编码 | S6: Z65280120210001 | X6: *是否属于分期开发项目 | AG6: 是
A7: *项目地址 | D7: 库尔勒市石化大道南侧、杜鹃河东侧 | X7: *总预算成本 | AG7: 221723000
A8: *项目所在地主管税务机关 | D8: 国家税务总局库尔勒市税务局 | H8: *项目所在地主管税务所（科/分局） | S8: 库尔勒市税务局税源管理一股 | X8: *土地使用权出（转）让合同签订日期 | AG8: 2002-04-18
A9: *开发土地总面积 | D9: 35429.51 | H9: *开发建筑总面积 | L9: 62821.3 | S9: *项目总地价款 | X9: 0 | AB9: *容积率 | AG9: 1.35
A10: *绿地率 | D10: 0.35 | H10: 项目开工日期 | L10: 2020-06-30 | S10: 整体竣工日期 | X10: 2023-10-08 | AB10: 最后一个销（预）售证取得时间 | AG10: 2021-09-07
A11: 发改部门立项信息
A12: 序号 | B12: 投资项目代码 | C12: 项目名称 | Q12: 项目总投资 | AA12: 建筑面积
A13: 1 | B13: 2020050 | C13: 沁春锦苑12、13、14、15、18、21、22、37、38号楼建设项目 | Q13: 221723000 | AA13: 62821.3
A14: 土地使用权信息
A15: 序号 | B15: 不动产权证号 | C15: 不动产单元号 | H15: 权利类型 | O15: 权利性质 | X15: 用途 | AA15: 面积 | AE15: 使用期限 | AG15: 土地使用权证发证日期
A16: 1 | B16: 新（2019）库尔勒市不动产权第00014237号 | C16: 652801005064 | H16: 国有建设用地使用权 | O16: 出让 | X16: 房地产开发企业的开发用地 | AA16: 35429.51 | AE16: 50 | AG16: 2010-07-22
A17: 建设用地规划许可信息
A18: 序号 | B18: 建设用地规划许可证编号 | C18: 用地项目名称 | H18: 用地位置 | S18: 用途 | V18: 用地面积 | AA18: 建设规模 | AG18: 发证日期
A19: 1 | B19: 地字第652800201100127号 | C19: 住宅楼 | H19: 64号小区 | S19: 房地产开发企业的开发用地 | V19: 152091.92 | AA19: 194427.28 | AG19: 2011-08-01
A20: 建设工程规划许可信息
A21: 序号 | B21: 建设工程规划许可证编号 | C21: 建设项目名称 | H21: 建设位置 | S21: 建设规模 | AA21: *发证日期
A22: 1 | B22: 建字第652801202000321号 | C22: 12#住宅楼 | H22: 库尔勒市64号小区 | S22: 6694.17 | AA22: 2020-06-15
A23: 2 | B23: 建字第652801202000323号 | C23: 14#住宅楼 | H23: 库尔勒市64号小区 | S23: 5037.45 | AA23: 2020-06-15
A24: 3 | B24: 建字第652801202000325号 | C24: 38#住宅楼 | H24: 库尔勒市64号小区 | S24: 6029.6 | AA24: 2020-06-15
A25: 4 | B25: 建字第652801202000519号 | C25: 沁园春锦21#住宅楼 | H25: 库尔勒市64号小区、幸福路北侧 | S25: 5839.07 | AA25: 2020-09-10
A26: 5 | B26: 建字第652801202000521号 | C26: 沁园春锦37#楼，社区用房 | H26: 库尔勒市64号小区、幸福路北侧 | S26: 1657.02 | AA26: 2020-09-10
A27: 6 | B27: 建字第652801202000324号 | C27: 15#住宅楼 | H27: 库尔勒市64号小区 | S27: 5037.45 | AA27: 2020-06-15
A28: 7 | B28: 建字第652801202000520号 | C28: 沁园春锦22#住宅楼 | H28: 库尔勒市64号小区、幸福路北侧 | S28: 10530.34 | AA28: 2020-09-10
A29: 8 | B29: 建字第652801202000518号 | C29: 沁园春锦18#住宅楼 | H29: 库尔勒市64号小区、幸福路北侧 | S29: 10564.62 | AA29: 2020-09-10
A30: 9 | B30: 建字第652801202000322号 | C30: 13#住宅楼 | H30: 库尔勒市64号小区 | S30: 4538.24 | AA30: 2020-06-15
A31: 10 | B31: 建字第652801202000522号 | C31: 沁园春锦地下车库及人防部分 | H31: 库尔勒市64号小区、幸福路北侧 | S31: 7058.87 | AA31: 2020-09-10
A32: 建筑工程施工许可信息
A33: 序号 | B33: 建筑工程施工许可证编号 | C33: 工程名称 | G33: 建设地址 | H33: 建设规模 | O33: 合同价格 | S33: 施工单位名称 | X33: 合同开工日期 | AC33: 合同竣工日期 | AG33: 发证日期
A34: 1 | B34: 652801202012210101 | C34: 沁春锦苑（18#21#22#、37#社区用房、地下车库及人防部分） | G34: 库尔勒市石化大道南侧、杜鹃河东侧 | H34: 34383.67 | O34: 92059500 | S34: 新疆通力建设集团股份有限公司 | X34: 2020-12-15 | AC34: 2022-11-15 | AG34: 2020-12-21
A35: 2 | B35: 652801202006291401 | C35: 沁春锦苑（12#13#14#15#38#31#楼幼儿园） | G35: 库尔勒市石化大道南侧、杜鹃河东侧 | H35: 29303.56 | O35: 54393307 | S35: 新疆通力建设集团股份有限公司 | X35: 2020-06-30 | AC35: 2021-11-30 | AG35: 2020-06-29
A36: 预售许可信息
A37: 序号 | B37: 预售许可证编号 | C37: 项目名称 | F37: 预售款专用帐户网点、帐号 | G37: 预售房屋建筑面积 | R37: 预售套数 | AG37: *发证日期
G38: 住宅 | I38: 商业用房 | J38: 办公用房 | K38: 车位车库 | M38: 其他 | P38: 合计 | R38: 住宅 | T38: 商业用房 | X38: 办公用房 | Z38: 车位车库 | AC38: 其他 | AF38: 合计
A39: 1 | B39: 新建房许字（2020）150号-库尔勒市许字（2020）150号-库尔勒市 | C39: 沁春锦苑 | G39: 5524.66 | I39: 0 | J39: 0 | K39: 0 | M39: 486.22 | P39: 6010.88 | R39: 44 | T39: 0 | X39: 0 | Z39: 0 | AC39: 0 | AF39: 44 | AG39: 2020-12-02
A40: 2 | B40: 新建房许字（2020）151号-库尔勒市许字（2020）151号-库尔勒市 | C40: 沁春锦苑 | G40: 4480.96 | I40: 0 | J40: 0 | K40: 0 | M40: 545.28 | P40: 5026.24 | R40: 32 | T40: 0 | X40: 0 | Z40: 0 | AC40: 0 | AF40: 32 | AG40: 2020-12-02
A41: 3 | B41: 新建房许字（2020）153号-库尔勒市许字（2020）153号-库尔勒市 | C41: 沁春锦苑 | G41: 4032.12 | I41: 0 | J41: 0 | K41: 0 | M41: 488.76 | P41: 4520.88 | R41: 32 | T41: 0 | X41: 0 | Z41: 0 | AC41: 0 | AF41: 32 | AG41: 2020-12-02
A42: 4 | B42: 新建房许字（2021）161号-库尔勒市许字（2021）161号-库尔勒市 | C42: 沁春锦苑 | G42: 10145.52 | I42: 0 | J42: 0 | K42: 0 | M42: 39.24 | P42: 10184.76 | R42: 72 | T42: 0 | X42: 0 | Z42: 0 | AC42: 0 | AF42: 72 | AG42: 2021-09-07
A43: 5 | B43: 新建房许字（2020）152号-库尔勒市许字（2020）152号-库尔勒市 | C43: 沁春锦苑 | G43: 4480.96 | I43: 0 | J43: 0 | K43: 0 | M43: 545.28 | P43: 5026.24 | R43: 32 | T43: 0 | X43: 0 | Z43: 0 | AC43: 0 | AF43: 32 | AG43: 2020-12-02
A44: 6 | B44: 新建房许字（2021）160号-库尔勒市许字（2021）150号-库尔勒市 | C44: 沁春锦苑 | G44: 5840.49 | I44: 0 | J44: 0 | K44: 0 | M44: 0 | P44: 5840.49 | R44: 44 | T44: 0 | X44: 0 | Z44: 0 | AC44: 0 | AF44: 44 | AG44: 2021-09-07
A45: 7 | B45: 新建房许字（2021）161号-库尔勒市许字（2021）162号-库尔勒市 | C45: 沁春锦苑 | G45: 10143.36 | I45: 0 | J45: 0 | K45: 0 | M45: 0 | P45: 10143.36 | R45: 72 | T45: 0 | X45: 0 | Z45: 0 | AC45: 0 | AF45: 72 | AG45: 2021-09-07
A46: 8 | B46: 新建房许字（2020）154号-库尔勒市 | C46: 沁春锦苑 | G46: 6140.42 | I46: 0 | J46: 0 | K46: 0 | M46: 542.62 | P46: 6683.04 | R46: 44 | T46: 0 | X46: 0 | Z46: 0 | AC46: 0 | AF46: 44 | AG46: 2020-12-02
A47: 现售备案信息
A48: 序号 | B48: 现售备案证书编号 | C48: 项目名称 | H48: 现售房屋建筑面积 | AA48: 发证日期
H49: 住宅 | M49: 商业用房 | Q49: 办公用房 | U49: 车位车库 | W49: 其他 | Y49: 合计
A50: 1
A51: 建设工程竣工验收信息
A52: 序号 | B52: 竣工的建筑工程施工许可证编号 | H52: 验收日期 | N52: *备案日期 | U52: 竣工工程造价 | AA52: 竣工面积
A53: 1 | B53: 652801202012210101 | H53: 2023-10-31 | N53: 2023-10-31 | U53: 92059500 | AA53: 34383.67
A54: 2 | B54: 652801202006291401 | H54: 2023-01-10 | N54: 2023-01-10 | U54: 41000000 | AA54: 27267.8

Sheet 土地增值税税源明细表
A1: T20000土地增值税税源明细表
A2: 税款所属期间： | B2: 2020年9月1日 至2025年8月31日
A3: 纳税人识别号(统一社会信用代码): | B3: =IF(清算项目基本情况表!C3="","",清算项目基本情况表!C3) -> 91652801576209018D
A4: 纳税人名称: | B4: =IF(清算项目基本情况表!I3="","",清算项目基本情况表!I3) -> 新疆通力房地产开发有限公司库尔勒分公司 | G4: 金额单位:人民币元(列至角分) | K4: 面积单位:平方米
A5: 项目名称 | B5: =IF(清算项目基本情况表!D6="","",清算项目基本情况表!D6) -> 沁春锦苑三期 | F5: 项目编码 | H5: =IF(清算项目基本情况表!S6="","",清算项目基本情况表!S6) -> Z65280120210001
A6: 项目地址 | B6: =清算项目基本情况表!D7 -> 库尔勒市石化大道南侧、杜鹃河东侧 | F6: 分配方法 | H6: 三分法
A7: 项目总可售面积 | B7: ='附表1-面积统计表'!F29 -> 53795.37 | F7: 自用和出租面积 | G7: ='附表1-面积统计表'!I29+'附表1-面积统计表'!J29 -> 0
A8: 已售面积 | B8: ='附表1-面积统计表'!G29 -> 50522.11 | C8: 其中:普通住宅已售面积 | D8: ='附表1-面积统计表'!G5 -> 50522.11 | F8: 其中:非普通住宅已售面积 | G8: ='附表1-面积统计表'!G6 -> 0 | I8: 其中:其他类型房地产已售面积 | J8: ='附表1-面积统计表'!G7 -> 0
A9: 清算后剩余可售面积 | B9: ='附表1-面积统计表'!H29 -> 3273.26 | C9: 其中:普通住宅剩余可售面积 | D9: ='附表1-面积统计表'!H5 -> 125.76 | F9: 其中:非普通住宅剩余可售面积 | G9: ='附表1-面积统计表'!H6 -> 0 | I9: 其中:其他类型房地产剩余可售面积 | J9: ='附表1-面积统计表'!H7 -> 3147.5
A10: 项目 | C10: 行次 | D10: 普通住宅 | F10: 非普通住宅 | H10: 其他类型房产 | J10: 总额
A11: 一、转让房地产收入总额 | C11: 1=2+3+4 | D11: =SUM(D12:D14) -> 2.1672025e+08 | F11: =SUM(F12:F14) -> 0 | H11: =SUM(H12:H14) -> 0 | J11: =SUM(D11:I11) -> 2.1672025e+08
A12: 1.货币收入 | C12: 2 | D12: ='附表2-收入统计表'!C5 -> 2.1672025e+08 | F12: =IF($H$6="三分法",'附表2-收入统计表'!C6,"") -> 0 | H12: =IF($H$6="三分法",'附表2-收入统计表'!C7,SUM('附表2-收入统计表'!C6:C7)) -> 0 | J12: =SUM(D12:I12) -> 2.1672025e+08 | P12: =D12/$D$8 -> 4289.612
A13: 2.实物收入及其他收入 | C13: 3 | D13: ='附表2-收入统计表'!D5 -> 0 | F13: =IF($H$6="三分法",'附表2-收入统计表'!D6,"") -> 0 | H13: =IF($H$6="三分法",'附表2-收入统计表'!D7,SUM('附表2-收入统计表'!D6:D7)) -> 0 | J13: =SUM(D13:I13) -> 0
A14: 3.视同销售收入 | C14: 4 | D14: ='附表2-收入统计表'!E5 -> 0 | F14: =IF($H$6="三分法",'附表2-收入统计表'!E6,"") -> 0 | H14: =IF($H$6="三分法",'附表2-收入统计表'!E7,SUM('附表2-收入统计表'!E6:E7)) -> 0 | J14: =SUM(D14:I14) -> 0
A15: 二、扣除项目金额合计 | C15: 5=6+7+14+17+21+22 | D15: =SUM(D16)+SUM(D18)+SUM(D26)+SUM(D29)+SUM(D33)+SUM(D34) -> 1.8223916e+08 | F15: =SUM(F16)+SUM(F18)+SUM(F26)+SUM(F29)+SUM(F33)+SUM(F34) -> 0 | H15: =SUM(H16)+SUM(H18)+SUM(H26)+SUM(H29)+SUM(H33)+SUM(H34) -> 0 | J15: =SUM(D15:I15) -> 1.8223916e+08
A16: 1.取得土地使用权所支付的金额 | C16: 6 | D16: =SUM('附表3-扣除项目分摊表'!K7) -> 0 | F16: =IF($H$6="三分法",SUM('附表3-扣除项目分摊表'!L7),"") -> 0 | H16: =IF($H$6="三分法",SUM('附表3-扣除项目分摊表'!M7),SUM('附表3-扣除项目分摊表'!L7:M7)) -> 0 | J16: =SUM(D16:I16) -> 0
A17: 其中：不可加计扣除金额 | C17: 6-1 | D17: =SUM('附表3-扣除项目分摊表'!K8) -> 0 | F17: =IF($H$6="三分法",SUM('附表3-扣除项目分摊表'!L8),"") -> 0 | H17: =IF($H$6="三分法",SUM('附表3-扣除项目分摊表'!M8),SUM('附表3-扣除项目分摊表'!L8:M8)) -> 0 | J17: =SUM(D17:I17) -> 0
A18: 2.房地产开发成本 | C18: 7=8+9+10+11+12+13 | D18: =SUM(D19:D24) -> 1.3953064e+08 | F18: =SUM(F19:F24) -> 0 | H18: =SUM(H19:H24) -> 0 | J18: =SUM(D18:I18) -> 1.3953064e+08 | S18: 1.3953064e+08
A19: 其中：土地征用及拆迁补偿费 | C19: 8 | D19: =SUM('附表3-扣除项目分摊表'!K10) -> 1271410.3 | F19: =IF($H$6="三分法",SUM('附表3-扣除项目分摊表'!L10),"") -> 0 | H19: =IF($H$6="三分法",SUM('附表3-扣除项目分摊表'!M10),SUM('附表3-扣除项目分摊表'!L10:M10)) -> 0 | J19: =SUM(D19:I19) -> 1271410.3 | O19: =C19/$D$8 -> 0.00015834651 | P19: =D19/$D$8 -> 25.165424
A20: 前期工程费 | C20: 9 | D20: =SUM('附表3-扣除项目分摊表'!K11) -> 1810121 | F20: =IF($H$6="三分法",SUM('附表3-扣除项目分摊表'!L11),"") -> 0 | H20: =IF($H$6="三分法",SUM('附表3-扣除项目分摊表'!M11),SUM('附表3-扣除项目分摊表'!L11:M11)) -> 0 | J20: =SUM(D20:I20) -> 1810121 | O20: =C20/$D$8 -> 0.00017813983 | P20: =D20/$D$8 -> 35.828294
A21: 建筑安装工程费 | C21: 10 | D21: =SUM('附表3-扣除项目分摊表'!K12) -> 98809039 | F21: =IF($H$6="三分法",SUM('附表3-扣除项目分摊表'!L12),"") -> 0 | H21: =IF($H$6="三分法",SUM('附表3-扣除项目分摊表'!M12),SUM('附表3-扣除项目分摊表'!L12:M12)) -> 0 | J21: =SUM(D21:I21) -> 98809039 | O21: =C21/$D$8 -> 0.00019793314 | P21: =D21/$D$8 -> 1955.7584 | S21: =J18-S18 -> -0.14000002
A22: 基础设施费 | C22: 11 | D22: =SUM('附表3-扣除项目分摊表'!K13) -> 17470639 | F22: =IF($H$6="三分法",SUM('附表3-扣除项目分摊表'!L13),"") -> 0 | H22: =IF($H$6="三分法",SUM('附表3-扣除项目分摊表'!M13),SUM('附表3-扣除项目分摊表'!L13:M13)) -> 0 | J22: =SUM(D22:I22) -> 17470639 | O22: =C22/$D$8 -> 0.00021772646 | P22: =D22/$D$8 -> 345.80185
A23: 公共配套设施费 | C23: 12 | D23: =SUM('附表3-扣除项目分摊表'!K14) -> 18802898 | F23: =IF($H$6="三分法",SUM('附表3-扣除项目分摊表'!L14),"") -> 0 | H23: =IF($H$6="三分法",SUM('附表3-扣除项目分摊表'!M14),SUM('附表3-扣除项目分摊表'!L14:M14)) -> 0 | J23: =SUM(D23:I23) -> 18802898 | O23: =C23/$D$8 -> 0.00023751977 | P23: =D23/$D$8 -> 372.17166
A24: 开发间接费用 | C24: 13 | D24: =SUM('附表3-扣除项目分摊表'!K15) -> 1366536.4 | F24: =IF($H$6="三分法",SUM('附表3-扣除项目分摊表'!L15),"") -> 0 | H24: =IF($H$6="三分法",SUM('附表3-扣除项目分摊表'!M15),SUM('附表3-扣除项目分摊表'!L15:M15)) -> 0 | J24: =SUM(D24:I24) -> 1366536.4 | P24: =D24/$D$8 -> 27.048283
A25: 其中：不可加计扣除金额 | C25: 7-1 | D25: =SUM('附表3-扣除项目分摊表'!K16) -> 0 | F25: =IF($H$6="三分法",SUM('附表3-扣除项目分摊表'!L16),"") -> 0 | H25: =IF($H$6="三分法",SUM('附表3-扣除项目分摊表'!M16),SUM('附表3-扣除项目分摊表'!L16:M16)) -> 0 | J25: =SUM(D25:I25) -> 0
A26: 3.房地产开发费用 | C26: 14=15+16 | D26: =SUM(D27:D28) -> 13953064 | F26: =SUM(F27:F28) -> 0 | H26: =SUM(H27:H28) -> 0 | J26: =SUM(D26:I26) -> 13953064
A27: 其中：利息支出 | C27: 15 | D27: =SUM('附表3-扣除项目分摊表'!K18) -> 0 | F27: =IF($H$6="三分法",SUM('附表3-扣除项目分摊表'!L18),"") -> 0 | H27: =IF($H$6="三分法",SUM('附表3-扣除项目分摊表'!M18),SUM('附表3-扣除项目分摊表'!L18:M18)) -> 0 | J27: =SUM(D27:I27) -> 0
A28: 其他房地产开发费用 | C28: 16 | D28: =SUM('附表3-扣除项目分摊表'!K19) -> 13953064 | F28: =IF($H$6="三分法",SUM('附表3-扣除项目分摊表'!L19),"") -> 0 | H28: =IF($H$6="三分法",SUM('附表3-扣除项目分摊表'!M19),SUM('附表3-扣除项目分摊表'!L19:M19)) -> 0 | J28: =SUM(D28:I28) -> 13953064
A29: 4.与转让房地产有关的税金等 | C29: 17=18+19+20 | D29: =SUM(D30:D32) -> 849325.62 | F29: =SUM(F30:F32) -> 0 | H29: =SUM(H30:H32) -> 0 | J29: =SUM(D29:I29) -> 849325.62
A30: 其中：营业税 | C30: 18 | D30: =SUM('附表3-扣除项目分摊表'!K21) -> 0 | F30: =IF($H$6="三分法",SUM('附表3-扣除项目分摊表'!L21),"") -> 0 | H30: =IF($H$6="三分法",SUM('附表3-扣除项目分摊表'!M21),SUM('附表3-扣除项目分摊表'!L21:M21)) -> 0 | J30: =SUM(D30:I30) -> 0
A31: 城市维护建设税 | C31: 19 | D31: =SUM('附表3-扣除项目分摊表'!K22) -> 426590.26 | F31: =IF($H$6="三分法",SUM('附表3-扣除项目分摊表'!L22),"") -> 0 | H31: =IF($H$6="三分法",SUM('附表3-扣除项目分摊表'!M22),SUM('附表3-扣除项目分摊表'!L22:M22)) -> 0 | J31: =SUM(D31:I31) -> 426590.26
A32: 教育费附加 | C32: 20 | D32: =SUM('附表3-扣除项目分摊表'!K23:K25) -> 422735.36 | F32: =IF($H$6="三分法",SUM('附表3-扣除项目分摊表'!L23:L25),"") -> 0 | H32: =IF($H$6="三分法",SUM('附表3-扣除项目分摊表'!M23:M25),SUM('附表3-扣除项目分摊表'!L23:M25)) -> 0 | J32: =SUM(D32:I32) -> 422735.36
A33: 5.财政部规定的其他扣除项目 | C33: 21 | D33: =SUM('附表3-扣除项目分摊表'!K26) -> 27906129 | F33: =IF($H$6="三分法",SUM('附表3-扣除项目分摊表'!L26),"") -> 0 | H33: =IF($H$6="三分法",SUM('附表3-扣除项目分摊表'!M26),SUM('附表3-扣除项目分摊表'!L26:M26)) -> 0 | J33: =SUM(D33:I33) -> 27906129
A34: 6.代收费用 | C34: 22 | D34: =SUM('附表3-扣除项目分摊表'!K27) -> 0 | F34: =IF($H$6="三分法",SUM('附表3-扣除项目分摊表'!L27),"") -> 0 | H34: =IF($H$6="三分法",SUM('附表3-扣除项目分摊表'!M27),SUM('附表3-扣除项目分摊表'!L27:M27)) -> 0 | J34: =SUM(D34:I34) -> 0
A35: 三、增值额 | C35: 23=1-5 | D35: =D11-D15 -> 34481090 | F35: =F11-F15 -> 0 | H35: =H11-H15 -> 0 | J35: =SUM(D35:I35) -> 34481090
A36: 四、增值额与扣除项目金额之比（%） | C36: 24=23÷5 | D36: =IF(D15=0,"",ROUND(D35/D15,6)) -> 0.189208 | F36: =IF(F15=0,"",ROUND(F35/F15,6)) | H36: =IF(H15=0,"",ROUND(H35/H15,6)) | J36: =IF(J15=0,"",ROUND(J35/J15,6)) -> 0.189208 | P36: 18.92
A37: 五、适用税率（%） | C37: 25 | D37: =IF(D35<0,"",IF(D36="","",IF(D36>200%,60%,IF(D36>100%,50%,IF(D36>50%,40%,30%))))) -> 0.3 | F37: =IF(F35<0,"",IF(F36="","",IF(F36>200%,60%,IF(F36>100%,50%,IF(F36>50%,40%,30%))))) | H37: =IF(H35<0,"",IF(H36="","",IF(H36>200%,60%,IF(H36>100%,50%,IF(H36>50%,40%,30%)))))
A38: 六、速算扣除系数（%） | C38: 26 | D38: =IF(D36="","",IF(D36>200%,35%,IF(D36>100%,15%,IF(D36>50%,5%,0)))) -> 0 | F38: =IF(F36="","",IF(F36>200%,35%,IF(F36>100%,15%,IF(F36>50%,5%,0)))) | H38: =IF(H36="","",IF(H36>200%,35%,IF(H36>100%,15%,IF(H36>50%,5%,0))))
A39: 七、应缴土地增值税税额 | C39: 27=23*25-5*26 | D39: =IF(D35<0,0,ROUND(SUM(D35)*SUM(D37)-SUM(D15)*SUM(D38),2)) -> 10344327 | F39: =IF(F35<0,0,ROUND(SUM(F35)*SUM(F37)-SUM(F15)*SUM(F38),2)) -> 0 | H39: =IF(H35<0,0,ROUND(SUM(H35)*SUM(H37)-SUM(H15)*SUM(H38),2)) -> 0 | J39: =SUM(D39:I39) -> 10344327
A40: 八、减免税额 | C40: 28=30+32+34 | D40: =D42+D44+D46 -> 10344327 | F40: =F42+F44+F46 -> 0 | H40: =H42+H44+H46 -> 0 | J40: =SUM(D40:I40) -> 10344327
A41: 其中：减免税（1） | B41: 减免性质代码和项目名称(1) | C41: 29 | D41: =IF(D35<0,"",IF(D36>20%,"","普通住宅增值率不超过20%的土地增值税减免")) -> 普通住宅增值率不超过20%的土地增值税减免
B42: 减免税额(1) | C42: 30 | D42: =IF(D35<0,0,IF(D36>20%,0,ROUND(D35*D37,2))) -> 10344327 | F42: 0 | H42: 0 | J42: =SUM(D42:I42) -> 10344327
A43: 减免税（2） | B43: 减免性质代码和项目名称(2) | C43: 31
B44: 减免税额(2) | C44: 32 | D44: 0 | F44: 0 | H44: 0 | J44: =SUM(D44:I44) -> 0
A45: 减免税（3） | B45: 减免性质代码和项目名称(3) | C45: 33
B46: 减免税额(3) | C46: 34 | D46: 0 | F46: 0 | H46: 0 | J46: =SUM(D46:I46) -> 0
A47: 九、已缴土地增值税税额 | C47: 35 | D47: 2167202.5 | F47: 0 | H47: 0 | J47: =SUM(D47:I47) -> 2167202.5
A48: 十、应补（退）土地增值税税额 | C48: 36=27-28-35 | D48: =SUM(D39)-SUM(D40)-SUM(D47) -> -2167202.5 | F48: =SUM(F39)-SUM(F40)-SUM(F47) -> 0 | H48: =SUM(H39)-SUM(H40)-SUM(H47) -> 0 | J48: =SUM(D48:I48) -> -2167202.5

Sheet 附表1-面积统计表
A1: T21000附表1-面积统计表
A2: =土地增值税税源明细表!F5&"："&土地增值税税源明细表!H5&" "&土地增值税税源明细表!A5&"："&土地增值税税源明细表!B5&" "&"面积单位：㎡" -> 项目编码：Z65280120210001 项目名称：沁春锦苑三期 面积单位：㎡
A3: 面积基本信息 | B3: 房屋类型 | C3: 序号 | D3: 测绘总建筑面积 | E3: 不可销售建筑面积 | F3: 总可售建筑面积 | G3: 已售建筑面积 | H3: 剩余可售建筑面积 | I3: 自用建筑面积 | J3: 出租建筑面积 | K3: 说明
D4: 1=2+3 | E4: 2 | F4: 3 | G4: 4 | H4: 5=3-4 5≥6+7 | I4: 6 | J4: 7 | K4: 8
B5: =数据对照表!A2 -> 普通住宅 | C5: 1 | D5: =SUMIFS('附表6-收入明细采集底稿'!P:P,'附表6-收入明细采集底稿'!G:G,数据对照表!A2) -> 50647.87 | E5: =SUMIFS('附表6-收入明细采集底稿'!P:P,'附表6-收入明细采集底稿'!G:G,数据对照表!A2,'附表6-收入明细采集底稿'!H:H,"不可售") -> 0 | F5: =SUM(SUMIFS('附表6-收入明细采集底稿'!P:P,'附表6-收入明细采集底稿'!G:G,数据对照表!A2,'附表6-收入明细采集底稿'!H:H,"已售"),SUMIFS('附表6-收入明细采集底稿'!P:P,'附表6-收入明细采集底稿'!G:G,数据对照表!A2,'附表6-收入明细采集底稿'!H:H,"出租"),SUMIFS('附表6-收入明细采集底稿'!P:P,'附表6-收入明细采集底稿'!G:G,数据对照表!A2,'附表6-收入明细采集底稿'!H:H,"自用"),SUMIFS('附表6-收入明细采集底稿'!P:P,'附表6-收入明细采集底稿'!G:G,数据对照表!A2,'附表6-收入明细采集底稿'!H:H,"未售")) -> 50647.87 | G5: =SUMIFS('附表6-收入明细采集底稿'!P:P,'附表6-收入明细采集底稿'!G:G,数据对照表!A2,'附表6-收入明细采集底稿'!H:H,"已售") -> 50522.11 | H5: =F5-G5 -> 125.76 | I5: =SUMIFS('附表6-收入明细采集底稿'!P:P,'附表6-收入明细采集底稿'!G:G,数据对照表!A2,'附表6-收入明细采集底稿'!H:H,"自用") -> 0 | J5: =SUMIFS('附表6-收入明细采集底稿'!P:P,'附表6-收入明细采集底稿'!G:G,数据对照表!A2,'附表6-收入明细采集底稿'!H:H,"出租") -> 0
B6: =数据对照表!A3 -> 非普通住宅 | C6: 2 | D6: =SUMIFS('附表6-收入明细采集底稿'!P:P,'附表6-收入明细采集底稿'!G:G,数据对照表!A3) -> 0 | E6: =SUMIFS('附表6-收入明细采集底稿'!P:P,'附表6-收入明细采集底稿'!G:G,数据对照表!A3,'附表6-收入明细采集底稿'!H:H,"不可售") -> 0 | F6: =SUM(SUMIFS('附表6-收入明细采集底稿'!P:P,'附表6-收入明细采集底稿'!G:G,数据对照表!A3,'附表6-收入明细采集底稿'!H:H,"已售"),SUMIFS('附表6-收入明细采集底稿'!P:P,'附表6-收入明细采集底稿'!G:G,数据对照表!A3,'附表6-收入明细采集底稿'!H:H,"出租"),SUMIFS('附表6-收入明细采集底稿'!P:P,'附表6-收入明细采集底稿'!G:G,数据对照表!A3,'附表6-收入明细采集底稿'!H:H,"自用"),SUMIFS('附表6-收入明细采集底稿'!P:P,'附表6-收入明细采集底稿'!G:G,数据对照表!A3,'附表6-收入明细采集底稿'!H:H,"未售")) -> 0 | G6: =SUMIFS('附表6-收入明细采集底稿'!P:P,'附表6-收入明细采集底稿'!G:G,数据对照表!A3,'附表6-收入明细采集底稿'!H:H,"已售") -> 0 | H6: =F6-G6 -> 0 | I6: =SUMIFS('附表6-收入明细采集底稿'!P:P,'附表6-收入明细采集底稿'!G:G,数据对照表!A3,'附表6-收入明细采集底稿'!H:H,"自用") -> 0 | J6: =SUMIFS('附表6-收入明细采集底稿'!P:P,'附表6-收入明细采集底稿'!G:G,数据对照表!A3,'附表6-收入明细采集底稿'!H:H,"出租") -> 0
B7: 其他类型房产 | C7: 3 | D7: =SUM(D8:D12) -> 13426.22 | E7: =SUM(E8:E12) -> 10278.72 | F7: =SUM(F8:F12) -> 3147.5 | G7: =SUM(G8:G12) -> 0 | H7: =SUM(H8:H12) -> 3147.5 | I7: =SUM(I8:I12) -> 0 | J7: =SUM(J8:J12) -> 0
B8: ="其中："&数据对照表!A4 -> 其中：商业用房 | C8: 4 | D8: =SUMIFS('附表6-收入明细采集底稿'!P:P,'附表6-收入明细采集底稿'!G:G,数据对照表!A4) -> 0 | E8: =SUMIFS('附表6-收入明细采集底稿'!P:P,'附表6-收入明细采集底稿'!G:G,数据对照表!A4,'附表6-收入明细采集底稿'!H:H,"不可售") -> 0 | F8: =SUM(SUMIFS('附表6-收入明细采集底稿'!P:P,'附表6-收入明细采集底稿'!G:G,数据对照表!A4,'附表6-收入明细采集底稿'!H:H,"已售"),SUMIFS('附表6-收入明细采集底稿'!P:P,'附表6-收入明细采集底稿'!G:G,数据对照表!A4,'附表6-收入明细采集底稿'!H:H,"出租"),SUMIFS('附表6-收入明细采集底稿'!P:P,'附表6-收入明细采集底稿'!G:G,数据对照表!A4,'附表6-收入明细采集底稿'!H:H,"自用"),SUMIFS('附表6-收入明细采集底稿'!P:P,'附表6-收入明细采集底稿'!G:G,数据对照表!A4,'附表6-收入明细采集底稿'!H:H,"未售")) -> 0 | G8: =SUMIFS('附表6-收入明细采集底稿'!P:P,'附表6-收入明细采集底稿'!G:G,数据对照表!A4,'附表6-收入明细采集底稿'!H:H,"已售") -> 0 | H8: =F8-G8 -> 0 | I8: =SUMIFS('附表6-收入明细采集底稿'!P:P,'附表6-收入明细采集底稿'!G:G,数据对照表!A4,'附表6-收入明细采集底稿'!H:H,"自用") -> 0 | J8: =SUMIFS('附表6-收入明细采集底稿'!P:P,'附表6-收入明细采集底稿'!G:G,数据对照表!A4,'附表6-收入明细采集底稿'!H:H,"出租") -> 0
B9: =" "&数据对照表!A5 -> 办公用房 | C9: 5 | D9: =SUMIFS('附表6-收入明细采集底稿'!P:P,'附表6-收入明细采集底稿'!G:G,数据对照表!A5) -> 0 | E9: =SUMIFS('附表6-收入明细采集底稿'!P:P,'附表6-收入明细采集底稿'!G:G,数据对照表!A5,'附表6-收入明细采集底稿'!H:H,"不可售") -> 0 | F9: =SUM(SUMIFS('附表6-收入明细采集底稿'!P:P,'附表6-收入明细采集底稿'!G:G,数据对照表!A5,'附表6-收入明细采集底稿'!H:H,"已售"),SUMIFS('附表6-收入明细采集底稿'!P:P,'附表6-收入明细采集底稿'!G:G,数据对照表!A5,'附表6-收入明细采集底稿'!H:H,"出租"),SUMIFS('附表6-收入明细采集底稿'!P:P,'附表6-收入明细采集底稿'!G:G,数据对照表!A5,'附表6-收入明细采集底稿'!H:H,"自用"),SUMIFS('附表6-收入明细采集底稿'!P:P,'附表6-收入明细采集底稿'!G:G,数据对照表!A5,'附表6-收入明细采集底稿'!H:H,"未售")) -> 0 | G9: =SUMIFS('附表6-收入明细采集底稿'!P:P,'附表6-收入明细采集底稿'!G:G,数据对照表!A5,'附表6-收入明细采集底稿'!H:H,"已售") -> 0 | H9: =F9-G9 -> 0 | I9: =SUMIFS('附表6-收入明细采集底稿'!P:P,'附表6-收入明细采集底稿'!G:G,数据对照表!A5,'附表6-收入明细采集底稿'!H:H,"自用") -> 0 | J9: =SUMIFS('附表6-收入明细采集底稿'!P:P,'附表6-收入明细采集底稿'!G:G,数据对照表!A5,'附表6-收入明细采集底稿'!H:H,"出租") -> 0
B10: =" "&数据对照表!A6 -> 车位车库 | C10: 6 | D10: =SUMIFS('附表6-收入明细采集底稿'!P:P,'附表6-收入明细采集底稿'!G:G,数据对照表!A6) -> 0 | E10: =SUMIFS('附表6-收入明细采集底稿'!P:P,'附表6-收入明细采集底稿'!G:G,数据对照表!A6,'附表6-收入明细采集底稿'!H:H,"不可售") -> 0 | F10: =SUM(SUMIFS('附表6-收入明细采集底稿'!P:P,'附表6-收入明细采集底稿'!G:G,数据对照表!A6,'附表6-收入明细采集底稿'!H:H,"已售"),SUMIFS('附表6-收入明细采集底稿'!P:P,'附表6-收入明细采集底稿'!G:G,数据对照表!A6,'附表6-收入明细采集底稿'!H:H,"出租"),SUMIFS('附表6-收入明细采集底稿'!P:P,'附表6-收入明细采集底稿'!G:G,数据对照表!A6,'附表6-收入明细采集底稿'!H:H,"自用"),SUMIFS('附表6-收入明细采集底稿'!P:P,'附表6-收入明细采集底稿'!G:G,数据对照表!A6,'附表6-收入明细采集底稿'!H:H,"未售")) -> 0 | G10: =SUMIFS('附表6-收入明细采集底稿'!P:P,'附表6-收入明细采集底稿'!G:G,数据对照表!A6,'附表6-收入明细采集底稿'!H:H,"已售") -> 0 | H10: =F10-G10 -> 0 | I10: =SUMIFS('附表6-收入明细采集底稿'!P:P,'附表6-收入明细采集底稿'!G:G,数据对照表!A6,'附表6-收入明细采集底稿'!H:H,"自用") -> 0 | J10: =SUMIFS('附表6-收入明细采集底稿'!P:P,'附表6-收入明细采集底稿'!G:G,数据对照表!A6,'附表6-收入明细采集底稿'!H:H,"出租") -> 0
B11: =" "&数据对照表!A7 -> 其他营业性房产 | C11: 7 | D11: =SUMIFS('附表6-收入明细采集底稿'!P:P,'附表6-收入明细采集底稿'!G:G,数据对照表!A7) -> 2788.02 | E11: =SUMIFS('附表6-收入明细采集底稿'!P:P,'附表6-收入明细采集底稿'!G:G,数据对照表!A7,'附表6-收入明细采集底稿'!H:H,"不可售") -> 179.86 | F11: =SUM(SUMIFS('附表6-收入明细采集底稿'!P:P,'附表6-收入明细采集底稿'!G:G,数据对照表!A7,'附表6-收入明细采集底稿'!H:H,"已售"),SUMIFS('附表6-收入明细采集底稿'!P:P,'附表6-收入明细采集底稿'!G:G,数据对照表!A7,'附表6-收入明细采集底稿'!H:H,"出租"),SUMIFS('附表6-收入明细采集底稿'!P:P,'附表6-收入明细采集底稿'!G:G,数据对照表!A7,'附表6-收入明细采集底稿'!H:H,"自用"),SUMIFS('附表6-收入明细采集底稿'!P:P,'附表6-收入明细采集底稿'!G:G,数据对照表!A7,'附表6-收入明细采集底稿'!H:H,"未售")) -> 2608.16 | G11: =SUMIFS('附表6-收入明细采集底稿'!P:P,'附表6-收入明细采集底稿'!G:G,数据对照表!A7,'附表6-收入明细采集底稿'!H:H,"已售") -> 0 | H11: =F11-G11 -> 2608.16 | I11: =SUMIFS('附表6-收入明细采集底稿'!P:P,'附表6-收入明细采集底稿'!G:G,数据对照表!A7,'附表6-收入明细采集底稿'!H:H,"自用") -> 0 | J11: =SUMIFS('附表6-收入明细采集底稿'!P:P,'附表6-收入明细采集底稿'!G:G,数据对照表!A7,'附表6-收入明细采集底稿'!H:H,"出租") -> 0
B12: =" "&"非营业性房产" -> 非营业性房产 | C12: 8 | D12: =SUM(D13:D28) -> 10638.2 | E12: =SUM(E13:E28) -> 10098.86 | F12: =SUM(F13:F28) -> 539.34 | G12: =SUM(G13:G28) -> 0 | H12: =SUM(H13:H28) -> 539.34 | I12: =SUM(I13:I28) -> 0 | J12: =SUM(J13:J28) -> 0
B13: =" 其中："&数据对照表!A8 -> 其中：居委会用房 | C13: 9 | D13: =SUMIFS('附表6-收入明细采集底稿'!P:P,'附表6-收入明细采集底稿'!G:G,数据对照表!A8) -> 0 | E13: =SUMIFS('附表6-收入明细采集底稿'!P:P,'附表6-收入明细采集底稿'!G:G,数据对照表!A8,'附表6-收入明细采集底稿'!H:H,"不可售") -> 0 | F13: =SUM(SUMIFS('附表6-收入明细采集底稿'!P:P,'附表6-收入明细采集底稿'!G:G,数据对照表!A8,'附表6-收入明细采集底稿'!H:H,"已售"),SUMIFS('附表6-收入明细采集底稿'!P:P,'附表6-收入明细采集底稿'!G:G,数据对照表!A8,'附表6-收入明细采集底稿'!H:H,"出租"),SUMIFS('附表6-收入明细采集底稿'!P:P,'附表6-收入明细采集底稿'!G:G,数据对照表!A8,'附表6-收入明细采集底稿'!H:H,"自用"),SUMIFS('附表6-收入明细采集底稿'!P:P,'附表6-收入明细采集底稿'!G:G,数据对照表!A8,'附表6-收入明细采集底稿'!H:H,"未售")) -> 0 | G13: =SUMIFS('附表6-收入明细采集底稿'!P:P,'附表6-收入明细采集底稿'!G:G,数据对照表!A8,'附表6-收入明细采集底稿'!H:H,"已售") -> 0 | H13: =F13-G13 -> 0 | I13: =SUMIFS('附表6-收入明细采集底稿'!P:P,'附表6-收入明细采集底稿'!G:G,数据对照表!A8,'附表6-收入明细采集底稿'!H:H,"自用") -> 0 | J13: =SUMIFS('附表6-收入明细采集底稿'!P:P,'附表6-收入明细采集底稿'!G:G,数据对照表!A8,'附表6-收入明细采集底稿'!H:H,"出租") -> 0
B14: =" "&数据对照表!A9 -> 派出所用房 | C14: 10 | D14: =SUMIFS('附表6-收入明细采集底稿'!P:P,'附表6-收入明细采集底稿'!G:G,数据对照表!A9) -> 0 | E14: =SUMIFS('附表6-收入明细采集底稿'!P:P,'附表6-收入明细采集底稿'!G:G,数据对照表!A9,'附表6-收入明细采集底稿'!H:H,"不可售") -> 0 | F14: =SUM(SUMIFS('附表6-收入明细采集底稿'!P:P,'附表6-收入明细采集底稿'!G:G,数据对照表!A9,'附表6-收入明细采集底稿'!H:H,"已售"),SUMIFS('附表6-收入明细采集底稿'!P:P,'附表6-收入明细采集底稿'!G:G,数据对照表!A9,'附表6-收入明细采集底稿'!H:H,"出租"),SUMIFS('附表6-收入明细采集底稿'!P:P,'附表6-收入明细采集底稿'!G:G,数据对照表!A9,'附表6-收入明细采集底稿'!H:H,"自用"),SUMIFS('附表6-收入明细采集底稿'!P:P,'附表6-收入明细采集底稿'!G:G,数据对照表!A9,'附表6-收入明细采集底稿'!H:H,"未售")) -> 0 | G14: =SUMIFS('附表6-收入明细采集底稿'!P:P,'附表6-收入明细采集底稿'!G:G,数据对照表!A9,'附表6-收入明细采集底稿'!H:H,"已售") -> 0 | H14: =F14-G14 -> 0 | I14: =SUMIFS('附表6-收入明细采集底稿'!P:P,'附表6-收入明细采集底稿'!G:G,数据对照表!A9,'附表6-收入明细采集底稿'!H:H,"自用") -> 0 | J14: =SUMIFS('附表6-收入明细采集底稿'!P:P,'附表6-收入明细采集底稿'!G:G,数据对照表!A9,'附表6-收入明细采集底稿'!H:H,"出租") -> 0
B15: =" "&数据对照表!A10 -> 会所 | C15: 11 | D15: =SUMIFS('附表6-收入明细采集底稿'!P:P,'附表6-收入明细采集底稿'!G:G,数据对照表!A10) -> 0 | E15: =SUMIFS('附表6-收入明细采集底稿'!P:P,'附表6-收入明细采集底稿'!G:G,数据对照表!A10,'附表6-收入明细采集底稿'!H:H,"不可售") -> 0 | F15: =SUM(SUMIFS('附表6-收入明细采集底稿'!P:P,'附表6-收入明细采集底稿'!G:G,数据对照表!A10,'附表6-收入明细采集底稿'!H:H,"已售"),SUMIFS('附表6-收入明细采集底稿'!P:P,'附表6-收入明细采集底稿'!G:G,数据对照表!A10,'附表6-收入明细采集底稿'!H:H,"出租"),SUMIFS('附表6-收入明细采集底稿'!P:P,'附表6-收入明细采集底稿'!G:G,数据对照表!A10,'附表6-收入明细采集底稿'!H:H,"自用"),SUMIFS('附表6-收入明细采集底稿'!P:P,'附表6-收入明细采集底稿'!G:G,数据对照表!A10,'附表6-收入明细采集底稿'!H:H,"未售")) -> 0 | G15: =SUMIFS('附表6-收入明细采集底稿'!P:P,'附表6-收入明细采集底稿'!G:G,数据对照表!A10,'附表6-收入明细采集底稿'!H:H,"已售") -> 0 | H15: =F15-G15 -> 0 | I15: =SUMIFS('附表6-收入明细采集底稿'!P:P,'附表6-收入明细采集底稿'!G:G,数据对照表!A10,'附表6-收入明细采集底稿'!H:H,"自用") -> 0 | J15: =SUMIFS('附表6-收入明细采集底稿'!P:P,'附表6-收入明细采集底稿'!G:G,数据对照表!A10,'附表6-收入明细采集底稿'!H:H,"出租") -> 0
B16: =" "&数据对照表!A11 -> 非机动车库（场） | C16: 12 | D16: =SUMIFS('附表6-收入明细采集底稿'!P:P,'附表6-收入明细采集底稿'!G:G,数据对照表!A11) -> 0 | E16: =SUMIFS('附表6-收入明细采集底稿'!P:P,'附表6-收入明细采集底稿'!G:G,数据对照表!A11,'附表6-收入明细采集底稿'!H:H,"不可售") -> 0 | F16: =SUM(SUMIFS('附表6-收入明细采集底稿'!P:P,'附表6-收入明细采集底稿'!G:G,数据对照表!A11,'附表6-收入明细采集底稿'!H:H,"已售"),SUMIFS('附表6-收入明细采集底稿'!P:P,'附表6-收入明细采集底稿'!G:G,数据对照表!A11,'附表6-收入明细采集底稿'!H:H,"出租"),SUMIFS('附表6-收入明细采集底稿'!P:P,'附表6-收入明细采集底稿'!G:G,数据对照表!A11,'附表6-收入明细采集底稿'!H:H,"自用"),SUMIFS('附表6-收入明细采集底稿'!P:P,'附表6-收入明细采集底稿'!G:G,数据对照表!A11,'附表6-收入明细采集底稿'!H:H,"未售")) -> 0 | G16: =SUMIFS('附表6-收入明细采集底稿'!P:P,'附表6-收入明细采集底稿'!G:G,数据对照表!A11,'附表6-收入明细采集底稿'!H:H,"已售") -> 0 | H16: =F16-G16 -> 0 | I16: =SUMIFS('附表6-收入明细采集底稿'!P:P,'附表6-收入明细采集底稿'!G:G,数据对照表!A11,'附表6-收入明细采集底稿'!H:H,"自用") -> 0 | J16: =SUMIFS('附表6-收入明细采集底稿'!P:P,'附表6-收入明细采集底稿'!G:G,数据对照表!A11,'附表6-收入明细采集底稿'!H:H,"出租") -> 0
B17: =" "&数据对照表!A12 -> 地下人防设施 | C17: 13 | D17: =SUMIFS('附表6-收入明细采集底稿'!P:P,'附表6-收入明细采集底稿'!G:G,数据对照表!A12) -> 0 | E17: =SUMIFS('附表6-收入明细采集底稿'!P:P,'附表6-收入明细采集底稿'!G:G,数据对照表!A12,'附表6-收入明细采集底稿'!H:H,"不可售") -> 0 | F17: =SUM(SUMIFS('附表6-收入明细采集底稿'!P:P,'附表6-收入明细采集底稿'!G:G,数据对照表!A12,'附表6-收入明细采集底稿'!H:H,"已售"),SUMIFS('附表6-收入明细采集底稿'!P:P,'附表6-收入明细采集底稿'!G:G,数据对照表!A12,'附表6-收入明细采集底稿'!H:H,"出租"),SUMIFS('附表6-收入明细采集底稿'!P:P,'附表6-收入明细采集底稿'!G:G,数据对照表!A12,'附表6-收入明细采集底稿'!H:H,"自用"),SUMIFS('附表6-收入明细采集底稿'!P:P,'附表6-收入明细采集底稿'!G:G,数据对照表!A12,'附表6-收入明细采集底稿'!H:H,"未售")) -> 0 | G17: =SUMIFS('附表6-收入明细采集底稿'!P:P,'附表6-收入明细采集底稿'!G:G,数据对照表!A12,'附表6-收入明细采集底稿'!H:H,"已售") -> 0 | H17: =F17-G17 -> 0 | I17: =SUMIFS('附表6-收入明细采集底稿'!P:P,'附表6-收入明细采集底稿'!G:G,数据对照表!A12,'附表6-收入明细采集底稿'!H:H,"自用") -> 0 | J17: =SUMIFS('附表6-收入明细采集底稿'!P:P,'附表6-收入明细采集底稿'!G:G,数据对照表!A12,'附表6-收入明细采集底稿'!H:H,"出租") -> 0
B18: =" "&数据对照表!A13 -> 物业管理场所 | C18: 14 | D18: =SUMIFS('附表6-收入明细采集底稿'!P:P,'附表6-收入明细采集底稿'!G:G,数据对照表!A13) -> 0 | E18: =SUMIFS('附表6-收入明细采集底稿'!P:P,'附表6-收入明细采集底稿'!G:G,数据对照表!A13,'附表6-收入明细采集底稿'!H:H,"不可售") -> 0 | F18: =SUM(SUMIFS('附表6-收入明细采集底稿'!P:P,'附表6-收入明细采集底稿'!G:G,数据对照表!A13,'附表6-收入明细采集底稿'!H:H,"已售"),SUMIFS('附表6-收入明细采集底稿'!P:P,'附表6-收入明细采集底稿'!G:G,数据对照表!A13,'附表6-收入明细采集底稿'!H:H,"出租"),SUMIFS('附表6-收入明细采集底稿'!P:P,'附表6-收入明细采集底稿'!G:G,数据对照表!A13,'附表6-收入明细采集底稿'!H:H,"自用"),SUMIFS('附表6-收入明细采集底稿'!P:P,'附表6-收入明细采集底稿'!G:G,数据对照表!A13,'附表6-收入明细采集底稿'!H:H,"未售")) -> 0 | G18: =SUMIFS('附表6-收入明细采集底稿'!P:P,'附表6-收入明细采集底稿'!G:G,数据对照表!A13,'附表6-收入明细采集底稿'!H:H,"已售") -> 0 | H18: =F18-G18 -> 0 | I18: =SUMIFS('附表6-收入明细采集底稿'!P:P,'附表6-收入明细采集底稿'!G:G,数据对照表!A13,'附表6-收入明细采集底稿'!H:H,"自用") -> 0 | J18: =SUMIFS('附表6-收入明细采集底稿'!P:P,'附表6-收入明细采集底稿'!G:G,数据对照表!A13,'附表6-收入明细采集底稿'!H:H,"出租") -> 0
B19: =" "&数据对照表!A14 -> 变电站 | C19: 15 | D19: =SUMIFS('附表6-收入明细采集底稿'!P:P,'附表6-收入明细采集底稿'!G:G,数据对照表!A14) -> 0 | E19: =SUMIFS('附表6-收入明细采集底稿'!P:P,'附表6-收入明细采集底稿'!G:G,数据对照表!A14,'附表6-收入明细采集底稿'!H:H,"不可售") -> 0 | F19: =SUM(SUMIFS('附表6-收入明细采集底稿'!P:P,'附表6-收入明细采集底稿'!G:G,数据对照表!A14,'附表6-收入明细采集底稿'!H:H,"已售"),SUMIFS('附表6-收入明细采集底稿'!P:P,'附表6-收入明细采集底稿'!G:G,数据对照表!A14,'附表6-收入明细采集底稿'!H:H,"出租"),SUMIFS('附表6-收入明细采集底稿'!P:P,'附表6-收入明细采集底稿'!G:G,数据对照表!A14,'附表6-收入明细采集底稿'!H:H,"自用"),SUMIFS('附表6-收入明细采集底稿'!P:P,'附表6-收入明细采集底稿'!G:G,数据对照表!A14,'附表6-收入明细采集底稿'!H:H,"未售")) -> 0 | G19: =SUMIFS('附表6-收入明细采集底稿'!P:P,'附表6-收入明细采集底稿'!G:G,数据对照表!A14,'附表6-收入明细采集底稿'!H:H,"已售") -> 0 | H19: =F19-G19 -> 0 | I19: =SUMIFS('附表6-收入明细采集底稿'!P:P,'附表6-收入明细采集底稿'!G:G,数据对照表!A14,'附表6-收入明细采集底稿'!H:H,"自用") -> 0 | J19: =SUMIFS('附表6-收入明细采集底稿'!P:P,'附表6-收入明细采集底稿'!G:G,数据对照表!A14,'附表6-收入明细采集底稿'!H:H,"出租") -> 0
B20: =" "&数据对照表!A15 -> 热力站 | C20: 16 | D20: =SUMIFS('附表6-收入明细采集底稿'!P:P,'附表6-收入明细采集底稿'!G:G,数据对照表!A15) -> 0 | E20: =SUMIFS('附表6-收入明细采集底稿'!P:P,'附表6-收入明细采集底稿'!G:G,数据对照表!A15,'附表6-收入明细采集底稿'!H:H,"不可售") -> 0 | F20: =SUM(SUMIFS('附表6-收入明细采集底稿'!P:P,'附表6-收入明细采集底稿'!G:G,数据对照表!A15,'附表6-收入明细采集底稿'!H:H,"已售"),SUMIFS('附表6-收入明细采集底稿'!P:P,'附表6-收入明细采集底稿'!G:G,数据对照表!A15,'附表6-收入明细采集底稿'!H:H,"出租"),SUMIFS('附表6-收入明细采集底稿'!P:P,'附表6-收入明细采集底稿'!G:G,数据对照表!A15,'附表6-收入明细采集底稿'!H:H,"自用"),SUMIFS('附表6-收入明细采集底稿'!P:P,'附表6-收入明细采集底稿'!G:G,数据对照表!A15,'附表6-收入明细采集底稿'!H:H,"未售")) -> 0 | G20: =SUMIFS('附表6-收入明细采集底稿'!P:P,'附表6-收入明细采集底稿'!G:G,数据对照表!A15,'附表6-收入明细采集底稿'!H:H,"已售") -> 0 | H20: =F20-G20 -> 0 | I20: =SUMIFS('附表6-收入明细采集底稿'!P:P,'附表6-收入明细采集底稿'!G:G,数据对照表!A15,'附表6-收入明细采集底稿'!H:H,"自用") -> 0 | J20: =SUMIFS('附表6-收入明细采集底稿'!P:P,'附表6-收入明细采集底稿'!G:G,数据对照表!A15,'附表6-收入明细采集底稿'!H:H,"出租") -> 0
B21: =" "&数据对照表!A16 -> 水厂 | C21: 17 | D21: =SUMIFS('附表6-收入明细采集底稿'!P:P,'附表6-收入明细采集底稿'!G:G,数据对照表!A16) -> 0 | E21: =SUMIFS('附表6-收入明细采集底稿'!P:P,'附表6-收入明细采集底稿'!G:G,数据对照表!A16,'附表6-收入明细采集底稿'!H:H,"不可售") -> 0 | F21: =SUM(SUMIFS('附表6-收入明细采集底稿'!P:P,'附表6-收入明细采集底稿'!G:G,数据对照表!A16,'附表6-收入明细采集底稿'!H:H,"已售"),SUMIFS('附表6-收入明细采集底稿'!P:P,'附表6-收入明细采集底稿'!G:G,数据对照表!A16,'附表6-收入明细采集底稿'!H:H,"出租"),SUMIFS('附表6-收入明细采集底稿'!P:P,'附表6-收入明细采集底稿'!G:G,数据对照表!A16,'附表6-收入明细采集底稿'!H:H,"自用"),SUMIFS('附表6-收入明细采集底稿'!P:P,'附表6-收入明细采集底稿'!G:G,数据对照表!A16,'附表6-收入明细采集底稿'!H:H,"未售")) -> 0 | G21: =SUMIFS('附表6-收入明细采集底稿'!P:P,'附表6-收入明细采集底稿'!G:G,数据对照表!A16,'附表6-收入明细采集底稿'!H:H,"已售") -> 0 | H21: =F21-G21 -> 0 | I21: =SUMIFS('附表6-收入明细采集底稿'!P:P,'附表6-收入明细采集底稿'!G:G,数据对照表!A16,'附表6-收入明细采集底稿'!H:H,"自用") -> 0 | J21: =SUMIFS('附表6-收入明细采集底稿'!P:P,'附表6-收入明细采集底稿'!G:G,数据对照表!A16,'附表6-收入明细采集底稿'!H:H,"出租") -> 0
B22: =" "&数据对照表!A17 -> 文体场馆 | C22: 18 | D22: =SUMIFS('附表6-收入明细采集底稿'!P:P,'附表6-收入明细采集底稿'!G:G,数据对照表!A17) -> 0 | E22: =SUMIFS('附表6-收入明细采集底稿'!P:P,'附表6-收入明细采集底稿'!G:G,数据对照表!A17,'附表6-收入明细采集底稿'!H:H,"不可售") -> 0 | F22: =SUM(SUMIFS('附表6-收入明细采集底稿'!P:P,'附表6-收入明细采集底稿'!G:G,数据对照表!A17,'附表6-收入明细采集底稿'!H:H,"已售"),SUMIFS('附表6-收入明细采集底稿'!P:P,'附表6-收入明细采集底稿'!G:G,数据对照表!A17,'附表6-收入明细采集底稿'!H:H,"出租"),SUMIFS('附表6-收入明细采集底稿'!P:P,'附表6-收入明细采集底稿'!G:G,数据对照表!A17,'附表6-收入明细采集底稿'!H:H,"自用"),SUMIFS('附表6-收入明细采集底稿'!P:P,'附表6-收入明细采集底稿'!G:G,数据对照表!A17,'附表6-收入明细采集底稿'!H:H,"未售")) -> 0 | G22: =SUMIFS('附表6-收入明细采集底稿'!P:P,'附表6-收入明细采集底稿'!G:G,数据对照表!A17,'附表6-收入明细采集底稿'!H:H,"已售") -> 0 | H22: =F22-G22 -> 0 | I22: =SUMIFS('附表6-收入明细采集底稿'!P:P,'附表6-收入明细采集底稿'!G:G,数据对照表!A17,'附表6-收入明细采集底稿'!H:H,"自用") -> 0 | J22: =SUMIFS('附表6-收入明细采集底稿'!P:P,'附表6-收入明细采集底稿'!G:G,数据对照表!A17,'附表6-收入明细采集底稿'!H:H,"出租") -> 0
B23: =" "&数据对照表!A18 -> 学校 | C23: 19 | D23: =SUMIFS('附表6-收入明细采集底稿'!P:P,'附表6-收入明细采集底稿'!G:G,数据对照表!A18) -> 0 | E23: =SUMIFS('附表6-收入明细采集底稿'!P:P,'附表6-收入明细采集底稿'!G:G,数据对照表!A18,'附表6-收入明细采集底稿'!H:H,"不可售") -> 0 | F23: =SUM(SUMIFS('附表6-收入明细采集底稿'!P:P,'附表6-收入明细采集底稿'!G:G,数据对照表!A18,'附表6-收入明细采集底稿'!H:H,"已售"),SUMIFS('附表6-收入明细采集底稿'!P:P,'附表6-收入明细采集底稿'!G:G,数据对照表!A18,'附表6-收入明细采集底稿'!H:H,"出租"),SUMIFS('附表6-收入明细采集底稿'!P:P,'附表6-收入明细采集底稿'!G:G,数据对照表!A18,'附表6-收入明细采集底稿'!H:H,"自用"),SUMIFS('附表6-收入明细采集底稿'!P:P,'附表6-收入明细采集底稿'!G:G,数据对照表!A18,'附表6-收入明细采集底稿'!H:H,"未售")) -> 0 | G23: =SUMIFS('附表6-收入明细采集底稿'!P:P,'附表6-收入明细采集底稿'!G:G,数据对照表!A18,'附表6-收入明细采集底稿'!H:H,"已售") -> 0 | H23: =F23-G23 -> 0 | I23: =SUMIFS('附表6-收入明细采集底稿'!P:P,'附表6-收入明细采集底稿'!G:G,数据对照表!A18,'附表6-收入明细采集底稿'!H:H,"自用") -> 0 | J23: =SUMIFS('附表6-收入明细采集底稿'!P:P,'附表6-收入明细采集底稿'!G:G,数据对照表!A18,'附表6-收入明细采集底稿'!H:H,"出租") -> 0
B24: =" "&数据对照表!A19 -> 幼儿园 | C24: 20 | D24: =SUMIFS('附表6-收入明细采集底稿'!P:P,'附表6-收入明细采集底稿'!G:G,数据对照表!A19) -> 0 | E24: =SUMIFS('附表6-收入明细采集底稿'!P:P,'附表6-收入明细采集底稿'!G:G,数据对照表!A19,'附表6-收入明细采集底稿'!H:H,"不可售") -> 0 | F24: =SUM(SUMIFS('附表6-收入明细采集底稿'!P:P,'附表6-收入明细采集底稿'!G:G,数据对照表!A19,'附表6-收入明细采集底稿'!H:H,"已售"),SUMIFS('附表6-收入明细采集底稿'!P:P,'附表6-收入明细采集底稿'!G:G,数据对照表!A19,'附表6-收入明细采集底稿'!H:H,"出租"),SUMIFS('附表6-收入明细采集底稿'!P:P,'附表6-收入明细采集底稿'!G:G,数据对照表!A19,'附表6-收入明细采集底稿'!H:H,"自用"),SUMIFS('附表6-收入明细采集底稿'!P:P,'附表6-收入明细采集底稿'!G:G,数据对照表!A19,'附表6-收入明细采集底稿'!H:H,"未售")) -> 0 | G24: =SUMIFS('附表6-收入明细采集底稿'!P:P,'附表6-收入明细采集底稿'!G:G,数据对照表!A19,'附表6-收入明细采集底稿'!H:H,"已售") -> 0 | H24: =F24-G24 -> 0 | I24: =SUMIFS('附表6-收入明细采集底稿'!P:P,'附表6-收入明细采集底稿'!G:G,数据对照表!A19,'附表6-收入明细采集底稿'!H:H,"自用") -> 0 | J24: =SUMIFS('附表6-收入明细采集底稿'!P:P,'附表6-收入明细采集底稿'!G:G,数据对照表!A19,'附表6-收入明细采集底稿'!H:H,"出租") -> 0
B25: =" "&数据对照表!A20 -> 托儿所 | C25: 21 | D25: =SUMIFS('附表6-收入明细采集底稿'!P:P,'附表6-收入明细采集底稿'!G:G,数据对照表!A20) -> 0 | E25: =SUMIFS('附表6-收入明细采集底稿'!P:P,'附表6-收入明细采集底稿'!G:G,数据对照表!A20,'附表6-收入明细采集底稿'!H:H,"不可售") -> 0 | F25: =SUM(SUMIFS('附表6-收入明细采集底稿'!P:P,'附表6-收入明细采集底稿'!G:G,数据对照表!A20,'附表6-收入明细采集底稿'!H:H,"已售"),SUMIFS('附表6-收入明细采集底稿'!P:P,'附表6-收入明细采集底稿'!G:G,数据对照表!A20,'附表6-收入明细采集底稿'!H:H,"出租"),SUMIFS('附表6-收入明细采集底稿'!P:P,'附表6-收入明细采集底稿'!G:G,数据对照表!A20,'附表6-收入明细采集底稿'!H:H,"自用"),SUMIFS('附表6-收入明细采集底稿'!P:P,'附表6-收入明细采集底稿'!G:G,数据对照表!A20,'附表6-收入明细采集底稿'!H:H,"未售")) -> 0 | G25: =SUMIFS('附表6-收入明细采集底稿'!P:P,'附表6-收入明细采集底稿'!G:G,数据对照表!A20,'附表6-收入明细采集底稿'!H:H,"已售") -> 0 | H25: =F25-G25 -> 0 | I25: =SUMIFS('附表6-收入明细采集底稿'!P:P,'附表6-收入明细采集底稿'!G:G,数据对照表!A20,'附表6-收入明细采集底稿'!H:H,"自用") -> 0 | J25: =SUMIFS('附表6-收入明细采集底稿'!P:P,'附表6-收入明细采集底稿'!G:G,数据对照表!A20,'附表6-收入明细采集底稿'!H:H,"出租") -> 0
... B28: =" "&数据对照表!A23 -> 其他非营业性房产 | C28: 24 | D28: =SUMIFS('附表6-收入明细采集底稿'!P:P,'附表6-收入明细采集底稿'!G:G,数据对照表!A23) -> 10638.2 | E28: =SUMIFS('附表6-收入明细采集底稿'!P:P,'附表6-收入明细采集底稿'!G:G,数据对照表!A23,'附表6-收入明细采集底稿'!H:H,"不可售") -> 10098.86 | F28: =SUM(SUMIFS('附表6-收入明细采集底稿'!P:P,'附表6-收入明细采集底稿'!G:G,数据对照表!A23,'附表6-收入明细采集底稿'!H:H,"已售"),SUMIFS('附表6-收入明细采集底稿'!P:P,'附表6-收入明细采集底稿'!G:G,数据对照表!A23,'附表6-收入明细采集底稿'!H:H,"出租"),SUMIFS('附表6-收入明细采集底稿'!P:P,'附表6-收入明细采集底稿'!G:G,数据对照表!A23,'附表6-收入明细采集底稿'!H:H,"自用"),SUMIFS('附表6-收入明细采集底稿'!P:P,'附表6-收入明细采集底稿'!G:G,数据对照表!A23,'附表6-收入明细采集底稿'!H:H,"未售")) -> 539.34 | G28: =SUMIFS('附表6-收入明细采集底稿'!P:P,'附表6-收入明细采集底稿'!G:G,数据对照表!A23,'附表6-收入明细采集底稿'!H:H,"已售") -> 0 | H28: =F28-G28 -> 539.34 | I28: =SUMIFS('附表6-收入明细采集底稿'!P:P,'附表6-收入明细采集底稿'!G:G,数据对照表!A23,'附表6-收入明细采集底稿'!H:H,"自用") -> 0 | J28: =SUMIFS('附表6-收入明细采集底稿'!P:P,'附表6-收入明细采集底稿'!G:G,数据对照表!A23,'附表6-收入明细采集底稿'!H:H,"出租") -> 0
B29: 合计 | C29: 25 | D29: =SUM(D5:D7) -> 64074.09 | E29: =SUM(E5:E7) -> 10278.72 | F29: =SUM(F5:F7) -> 53795.37 | G29: =SUM(G5:G7) -> 50522.11 | H29: =SUM(H5:H7) -> 3273.26 | I29: =SUM(I5:I7) -> 0 | J29: =SUM(J5:J7) -> 0
A30: 面积比例信息 | B30: 房屋类型 | C30: 序号 | D30: 可售面积 | E30: 已售面积 | F30: 销售比例 | G30: 自用比例 | H30: 出租比例 | I30: 销售、出租、自用比例 | K30: 说明
D31: 9 | E31: 10 | F31: 11=10÷9 | G31: 12 | H31: 13 | I31: 14 | K31: 15
B32: =B5 -> 普通住宅 | C32: 26 | D32: =F5 -> 50647.87 | E32: =G5 -> 50522.11 | F32: =IF(D32=0,"",ROUND(E32/D32,6)) -> 0.997517 | G32: =IF(F5=0,"",ROUND(I5/F5,6)) -> 0 | H32: =IF(F5=0,"",ROUND(J5/F5,6)) -> 0 | I32: =IF(F5=0,"",ROUND((G5+I5+J5)/F5,6)) -> 0.997517
B33: =B6 -> 非普通住宅 | C33: 27 | D33: =F6 -> 0 | E33: =G6 -> 0 | F33: =IF(D33=0,"",ROUND(E33/D33,6)) | G33: =IF(F6=0,"",ROUND(I6/F6,6)) | H33: =IF(F6=0,"",ROUND(J6/F6,6)) | I33: =IF(F6=0,"",ROUND((G6+I6+J6)/F6,6))
B34: =B7 -> 其他类型房产 | C34: 28 | D34: =F7 -> 3147.5 | E34: =G7 -> 0 | F34: =IF(D34=0,"",ROUND(E34/D34,6)) -> 0 | G34: =IF(F7=0,"",ROUND(I7/F7,6)) -> 0 | H34: =IF(F7=0,"",ROUND(J7/F7,6)) -> 0 | I34: =IF(F7=0,"",ROUND((G7+I7+J7)/F7,6)) -> 0
B35: 合计 | C35: 29 | D35: =SUM(D32:D34) -> 53795.37 | E35: =SUM(E32:E34) -> 50522.11 | F35: =IF(D35=0,"",ROUND(E35/D35,6)) -> 0.939153 | G35: =IF(F29=0,"",ROUND(I29/F29,6)) -> 0 | H35: =IF(F29=0,"",ROUND(J29/F29,6)) -> 0 | I35: =IF(F29=0,"",ROUND((G29+I29+J29)/F29,6)) -> 0.939153

Sheet 附表2-收入统计表
A1: T22000附表2-收入统计表
A2: =土地增值税税源明细表!F5&"："&土地增值税税源明细表!H5&" "&土地增值税税源明细表!A5&"："&土地增值税税源明细表!B5&" "&"金额单位:人民币元(列至角分)" -> 项目编码：Z65280120210001 项目名称：沁春锦苑三期 金额单位:人民币元(列至角分)
A3: 清算类别 | B3: 序号 | C3: 货币收入 | D3: 实物收入及其他收入 | E3: 视同销售收入 | F3: 小计
C4: 1 | D4: 2 | E4: 3 | F4: 4=1+2+3
A5: =数据对照表!A2 -> 普通住宅 | B5: 1 | C5: =SUMIFS('附表6-收入明细采集底稿'!X:X,'附表6-收入明细采集底稿'!G:G,"普通住宅",'附表6-收入明细采集底稿'!H:H,"已售",'附表6-收入明细采集底稿'!I:I,"货币收入") -> 2.1672025e+08 | D5: =SUMIFS('附表6-收入明细采集底稿'!X:X,'附表6-收入明细采集底稿'!G:G,"普通住宅",'附表6-收入明细采集底稿'!H:H,"已售",'附表6-收入明细采集底稿'!I:I,"实物及其他收入") -> 0 | E5: =SUMIFS('附表6-收入明细采集底稿'!X:X,'附表6-收入明细采集底稿'!G:G,"普通住宅",'附表6-收入明细采集底稿'!H:H,"已售",'附表6-收入明细采集底稿'!I:I,"视同销售收入") -> 0 | F5: =C5+D5+E5 -> 2.1672025e+08
A6: =数据对照表!A3 -> 非普通住宅 | B6: 2 | C6: =SUMIFS('附表6-收入明细采集底稿'!X:X,'附表6-收入明细采集底稿'!G:G,"非普通住宅",'附表6-收入明细采集底稿'!H:H,"已售",'附表6-收入明细采集底稿'!I:I,"货币收入") -> 0 | D6: =SUMIFS('附表6-收入明细采集底稿'!X:X,'附表6-收入明细采集底稿'!G:G,"非普通住宅",'附表6-收入明细采集底稿'!H:H,"已售",'附表6-收入明细采集底稿'!I:I,"实物及其他收入") -> 0 | E6: =SUMIFS('附表6-收入明细采集底稿'!X:X,'附表6-收入明细采集底稿'!G:G,"非普通住宅",'附表6-收入明细采集底稿'!H:H,"已售",'附表6-收入明细采集底稿'!I:I,"视同销售收入") -> 0 | F6: =C6+D6+E6 -> 0
A7: 其他类型房产 | B7: 3 | C7: =SUM(C8:C12) -> 0 | D7: =SUM(D8:D12) -> 0 | E7: =SUM(E8:E12) -> 0 | F7: =C7+D7+E7 -> 0
A8: ="其中："&数据对照表!A4 -> 其中：商业用房 | B8: 4 | C8: =SUMIFS('附表6-收入明细采集底稿'!X:X,'附表6-收入明细采集底稿'!G:G,"商业用房",'附表6-收入明细采集底稿'!H:H,"已售",'附表6-收入明细采集底稿'!I:I,"货币收入") -> 0 | D8: =SUMIFS('附表6-收入明细采集底稿'!X:X,'附表6-收入明细采集底稿'!G:G,"商业用房",'附表6-收入明细采集底稿'!H:H,"已售",'附表6-收入明细采集底稿'!I:I,"实物及其他收入") -> 0 | E8: =SUMIFS('附表6-收入明细采集底稿'!X:X,'附表6-收入明细采集底稿'!G:G,"商业用房",'附表6-收入明细采集底稿'!H:H,"已售",'附表6-收入明细采集底稿'!I:I,"视同销售收入") -> 0 | F8: =C8+D8+E8 -> 0
A9: =" "&数据对照表!A5 -> 办公用房 | B9: 5 | C9: =SUMIFS('附表6-收入明细采集底稿'!X:X,'附表6-收入明细采集底稿'!G:G,"办公用房",'附表6-收入明细采集底稿'!H:H,"已售",'附表6-收入明细采集底稿'!I:I,"货币收入") -> 0 | D9: =SUMIFS('附表6-收入明细采集底稿'!X:X,'附表6-收入明细采集底稿'!G:G,"办公用房",'附表6-收入明细采集底稿'!H:H,"已售",'附表6-收入明细采集底稿'!I:I,"实物及其他收入") -> 0 | E9: =SUMIFS('附表6-收入明细采集底稿'!X:X,'附表6-收入明细采集底稿'!G:G,"办公用房",'附表6-收入明细采集底稿'!H:H,"已售",'附表6-收入明细采集底稿'!I:I,"视同销售收入") -> 0 | F9: =C9+D9+E9 -> 0
A10: =" "&数据对照表!A6 -> 车位车库 | B10: 6 | C10: =SUMIFS('附表6-收入明细采集底稿'!X:X,'附表6-收入明细采集底稿'!G:G,"车位车库",'附表6-收入明细采集底稿'!H:H,"已售",'附表6-收入明细采集底稿'!I:I,"货币收入") -> 0 | D10: =SUMIFS('附表6-收入明细采集底稿'!X:X,'附表6-收入明细采集底稿'!G:G,"车位车库",'附表6-收入明细采集底稿'!H:H,"已售",'附表6-收入明细采集底稿'!I:I,"实物及其他收入") -> 0 | E10: =SUMIFS('附表6-收入明细采集底稿'!X:X,'附表6-收入明细采集底稿'!G:G,"车位车库",'附表6-收入明细采集底稿'!H:H,"已售",'附表6-收入明细采集底稿'!I:I,"视同销售收入") -> 0 | F10: =C10+D10+E10 -> 0
A11: =" "&数据对照表!A7 -> 其他营业性房产 | B11: 7 | C11: =SUMIFS('附表6-收入明细采集底稿'!X:X,'附表6-收入明细采集底稿'!G:G,"其他营业性房产",'附表6-收入明细采集底稿'!H:H,"已售",'附表6-收入明细采集底稿'!I:I,"货币收入") -> 0 | D11: =SUMIFS('附表6-收入明细采集底稿'!X:X,'附表6-收入明细采集底稿'!G:G,"其他营业性房产",'附表6-收入明细采集底稿'!H:H,"已售",'附表6-收入明细采集底稿'!I:I,"实物及其他收入") -> 0 | E11: =SUMIFS('附表6-收入明细采集底稿'!X:X,'附表6-收入明细采集底稿'!G:G,"其他营业性房产",'附表6-收入明细采集底稿'!H:H,"已售",'附表6-收入明细采集底稿'!I:I,"视同销售收入") -> 0 | F11: =C11+D11+E11 -> 0
A12: =" "&"非营业性房产" -> 非营业性房产 | B12: 8 | C12: =ROUND(SUMIFS('附表6-收入明细采集底稿'!X:X,'附表6-收入明细采集底稿'!H:H,"已售",'附表6-收入明细采集底稿'!I:I,"货币收入")-C5-C6-C8-C9-C10-C11,2) -> 0 | D12: =ROUND(SUMIFS('附表6-收入明细采集底稿'!X:X,'附表6-收入明细采集底稿'!H:H,"已售",'附表6-收入明细采集底稿'!I:I,"实物及其他收入")-D5-D6-D8-D9-D10-D11,2) -> 0 | E12: =ROUND(SUMIFS('附表6-收入明细采集底稿'!X:X,'附表6-收入明细采集底稿'!H:H,"已售",'附表6-收入明细采集底稿'!I:I,"视同销售收入")-E5-E6-E8-E9-E10-E11,2) -> 0 | F12: =C12+D12+E12 -> 0
A13: 合计 | B13: 9 | C13: =C5+C6+C7 -> 2.1672025e+08 | D13: =D5+D6+D7 -> 0 | E13: =E5+E6+E7 -> 0 | F13: =C13+D13+E13 -> 2.1672025e+08

Sheet 附表3-扣除项目分摊表
A1: T23000附表3-扣除项目分摊表
A2: =土地增值税税源明细表!F5&"："&土地增值税税源明细表!H5&" "&土地增值税税源明细表!A5&"："&土地增值税税源明细表!B5&" "&"金额单位:人民币元(列至角分)" -> 项目编码：Z65280120210001 项目名称：沁春锦苑三期 金额单位:人民币元(列至角分)
A3: 科目名称 | B3: 序号 | C3: 总扣除金额 | G3: 本次扣除比例 | K3: 本次扣除金额
C4: 普通住宅 | D4: 非普通住宅 | E4: 其他类型房产 | F4: 小计 | G4: 分摊方法 | H4: 普通住宅 | I4: 非普通住宅 | J4: 其他类型房产 | K4: 普通住宅 | L4: 非普通住宅 | M4: 其他类型房产 | N4: 小计
C5: 1 | D5: 2 | E5: 3 | F5: 4=1+2+3 | G5: 5 | H5: 6 | I5: 7 | J5: 8 | K5: 9=1*6 | L5: 10=2*7 | M5: 11=3*8 | N5: 12=9+10+11
A6: 扣除项目金额合计 | B6: 1=2+4+12+15+21+22 | C6: ='附表5-扣除项目统计表'!E87+'附表5-扣除项目统计表'!I87 -> 1.8269067e+08 | D6: ='附表5-扣除项目统计表'!F87+'附表5-扣除项目统计表'!J87 -> 0 | E6: ='附表5-扣除项目统计表'!G87+'附表5-扣除项目统计表'!K87 -> 11300488 | F6: =SUM(C6:E6) -> 1.9399116e+08 | K6: =SUM(K7)+SUM(K9)+SUM(K17)+SUM(K20)+SUM(K26)+SUM(K27) -> 1.8223916e+08 | L6: =SUM(L7)+SUM(L9)+SUM(L17)+SUM(L20)+SUM(L26)+SUM(L27) -> 0 | M6: =SUM(M7)+SUM(M9)+SUM(M17)+SUM(M20)+SUM(M26)+SUM(M27) -> 0 | N6: =SUM(K6:M6) -> 1.8223916e+08
A7: 1.取得土地使用权所支付的金额 | B7: 2 | C7: ='附表5-扣除项目统计表'!E6+'附表5-扣除项目统计表'!I6 -> 0 | D7: ='附表5-扣除项目统计表'!F6+'附表5-扣除项目统计表'!J6 -> 0 | E7: ='附表5-扣除项目统计表'!G6+'附表5-扣除项目统计表'!K6 -> 0 | F7: =SUM(C7:E7) -> 0 | G7: 可售建筑面积法 | H7: =IF(OR($G7="可售建筑面积法",$G7="可售建筑面积法（二分法）"),'附表1-面积统计表'!$F$32,IF($G7="其他合理方法","请填写","请选择分摊方法")) -> 0.997517 | I7: =IF($G7="可售建筑面积法（二分法）",IF('附表1-面积统计表'!$D$33+'附表1-面积统计表'!$D$34=0,"",ROUND(('附表1-面积统计表'!$E$33+'附表1-面积统计表'!$E$34)/('附表1-面积统计表'!$D$33+'附表1-面积统计表'!$D$34),6)),IF($G7="可售建筑面积法",'附表1-面积统计表'!$F$33,IF($G7="其他合理方法","请填写","请选择分摊方法"))) | J7: =IF($G7="可售建筑面积法（二分法）",IF('附表1-面积统计表'!$D$33+'附表1-面积统计表'!$D$34=0,"",ROUND(('附表1-面积统计表'!$E$33+'附表1-面积统计表'!$E$34)/('附表1-面积统计表'!$D$33+'附表1-面积统计表'!$D$34),6)),IF($G7="可售建筑面积法",'附表1-面积统计表'!$F$34,IF($G7="其他合理方法","请填写","请选择分摊方法"))) -> 0 | K7: =IF(AND(H7<=1,H7>=0),ROUND(C7*H7,2),"请准确填写扣除比例") -> 0 | L7: =IF(AND(I7<=1,I7>=0),ROUND(D7*I7,2),"请准确填写扣除比例") -> 请准确填写扣除比例 | M7: =IF(AND(J7<=1,J7>=0),ROUND(E7*J7,2),"请准确填写扣除比例") -> 0 | N7: =SUM(K7:M7) -> 0
A8: 其中：不可加计扣除金额 | B8: 3 | C8: ='附表5-扣除项目统计表'!E10+'附表5-扣除项目统计表'!I10 -> 0 | D8: ='附表5-扣除项目统计表'!F10+'附表5-扣除项目统计表'!J10 -> 0 | E8: ='附表5-扣除项目统计表'!G10+'附表5-扣除项目统计表'!K10 -> 0 | F8: =SUM(C8:E8) -> 0 | G8: 可售建筑面积法 | H8: =IF(OR($G8="可售建筑面积法",$G8="可售建筑面积法（二分法）"),'附表1-面积统计表'!$F$32,IF($G8="其他合理方法","请填写","请选择分摊方法")) -> 0.997517 | I8: =IF($G8="可售建筑面积法（二分法）",IF('附表1-面积统计表'!$D$33+'附表1-面积统计表'!$D$34=0,"",ROUND(('附表1-面积统计表'!$E$33+'附表1-面积统计表'!$E$34)/('附表1-面积统计表'!$D$33+'附表1-面积统计表'!$D$34),6)),IF($G8="可售建筑面积法",'附表1-面积统计表'!$F$33,IF($G8="其他合理方法","请填写","请选择分摊方法"))) | J8: =IF($G8="可售建筑面积法（二分法）",IF('附表1-面积统计表'!$D$33+'附表1-面积统计表'!$D$34=0,"",ROUND(('附表1-面积统计表'!$E$33+'附表1-面积统计表'!$E$34)/('附表1-面积统计表'!$D$33+'附表1-面积统计表'!$D$34),6)),IF($G8="可售建筑面积法",'附表1-面积统计表'!$F$34,IF($G8="其他合理方法","请填写","请选择分摊方法"))) -> 0 | K8: =IF(AND(H8<=1,H8>=0),ROUND(C8*H8,2),"请准确填写扣除比例") -> 0 | L8: =IF(AND(I8<=1,I8>=0),ROUND(D8*I8,2),"请准确填写扣除比例") -> 请准确填写扣除比例 | M8: =IF(AND(J8<=1,J8>=0),ROUND(E8*J8,2),"请准确填写扣除比例") -> 0 | N8: =SUM(K8:M8) -> 0
A9: 2.房地产开发成本 | B9: 4=5+6+7+8+9+10 | C9: ='附表5-扣除项目统计表'!E11+'附表5-扣除项目统计表'!I11 -> 1.3987796e+08 | D9: ='附表5-扣除项目统计表'!F11+'附表5-扣除项目统计表'!J11 -> 0 | E9: ='附表5-扣除项目统计表'!G11+'附表5-扣除项目统计表'!K11 -> 8692683 | F9: =SUM(C9:E9) -> 1.4857064e+08 | K9: =SUM(K10:K15) -> 1.3953064e+08 | L9: =SUM(L10:L15) -> 0 | M9: =SUM(M10:M15) -> 0 | N9: =SUM(K9:M9) -> 1.3953064e+08
A10: 其中：土地征用及拆迁补偿费 | B10: 5 | C10: ='附表5-扣除项目统计表'!E12+'附表5-扣除项目统计表'!I12 -> 1274575.1 | D10: ='附表5-扣除项目统计表'!F12+'附表5-扣除项目统计表'!J12 -> 0 | E10: ='附表5-扣除项目统计表'!G12+'附表5-扣除项目统计表'!K12 -> 79208.17 | F10: =SUM(C10:E10) -> 1353783.3 | G10: 可售建筑面积法 | H10: =IF(OR($G10="可售建筑面积法",$G10="可售建筑面积法（二分法）"),'附表1-面积统计表'!$F$32,IF($G10="其他合理方法","请填写","请选择分摊方法")) -> 0.997517 | I10: =IF($G10="可售建筑面积法（二分法）",IF('附表1-面积统计表'!$D$33+'附表1-面积统计表'!$D$34=0,"",ROUND(('附表1-面积统计表'!$E$33+'附表1-面积统计表'!$E$34)/('附表1-面积统计表'!$D$33+'附表1-面积统计表'!$D$34),6)),IF($G10="可售建筑面积法",'附表1-面积统计表'!$F$33,IF($G10="其他合理方法","请填写","请选择分摊方法"))) | J10: =IF($G10="可售建筑面积法（二分法）",IF('附表1-面积统计表'!$D$33+'附表1-面积统计表'!$D$34=0,"",ROUND(('附表1-面积统计表'!$E$33+'附表1-面积统计表'!$E$34)/('附表1-面积统计表'!$D$33+'附表1-面积统计表'!$D$34),6)),IF($G10="可售建筑面积法",'附表1-面积统计表'!$F$34,IF($G10="其他合理方法","请填写","请选择分摊方法"))) -> 0 | K10: =IF(AND(H10<=1,H10>=0),ROUND(C10*H10,2),"请准确填写扣除比例") -> 1271410.3 | L10: =IF(AND(I10<=1,I10>=0),ROUND(D10*I10,2),"请准确填写扣除比例") -> 请准确填写扣除比例 | M10: =IF(AND(J10<=1,J10>=0),ROUND(E10*J10,2),"请准确填写扣除比例") -> 0 | N10: =SUM(K10:M10) -> 1271410.3
A11: 前期工程费 | B11: 6 | C11: ='附表5-扣除项目统计表'!E19+'附表5-扣除项目统计表'!I19 -> 1814626.7 | D11: ='附表5-扣除项目统计表'!F19+'附表5-扣除项目统计表'!J19 -> 0 | E11: ='附表5-扣除项目统计表'!G19+'附表5-扣除项目统计表'!K19 -> 112769.53 | F11: =SUM(C11:E11) -> 1927396.2 | G11: 可售建筑面积法 | H11: =IF(OR($G11="可售建筑面积法",$G11="可售建筑面积法（二分法）"),'附表1-面积统计表'!$F$32,IF($G11="其他合理方法","请填写","请选择分摊方法")) -> 0.997517 | I11: =IF($G11="可售建筑面积法（二分法）",IF('附表1-面积统计表'!$D$33+'附表1-面积统计表'!$D$34=0,"",ROUND(('附表1-面积统计表'!$E$33+'附表1-面积统计表'!$E$34)/('附表1-面积统计表'!$D$33+'附表1-面积统计表'!$D$34),6)),IF($G11="可售建筑面积法",'附表1-面积统计表'!$F$33,IF($G11="其他合理方法","请填写","请选择分摊方法"))) | J11: =IF($G11="可售建筑面积法（二分法）",IF('附表1-面积统计表'!$D$33+'附表1-面积统计表'!$D$34=0,"",ROUND(('附表1-面积统计表'!$E$33+'附表1-面积统计表'!$E$34)/('附表1-面积统计表'!$D$33+'附表1-面积统计表'!$D$34),6)),IF($G11="可售建筑面积法",'附表1-面积统计表'!$F$34,IF($G11="其他合理方法","请填写","请选择分摊方法"))) -> 0 | K11: =IF(AND(H11<=1,H11>=0),ROUND(C11*H11,2),"请准确填写扣除比例") -> 1810121 | L11: =IF(AND(I11<=1,I11>=0),ROUND(D11*I11,2),"请准确填写扣除比例") -> 请准确填写扣除比例 | M11: =IF(AND(J11<=1,J11>=0),ROUND(E11*J11,2),"请准确填写扣除比例") -> 0 | N11: =SUM(K11:M11) -> 1810121
A12: 建筑安装工程费 | B12: 7 | C12: ='附表5-扣除项目统计表'!E29+'附表5-扣除项目统计表'!I29 -> 99054992 | D12: ='附表5-扣除项目统计表'!F29+'附表5-扣除项目统计表'!J29 -> 0 | E12: ='附表5-扣除项目统计表'!G29+'附表5-扣除项目统计表'!K29 -> 6155749.3 | F12: =SUM(C12:E12) -> 1.0521074e+08 | G12: 可售建筑面积法 | H12: =IF(OR($G12="可售建筑面积法",$G12="可售建筑面积法（二分法）"),'附表1-面积统计表'!$F$32,IF($G12="其他合理方法","请填写","请选择分摊方法")) -> 0.997517 | I12: =IF($G12="可售建筑面积法（二分法）",IF('附表1-面积统计表'!$D$33+'附表1-面积统计表'!$D$34=0,"",ROUND(('附表1-面积统计表'!$E$33+'附表1-面积统计表'!$E$34)/('附表1-面积统计表'!$D$33+'附表1-面积统计表'!$D$34),6)),IF($G12="可售建筑面积法",'附表1-面积统计表'!$F$33,IF($G12="其他合理方法","请填写","请选择分摊方法"))) | J12: =IF($G12="可售建筑面积法（二分法）",IF('附表1-面积统计表'!$D$33+'附表1-面积统计表'!$D$34=0,"",ROUND(('附表1-面积统计表'!$E$33+'附表1-面积统计表'!$E$34)/('附表1-面积统计表'!$D$33+'附表1-面积统计表'!$D$34),6)),IF($G12="可售建筑面积法",'附表1-面积统计表'!$F$34,IF($G12="其他合理方法","请填写","请选择分摊方法"))) -> 0 | K12: =IF(AND(H12<=1,H12>=0),ROUND(C12*H12,2),"请准确填写扣除比例") -> 98809039 | L12: =IF(AND(I12<=1,I12>=0),ROUND(D12*I12,2),"请准确填写扣除比例") -> 请准确填写扣除比例 | M12: =IF(AND(J12<=1,J12>=0),ROUND(E12*J12,2),"请准确填写扣除比例") -> 0 | N12: =SUM(K12:M12) -> 98809039
A13: 基础设施费 | B13: 8 | C13: ='附表5-扣除项目统计表'!E36+'附表5-扣除项目统计表'!I36 -> 17514126 | D13: ='附表5-扣除项目统计表'!F36+'附表5-扣除项目统计表'!J36 -> 0 | E13: ='附表5-扣除项目统计表'!G36+'附表5-扣除项目统计表'!K36 -> 1088411.3 | F13: =SUM(C13:E13) -> 18602538 | G13: 可售建筑面积法 | H13: =IF(OR($G13="可售建筑面积法",$G13="可售建筑面积法（二分法）"),'附表1-面积统计表'!$F$32,IF($G13="其他合理方法","请填写","请选择分摊方法")) -> 0.997517 | I13: =IF($G13="可售建筑面积法（二分法）",IF('附表1-面积统计表'!$D$33+'附表1-面积统计表'!$D$34=0,"",ROUND(('附表1-面积统计表'!$E$33+'附表1-面积统计表'!$E$34)/('附表1-面积统计表'!$D$33+'附表1-面积统计表'!$D$34),6)),IF($G13="可售建筑面积法",'附表1-面积统计表'!$F$33,IF($G13="其他合理方法","请填写","请选择分摊方法"))) | J13: =IF($G13="可售建筑面积法（二分法）",IF('附表1-面积统计表'!$D$33+'附表1-面积统计表'!$D$34=0,"",ROUND(('附表1-面积统计表'!$E$33+'附表1-面积统计表'!$E$34)/('附表1-面积统计表'!$D$33+'附表1-面积统计表'!$D$34),6)),IF($G13="可售建筑面积法",'附表1-面积统计表'!$F$34,IF($G13="其他合理方法","请填写","请选择分摊方法"))) -> 0 | K13: =IF(AND(H13<=1,H13>=0),ROUND(C13*H13,2),"请准确填写扣除比例") -> 17470639 | L13: =IF(AND(I13<=1,I13>=0),ROUND(D13*I13,2),"请准确填写扣除比例") -> 请准确填写扣除比例 | M13: =IF(AND(J13<=1,J13>=0),ROUND(E13*J13,2),"请准确填写扣除比例") -> 0 | N13: =SUM(K13:M13) -> 17470639
A14: 公共配套设施费 | B14: 9 | C14: ='附表5-扣除项目统计表'!E48+'附表5-扣除项目统计表'!I48 -> 18849701 | D14: ='附表5-扣除项目统计表'!F48+'附表5-扣除项目统计表'!J48 -> 0 | E14: ='附表5-扣除项目统计表'!G48+'附表5-扣除项目统计表'!K48 -> 1171410.2 | F14: =SUM(C14:E14) -> 20021112 | G14: 可售建筑面积法 | H14: =IF(OR($G14="可售建筑面积法",$G14="可售建筑面积法（二分法）"),'附表1-面积统计表'!$F$32,IF($G14="其他合理方法","请填写","请选择分摊方法")) -> 0.997517 | I14: =IF($G14="可售建筑面积法（二分法）",IF('附表1-面积统计表'!$D$33+'附表1-面积统计表'!$D$34=0,"",ROUND(('附表1-面积统计表'!$E$33+'附表1-面积统计表'!$E$34)/('附表1-面积统计表'!$D$33+'附表1-面积统计表'!$D$34),6)),IF($G14="可售建筑面积法",'附表1-面积统计表'!$F$33,IF($G14="其他合理方法","请填写","请选择分摊方法"))) | J14: =IF($G14="可售建筑面积法（二分法）",IF('附表1-面积统计表'!$D$33+'附表1-面积统计表'!$D$34=0,"",ROUND(('附表1-面积统计表'!$E$33+'附表1-面积统计表'!$E$34)/('附表1-面积统计表'!$D$33+'附表1-面积统计表'!$D$34),6)),IF($G14="可售建筑面积法",'附表1-面积统计表'!$F$34,IF($G14="其他合理方法","请填写","请选择分摊方法"))) -> 0 | K14: =IF(AND(H14<=1,H14>=0),ROUND(C14*H14,2),"请准确填写扣除比例") -> 18802898 | L14: =IF(AND(I14<=1,I14>=0),ROUND(D14*I14,2),"请准确填写扣除比例") -> 请准确填写扣除比例 | M14: =IF(AND(J14<=1,J14>=0),ROUND(E14*J14,2),"请准确填写扣除比例") -> 0 | N14: =SUM(K14:M14) -> 18802898
A15: 开发间接费用 | B15: 10 | C15: ='附表5-扣除项目统计表'!E65+'附表5-扣除项目统计表'!I65 -> 1369937.9 | D15: ='附表5-扣除项目统计表'!F65+'附表5-扣除项目统计表'!J65 -> 0 | E15: ='附表5-扣除项目统计表'!G65+'附表5-扣除项目统计表'!K65 -> 85134.43 | F15: =SUM(C15:E15) -> 1455072.3 | G15: 可售建筑面积法 | H15: =IF(OR($G15="可售建筑面积法",$G15="可售建筑面积法（二分法）"),'附表1-面积统计表'!$F$32,IF($G15="其他合理方法","请填写","请选择分摊方法")) -> 0.997517 | I15: =IF($G15="可售建筑面积法（二分法）",IF('附表1-面积统计表'!$D$33+'附表1-面积统计表'!$D$34=0,"",ROUND(('附表1-面积统计表'!$E$33+'附表1-面积统计表'!$E$34)/('附表1-面积统计表'!$D$33+'附表1-面积统计表'!$D$34),6)),IF($G15="可售建筑面积法",'附表1-面积统计表'!$F$33,IF($G15="其他合理方法","请填写","请选择分摊方法"))) | J15: =IF($G15="可售建筑面积法（二分法）",IF('附表1-面积统计表'!$D$33+'附表1-面积统计表'!$D$34=0,"",ROUND(('附表1-面积统计表'!$E$33+'附表1-面积统计表'!$E$34)/('附表1-面积统计表'!$D$33+'附表1-面积统计表'!$D$34),6)),IF($G15="可售建筑面积法",'附表1-面积统计表'!$F$34,IF($G15="其他合理方法","请填写","请选择分摊方法"))) -> 0 | K15: =IF(AND(H15<=1,H15>=0),ROUND(C15*H15,2),"请准确填写扣除比例") -> 1366536.4 | L15: =IF(AND(I15<=1,I15>=0),ROUND(D15*I15,2),"请准确填写扣除比例") -> 请准确填写扣除比例 | M15: =IF(AND(J15<=1,J15>=0),ROUND(E15*J15,2),"请准确填写扣除比例") -> 0 | N15: =SUM(K15:M15) -> 1366536.4
A16: 其中：不可加计扣除金额 | B16: 11 | C16: ='附表5-扣除项目统计表'!E75+'附表5-扣除项目统计表'!I75 -> 0 | D16: ='附表5-扣除项目统计表'!F75+'附表5-扣除项目统计表'!J75 -> 0 | E16: ='附表5-扣除项目统计表'!G75+'附表5-扣除项目统计表'!K75 -> 0 | F16: =SUM(C16:E16) -> 0 | G16: 可售建筑面积法 | H16: =IF(OR($G16="可售建筑面积法",$G16="可售建筑面积法（二分法）"),'附表1-面积统计表'!$F$32,IF($G16="其他合理方法","请填写","请选择分摊方法")) -> 0.997517 | I16: =IF($G16="可售建筑面积法（二分法）",IF('附表1-面积统计表'!$D$33+'附表1-面积统计表'!$D$34=0,"",ROUND(('附表1-面积统计表'!$E$33+'附表1-面积统计表'!$E$34)/('附表1-面积统计表'!$D$33+'附表1-面积统计表'!$D$34),6)),IF($G16="可售建筑面积法",'附表1-面积统计表'!$F$33,IF($G16="其他合理方法","请填写","请选择分摊方法"))) | J16: =IF($G16="可售建筑面积法（二分法）",IF('附表1-面积统计表'!$D$33+'附表1-面积统计表'!$D$34=0,"",ROUND(('附表1-面积统计表'!$E$33+'附表1-面积统计表'!$E$34)/('附表1-面积统计表'!$D$33+'附表1-面积统计表'!$D$34),6)),IF($G16="可售建筑面积法",'附表1-面积统计表'!$F$34,IF($G16="其他合理方法","请填写","请选择分摊方法"))) -> 0 | K16: =IF(AND(H16<=1,H16>=0),ROUND(C16*H16,2),"请准确填写扣除比例") -> 0 | L16: =IF(AND(I16<=1,I16>=0),ROUND(D16*I16,2),"请准确填写扣除比例") -> 请准确填写扣除比例 | M16: =IF(AND(J16<=1,J16>=0),ROUND(E16*J16,2),"请准确填写扣除比例") -> 0 | N16: =SUM(K16:M16) -> 0
A17: 3.房地产开发费用 | B17: 12=13+14 | C17: ='附表5-扣除项目统计表'!E76+'附表5-扣除项目统计表'!I76 -> 13987796 | D17: ='附表5-扣除项目统计表'!F76+'附表5-扣除项目统计表'!J76 -> 0 | E17: ='附表5-扣除项目统计表'!G76+'附表5-扣除项目统计表'!K76 -> 869268.3 | F17: =SUM(C17:E17) -> 14857064 | K17: =SUM(K18:K19) -> 13953064 | L17: =SUM(L18:L19) -> 0 | M17: =SUM(M18:M19) -> 0 | N17: =SUM(K17:M17) -> 13953064
A18: 其中：利息支出 | B18: 13 | C18: ='附表5-扣除项目统计表'!E77+'附表5-扣除项目统计表'!I77 -> 0 | D18: ='附表5-扣除项目统计表'!F77+'附表5-扣除项目统计表'!J77 -> 0 | E18: ='附表5-扣除项目统计表'!G77+'附表5-扣除项目统计表'!K77 -> 0 | F18: =SUM(C18:E18) -> 0 | G18: 可售建筑面积法 | H18: =IF(OR($G18="可售建筑面积法",$G18="可售建筑面积法（二分法）"),'附表1-面积统计表'!$F$32,IF($G18="其他合理方法","请填写","请选择分摊方法")) -> 0.997517 | I18: =IF($G18="可售建筑面积法（二分法）",IF('附表1-面积统计表'!$D$33+'附表1-面积统计表'!$D$34=0,"",ROUND(('附表1-面积统计表'!$E$33+'附表1-面积统计表'!$E$34)/('附表1-面积统计表'!$D$33+'附表1-面积统计表'!$D$34),6)),IF($G18="可售建筑面积法",'附表1-面积统计表'!$F$33,IF($G18="其他合理方法","请填写","请选择分摊方法"))) | J18: =IF($G18="可售建筑面积法（二分法）",IF('附表1-面积统计表'!$D$33+'附表1-面积统计表'!$D$34=0,"",ROUND(('附表1-面积统计表'!$E$33+'附表1-面积统计表'!$E$34)/('附表1-面积统计表'!$D$33+'附表1-面积统计表'!$D$34),6)),IF($G18="可售建筑面积法",'附表1-面积统计表'!$F$34,IF($G18="其他合理方法","请填写","请选择分摊方法"))) -> 0 | K18: =IF('附表5-扣除项目统计表'!$D$77="据实扣除",IF(AND(H18<=1,H18>=0),ROUND(C18*H18,2),"请准确填写扣除比例"),0) -> 0 | L18: =IF('附表5-扣除项目统计表'!$D$77="据实扣除",IF(AND(I18<=1,I18>=0),ROUND(D18*I18,2),"请准确填写扣除比例"),0) -> 0 | M18: =IF('附表5-扣除项目统计表'!$D$77="据实扣除",IF(AND(J18<=1,J18>=0),ROUND(E18*J18,2),"请准确填写扣除比例"),0) -> 0 | N18: =SUM(K18:M18) -> 0
A19: 其他房地产开发费用 | B19: 14 | C19: ='附表5-扣除项目统计表'!E78+'附表5-扣除项目统计表'!I78 -> 13987796 | D19: ='附表5-扣除项目统计表'!F78+'附表5-扣除项目统计表'!J78 -> 0 | E19: ='附表5-扣除项目统计表'!G78+'附表5-扣除项目统计表'!K78 -> 869268.3 | F19: =SUM(C19:E19) -> 14857064 | G19: 与加计扣除一致 | K19: =IF(G19="与加计扣除一致",ROUND(IF('附表5-扣除项目统计表'!$D$77="计算扣除",((SUM(K7)-SUM(K8))+(SUM(K9)-SUM(K16)))*10%,((SUM(K7)-SUM(K8))+(SUM(K9)-SUM(K16)))*5%),2),"请准确填写普通住宅扣除金额。") -> 13953064 | L19: =IF(G19="与加计扣除一致",ROUND(IF('附表5-扣除项目统计表'!$D$77="计算扣除",((SUM(L7)-SUM(L8))+(SUM(L9)-SUM(L16)))*10%,((SUM(L7)-SUM(L8))+(SUM(L9)-SUM(L16)))*5%),2),"请准确填写非普通住宅扣除金额。") -> 0 | M19: =IF(G19="与加计扣除一致",ROUND(IF('附表5-扣除项目统计表'!$D$77="计算扣除",((SUM(M7)-SUM(M8))+(SUM(M9)-SUM(M16)))*10%,((SUM(M7)-SUM(M8))+(SUM(M9)-SUM(M16)))*5%),2),"请准确填写其他类型房地产扣除金额。") -> 0 | N19: =SUM(K19:M19) -> 13953064
A20: 4.与转让房地产有关的税金等 | B20: 15=16+17+18+19+20 | K20: =SUM(K21:K25) -> 849325.62 | L20: =SUM(L21:L25) -> 0 | M20: =SUM(M21:M25) -> 0 | N20: =SUM(K20:M20) -> 849325.62
A21: 其中：营业税 | B21: 16 | K21: =ROUND(SUM('附表5-扣除项目统计表'!E80),2) -> 0 | L21: =ROUND(SUM('附表5-扣除项目统计表'!F80),2) -> 0 | M21: =ROUND(SUM('附表5-扣除项目统计表'!G80),2) -> 0 | N21: =SUM(K21:M21) -> 0
A22: 城市维护建设税 | B22: 17 | K22: =ROUND(SUM('附表5-扣除项目统计表'!E81),2) -> 426590.26 | L22: =ROUND(SUM('附表5-扣除项目统计表'!F81),2) -> 0 | M22: =ROUND(SUM('附表5-扣除项目统计表'!G81),2) -> 0 | N22: =SUM(K22:M22) -> 426590.26
A23: 教育费附加 | B23: 18 | K23: =ROUND(SUM('附表5-扣除项目统计表'!E82),2) -> 182824.3 | L23: =ROUND(SUM('附表5-扣除项目统计表'!F82),2) -> 0 | M23: =ROUND(SUM('附表5-扣除项目统计表'!G82),2) -> 0 | N23: =SUM(K23:M23) -> 182824.3
A24: 地方教育附加 | B24: 19 | K24: =ROUND(SUM('附表5-扣除项目统计表'!E83),2) -> 121883.59 | L24: =ROUND(SUM('附表5-扣除项目统计表'!F83),2) -> 0 | M24: =ROUND(SUM('附表5-扣除项目统计表'!G83),2) -> 0 | N24: =SUM(K24:M24) -> 121883.59
A25: 其他税（费） | B25: 20 | K25: =ROUND(SUM('附表5-扣除项目统计表'!E84),2) -> 118027.47 | L25: =ROUND(SUM('附表5-扣除项目统计表'!F84),2) -> 0 | M25: =ROUND(SUM('附表5-扣除项目统计表'!G84),2) -> 0 | N25: =SUM(K25:M25) -> 118027.47
A26: 5.财政部规定的其他扣除项目 | B26: 21=[(2-3)+(4-11)]*20% | C26: ='附表5-扣除项目统计表'!E85+'附表5-扣除项目统计表'!I85 -> 27975592 | D26: ='附表5-扣除项目统计表'!F85+'附表5-扣除项目统计表'!J85 -> 0 | E26: ='附表5-扣除项目统计表'!G85+'附表5-扣除项目统计表'!K85 -> 1738536.6 | F26: =SUM(C26:E26) -> 29714129 | K26: =ROUND((SUM(K7)-SUM(K8)+SUM(K9)-SUM(K16))*20%,2) -> 27906129 | L26: =ROUND((SUM(L7)-SUM(L8)+SUM(L9)-SUM(L16))*20%,2) -> 0 | M26: =ROUND((SUM(M7)-SUM(M8)+SUM(M9)-SUM(M16))*20%,2) -> 0 | N26: =SUM(K26:M26) -> 27906129
A27: 6.代收费用 | B27: 22 | C27: =SUM('附表5-扣除项目统计表'!E86)+SUM('附表5-扣除项目统计表'!I86) -> 0 | D27: =SUM('附表5-扣除项目统计表'!F86)+SUM('附表5-扣除项目统计表'!J86) -> 0 | E27: =SUM('附表5-扣除项目统计表'!G86)+SUM('附表5-扣除项目统计表'!K86) -> 0 | F27: =SUM(C27:E27) -> 0 | G27: 可售建筑面积法 | H27: =IF(OR($G27="可售建筑面积法",$G27="可售建筑面积法（二分法）"),'附表1-面积统计表'!$F$32,IF($G27="其他合理方法","请填写","请选择分摊方法")) -> 0.997517 | I27: =IF($G27="可售建筑面积法（二分法）",IF('附表1-面积统计表'!$D$33+'附表1-面积统计表'!$D$34=0,"",ROUND(('附表1-面积统计表'!$E$33+'附表1-面积统计表'!$E$34)/('附表1-面积统计表'!$D$33+'附表1-面积统计表'!$D$34),6)),IF($G27="可售建筑面积法",'附表1-面积统计表'!$F$33,IF($G27="其他合理方法","请填写","请选择分摊方法"))) | J27: =IF($G27="可售建筑面积法（二分法）",IF('附表1-面积统计表'!$D$33+'附表1-面积统计表'!$D$34=0,"",ROUND(('附表1-面积统计表'!$E$33+'附表1-面积统计表'!$E$34)/('附表1-面积统计表'!$D$33+'附表1-面积统计表'!$D$34),6)),IF($G27="可售建筑面积法",'附表1-面积统计表'!$F$34,IF($G27="其他合理方法","请填写","请选择分摊方法"))) -> 0 | K27: =IF(AND(H27<=1,H27>=0),ROUND(C27*H27,2),"请准确填写扣除比例") -> 0 | L27: =IF(AND(I27<=1,I27>=0),ROUND(D27*I27,2),"请准确填写扣除比例") -> 请准确填写扣除比例 | M27: =IF(AND(J27<=1,J27>=0),ROUND(E27*J27,2),"请准确填写扣除比例") -> 0 | N27: =SUM(K27:M27) -> 0

Sheet 附表4-项目间分摊信息采集表
A1: 附表4-项目间分摊信息采集表
A2: =土地增值税税源明细表!F5&"："&土地增值税税源明细表!H5&" "&土地增值税税源明细表!A5&"："&土地增值税税源明细表!B5&" "&"金额单位:人民币元(列至角分)" -> 项目编码：Z65280120210001 项目名称：沁春锦苑三期 金额单位:人民币元(列至角分)
A3: 序号 | B3: *项目名称 | C3: *是否已办理项目报告 | D3: *项目编码 | E3: 开发土地总面积 | F3: 测绘总建筑面积 | G3: 总可售建筑面积 | H3: 其他分摊方法数额 | I3: 备注
B4: 1 | C4: 2 | D4: 3 | E4: 4 | F4: 5 | G4: 6 | H4: 7 | I4: 8
A5: 1 | B5: 沁春锦苑三期 | C5: 是 | D5: =IF(清算项目基本情况表!S6="","",清算项目基本情况表!S6) -> Z65280120210001 | E5: 35429.51 | F5: 64074.09 | G5: 53396.65 | H5: 3409.98 | I5: 本次清算项目
A6: 2 | B6: 沁春锦苑19#、20#、23#、24#楼 | C6: 是 | D6: Z65280120190027 | E6: 40521.01 | F6: 54544.16 | G6: 54463.47 | H6: 655.35
A7: 3 | B7: 沁春锦苑二期 | C7: 是 | D7: Z65280120200027 | E7: 37660.54 | F7: 53048.66 | G7: 53009.86 | H7: 1901.66
A8: 4
A9: 5
A10: 6
A11: 7
A12: 8
A13: 9
A14: 10

Sheet 附表5-扣除项目统计表
A1: T23200附表5-扣除项目统计表
A2: =土地增值税税源明细表!F5&"："&土地增值税税源明细表!H5&" "&土地增值税税源明细表!A5&"："&土地增值税税源明细表!B5&" "&"金额单位:人民币元(列至角分)" -> 项目编码：Z65280120210001 项目名称：沁春锦苑三期 金额单位:人民币元(列至角分)
A3: 序号 | B3: 科目名称 | E3: 直接归集成本费用 | I3: 共同成本费用 | M3: 合计
E4: 普通住宅 | F4: 非普通住宅 | G4: 其他类型房产 | H4: 小计 | I4: 普通住宅 | J4: 非普通住宅 | K4: 其他类型房产 | L4: 小计
E5: 1 | F5: 2 | G5: 3 | H5: 4=1+2+3 | I5: 5 | J5: 6 | K5: 7 | L5: 8=5+6+7 | M5: 9=4+8
A6: 1 | B6: =数据对照表!B1 -> 取得土地使用权所支付的金额 | E6: =SUMIFS('附表7-扣除项目明细采集底稿'!W:W,'附表7-扣除项目明细采集底稿'!D:D,数据对照表!B1,'附表7-扣除项目明细采集底稿'!V:V,"直接归集成本费用") -> 0 | F6: =SUMIFS('附表7-扣除项目明细采集底稿'!X:X,'附表7-扣除项目明细采集底稿'!D:D,数据对照表!B1,'附表7-扣除项目明细采集底稿'!V:V,"直接归集成本费用") -> 0 | G6: =SUMIFS('附表7-扣除项目明细采集底稿'!Y:Y,'附表7-扣除项目明细采集底稿'!D:D,数据对照表!B1,'附表7-扣除项目明细采集底稿'!V:V,"直接归集成本费用") -> 0 | H6: =SUM(E6:G6) -> 0 | I6: =SUMIFS('附表7-扣除项目明细采集底稿'!W:W,'附表7-扣除项目明细采集底稿'!D:D,数据对照表!B1,'附表7-扣除项目明细采集底稿'!V:V,"共同成本费用") -> 0 | J6: =SUMIFS('附表7-扣除项目明细采集底稿'!X:X,'附表7-扣除项目明细采集底稿'!D:D,数据对照表!B1,'附表7-扣除项目明细采集底稿'!V:V,"共同成本费用") -> 0 | K6: =SUMIFS('附表7-扣除项目明细采集底稿'!Y:Y,'附表7-扣除项目明细采集底稿'!D:D,数据对照表!B1,'附表7-扣除项目明细采集底稿'!V:V,"共同成本费用") -> 0 | L6: =SUM(I6:K6) -> 0 | M6: =H6+L6 -> 0
A7: 2 | B7: 其中 | C7: =数据对照表!B2 -> 支付的土地出让金额 | E7: =SUMIFS('附表7-扣除项目明细采集底稿'!W:W,'附表7-扣除项目明细采集底稿'!E:E,数据对照表!B2,'附表7-扣除项目明细采集底稿'!V:V,"直接归集成本费用") -> 0 | F7: =SUMIFS('附表7-扣除项目明细采集底稿'!X:X,'附表7-扣除项目明细采集底稿'!E:E,数据对照表!B2,'附表7-扣除项目明细采集底稿'!V:V,"直接归集成本费用") -> 0 | G7: =SUMIFS('附表7-扣除项目明细采集底稿'!Y:Y,'附表7-扣除项目明细采集底稿'!E:E,数据对照表!B2,'附表7-扣除项目明细采集底稿'!V:V,"直接归集成本费用") -> 0 | H7: =SUM(E7:G7) -> 0 | I7: =SUMIFS('附表7-扣除项目明细采集底稿'!W:W,'附表7-扣除项目明细采集底稿'!E:E,数据对照表!B2,'附表7-扣除项目明细采集底稿'!V:V,"共同成本费用") -> 0 | J7: =SUMIFS('附表7-扣除项目明细采集底稿'!X:X,'附表7-扣除项目明细采集底稿'!E:E,数据对照表!B2,'附表7-扣除项目明细采集底稿'!V:V,"共同成本费用") -> 0 | K7: =SUMIFS('附表7-扣除项目明细采集底稿'!Y:Y,'附表7-扣除项目明细采集底稿'!E:E,数据对照表!B2,'附表7-扣除项目明细采集底稿'!V:V,"共同成本费用") -> 0 | L7: =SUM(I7:K7) -> 0 | M7: =H7+L7 -> 0
A8: 3 | C8: =数据对照表!B3 -> 支付的地价款金额 | E8: =SUMIFS('附表7-扣除项目明细采集底稿'!W:W,'附表7-扣除项目明细采集底稿'!E:E,数据对照表!B3,'附表7-扣除项目明细采集底稿'!V:V,"直接归集成本费用") -> 0 | F8: =SUMIFS('附表7-扣除项目明细采集底稿'!X:X,'附表7-扣除项目明细采集底稿'!E:E,数据对照表!B3,'附表7-扣除项目明细采集底稿'!V:V,"直接归集成本费用") -> 0 | G8: =SUMIFS('附表7-扣除项目明细采集底稿'!Y:Y,'附表7-扣除项目明细采集底稿'!E:E,数据对照表!B3,'附表7-扣除项目明细采集底稿'!V:V,"直接归集成本费用") -> 0 | H8: =SUM(E8:G8) -> 0 | I8: =SUMIFS('附表7-扣除项目明细采集底稿'!W:W,'附表7-扣除项目明细采集底稿'!E:E,数据对照表!B3,'附表7-扣除项目明细采集底稿'!V:V,"共同成本费用") -> 0 | J8: =SUMIFS('附表7-扣除项目明细采集底稿'!X:X,'附表7-扣除项目明细采集底稿'!E:E,数据对照表!B3,'附表7-扣除项目明细采集底稿'!V:V,"共同成本费用") -> 0 | K8: =SUMIFS('附表7-扣除项目明细采集底稿'!Y:Y,'附表7-扣除项目明细采集底稿'!E:E,数据对照表!B3,'附表7-扣除项目明细采集底稿'!V:V,"共同成本费用") -> 0 | L8: =SUM(I8:K8) -> 0 | M8: =H8+L8 -> 0
A9: 4 | C9: =数据对照表!B4 -> 交纳的有关税费 | E9: =SUMIFS('附表7-扣除项目明细采集底稿'!W:W,'附表7-扣除项目明细采集底稿'!E:E,数据对照表!B4,'附表7-扣除项目明细采集底稿'!V:V,"直接归集成本费用") -> 0 | F9: =SUMIFS('附表7-扣除项目明细采集底稿'!X:X,'附表7-扣除项目明细采集底稿'!E:E,数据对照表!B4,'附表7-扣除项目明细采集底稿'!V:V,"直接归集成本费用") -> 0 | G9: =SUMIFS('附表7-扣除项目明细采集底稿'!Y:Y,'附表7-扣除项目明细采集底稿'!E:E,数据对照表!B4,'附表7-扣除项目明细采集底稿'!V:V,"直接归集成本费用") -> 0 | H9: =SUM(E9:G9) -> 0 | I9: =SUMIFS('附表7-扣除项目明细采集底稿'!W:W,'附表7-扣除项目明细采集底稿'!E:E,数据对照表!B4,'附表7-扣除项目明细采集底稿'!V:V,"共同成本费用") -> 0 | J9: =SUMIFS('附表7-扣除项目明细采集底稿'!X:X,'附表7-扣除项目明细采集底稿'!E:E,数据对照表!B4,'附表7-扣除项目明细采集底稿'!V:V,"共同成本费用") -> 0 | K9: =SUMIFS('附表7-扣除项目明细采集底稿'!Y:Y,'附表7-扣除项目明细采集底稿'!E:E,数据对照表!B4,'附表7-扣除项目明细采集底稿'!V:V,"共同成本费用") -> 0 | L9: =SUM(I9:K9) -> 0 | M9: =H9+L9 -> 0
A10: 5 | B10: 其中：不可加计扣除金额 | E10: =SUMIFS('附表7-扣除项目明细采集底稿'!W:W,'附表7-扣除项目明细采集底稿'!D:D,数据对照表!B1,'附表7-扣除项目明细采集底稿'!V:V,"直接归集成本费用",'附表7-扣除项目明细采集底稿'!AB:AB,"不可加计") -> 0 | F10: =SUMIFS('附表7-扣除项目明细采集底稿'!X:X,'附表7-扣除项目明细采集底稿'!D:D,数据对照表!B1,'附表7-扣除项目明细采集底稿'!V:V,"直接归集成本费用",'附表7-扣除项目明细采集底稿'!AB:AB,"不可加计") -> 0 | G10: =SUMIFS('附表7-扣除项目明细采集底稿'!Y:Y,'附表7-扣除项目明细采集底稿'!D:D,数据对照表!B1,'附表7-扣除项目明细采集底稿'!V:V,"直接归集成本费用",'附表7-扣除项目明细采集底稿'!AB:AB,"不可加计") -> 0 | H10: =SUM(E10:G10) -> 0 | I10: =SUMIFS('附表7-扣除项目明细采集底稿'!W:W,'附表7-扣除项目明细采集底稿'!D:D,数据对照表!B1,'附表7-扣除项目明细采集底稿'!V:V,"共同成本费用",'附表7-扣除项目明细采集底稿'!AB:AB,"不可加计") -> 0 | J10: =SUMIFS('附表7-扣除项目明细采集底稿'!X:X,'附表7-扣除项目明细采集底稿'!D:D,数据对照表!B1,'附表7-扣除项目明细采集底稿'!V:V,"共同成本费用",'附表7-扣除项目明细采集底稿'!AB:AB,"不可加计") -> 0 | K10: =SUMIFS('附表7-扣除项目明细采集底稿'!Y:Y,'附表7-扣除项目明细采集底稿'!D:D,数据对照表!B1,'附表7-扣除项目明细采集底稿'!V:V,"共同成本费用",'附表7-扣除项目明细采集底稿'!AB:AB,"不可加计") -> 0 | L10: =SUM(I10:K10) -> 0 | M10: =H10+L10 -> 0
A11: 6 | B11: 房地产开发成本 | E11: =SUM(SUMIFS('附表7-扣除项目明细采集底稿'!W:W,'附表7-扣除项目明细采集底稿'!D:D,"土地征用及拆迁补偿费",'附表7-扣除项目明细采集底稿'!V:V,"直接归集成本费用"),SUMIFS('附表7-扣除项目明细采集底稿'!W:W,'附表7-扣除项目明细采集底稿'!D:D,"前期工程费",'附表7-扣除项目明细采集底稿'!V:V,"直接归集成本费用"),SUMIFS('附表7-扣除项目明细采集底稿'!W:W,'附表7-扣除项目明细采集底稿'!D:D,"建筑安装工程费",'附表7-扣除项目明细采集底稿'!V:V,"直接归集成本费用"),SUMIFS('附表7-扣除项目明细采集底稿'!W:W,'附表7-扣除项目明细采集底稿'!D:D,"基础设施费",'附表7-扣除项目明细采集底稿'!V:V,"直接归集成本费用"),SUMIFS('附表7-扣除项目明细采集底稿'!W:W,'附表7-扣除项目明细采集底稿'!D:D,"公共配套设施费",'附表7-扣除项目明细采集底稿'!V:V,"直接归集成本费用"),SUMIFS('附表7-扣除项目明细采集底稿'!W:W,'附表7-扣除项目明细采集底稿'!D:D,"开发间接费用",'附表7-扣除项目明细采集底稿'!V:V,"直接归集成本费用")) -> 0 | F11: =SUM(SUMIFS('附表7-扣除项目明细采集底稿'!X:X,'附表7-扣除项目明细采集底稿'!D:D,"土地征用及拆迁补偿费",'附表7-扣除项目明细采集底稿'!V:V,"直接归集成本费用"),SUMIFS('附表7-扣除项目明细采集底稿'!X:X,'附表7-扣除项目明细采集底稿'!D:D,"前期工程费",'附表7-扣除项目明细采集底稿'!V:V,"直接归集成本费用"),SUMIFS('附表7-扣除项目明细采集底稿'!X:X,'附表7-扣除项目明细采集底稿'!D:D,"建筑安装工程费",'附表7-扣除项目明细采集底稿'!V:V,"直接归集成本费用"),SUMIFS('附表7-扣除项目明细采集底稿'!X:X,'附表7-扣除项目明细采集底稿'!D:D,"基础设施费",'附表7-扣除项目明细采集底稿'!V:V,"直接归集成本费用"),SUMIFS('附表7-扣除项目明细采集底稿'!X:X,'附表7-扣除项目明细采集底稿'!D:D,"公共配套设施费",'附表7-扣除项目明细采集底稿'!V:V,"直接归集成本费用"),SUMIFS('附表7-扣除项目明细采集底稿'!X:X,'附表7-扣除项目明细采集底稿'!D:D,"开发间接费用",'附表7-扣除项目明细采集底稿'!V:V,"直接归集成本费用")) -> 0 | G11: =SUM(SUMIFS('附表7-扣除项目明细采集底稿'!Y:Y,'附表7-扣除项目明细采集底稿'!D:D,"土地征用及拆迁补偿费",'附表7-扣除项目明细采集底稿'!V:V,"直接归集成本费用"),SUMIFS('附表7-扣除项目明细采集底稿'!Y:Y,'附表7-扣除项目明细采集底稿'!D:D,"前期工程费",'附表7-扣除项目明细采集底稿'!V:V,"直接归集成本费用"),SUMIFS('附表7-扣除项目明细采集底稿'!Y:Y,'附表7-扣除项目明细采集底稿'!D:D,"建筑安装工程费",'附表7-扣除项目明细采集底稿'!V:V,"直接归集成本费用"),SUMIFS('附表7-扣除项目明细采集底稿'!Y:Y,'附表7-扣除项目明细采集底稿'!D:D,"基础设施费",'附表7-扣除项目明细采集底稿'!V:V,"直接归集成本费用"),SUMIFS('附表7-扣除项目明细采集底稿'!Y:Y,'附表7-扣除项目明细采集底稿'!D:D,"公共配套设施费",'附表7-扣除项目明细采集底稿'!V:V,"直接归集成本费用"),SUMIFS('附表7-扣除项目明细采集底稿'!Y:Y,'附表7-扣除项目明细采集底稿'!D:D,"开发间接费用",'附表7-扣除项目明细采集底稿'!V:V,"直接归集成本费用")) -> 0 | H11: =SUM(E11:G11) -> 0 | I11: =SUM(SUMIFS('附表7-扣除项目明细采集底稿'!W:W,'附表7-扣除项目明细采集底稿'!D:D,"土地征用及拆迁补偿费",'附表7-扣除项目明细采集底稿'!V:V,"共同成本费用"),SUMIFS('附表7-扣除项目明细采集底稿'!W:W,'附表7-扣除项目明细采集底稿'!D:D,"前期工程费",'附表7-扣除项目明细采集底稿'!V:V,"共同成本费用"),SUMIFS('附表7-扣除项目明细采集底稿'!W:W,'附表7-扣除项目明细采集底稿'!D:D,"建筑安装工程费",'附表7-扣除项目明细采集底稿'!V:V,"共同成本费用"),SUMIFS('附表7-扣除项目明细采集底稿'!W:W,'附表7-扣除项目明细采集底稿'!D:D,"基础设施费",'附表7-扣除项目明细采集底稿'!V:V,"共同成本费用"),SUMIFS('附表7-扣除项目明细采集底稿'!W:W,'附表7-扣除项目明细采集底稿'!D:D,"公共配套设施费",'附表7-扣除项目明细采集底稿'!V:V,"共同成本费用"),SUMIFS('附表7-扣除项目明细采集底稿'!W:W,'附表7-扣除项目明细采集底稿'!D:D,"开发间接费用",'附表7-扣除项目明细采集底稿'!V:V,"共同成本费用")) -> 1.3987796e+08 | J11: =SUM(SUMIFS('附表7-扣除项目明细采集底稿'!X:X,'附表7-扣除项目明细采集底稿'!D:D,"土地征用及拆迁补偿费",'附表7-扣除项目明细采集底稿'!V:V,"共同成本费用"),SUMIFS('附表7-扣除项目明细采集底稿'!X:X,'附表7-扣除项目明细采集底稿'!D:D,"前期工程费",'附表7-扣除项目明细采集底稿'!V:V,"共同成本费用"),SUMIFS('附表7-扣除项目明细采集底稿'!X:X,'附表7-扣除项目明细采集底稿'!D:D,"建筑安装工程费",'附表7-扣除项目明细采集底稿'!V:V,"共同成本费用"),SUMIFS('附表7-扣除项目明细采集底稿'!X:X,'附表7-扣除项目明细采集底稿'!D:D,"基础设施费",'附表7-扣除项目明细采集底稿'!V:V,"共同成本费用"),SUMIFS('附表7-扣除项目明细采集底稿'!X:X,'附表7-扣除项目明细采集底稿'!D:D,"公共配套设施费",'附表7-扣除项目明细采集底稿'!V:V,"共同成本费用"),SUMIFS('附表7-扣除项目明细采集底稿'!X:X,'附表7-扣除项目明细采集底稿'!D:D,"开发间接费用",'附表7-扣除项目明细采集底稿'!V:V,"共同成本费用")) -> 0 | K11: =SUM(SUMIFS('附表7-扣除项目明细采集底稿'!Y:Y,'附表7-扣除项目明细采集底稿'!D:D,"土地征用及拆迁补偿费",'附表7-扣除项目明细采集底稿'!V:V,"共同成本费用"),SUMIFS('附表7-扣除项目明细采集底稿'!Y:Y,'附表7-扣除项目明细采集底稿'!D:D,"前期工程费",'附表7-扣除项目明细采集底稿'!V:V,"共同成本费用"),SUMIFS('附表7-扣除项目明细采集底稿'!Y:Y,'附表7-扣除项目明细采集底稿'!D:D,"建筑安装工程费",'附表7-扣除项目明细采集底稿'!V:V,"共同成本费用"),SUMIFS('附表7-扣除项目明细采集底稿'!Y:Y,'附表7-扣除项目明细采集底稿'!D:D,"基础设施费",'附表7-扣除项目明细采集底稿'!V:V,"共同成本费用"),SUMIFS('附表7-扣除项目明细采集底稿'!Y:Y,'附表7-扣除项目明细采集底稿'!D:D,"公共配套设施费",'附表7-扣除项目明细采集底稿'!V:V,"共同成本费用"),SUMIFS('附表7-扣除项目明细采集底稿'!Y:Y,'附表7-扣除项目明细采集底稿'!D:D,"开发间接费用",'附表7-扣除项目明细采集底稿'!V:V,"共同成本费用")) -> 8692683 | L11: =SUM(I11:K11) -> 1.4857064e+08 | M11: =H11+L11 -> 1.4857064e+08
A12: 7 | B12: 其中 | C12: =数据对照表!C1 -> 土地征用及拆迁补偿费 | E12: =SUMIFS('附表7-扣除项目明细采集底稿'!W:W,'附表7-扣除项目明细采集底稿'!D:D,数据对照表!C1,'附表7-扣除项目明细采集底稿'!V:V,"直接归集成本费用") -> 0 | F12: =SUMIFS('附表7-扣除项目明细采集底稿'!X:X,'附表7-扣除项目明细采集底稿'!D:D,数据对照表!C1,'附表7-扣除项目明细采集底稿'!V:V,"直接归集成本费用") -> 0 | G12: =SUMIFS('附表7-扣除项目明细采集底稿'!Y:Y,'附表7-扣除项目明细采集底稿'!D:D,数据对照表!C1,'附表7-扣除项目明细采集底稿'!V:V,"直接归集成本费用") -> 0 | H12: =SUM(E12:G12) -> 0 | I12: =SUMIFS('附表7-扣除项目明细采集底稿'!W:W,'附表7-扣除项目明细采集底稿'!D:D,数据对照表!C1,'附表7-扣除项目明细采集底稿'!V:V,"共同成本费用") -> 1274575.1 | J12: =SUMIFS('附表7-扣除项目明细采集底稿'!X:X,'附表7-扣除项目明细采集底稿'!D:D,数据对照表!C1,'附表7-扣除项目明细采集底稿'!V:V,"共同成本费用") -> 0 | K12: =SUMIFS('附表7-扣除项目明细采集底稿'!Y:Y,'附表7-扣除项目明细采集底稿'!D:D,数据对照表!C1,'附表7-扣除项目明细采集底稿'!V:V,"共同成本费用") -> 79208.17 | L12: =SUM(I12:K12) -> 1353783.3 | M12: =H12+L12 -> 1353783.3
A13: 8 | C13: 其中 | D13: =数据对照表!C2 -> 土地征用费用 | E13: =SUMIFS('附表7-扣除项目明细采集底稿'!W:W,'附表7-扣除项目明细采集底稿'!E:E,数据对照表!C2,'附表7-扣除项目明细采集底稿'!V:V,"直接归集成本费用") -> 0 | F13: =SUMIFS('附表7-扣除项目明细采集底稿'!X:X,'附表7-扣除项目明细采集底稿'!E:E,数据对照表!C2,'附表7-扣除项目明细采集底稿'!V:V,"直接归集成本费用") -> 0 | G13: =SUMIFS('附表7-扣除项目明细采集底稿'!Y:Y,'附表7-扣除项目明细采集底稿'!E:E,数据对照表!C2,'附表7-扣除项目明细采集底稿'!V:V,"直接归集成本费用") -> 0 | H13: =SUM(E13:G13) -> 0 | I13: =SUMIFS('附表7-扣除项目明细采集底稿'!W:W,'附表7-扣除项目明细采集底稿'!E:E,数据对照表!C2,'附表7-扣除项目明细采集底稿'!V:V,"共同成本费用") -> 1237515 | J13: =SUMIFS('附表7-扣除项目明细采集底稿'!X:X,'附表7-扣除项目明细采集底稿'!E:E,数据对照表!C2,'附表7-扣除项目明细采集底稿'!V:V,"共同成本费用") -> 0 | K13: =SUMIFS('附表7-扣除项目明细采集底稿'!Y:Y,'附表7-扣除项目明细采集底稿'!E:E,数据对照表!C2,'附表7-扣除项目明细采集底稿'!V:V,"共同成本费用") -> 76905.08 | L13: =SUM(I13:K13) -> 1314420.1 | M13: =H13+L13 -> 1314420.1
A14: 9 | D14: =数据对照表!C3 -> 耕地占用税 | E14: =SUMIFS('附表7-扣除项目明细采集底稿'!W:W,'附表7-扣除项目明细采集底稿'!E:E,数据对照表!C3,'附表7-扣除项目明细采集底稿'!V:V,"直接归集成本费用") -> 0 | F14: =SUMIFS('附表7-扣除项目明细采集底稿'!X:X,'附表7-扣除项目明细采集底稿'!E:E,数据对照表!C3,'附表7-扣除项目明细采集底稿'!V:V,"直接归集成本费用") -> 0 | G14: =SUMIFS('附表7-扣除项目明细采集底稿'!Y:Y,'附表7-扣除项目明细采集底稿'!E:E,数据对照表!C3,'附表7-扣除项目明细采集底稿'!V:V,"直接归集成本费用") -> 0 | H14: =SUM(E14:G14) -> 0 | I14: =SUMIFS('附表7-扣除项目明细采集底稿'!W:W,'附表7-扣除项目明细采集底稿'!E:E,数据对照表!C3,'附表7-扣除项目明细采集底稿'!V:V,"共同成本费用") -> 0 | J14: =SUMIFS('附表7-扣除项目明细采集底稿'!X:X,'附表7-扣除项目明细采集底稿'!E:E,数据对照表!C3,'附表7-扣除项目明细采集底稿'!V:V,"共同成本费用") -> 0 | K14: =SUMIFS('附表7-扣除项目明细采集底稿'!Y:Y,'附表7-扣除项目明细采集底稿'!E:E,数据对照表!C3,'附表7-扣除项目明细采集底稿'!V:V,"共同成本费用") -> 0 | L14: =SUM(I14:K14) -> 0 | M14: =H14+L14 -> 0
A15: 10 | D15: =数据对照表!C4 -> 劳动力安置费 | E15: =SUMIFS('附表7-扣除项目明细采集底稿'!W:W,'附表7-扣除项目明细采集底稿'!E:E,数据对照表!C4,'附表7-扣除项目明细采集底稿'!V:V,"直接归集成本费用") -> 0 | F15: =SUMIFS('附表7-扣除项目明细采集底稿'!X:X,'附表7-扣除项目明细采集底稿'!E:E,数据对照表!C4,'附表7-扣除项目明细采集底稿'!V:V,"直接归集成本费用") -> 0 | G15: =SUMIFS('附表7-扣除项目明细采集底稿'!Y:Y,'附表7-扣除项目明细采集底稿'!E:E,数据对照表!C4,'附表7-扣除项目明细采集底稿'!V:V,"直接归集成本费用") -> 0 | H15: =SUM(E15:G15) -> 0 | I15: =SUMIFS('附表7-扣除项目明细采集底稿'!W:W,'附表7-扣除项目明细采集底稿'!E:E,数据对照表!C4,'附表7-扣除项目明细采集底稿'!V:V,"共同成本费用") -> 0 | J15: =SUMIFS('附表7-扣除项目明细采集底稿'!X:X,'附表7-扣除项目明细采集底稿'!E:E,数据对照表!C4,'附表7-扣除项目明细采集底稿'!V:V,"共同成本费用") -> 0 | K15: =SUMIFS('附表7-扣除项目明细采集底稿'!Y:Y,'附表7-扣除项目明细采集底稿'!E:E,数据对照表!C4,'附表7-扣除项目明细采集底稿'!V:V,"共同成本费用") -> 0 | L15: =SUM(I15:K15) -> 0 | M15: =H15+L15 -> 0
A16: 11 | D16: =数据对照表!C5 -> 安置动迁用房支出 | E16: =SUMIFS('附表7-扣除项目明细采集底稿'!W:W,'附表7-扣除项目明细采集底稿'!E:E,数据对照表!C5,'附表7-扣除项目明细采集底稿'!V:V,"直接归集成本费用") -> 0 | F16: =SUMIFS('附表7-扣除项目明细采集底稿'!X:X,'附表7-扣除项目明细采集底稿'!E:E,数据对照表!C5,'附表7-扣除项目明细采集底稿'!V:V,"直接归集成本费用") -> 0 | G16: =SUMIFS('附表7-扣除项目明细采集底稿'!Y:Y,'附表7-扣除项目明细采集底稿'!E:E,数据对照表!C5,'附表7-扣除项目明细采集底稿'!V:V,"直接归集成本费用") -> 0 | H16: =SUM(E16:G16) -> 0 | I16: =SUMIFS('附表7-扣除项目明细采集底稿'!W:W,'附表7-扣除项目明细采集底稿'!E:E,数据对照表!C5,'附表7-扣除项目明细采集底稿'!V:V,"共同成本费用") -> 0 | J16: =SUMIFS('附表7-扣除项目明细采集底稿'!X:X,'附表7-扣除项目明细采集底稿'!E:E,数据对照表!C5,'附表7-扣除项目明细采集底稿'!V:V,"共同成本费用") -> 0 | K16: =SUMIFS('附表7-扣除项目明细采集底稿'!Y:Y,'附表7-扣除项目明细采集底稿'!E:E,数据对照表!C5,'附表7-扣除项目明细采集底稿'!V:V,"共同成本费用") -> 0 | L16: =SUM(I16:K16) -> 0 | M16: =H16+L16 -> 0
A17: 12 | D17: =数据对照表!C6 -> 拆迁补偿费 | E17: =SUMIFS('附表7-扣除项目明细采集底稿'!W:W,'附表7-扣除项目明细采集底稿'!E:E,数据对照表!C6,'附表7-扣除项目明细采集底稿'!V:V,"直接归集成本费用") -> 0 | F17: =SUMIFS('附表7-扣除项目明细采集底稿'!X:X,'附表7-扣除项目明细采集底稿'!E:E,数据对照表!C6,'附表7-扣除项目明细采集底稿'!V:V,"直接归集成本费用") -> 0 | G17: =SUMIFS('附表7-扣除项目明细采集底稿'!Y:Y,'附表7-扣除项目明细采集底稿'!E:E,数据对照表!C6,'附表7-扣除项目明细采集底稿'!V:V,"直接归集成本费用") -> 0 | H17: =SUM(E17:G17) -> 0 | I17: =SUMIFS('附表7-扣除项目明细采集底稿'!W:W,'附表7-扣除项目明细采集底稿'!E:E,数据对照表!C6,'附表7-扣除项目明细采集底稿'!V:V,"共同成本费用") -> 0 | J17: =SUMIFS('附表7-扣除项目明细采集底稿'!X:X,'附表7-扣除项目明细采集底稿'!E:E,数据对照表!C6,'附表7-扣除项目明细采集底稿'!V:V,"共同成本费用") -> 0 | K17: =SUMIFS('附表7-扣除项目明细采集底稿'!Y:Y,'附表7-扣除项目明细采集底稿'!E:E,数据对照表!C6,'附表7-扣除项目明细采集底稿'!V:V,"共同成本费用") -> 0 | L17: =SUM(I17:K17) -> 0 | M17: =H17+L17 -> 0
A18: 13 | D18: =数据对照表!C7 -> 其他土地征用及拆迁补偿费 | E18: =SUMIFS('附表7-扣除项目明细采集底稿'!W:W,'附表7-扣除项目明细采集底稿'!E:E,数据对照表!C7,'附表7-扣除项目明细采集底稿'!V:V,"直接归集成本费用") -> 0 | F18: =SUMIFS('附表7-扣除项目明细采集底稿'!X:X,'附表7-扣除项目明细采集底稿'!E:E,数据对照表!C7,'附表7-扣除项目明细采集底稿'!V:V,"直接归集成本费用") -> 0 | G18: =SUMIFS('附表7-扣除项目明细采集底稿'!Y:Y,'附表7-扣除项目明细采集底稿'!E:E,数据对照表!C7,'附表7-扣除项目明细采集底稿'!V:V,"直接归集成本费用") -> 0 | H18: =SUM(E18:G18) -> 0 | I18: =SUMIFS('附表7-扣除项目明细采集底稿'!W:W,'附表7-扣除项目明细采集底稿'!E:E,数据对照表!C7,'附表7-扣除项目明细采集底稿'!V:V,"共同成本费用") -> 37060.08 | J18: =SUMIFS('附表7-扣除项目明细采集底稿'!X:X,'附表7-扣除项目明细采集底稿'!E:E,数据对照表!C7,'附表7-扣除项目明细采集底稿'!V:V,"共同成本费用") -> 0 | K18: =SUMIFS('附表7-扣除项目明细采集底稿'!Y:Y,'附表7-扣除项目明细采集底稿'!E:E,数据对照表!C7,'附表7-扣除项目明细采集底稿'!V:V,"共同成本费用") -> 2303.09 | L18: =SUM(I18:K18) -> 39363.17 | M18: =H18+L18 -> 39363.17
A19: 14 | C19: =数据对照表!D1 -> 前期工程费 | E19: =SUMIFS('附表7-扣除项目明细采集底稿'!W:W,'附表7-扣除项目明细采集底稿'!D:D,数据对照表!D1,'附表7-扣除项目明细采集底稿'!V:V,"直接归集成本费用") -> 0 | F19: =SUMIFS('附表7-扣除项目明细采集底稿'!X:X,'附表7-扣除项目明细采集底稿'!D:D,数据对照表!D1,'附表7-扣除项目明细采集底稿'!V:V,"直接归集成本费用") -> 0 | G19: =SUMIFS('附表7-扣除项目明细采集底稿'!Y:Y,'附表7-扣除项目明细采集底稿'!D:D,数据对照表!D1,'附表7-扣除项目明细采集底稿'!V:V,"直接归集成本费用") -> 0 | H19: =SUM(E19:G19) -> 0 | I19: =SUMIFS('附表7-扣除项目明细采集底稿'!W:W,'附表7-扣除项目明细采集底稿'!D:D,数据对照表!D1,'附表7-扣除项目明细采集底稿'!V:V,"共同成本费用") -> 1814626.7 | J19: =SUMIFS('附表7-扣除项目明细采集底稿'!X:X,'附表7-扣除项目明细采集底稿'!D:D,数据对照表!D1,'附表7-扣除项目明细采集底稿'!V:V,"共同成本费用") -> 0 | K19: =SUMIFS('附表7-扣除项目明细采集底稿'!Y:Y,'附表7-扣除项目明细采集底稿'!D:D,数据对照表!D1,'附表7-扣除项目明细采集底稿'!V:V,"共同成本费用") -> 112769.53 | L19: =SUM(I19:K19) -> 1927396.2 | M19: =H19+L19 -> 1927396.2
A20: 15 | C20: 其中 | D20: =数据对照表!D2 -> 规划费用 | E20: =SUMIFS('附表7-扣除项目明细采集底稿'!W:W,'附表7-扣除项目明细采集底稿'!E:E,数据对照表!D2,'附表7-扣除项目明细采集底稿'!V:V,"直接归集成本费用") -> 0 | F20: =SUMIFS('附表7-扣除项目明细采集底稿'!X:X,'附表7-扣除项目明细采集底稿'!E:E,数据对照表!D2,'附表7-扣除项目明细采集底稿'!V:V,"直接归集成本费用") -> 0 | G20: =SUMIFS('附表7-扣除项目明细采集底稿'!Y:Y,'附表7-扣除项目明细采集底稿'!E:E,数据对照表!D2,'附表7-扣除项目明细采集底稿'!V:V,"直接归集成本费用") -> 0 | H20: =SUM(E20:G20) -> 0 | I20: =SUMIFS('附表7-扣除项目明细采集底稿'!W:W,'附表7-扣除项目明细采集底稿'!E:E,数据对照表!D2,'附表7-扣除项目明细采集底稿'!V:V,"共同成本费用") -> 44633.11 | J20: =SUMIFS('附表7-扣除项目明细采集底稿'!X:X,'附表7-扣除项目明细采集底稿'!E:E,数据对照表!D2,'附表7-扣除项目明细采集底稿'!V:V,"共同成本费用") -> 0 | K20: =SUMIFS('附表7-扣除项目明细采集底稿'!Y:Y,'附表7-扣除项目明细采集底稿'!E:E,数据对照表!D2,'附表7-扣除项目明细采集底稿'!V:V,"共同成本费用") -> 2773.7 | L20: =SUM(I20:K20) -> 47406.81 | M20: =H20+L20 -> 47406.81
A21: 16 | D21: =数据对照表!D3 -> 设计费用 | E21: =SUMIFS('附表7-扣除项目明细采集底稿'!W:W,'附表7-扣除项目明细采集底稿'!E:E,数据对照表!D3,'附表7-扣除项目明细采集底稿'!V:V,"直接归集成本费用") -> 0 | F21: =SUMIFS('附表7-扣除项目明细采集底稿'!X:X,'附表7-扣除项目明细采集底稿'!E:E,数据对照表!D3,'附表7-扣除项目明细采集底稿'!V:V,"直接归集成本费用") -> 0 | G21: =SUMIFS('附表7-扣除项目明细采集底稿'!Y:Y,'附表7-扣除项目明细采集底稿'!E:E,数据对照表!D3,'附表7-扣除项目明细采集底稿'!V:V,"直接归集成本费用") -> 0 | H21: =SUM(E21:G21) -> 0 | I21: =SUMIFS('附表7-扣除项目明细采集底稿'!W:W,'附表7-扣除项目明细采集底稿'!E:E,数据对照表!D3,'附表7-扣除项目明细采集底稿'!V:V,"共同成本费用") -> 1009409.6 | J21: =SUMIFS('附表7-扣除项目明细采集底稿'!X:X,'附表7-扣除项目明细采集底稿'!E:E,数据对照表!D3,'附表7-扣除项目明细采集底稿'!V:V,"共同成本费用") -> 0 | K21: =SUMIFS('附表7-扣除项目明细采集底稿'!Y:Y,'附表7-扣除项目明细采集底稿'!E:E,数据对照表!D3,'附表7-扣除项目明细采集底稿'!V:V,"共同成本费用") -> 62729.54 | L21: =SUM(I21:K21) -> 1072139.1 | M21: =H21+L21 -> 1072139.1
A22: 17 | D22: =数据对照表!D4 -> 项目可行性研究费用 | E22: =SUMIFS('附表7-扣除项目明细采集底稿'!W:W,'附表7-扣除项目明细采集底稿'!E:E,数据对照表!D4,'附表7-扣除项目明细采集底稿'!V:V,"直接归集成本费用") -> 0 | F22: =SUMIFS('附表7-扣除项目明细采集底稿'!X:X,'附表7-扣除项目明细采集底稿'!E:E,数据对照表!D4,'附表7-扣除项目明细采集底稿'!V:V,"直接归集成本费用") -> 0 | G22: =SUMIFS('附表7-扣除项目明细采集底稿'!Y:Y,'附表7-扣除项目明细采集底稿'!E:E,数据对照表!D4,'附表7-扣除项目明细采集底稿'!V:V,"直接归集成本费用") -> 0 | H22: =SUM(E22:G22) -> 0 | I22: =SUMIFS('附表7-扣除项目明细采集底稿'!W:W,'附表7-扣除项目明细采集底稿'!E:E,数据对照表!D4,'附表7-扣除项目明细采集底稿'!V:V,"共同成本费用") -> 0 | J22: =SUMIFS('附表7-扣除项目明细采集底稿'!X:X,'附表7-扣除项目明细采集底稿'!E:E,数据对照表!D4,'附表7-扣除项目明细采集底稿'!V:V,"共同成本费用") -> 0 | K22: =SUMIFS('附表7-扣除项目明细采集底稿'!Y:Y,'附表7-扣除项目明细采集底稿'!E:E,数据对照表!D4,'附表7-扣除项目明细采集底稿'!V:V,"共同成本费用") -> 0 | L22: =SUM(I22:K22) -> 0 | M22: =H22+L22 -> 0
A23: 18 | D23: =数据对照表!D5 -> 水文费用 | E23: =SUMIFS('附表7-扣除项目明细采集底稿'!W:W,'附表7-扣除项目明细采集底稿'!E:E,数据对照表!D5,'附表7-扣除项目明细采集底稿'!V:V,"直接归集成本费用") -> 0 | F23: =SUMIFS('附表7-扣除项目明细采集底稿'!X:X,'附表7-扣除项目明细采集底稿'!E:E,数据对照表!D5,'附表7-扣除项目明细采集底稿'!V:V,"直接归集成本费用") -> 0 | G23: =SUMIFS('附表7-扣除项目明细采集底稿'!Y:Y,'附表7-扣除项目明细采集底稿'!E:E,数据对照表!D5,'附表7-扣除项目明细采集底稿'!V:V,"直接归集成本费用") -> 0 | H23: =SUM(E23:G23) -> 0 | I23: =SUMIFS('附表7-扣除项目明细采集底稿'!W:W,'附表7-扣除项目明细采集底稿'!E:E,数据对照表!D5,'附表7-扣除项目明细采集底稿'!V:V,"共同成本费用") -> 32719.61 | J23: =SUMIFS('附表7-扣除项目明细采集底稿'!X:X,'附表7-扣除项目明细采集底稿'!E:E,数据对照表!D5,'附表7-扣除项目明细采集底稿'!V:V,"共同成本费用") -> 0 | K23: =SUMIFS('附表7-扣除项目明细采集底稿'!Y:Y,'附表7-扣除项目明细采集底稿'!E:E,数据对照表!D5,'附表7-扣除项目明细采集底稿'!V:V,"共同成本费用") -> 2033.35 | L23: =SUM(I23:K23) -> 34752.96 | M23: =H23+L23 -> 34752.96
A24: 19 | D24: =数据对照表!D6 -> 地质费用 | E24: =SUMIFS('附表7-扣除项目明细采集底稿'!W:W,'附表7-扣除项目明细采集底稿'!E:E,数据对照表!D6,'附表7-扣除项目明细采集底稿'!V:V,"直接归集成本费用") -> 0 | F24: =SUMIFS('附表7-扣除项目明细采集底稿'!X:X,'附表7-扣除项目明细采集底稿'!E:E,数据对照表!D6,'附表7-扣除项目明细采集底稿'!V:V,"直接归集成本费用") -> 0 | G24: =SUMIFS('附表7-扣除项目明细采集底稿'!Y:Y,'附表7-扣除项目明细采集底稿'!E:E,数据对照表!D6,'附表7-扣除项目明细采集底稿'!V:V,"直接归集成本费用") -> 0 | H24: =SUM(E24:G24) -> 0 | I24: =SUMIFS('附表7-扣除项目明细采集底稿'!W:W,'附表7-扣除项目明细采集底稿'!E:E,数据对照表!D6,'附表7-扣除项目明细采集底稿'!V:V,"共同成本费用") -> 0 | J24: =SUMIFS('附表7-扣除项目明细采集底稿'!X:X,'附表7-扣除项目明细采集底稿'!E:E,数据对照表!D6,'附表7-扣除项目明细采集底稿'!V:V,"共同成本费用") -> 0 | K24: =SUMIFS('附表7-扣除项目明细采集底稿'!Y:Y,'附表7-扣除项目明细采集底稿'!E:E,数据对照表!D6,'附表7-扣除项目明细采集底稿'!V:V,"共同成本费用") -> 0 | L24: =SUM(I24:K24) -> 0 | M24: =H24+L24 -> 0
A25: 20 | D25: =数据对照表!D7 -> 勘探费用 | E25: =SUMIFS('附表7-扣除项目明细采集底稿'!W:W,'附表7-扣除项目明细采集底稿'!E:E,数据对照表!D7,'附表7-扣除项目明细采集底稿'!V:V,"直接归集成本费用") -> 0 | F25: =SUMIFS('附表7-扣除项目明细采集底稿'!X:X,'附表7-扣除项目明细采集底稿'!E:E,数据对照表!D7,'附表7-扣除项目明细采集底稿'!V:V,"直接归集成本费用") -> 0 | G25: =SUMIFS('附表7-扣除项目明细采集底稿'!Y:Y,'附表7-扣除项目明细采集底稿'!E:E,数据对照表!D7,'附表7-扣除项目明细采集底稿'!V:V,"直接归集成本费用") -> 0 | H25: =SUM(E25:G25) -> 0 | I25: =SUMIFS('附表7-扣除项目明细采集底稿'!W:W,'附表7-扣除项目明细采集底稿'!E:E,数据对照表!D7,'附表7-扣除项目明细采集底稿'!V:V,"共同成本费用") -> 10318.52 | J25: =SUMIFS('附表7-扣除项目明细采集底稿'!X:X,'附表7-扣除项目明细采集底稿'!E:E,数据对照表!D7,'附表7-扣除项目明细采集底稿'!V:V,"共同成本费用") -> 0 | K25: =SUMIFS('附表7-扣除项目明细采集底稿'!Y:Y,'附表7-扣除项目明细采集底稿'!E:E,数据对照表!D7,'附表7-扣除项目明细采集底稿'!V:V,"共同成本费用") -> 641.24 | L25: =SUM(I25:K25) -> 10959.76 | M25: =H25+L25 -> 10959.76
A26: 21 | D26: =数据对照表!D8 -> 测绘费用 | E26: =SUMIFS('附表7-扣除项目明细采集底稿'!W:W,'附表7-扣除项目明细采集底稿'!E:E,数据对照表!D8,'附表7-扣除项目明细采集底稿'!V:V,"直接归集成本费用") -> 0 | F26: =SUMIFS('附表7-扣除项目明细采集底稿'!X:X,'附表7-扣除项目明细采集底稿'!E:E,数据对照表!D8,'附表7-扣除项目明细采集底稿'!V:V,"直接归集成本费用") -> 0 | G26: =SUMIFS('附表7-扣除项目明细采集底稿'!Y:Y,'附表7-扣除项目明细采集底稿'!E:E,数据对照表!D8,'附表7-扣除项目明细采集底稿'!V:V,"直接归集成本费用") -> 0 | H26: =SUM(E26:G26) -> 0 | I26: =SUMIFS('附表7-扣除项目明细采集底稿'!W:W,'附表7-扣除项目明细采集底稿'!E:E,数据对照表!D8,'附表7-扣除项目明细采集底稿'!V:V,"共同成本费用") -> 37888.32 | J26: =SUMIFS('附表7-扣除项目明细采集底稿'!X:X,'附表7-扣除项目明细采集底稿'!E:E,数据对照表!D8,'附表7-扣除项目明细采集底稿'!V:V,"共同成本费用") -> 0 | K26: =SUMIFS('附表7-扣除项目明细采集底稿'!Y:Y,'附表7-扣除项目明细采集底稿'!E:E,数据对照表!D8,'附表7-扣除项目明细采集底稿'!V:V,"共同成本费用") -> 2354.56 | L26: =SUM(I26:K26) -> 40242.88 | M26: =H26+L26 -> 40242.88
A27: 22 | D27: =数据对照表!D9 -> 七通一平支出 | E27: =SUMIFS('附表7-扣除项目明细采集底稿'!W:W,'附表7-扣除项目明细采集底稿'!E:E,数据对照表!D9,'附表7-扣除项目明细采集底稿'!V:V,"直接归集成本费用") -> 0 | F27: =SUMIFS('附表7-扣除项目明细采集底稿'!X:X,'附表7-扣除项目明细采集底稿'!E:E,数据对照表!D9,'附表7-扣除项目明细采集底稿'!V:V,"直接归集成本费用") -> 0 | G27: =SUMIFS('附表7-扣除项目明细采集底稿'!Y:Y,'附表7-扣除项目明细采集底稿'!E:E,数据对照表!D9,'附表7-扣除项目明细采集底稿'!V:V,"直接归集成本费用") -> 0 | H27: =SUM(E27:G27) -> 0 | I27: =SUMIFS('附表7-扣除项目明细采集底稿'!W:W,'附表7-扣除项目明细采集底稿'!E:E,数据对照表!D9,'附表7-扣除项目明细采集底稿'!V:V,"共同成本费用") -> 405264.03 | J27: =SUMIFS('附表7-扣除项目明细采集底稿'!X:X,'附表7-扣除项目明细采集底稿'!E:E,数据对照表!D9,'附表7-扣除项目明细采集底稿'!V:V,"共同成本费用") -> 0 | K27: =SUMIFS('附表7-扣除项目明细采集底稿'!Y:Y,'附表7-扣除项目明细采集底稿'!E:E,数据对照表!D9,'附表7-扣除项目明细采集底稿'!V:V,"共同成本费用") -> 25185.03 | L27: =SUM(I27:K27) -> 430449.06 | M27: =H27+L27 -> 430449.06
A28: 23 | D28: =数据对照表!D10 -> 其他前期工程费 | E28: =SUMIFS('附表7-扣除项目明细采集底稿'!W:W,'附表7-扣除项目明细采集底稿'!E:E,数据对照表!D10,'附表7-扣除项目明细采集底稿'!V:V,"直接归集成本费用") -> 0 | F28: =SUMIFS('附表7-扣除项目明细采集底稿'!X:X,'附表7-扣除项目明细采集底稿'!E:E,数据对照表!D10,'附表7-扣除项目明细采集底稿'!V:V,"直接归集成本费用") -> 0 | G28: =SUMIFS('附表7-扣除项目明细采集底稿'!Y:Y,'附表7-扣除项目明细采集底稿'!E:E,数据对照表!D10,'附表7-扣除项目明细采集底稿'!V:V,"直接归集成本费用") -> 0 | H28: =SUM(E28:G28) -> 0 | I28: =SUMIFS('附表7-扣除项目明细采集底稿'!W:W,'附表7-扣除项目明细采集底稿'!E:E,数据对照表!D10,'附表7-扣除项目明细采集底稿'!V:V,"共同成本费用") -> 274393.52 | J28: =SUMIFS('附表7-扣除项目明细采集底稿'!X:X,'附表7-扣除项目明细采集底稿'!E:E,数据对照表!D10,'附表7-扣除项目明细采集底稿'!V:V,"共同成本费用") -> 0 | K28: =SUMIFS('附表7-扣除项目明细采集底稿'!Y:Y,'附表7-扣除项目明细采集底稿'!E:E,数据对照表!D10,'附表7-扣除项目明细采集底稿'!V:V,"共同成本费用") -> 17052.11 | L28: =SUM(I28:K28) -> 291445.63 | M28: =H28+L28 -> 291445.63
A29: 24 | C29: =数据对照表!E1 -> 建筑安装工程费 | E29: =SUMIFS('附表7-扣除项目明细采集底稿'!W:W,'附表7-扣除项目明细采集底稿'!D:D,数据对照表!E1,'附表7-扣除项目明细采集底稿'!V:V,"直接归集成本费用") -> 0 | F29: =SUMIFS('附表7-扣除项目明细采集底稿'!X:X,'附表7-扣除项目明细采集底稿'!D:D,数据对照表!E1,'附表7-扣除项目明细采集底稿'!V:V,"直接归集成本费用") -> 0 | G29: =SUMIFS('附表7-扣除项目明细采集底稿'!Y:Y,'附表7-扣除项目明细采集底稿'!D:D,数据对照表!E1,'附表7-扣除项目明细采集底稿'!V:V,"直接归集成本费用") -> 0 | H29: =SUM(E29:G29) -> 0 | I29: =SUMIFS('附表7-扣除项目明细采集底稿'!W:W,'附表7-扣除项目明细采集底稿'!D:D,数据对照表!E1,'附表7-扣除项目明细采集底稿'!V:V,"共同成本费用") -> 99054992 | J29: =SUMIFS('附表7-扣除项目明细采集底稿'!X:X,'附表7-扣除项目明细采集底稿'!D:D,数据对照表!E1,'附表7-扣除项目明细采集底稿'!V:V,"共同成本费用") -> 0 | K29: =SUMIFS('附表7-扣除项目明细采集底稿'!Y:Y,'附表7-扣除项目明细采集底稿'!D:D,数据对照表!E1,'附表7-扣除项目明细采集底稿'!V:V,"共同成本费用") -> 6155749.3 | L29: =SUM(I29:K29) -> 1.0521074e+08 | M29: =H29+L29 -> 1.0521074e+08
A30: 25 | C30: 其中 | D30: =数据对照表!E2 -> 桩基础工程费用 | E30: =SUMIFS('附表7-扣除项目明细采集底稿'!W:W,'附表7-扣除项目明细采集底稿'!E:E,数据对照表!E2,'附表7-扣除项目明细采集底稿'!V:V,"直接归集成本费用") -> 0 | F30: =SUMIFS('附表7-扣除项目明细采集底稿'!X:X,'附表7-扣除项目明细采集底稿'!E:E,数据对照表!E2,'附表7-扣除项目明细采集底稿'!V:V,"直接归集成本费用") -> 0 | G30: =SUMIFS('附表7-扣除项目明细采集底稿'!Y:Y,'附表7-扣除项目明细采集底稿'!E:E,数据对照表!E2,'附表7-扣除项目明细采集底稿'!V:V,"直接归集成本费用") -> 0 | H30: =SUM(E30:G30) -> 0 | I30: =SUMIFS('附表7-扣除项目明细采集底稿'!W:W,'附表7-扣除项目明细采集底稿'!E:E,数据对照表!E2,'附表7-扣除项目明细采集底稿'!V:V,"共同成本费用") -> 0 | J30: =SUMIFS('附表7-扣除项目明细采集底稿'!X:X,'附表7-扣除项目明细采集底稿'!E:E,数据对照表!E2,'附表7-扣除项目明细采集底稿'!V:V,"共同成本费用") -> 0 | K30: =SUMIFS('附表7-扣除项目明细采集底稿'!Y:Y,'附表7-扣除项目明细采集底稿'!E:E,数据对照表!E2,'附表7-扣除项目明细采集底稿'!V:V,"共同成本费用") -> 0 | L30: =SUM(I30:K30) -> 0 | M30: =H30+L30 -> 0
A31: 26 | D31: =数据对照表!E3 -> 地下室工程费用 | E31: =SUMIFS('附表7-扣除项目明细采集底稿'!W:W,'附表7-扣除项目明细采集底稿'!E:E,数据对照表!E3,'附表7-扣除项目明细采集底稿'!V:V,"直接归集成本费用") -> 0 | F31: =SUMIFS('附表7-扣除项目明细采集底稿'!X:X,'附表7-扣除项目明细采集底稿'!E:E,数据对照表!E3,'附表7-扣除项目明细采集底稿'!V:V,"直接归集成本费用") -> 0 | G31: =SUMIFS('附表7-扣除项目明细采集底稿'!Y:Y,'附表7-扣除项目明细采集底稿'!E:E,数据对照表!E3,'附表7-扣除项目明细采集底稿'!V:V,"直接归集成本费用") -> 0 | H31: =SUM(E31:G31) -> 0 | I31: =SUMIFS('附表7-扣除项目明细采集底稿'!W:W,'附表7-扣除项目明细采集底稿'!E:E,数据对照表!E3,'附表7-扣除项目明细采集底稿'!V:V,"共同成本费用") -> 0 | J31: =SUMIFS('附表7-扣除项目明细采集底稿'!X:X,'附表7-扣除项目明细采集底稿'!E:E,数据对照表!E3,'附表7-扣除项目明细采集底稿'!V:V,"共同成本费用") -> 0 | K31: =SUMIFS('附表7-扣除项目明细采集底稿'!Y:Y,'附表7-扣除项目明细采集底稿'!E:E,数据对照表!E3,'附表7-扣除项目明细采集底稿'!V:V,"共同成本费用") -> 0 | L31: =SUM(I31:K31) -> 0 | M31: =H31+L31 -> 0
A32: 27 | D32: =数据对照表!E4 -> 地上建筑工程费用 | E32: =SUMIFS('附表7-扣除项目明细采集底稿'!W:W,'附表7-扣除项目明细采集底稿'!E:E,数据对照表!E4,'附表7-扣除项目明细采集底稿'!V:V,"直接归集成本费用") -> 0 | F32: =SUMIFS('附表7-扣除项目明细采集底稿'!X:X,'附表7-扣除项目明细采集底稿'!E:E,数据对照表!E4,'附表7-扣除项目明细采集底稿'!V:V,"直接归集成本费用") -> 0 | G32: =SUMIFS('附表7-扣除项目明细采集底稿'!Y:Y,'附表7-扣除项目明细采集底稿'!E:E,数据对照表!E4,'附表7-扣除项目明细采集底稿'!V:V,"直接归集成本费用") -> 0 | H32: =SUM(E32:G32) -> 0 | I32: =SUMIFS('附表7-扣除项目明细采集底稿'!W:W,'附表7-扣除项目明细采集底稿'!E:E,数据对照表!E4,'附表7-扣除项目明细采集底稿'!V:V,"共同成本费用") -> 89404723 | J32: =SUMIFS('附表7-扣除项目明细采集底稿'!X:X,'附表7-扣除项目明细采集底稿'!E:E,数据对照表!E4,'附表7-扣除项目明细采集底稿'!V:V,"共同成本费用") -> 0 | K32: =SUMIFS('附表7-扣除项目明细采集底稿'!Y:Y,'附表7-扣除项目明细采集底稿'!E:E,数据对照表!E4,'附表7-扣除项目明细采集底稿'!V:V,"共同成本费用") -> 5556035.6 | L32: =SUM(I32:K32) -> 94960758 | M32: =H32+L32 -> 94960758
A33: 28 | D33: =数据对照表!E5 -> 户内装修费用 | E33: =SUMIFS('附表7-扣除项目明细采集底稿'!W:W,'附表7-扣除项目明细采集底稿'!E:E,数据对照表!E5,'附表7-扣除项目明细采集底稿'!V:V,"直接归集成本费用") -> 0 | F33: =SUMIFS('附表7-扣除项目明细采集底稿'!X:X,'附表7-扣除项目明细采集底稿'!E:E,数据对照表!E5,'附表7-扣除项目明细采集底稿'!V:V,"直接归集成本费用") -> 0 | G33: =SUMIFS('附表7-扣除项目明细采集底稿'!Y:Y,'附表7-扣除项目明细采集底稿'!E:E,数据对照表!E5,'附表7-扣除项目明细采集底稿'!V:V,"直接归集成本费用") -> 0 | H33: =SUM(E33:G33) -> 0 | I33: =SUMIFS('附表7-扣除项目明细采集底稿'!W:W,'附表7-扣除项目明细采集底稿'!E:E,数据对照表!E5,'附表7-扣除项目明细采集底稿'!V:V,"共同成本费用") -> 318385.26 | J33: =SUMIFS('附表7-扣除项目明细采集底稿'!X:X,'附表7-扣除项目明细采集底稿'!E:E,数据对照表!E5,'附表7-扣除项目明细采集底稿'!V:V,"共同成本费用") -> 0 | K33: =SUMIFS('附表7-扣除项目明细采集底稿'!Y:Y,'附表7-扣除项目明细采集底稿'!E:E,数据对照表!E5,'附表7-扣除项目明细采集底稿'!V:V,"共同成本费用") -> 19785.98 | L33: =SUM(I33:K33) -> 338171.24 | M33: =H33+L33 -> 338171.24
A34: 29 | D34: =数据对照表!E6 -> 高档外立面工程费用 | E34: =SUMIFS('附表7-扣除项目明细采集底稿'!W:W,'附表7-扣除项目明细采集底稿'!E:E,数据对照表!E6,'附表7-扣除项目明细采集底稿'!V:V,"直接归集成本费用") -> 0 | F34: =SUMIFS('附表7-扣除项目明细采集底稿'!X:X,'附表7-扣除项目明细采集底稿'!E:E,数据对照表!E6,'附表7-扣除项目明细采集底稿'!V:V,"直接归集成本费用") -> 0 | G34: =SUMIFS('附表7-扣除项目明细采集底稿'!Y:Y,'附表7-扣除项目明细采集底稿'!E:E,数据对照表!E6,'附表7-扣除项目明细采集底稿'!V:V,"直接归集成本费用") -> 0 | H34: =SUM(E34:G34) -> 0 | I34: =SUMIFS('附表7-扣除项目明细采集底稿'!W:W,'附表7-扣除项目明细采集底稿'!E:E,数据对照表!E6,'附表7-扣除项目明细采集底稿'!V:V,"共同成本费用") -> 916863.17 | J34: =SUMIFS('附表7-扣除项目明细采集底稿'!X:X,'附表7-扣除项目明细采集底稿'!E:E,数据对照表!E6,'附表7-扣除项目明细采集底稿'!V:V,"共同成本费用") -> 0 | K34: =SUMIFS('附表7-扣除项目明细采集底稿'!Y:Y,'附表7-扣除项目明细采集底稿'!E:E,数据对照表!E6,'附表7-扣除项目明细采集底稿'!V:V,"共同成本费用") -> 56978.24 | L34: =SUM(I34:K34) -> 973841.41 | M34: =H34+L34 -> 973841.41
A35: 30 | D35: =数据对照表!E7 -> 其他建筑安装工程费 | E35: =SUMIFS('附表7-扣除项目明细采集底稿'!W:W,'附表7-扣除项目明细采集底稿'!E:E,数据对照表!E7,'附表7-扣除项目明细采集底稿'!V:V,"直接归集成本费用") -> 0 | F35: =SUMIFS('附表7-扣除项目明细采集底稿'!X:X,'附表7-扣除项目明细采集底稿'!E:E,数据对照表!E7,'附表7-扣除项目明细采集底稿'!V:V,"直接归集成本费用") -> 0 | G35: =SUMIFS('附表7-扣除项目明细采集底稿'!Y:Y,'附表7-扣除项目明细采集底稿'!E:E,数据对照表!E7,'附表7-扣除项目明细采集底稿'!V:V,"直接归集成本费用") -> 0 | H35: =SUM(E35:G35) -> 0 | I35: =SUMIFS('附表7-扣除项目明细采集底稿'!W:W,'附表7-扣除项目明细采集底稿'!E:E,数据对照表!E7,'附表7-扣除项目明细采集底稿'!V:V,"共同成本费用") -> 8415020.8 | J35: =SUMIFS('附表7-扣除项目明细采集底稿'!X:X,'附表7-扣除项目明细采集底稿'!E:E,数据对照表!E7,'附表7-扣除项目明细采集底稿'!V:V,"共同成本费用") -> 0 | K35: =SUMIFS('附表7-扣除项目明细采集底稿'!Y:Y,'附表7-扣除项目明细采集底稿'!E:E,数据对照表!E7,'附表7-扣除项目明细采集底稿'!V:V,"共同成本费用") -> 522949.56 | L35: =SUM(I35:K35) -> 8937970.3 | M35: =H35+L35 -> 8937970.3
A36: 31 | C36: =数据对照表!F1 -> 基础设施费 | E36: =SUMIFS('附表7-扣除项目明细采集底稿'!W:W,'附表7-扣除项目明细采集底稿'!D:D,数据对照表!F1,'附表7-扣除项目明细采集底稿'!V:V,"直接归集成本费用") -> 0 | F36: =SUMIFS('附表7-扣除项目明细采集底稿'!X:X,'附表7-扣除项目明细采集底稿'!D:D,数据对照表!F1,'附表7-扣除项目明细采集底稿'!V:V,"直接归集成本费用") -> 0 | G36: =SUMIFS('附表7-扣除项目明细采集底稿'!Y:Y,'附表7-扣除项目明细采集底稿'!D:D,数据对照表!F1,'附表7-扣除项目明细采集底稿'!V:V,"直接归集成本费用") -> 0 | H36: =SUM(E36:G36) -> 0 | I36: =SUMIFS('附表7-扣除项目明细采集底稿'!W:W,'附表7-扣除项目明细采集底稿'!D:D,数据对照表!F1,'附表7-扣除项目明细采集底稿'!V:V,"共同成本费用") -> 17514126 | J36: =SUMIFS('附表7-扣除项目明细采集底稿'!X:X,'附表7-扣除项目明细采集底稿'!D:D,数据对照表!F1,'附表7-扣除项目明细采集底稿'!V:V,"共同成本费用") -> 0 | K36: =SUMIFS('附表7-扣除项目明细采集底稿'!Y:Y,'附表7-扣除项目明细采集底稿'!D:D,数据对照表!F1,'附表7-扣除项目明细采集底稿'!V:V,"共同成本费用") -> 1088411.3 | L36: =SUM(I36:K36) -> 18602538 | M36: =H36+L36 -> 18602538
A37: 32 | C37: 其中 | D37: =数据对照表!F2 -> 开发小区内道路工程支出 | E37: =SUMIFS('附表7-扣除项目明细采集底稿'!W:W,'附表7-扣除项目明细采集底稿'!E:E,数据对照表!F2,'附表7-扣除项目明细采集底稿'!V:V,"直接归集成本费用") -> 0 | F37: =SUMIFS('附表7-扣除项目明细采集底稿'!X:X,'附表7-扣除项目明细采集底稿'!E:E,数据对照表!F2,'附表7-扣除项目明细采集底稿'!V:V,"直接归集成本费用") -> 0 | G37: =SUMIFS('附表7-扣除项目明细采集底稿'!Y:Y,'附表7-扣除项目明细采集底稿'!E:E,数据对照表!F2,'附表7-扣除项目明细采集底稿'!V:V,"直接归集成本费用") -> 0 | H37: =SUM(E37:G37) -> 0 | I37: =SUMIFS('附表7-扣除项目明细采集底稿'!W:W,'附表7-扣除项目明细采集底稿'!E:E,数据对照表!F2,'附表7-扣除项目明细采集底稿'!V:V,"共同成本费用") -> 228255.73 | J37: =SUMIFS('附表7-扣除项目明细采集底稿'!X:X,'附表7-扣除项目明细采集底稿'!E:E,数据对照表!F2,'附表7-扣除项目明细采集底稿'!V:V,"共同成本费用") -> 0 | K37: =SUMIFS('附表7-扣除项目明细采集底稿'!Y:Y,'附表7-扣除项目明细采集底稿'!E:E,数据对照表!F2,'附表7-扣除项目明细采集底稿'!V:V,"共同成本费用") -> 14184.9 | L37: =SUM(I37:K37) -> 242440.63 | M37: =H37+L37 -> 242440.63
A38: 33 | D38: =数据对照表!F3 -> 供水工程支出 | E38: =SUMIFS('附表7-扣除项目明细采集底稿'!W:W,'附表7-扣除项目明细采集底稿'!E:E,数据对照表!F3,'附表7-扣除项目明细采集底稿'!V:V,"直接归集成本费用") -> 0 | F38: =SUMIFS('附表7-扣除项目明细采集底稿'!X:X,'附表7-扣除项目明细采集底稿'!E:E,数据对照表!F3,'附表7-扣除项目明细采集底稿'!V:V,"直接归集成本费用") -> 0 | G38: =SUMIFS('附表7-扣除项目明细采集底稿'!Y:Y,'附表7-扣除项目明细采集底稿'!E:E,数据对照表!F3,'附表7-扣除项目明细采集底稿'!V:V,"直接归集成本费用") -> 0 | H38: =SUM(E38:G38) -> 0 | I38: =SUMIFS('附表7-扣除项目明细采集底稿'!W:W,'附表7-扣除项目明细采集底稿'!E:E,数据对照表!F3,'附表7-扣除项目明细采集底稿'!V:V,"共同成本费用") -> 3030.13 | J38: =SUMIFS('附表7-扣除项目明细采集底稿'!X:X,'附表7-扣除项目明细采集底稿'!E:E,数据对照表!F3,'附表7-扣除项目明细采集底稿'!V:V,"共同成本费用") -> 0 | K38: =SUMIFS('附表7-扣除项目明细采集底稿'!Y:Y,'附表7-扣除项目明细采集底稿'!E:E,数据对照表!F3,'附表7-扣除项目明细采集底稿'!V:V,"共同成本费用") -> 188.3 | L38: =SUM(I38:K38) -> 3218.43 | M38: =H38+L38 -> 3218.43
A39: 34 | D39: =数据对照表!F4 -> 供电工程支出 | E39: =SUMIFS('附表7-扣除项目明细采集底稿'!W:W,'附表7-扣除项目明细采集底稿'!E:E,数据对照表!F4,'附表7-扣除项目明细采集底稿'!V:V,"直接归集成本费用") -> 0 | F39: =SUMIFS('附表7-扣除项目明细采集底稿'!X:X,'附表7-扣除项目明细采集底稿'!E:E,数据对照表!F4,'附表7-扣除项目明细采集底稿'!V:V,"直接归集成本费用") -> 0 | G39: =SUMIFS('附表7-扣除项目明细采集底稿'!Y:Y,'附表7-扣除项目明细采集底稿'!E:E,数据对照表!F4,'附表7-扣除项目明细采集底稿'!V:V,"直接归集成本费用") -> 0 | H39: =SUM(E39:G39) -> 0 | I39: =SUMIFS('附表7-扣除项目明细采集底稿'!W:W,'附表7-扣除项目明细采集底稿'!E:E,数据对照表!F4,'附表7-扣除项目明细采集底稿'!V:V,"共同成本费用") -> 971642.66 | J39: =SUMIFS('附表7-扣除项目明细采集底稿'!X:X,'附表7-扣除项目明细采集底稿'!E:E,数据对照表!F4,'附表7-扣除项目明细采集底稿'!V:V,"共同成本费用") -> 0 | K39: =SUMIFS('附表7-扣除项目明细采集底稿'!Y:Y,'附表7-扣除项目明细采集底稿'!E:E,数据对照表!F4,'附表7-扣除项目明细采集底稿'!V:V,"共同成本费用") -> 60382.49 | L39: =SUM(I39:K39) -> 1032025.2 | M39: =H39+L39 -> 1032025.2
A40: 35 | D40: =数据对照表!F5 -> 供气工程支出 | E40: =SUMIFS('附表7-扣除项目明细采集底稿'!W:W,'附表7-扣除项目明细采集底稿'!E:E,数据对照表!F5,'附表7-扣除项目明细采集底稿'!V:V,"直接归集成本费用") -> 0 | F40: =SUMIFS('附表7-扣除项目明细采集底稿'!X:X,'附表7-扣除项目明细采集底稿'!E:E,数据对照表!F5,'附表7-扣除项目明细采集底稿'!V:V,"直接归集成本费用") -> 0 | G40: =SUMIFS('附表7-扣除项目明细采集底稿'!Y:Y,'附表7-扣除项目明细采集底稿'!E:E,数据对照表!F5,'附表7-扣除项目明细采集底稿'!V:V,"直接归集成本费用") -> 0 | H40: =SUM(E40:G40) -> 0 | I40: =SUMIFS('附表7-扣除项目明细采集底稿'!W:W,'附表7-扣除项目明细采集底稿'!E:E,数据对照表!F5,'附表7-扣除项目明细采集底稿'!V:V,"共同成本费用") -> 1360997.6 | J40: =SUMIFS('附表7-扣除项目明细采集底稿'!X:X,'附表7-扣除项目明细采集底稿'!E:E,数据对照表!F5,'附表7-扣除项目明细采集底稿'!V:V,"共同成本费用") -> 0 | K40: =SUMIFS('附表7-扣除项目明细采集底稿'!Y:Y,'附表7-扣除项目明细采集底稿'!E:E,数据对照表!F5,'附表7-扣除项目明细采集底稿'!V:V,"共同成本费用") -> 84578.88 | L40: =SUM(I40:K40) -> 1445576.4 | M40: =H40+L40 -> 1445576.4
A41: 36 | D41: =数据对照表!F6 -> 排污工程支出 | E41: =SUMIFS('附表7-扣除项目明细采集底稿'!W:W,'附表7-扣除项目明细采集底稿'!E:E,数据对照表!F6,'附表7-扣除项目明细采集底稿'!V:V,"直接归集成本费用") -> 0 | F41: =SUMIFS('附表7-扣除项目明细采集底稿'!X:X,'附表7-扣除项目明细采集底稿'!E:E,数据对照表!F6,'附表7-扣除项目明细采集底稿'!V:V,"直接归集成本费用") -> 0 | G41: =SUMIFS('附表7-扣除项目明细采集底稿'!Y:Y,'附表7-扣除项目明细采集底稿'!E:E,数据对照表!F6,'附表7-扣除项目明细采集底稿'!V:V,"直接归集成本费用") -> 0 | H41: =SUM(E41:G41) -> 0 | I41: =SUMIFS('附表7-扣除项目明细采集底稿'!W:W,'附表7-扣除项目明细采集底稿'!E:E,数据对照表!F6,'附表7-扣除项目明细采集底稿'!V:V,"共同成本费用") -> 1117965.7 | J41: =SUMIFS('附表7-扣除项目明细采集底稿'!X:X,'附表7-扣除项目明细采集底稿'!E:E,数据对照表!F6,'附表7-扣除项目明细采集底稿'!V:V,"共同成本费用") -> 0 | K41: =SUMIFS('附表7-扣除项目明细采集底稿'!Y:Y,'附表7-扣除项目明细采集底稿'!E:E,数据对照表!F6,'附表7-扣除项目明细采集底稿'!V:V,"共同成本费用") -> 69475.72 | L41: =SUM(I41:K41) -> 1187441.4 | M41: =H41+L41 -> 1187441.4
A42: 37 | D42: =数据对照表!F7 -> 排洪工程支出 | E42: =SUMIFS('附表7-扣除项目明细采集底稿'!W:W,'附表7-扣除项目明细采集底稿'!E:E,数据对照表!F7,'附表7-扣除项目明细采集底稿'!V:V,"直接归集成本费用") -> 0 | F42: =SUMIFS('附表7-扣除项目明细采集底稿'!X:X,'附表7-扣除项目明细采集底稿'!E:E,数据对照表!F7,'附表7-扣除项目明细采集底稿'!V:V,"直接归集成本费用") -> 0 | G42: =SUMIFS('附表7-扣除项目明细采集底稿'!Y:Y,'附表7-扣除项目明细采集底稿'!E:E,数据对照表!F7,'附表7-扣除项目明细采集底稿'!V:V,"直接归集成本费用") -> 0 | H42: =SUM(E42:G42) -> 0 | I42: =SUMIFS('附表7-扣除项目明细采集底稿'!W:W,'附表7-扣除项目明细采集底稿'!E:E,数据对照表!F7,'附表7-扣除项目明细采集底稿'!V:V,"共同成本费用") -> 0 | J42: =SUMIFS('附表7-扣除项目明细采集底稿'!X:X,'附表7-扣除项目明细采集底稿'!E:E,数据对照表!F7,'附表7-扣除项目明细采集底稿'!V:V,"共同成本费用") -> 0 | K42: =SUMIFS('附表7-扣除项目明细采集底稿'!Y:Y,'附表7-扣除项目明细采集底稿'!E:E,数据对照表!F7,'附表7-扣除项目明细采集底稿'!V:V,"共同成本费用") -> 0 | L42: =SUM(I42:K42) -> 0 | M42: =H42+L42 -> 0
A43: 38 | D43: =数据对照表!F8 -> 通讯工程支出 | E43: =SUMIFS('附表7-扣除项目明细采集底稿'!W:W,'附表7-扣除项目明细采集底稿'!E:E,数据对照表!F8,'附表7-扣除项目明细采集底稿'!V:V,"直接归集成本费用") -> 0 | F43: =SUMIFS('附表7-扣除项目明细采集底稿'!X:X,'附表7-扣除项目明细采集底稿'!E:E,数据对照表!F8,'附表7-扣除项目明细采集底稿'!V:V,"直接归集成本费用") -> 0 | G43: =SUMIFS('附表7-扣除项目明细采集底稿'!Y:Y,'附表7-扣除项目明细采集底稿'!E:E,数据对照表!F8,'附表7-扣除项目明细采集底稿'!V:V,"直接归集成本费用") -> 0 | H43: =SUM(E43:G43) -> 0 | I43: =SUMIFS('附表7-扣除项目明细采集底稿'!W:W,'附表7-扣除项目明细采集底稿'!E:E,数据对照表!F8,'附表7-扣除项目明细采集底稿'!V:V,"共同成本费用") -> 685771.89 | J43: =SUMIFS('附表7-扣除项目明细采集底稿'!X:X,'附表7-扣除项目明细采集底稿'!E:E,数据对照表!F8,'附表7-扣除项目明细采集底稿'!V:V,"共同成本费用") -> 0 | K43: =SUMIFS('附表7-扣除项目明细采集底稿'!Y:Y,'附表7-扣除项目明细采集底稿'!E:E,数据对照表!F8,'附表7-扣除项目明细采集底稿'!V:V,"共同成本费用") -> 42617.15 | L43: =SUM(I43:K43) -> 728389.04 | M43: =H43+L43 -> 728389.04
A44: 39 | D44: =数据对照表!F9 -> 照明工程支出 | E44: =SUMIFS('附表7-扣除项目明细采集底稿'!W:W,'附表7-扣除项目明细采集底稿'!E:E,数据对照表!F9,'附表7-扣除项目明细采集底稿'!V:V,"直接归集成本费用") -> 0 | F44: =SUMIFS('附表7-扣除项目明细采集底稿'!X:X,'附表7-扣除项目明细采集底稿'!E:E,数据对照表!F9,'附表7-扣除项目明细采集底稿'!V:V,"直接归集成本费用") -> 0 | G44: =SUMIFS('附表7-扣除项目明细采集底稿'!Y:Y,'附表7-扣除项目明细采集底稿'!E:E,数据对照表!F9,'附表7-扣除项目明细采集底稿'!V:V,"直接归集成本费用") -> 0 | H44: =SUM(E44:G44) -> 0 | I44: =SUMIFS('附表7-扣除项目明细采集底稿'!W:W,'附表7-扣除项目明细采集底稿'!E:E,数据对照表!F9,'附表7-扣除项目明细采集底稿'!V:V,"共同成本费用") -> 1283547.9 | J44: =SUMIFS('附表7-扣除项目明细采集底稿'!X:X,'附表7-扣除项目明细采集底稿'!E:E,数据对照表!F9,'附表7-扣除项目明细采集底稿'!V:V,"共同成本费用") -> 0 | K44: =SUMIFS('附表7-扣除项目明细采集底稿'!Y:Y,'附表7-扣除项目明细采集底稿'!E:E,数据对照表!F9,'附表7-扣除项目明细采集底稿'!V:V,"共同成本费用") -> 79765.78 | L44: =SUM(I44:K44) -> 1363313.7 | M44: =H44+L44 -> 1363313.7
A45: 40 | D45: =数据对照表!F10 -> 环卫工程支出 | E45: =SUMIFS('附表7-扣除项目明细采集底稿'!W:W,'附表7-扣除项目明细采集底稿'!E:E,数据对照表!F10,'附表7-扣除项目明细采集底稿'!V:V,"直接归集成本费用") -> 0 | F45: =SUMIFS('附表7-扣除项目明细采集底稿'!X:X,'附表7-扣除项目明细采集底稿'!E:E,数据对照表!F10,'附表7-扣除项目明细采集底稿'!V:V,"直接归集成本费用") -> 0 | G45: =SUMIFS('附表7-扣除项目明细采集底稿'!Y:Y,'附表7-扣除项目明细采集底稿'!E:E,数据对照表!F10,'附表7-扣除项目明细采集底稿'!V:V,"直接归集成本费用") -> 0 | H45: =SUM(E45:G45) -> 0 | I45: =SUMIFS('附表7-扣除项目明细采集底稿'!W:W,'附表7-扣除项目明细采集底稿'!E:E,数据对照表!F10,'附表7-扣除项目明细采集底稿'!V:V,"共同成本费用") -> 0 | J45: =SUMIFS('附表7-扣除项目明细采集底稿'!X:X,'附表7-扣除项目明细采集底稿'!E:E,数据对照表!F10,'附表7-扣除项目明细采集底稿'!V:V,"共同成本费用") -> 0 | K45: =SUMIFS('附表7-扣除项目明细采集底稿'!Y:Y,'附表7-扣除项目明细采集底稿'!E:E,数据对照表!F10,'附表7-扣除项目明细采集底稿'!V:V,"共同成本费用") -> 0 | L45: =SUM(I45:K45) -> 0 | M45: =H45+L45 -> 0
A46: 41 | D46: =数据对照表!F11 -> 绿化费用 | E46: =SUMIFS('附表7-扣除项目明细采集底稿'!W:W,'附表7-扣除项目明细采集底稿'!E:E,数据对照表!F11,'附表7-扣除项目明细采集底稿'!V:V,"直接归集成本费用") -> 0 | F46: =SUMIFS('附表7-扣除项目明细采集底稿'!X:X,'附表7-扣除项目明细采集底稿'!E:E,数据对照表!F11,'附表7-扣除项目明细采集底稿'!V:V,"直接归集成本费用") -> 0 | G46: =SUMIFS('附表7-扣除项目明细采集底稿'!Y:Y,'附表7-扣除项目明细采集底稿'!E:E,数据对照表!F11,'附表7-扣除项目明细采集底稿'!V:V,"直接归集成本费用") -> 0 | H46: =SUM(E46:G46) -> 0 | I46: =SUMIFS('附表7-扣除项目明细采集底稿'!W:W,'附表7-扣除项目明细采集底稿'!E:E,数据对照表!F11,'附表7-扣除项目明细采集底稿'!V:V,"共同成本费用") -> 6662022.1 | J46: =SUMIFS('附表7-扣除项目明细采集底稿'!X:X,'附表7-扣除项目明细采集底稿'!E:E,数据对照表!F11,'附表7-扣除项目明细采集底稿'!V:V,"共同成本费用") -> 0 | K46: =SUMIFS('附表7-扣除项目明细采集底稿'!Y:Y,'附表7-扣除项目明细采集底稿'!E:E,数据对照表!F11,'附表7-扣除项目明细采集底稿'!V:V,"共同成本费用") -> 414009.78 | L46: =SUM(I46:K46) -> 7076031.8 | M46: =H46+L46 -> 7076031.8
A47: 42 | D47: =数据对照表!F12 -> 其他设施工程发生的支出 | E47: =SUMIFS('附表7-扣除项目明细采集底稿'!W:W,'附表7-扣除项目明细采集底稿'!E:E,数据对照表!F12,'附表7-扣除项目明细采集底稿'!V:V,"直接归集成本费用") -> 0 | F47: =SUMIFS('附表7-扣除项目明细采集底稿'!X:X,'附表7-扣除项目明细采集底稿'!E:E,数据对照表!F12,'附表7-扣除项目明细采集底稿'!V:V,"直接归集成本费用") -> 0 | G47: =SUMIFS('附表7-扣除项目明细采集底稿'!Y:Y,'附表7-扣除项目明细采集底稿'!E:E,数据对照表!F12,'附表7-扣除项目明细采集底稿'!V:V,"直接归集成本费用") -> 0 | H47: =SUM(E47:G47) -> 0 | I47: =SUMIFS('附表7-扣除项目明细采集底稿'!W:W,'附表7-扣除项目明细采集底稿'!E:E,数据对照表!F12,'附表7-扣除项目明细采集底稿'!V:V,"共同成本费用") -> 5200892.8 | J47: =SUMIFS('附表7-扣除项目明细采集底稿'!X:X,'附表7-扣除项目明细采集底稿'!E:E,数据对照表!F12,'附表7-扣除项目明细采集底稿'!V:V,"共同成本费用") -> 0 | K47: =SUMIFS('附表7-扣除项目明细采集底稿'!Y:Y,'附表7-扣除项目明细采集底稿'!E:E,数据对照表!F12,'附表7-扣除项目明细采集底稿'!V:V,"共同成本费用") -> 323208.3 | L47: =SUM(I47:K47) -> 5524101.1 | M47: =H47+L47 -> 5524101.1
A48: 43 | C48: =数据对照表!G1 -> 公共配套设施费 | E48: =SUMIFS('附表7-扣除项目明细采集底稿'!W:W,'附表7-扣除项目明细采集底稿'!D:D,数据对照表!G1,'附表7-扣除项目明细采集底稿'!V:V,"直接归集成本费用") -> 0 | F48: =SUMIFS('附表7-扣除项目明细采集底稿'!X:X,'附表7-扣除项目明细采集底稿'!D:D,数据对照表!G1,'附表7-扣除项目明细采集底稿'!V:V,"直接归集成本费用") -> 0 | G48: =SUMIFS('附表7-扣除项目明细采集底稿'!Y:Y,'附表7-扣除项目明细采集底稿'!D:D,数据对照表!G1,'附表7-扣除项目明细采集底稿'!V:V,"直接归集成本费用") -> 0 | H48: =SUM(E48:G48) -> 0 | I48: =SUMIFS('附表7-扣除项目明细采集底稿'!W:W,'附表7-扣除项目明细采集底稿'!D:D,数据对照表!G1,'附表7-扣除项目明细采集底稿'!V:V,"共同成本费用") -> 18849701 | J48: =SUMIFS('附表7-扣除项目明细采集底稿'!X:X,'附表7-扣除项目明细采集底稿'!D:D,数据对照表!G1,'附表7-扣除项目明细采集底稿'!V:V,"共同成本费用") -> 0 | K48: =SUMIFS('附表7-扣除项目明细采集底稿'!Y:Y,'附表7-扣除项目明细采集底稿'!D:D,数据对照表!G1,'附表7-扣除项目明细采集底稿'!V:V,"共同成本费用") -> 1171410.2 | L48: =SUM(I48:K48) -> 20021112 | M48: =H48+L48 -> 20021112
A49: 44 | C49: 其中 | D49: =数据对照表!G2 -> 居委会用房费用 | E49: =SUMIFS('附表7-扣除项目明细采集底稿'!W:W,'附表7-扣除项目明细采集底稿'!E:E,数据对照表!G2,'附表7-扣除项目明细采集底稿'!V:V,"直接归集成本费用") -> 0 | F49: =SUMIFS('附表7-扣除项目明细采集底稿'!X:X,'附表7-扣除项目明细采集底稿'!E:E,数据对照表!G2,'附表7-扣除项目明细采集底稿'!V:V,"直接归集成本费用") -> 0 | G49: =SUMIFS('附表7-扣除项目明细采集底稿'!Y:Y,'附表7-扣除项目明细采集底稿'!E:E,数据对照表!G2,'附表7-扣除项目明细采集底稿'!V:V,"直接归集成本费用") -> 0 | H49: =SUM(E49:G49) -> 0 | I49: =SUMIFS('附表7-扣除项目明细采集底稿'!W:W,'附表7-扣除项目明细采集底稿'!E:E,数据对照表!G2,'附表7-扣除项目明细采集底稿'!V:V,"共同成本费用") -> 1214866.9 | J49: =SUMIFS('附表7-扣除项目明细采集底稿'!X:X,'附表7-扣除项目明细采集底稿'!E:E,数据对照表!G2,'附表7-扣除项目明细采集底稿'!V:V,"共同成本费用") -> 0 | K49: =SUMIFS('附表7-扣除项目明细采集底稿'!Y:Y,'附表7-扣除项目明细采集底稿'!E:E,数据对照表!G2,'附表7-扣除项目明细采集底稿'!V:V,"共同成本费用") -> 75497.61 | L49: =SUM(I49:K49) -> 1290364.5 | M49: =H49+L49 -> 1290364.5
A50: 45 | D50: =数据对照表!G3 -> 派出所用房费用 | E50: =SUMIFS('附表7-扣除项目明细采集底稿'!W:W,'附表7-扣除项目明细采集底稿'!E:E,数据对照表!G3,'附表7-扣除项目明细采集底稿'!V:V,"直接归集成本费用") -> 0 | F50: =SUMIFS('附表7-扣除项目明细采集底稿'!X:X,'附表7-扣除项目明细采集底稿'!E:E,数据对照表!G3,'附表7-扣除项目明细采集底稿'!V:V,"直接归集成本费用") -> 0 | G50: =SUMIFS('附表7-扣除项目明细采集底稿'!Y:Y,'附表7-扣除项目明细采集底稿'!E:E,数据对照表!G3,'附表7-扣除项目明细采集底稿'!V:V,"直接归集成本费用") -> 0 | H50: =SUM(E50:G50) -> 0 | I50: =SUMIFS('附表7-扣除项目明细采集底稿'!W:W,'附表7-扣除项目明细采集底稿'!E:E,数据对照表!G3,'附表7-扣除项目明细采集底稿'!V:V,"共同成本费用") -> 6239.07 | J50: =SUMIFS('附表7-扣除项目明细采集底稿'!X:X,'附表7-扣除项目明细采集底稿'!E:E,数据对照表!G3,'附表7-扣除项目明细采集底稿'!V:V,"共同成本费用") -> 0 | K50: =SUMIFS('附表7-扣除项目明细采集底稿'!Y:Y,'附表7-扣除项目明细采集底稿'!E:E,数据对照表!G3,'附表7-扣除项目明细采集底稿'!V:V,"共同成本费用") -> 387.73 | L50: =SUM(I50:K50) -> 6626.8 | M50: =H50+L50 -> 6626.8
A51: 46 | D51: =数据对照表!G4 -> 会所费用 | E51: =SUMIFS('附表7-扣除项目明细采集底稿'!W:W,'附表7-扣除项目明细采集底稿'!E:E,数据对照表!G4,'附表7-扣除项目明细采集底稿'!V:V,"直接归集成本费用") -> 0 | F51: =SUMIFS('附表7-扣除项目明细采集底稿'!X:X,'附表7-扣除项目明细采集底稿'!E:E,数据对照表!G4,'附表7-扣除项目明细采集底稿'!V:V,"直接归集成本费用") -> 0 | G51: =SUMIFS('附表7-扣除项目明细采集底稿'!Y:Y,'附表7-扣除项目明细采集底稿'!E:E,数据对照表!G4,'附表7-扣除项目明细采集底稿'!V:V,"直接归集成本费用") -> 0 | H51: =SUM(E51:G51) -> 0 | I51: =SUMIFS('附表7-扣除项目明细采集底稿'!W:W,'附表7-扣除项目明细采集底稿'!E:E,数据对照表!G4,'附表7-扣除项目明细采集底稿'!V:V,"共同成本费用") -> 0 | J51: =SUMIFS('附表7-扣除项目明细采集底稿'!X:X,'附表7-扣除项目明细采集底稿'!E:E,数据对照表!G4,'附表7-扣除项目明细采集底稿'!V:V,"共同成本费用") -> 0 | K51: =SUMIFS('附表7-扣除项目明细采集底稿'!Y:Y,'附表7-扣除项目明细采集底稿'!E:E,数据对照表!G4,'附表7-扣除项目明细采集底稿'!V:V,"共同成本费用") -> 0 | L51: =SUM(I51:K51) -> 0 | M51: =H51+L51 -> 0
A52: 47 | D52: =数据对照表!G5 -> 非机动车库（场）费用 | E52: =SUMIFS('附表7-扣除项目明细采集底稿'!W:W,'附表7-扣除项目明细采集底稿'!E:E,数据对照表!G5,'附表7-扣除项目明细采集底稿'!V:V,"直接归集成本费用") -> 0 | F52: =SUMIFS('附表7-扣除项目明细采集底稿'!X:X,'附表7-扣除项目明细采集底稿'!E:E,数据对照表!G5,'附表7-扣除项目明细采集底稿'!V:V,"直接归集成本费用") -> 0 | G52: =SUMIFS('附表7-扣除项目明细采集底稿'!Y:Y,'附表7-扣除项目明细采集底稿'!E:E,数据对照表!G5,'附表7-扣除项目明细采集底稿'!V:V,"直接归集成本费用") -> 0 | H52: =SUM(E52:G52) -> 0 | I52: =SUMIFS('附表7-扣除项目明细采集底稿'!W:W,'附表7-扣除项目明细采集底稿'!E:E,数据对照表!G5,'附表7-扣除项目明细采集底稿'!V:V,"共同成本费用") -> 8279.14 | J52: =SUMIFS('附表7-扣除项目明细采集底稿'!X:X,'附表7-扣除项目明细采集底稿'!E:E,数据对照表!G5,'附表7-扣除项目明细采集底稿'!V:V,"共同成本费用") -> 0 | K52: =SUMIFS('附表7-扣除项目明细采集底稿'!Y:Y,'附表7-扣除项目明细采集底稿'!E:E,数据对照表!G5,'附表7-扣除项目明细采集底稿'!V:V,"共同成本费用") -> 514.5 | L52: =SUM(I52:K52) -> 8793.64 | M52: =H52+L52 -> 8793.64
A53: 48 | D53: =数据对照表!G6 -> 地下人防设施费用 | E53: =SUMIFS('附表7-扣除项目明细采集底稿'!W:W,'附表7-扣除项目明细采集底稿'!E:E,数据对照表!G6,'附表7-扣除项目明细采集底稿'!V:V,"直接归集成本费用") -> 0 | F53: =SUMIFS('附表7-扣除项目明细采集底稿'!X:X,'附表7-扣除项目明细采集底稿'!E:E,数据对照表!G6,'附表7-扣除项目明细采集底稿'!V:V,"直接归集成本费用") -> 0 | G53: =SUMIFS('附表7-扣除项目明细采集底稿'!Y:Y,'附表7-扣除项目明细采集底稿'!E:E,数据对照表!G6,'附表7-扣除项目明细采集底稿'!V:V,"直接归集成本费用") -> 0 | H53: =SUM(E53:G53) -> 0 | I53: =SUMIFS('附表7-扣除项目明细采集底稿'!W:W,'附表7-扣除项目明细采集底稿'!E:E,数据对照表!G6,'附表7-扣除项目明细采集底稿'!V:V,"共同成本费用") -> 14989436 | J53: =SUMIFS('附表7-扣除项目明细采集底稿'!X:X,'附表7-扣除项目明细采集底稿'!E:E,数据对照表!G6,'附表7-扣除项目明细采集底稿'!V:V,"共同成本费用") -> 0 | K53: =SUMIFS('附表7-扣除项目明细采集底稿'!Y:Y,'附表7-扣除项目明细采集底稿'!E:E,数据对照表!G6,'附表7-扣除项目明细采集底稿'!V:V,"共同成本费用") -> 931514.98 | L53: =SUM(I53:K53) -> 15920951 | M53: =H53+L53 -> 15920951
A54: 49 | D54: =数据对照表!G7 -> 物业管理场所费用 | E54: =SUMIFS('附表7-扣除项目明细采集底稿'!W:W,'附表7-扣除项目明细采集底稿'!E:E,数据对照表!G7,'附表7-扣除项目明细采集底稿'!V:V,"直接归集成本费用") -> 0 | F54: =SUMIFS('附表7-扣除项目明细采集底稿'!X:X,'附表7-扣除项目明细采集底稿'!E:E,数据对照表!G7,'附表7-扣除项目明细采集底稿'!V:V,"直接归集成本费用") -> 0 | G54: =SUMIFS('附表7-扣除项目明细采集底稿'!Y:Y,'附表7-扣除项目明细采集底稿'!E:E,数据对照表!G7,'附表7-扣除项目明细采集底稿'!V:V,"直接归集成本费用") -> 0 | H54: =SUM(E54:G54) -> 0 | I54: =SUMIFS('附表7-扣除项目明细采集底稿'!W:W,'附表7-扣除项目明细采集底稿'!E:E,数据对照表!G7,'附表7-扣除项目明细采集底稿'!V:V,"共同成本费用") -> 0 | J54: =SUMIFS('附表7-扣除项目明细采集底稿'!X:X,'附表7-扣除项目明细采集底稿'!E:E,数据对照表!G7,'附表7-扣除项目明细采集底稿'!V:V,"共同成本费用") -> 0 | K54: =SUMIFS('附表7-扣除项目明细采集底稿'!Y:Y,'附表7-扣除项目明细采集底稿'!E:E,数据对照表!G7,'附表7-扣除项目明细采集底稿'!V:V,"共同成本费用") -> 0 | L54: =SUM(I54:K54) -> 0 | M54: =H54+L54 -> 0
A55: 50 | D55: =数据对照表!G8 -> 变电站费用 | E55: =SUMIFS('附表7-扣除项目明细采集底稿'!W:W,'附表7-扣除项目明细采集底稿'!E:E,数据对照表!G8,'附表7-扣除项目明细采集底稿'!V:V,"直接归集成本费用") -> 0 | F55: =SUMIFS('附表7-扣除项目明细采集底稿'!X:X,'附表7-扣除项目明细采集底稿'!E:E,数据对照表!G8,'附表7-扣除项目明细采集底稿'!V:V,"直接归集成本费用") -> 0 | G55: =SUMIFS('附表7-扣除项目明细采集底稿'!Y:Y,'附表7-扣除项目明细采集底稿'!E:E,数据对照表!G8,'附表7-扣除项目明细采集底稿'!V:V,"直接归集成本费用") -> 0 | H55: =SUM(E55:G55) -> 0 | I55: =SUMIFS('附表7-扣除项目明细采集底稿'!W:W,'附表7-扣除项目明细采集底稿'!E:E,数据对照表!G8,'附表7-扣除项目明细采集底稿'!V:V,"共同成本费用") -> 0 | J55: =SUMIFS('附表7-扣除项目明细采集底稿'!X:X,'附表7-扣除项目明细采集底稿'!E:E,数据对照表!G8,'附表7-扣除项目明细采集底稿'!V:V,"共同成本费用") -> 0 | K55: =SUMIFS('附表7-扣除项目明细采集底稿'!Y:Y,'附表7-扣除项目明细采集底稿'!E:E,数据对照表!G8,'附表7-扣除项目明细采集底稿'!V:V,"共同成本费用") -> 0 | L55: =SUM(I55:K55) -> 0 | M55: =H55+L55 -> 0
A56: 51 | D56: =数据对照表!G9 -> 热力站费用 | E56: =SUMIFS('附表7-扣除项目明细采集底稿'!W:W,'附表7-扣除项目明细采集底稿'!E:E,数据对照表!G9,'附表7-扣除项目明细采集底稿'!V:V,"直接归集成本费用") -> 0 | F56: =SUMIFS('附表7-扣除项目明细采集底稿'!X:X,'附表7-扣除项目明细采集底稿'!E:E,数据对照表!G9,'附表7-扣除项目明细采集底稿'!V:V,"直接归集成本费用") -> 0 | G56: =SUMIFS('附表7-扣除项目明细采集底稿'!Y:Y,'附表7-扣除项目明细采集底稿'!E:E,数据对照表!G9,'附表7-扣除项目明细采集底稿'!V:V,"直接归集成本费用") -> 0 | H56: =SUM(E56:G56) -> 0 | I56: =SUMIFS('附表7-扣除项目明细采集底稿'!W:W,'附表7-扣除项目明细采集底稿'!E:E,数据对照表!G9,'附表7-扣除项目明细采集底稿'!V:V,"共同成本费用") -> 0 | J56: =SUMIFS('附表7-扣除项目明细采集底稿'!X:X,'附表7-扣除项目明细采集底稿'!E:E,数据对照表!G9,'附表7-扣除项目明细采集底稿'!V:V,"共同成本费用") -> 0 | K56: =SUMIFS('附表7-扣除项目明细采集底稿'!Y:Y,'附表7-扣除项目明细采集底稿'!E:E,数据对照表!G9,'附表7-扣除项目明细采集底稿'!V:V,"共同成本费用") -> 0 | L56: =SUM(I56:K56) -> 0 | M56: =H56+L56 -> 0
A57: 52 | D57: =数据对照表!G10 -> 水厂费用 | E57: =SUMIFS('附表7-扣除项目明细采集底稿'!W:W,'附表7-扣除项目明细采集底稿'!E:E,数据对照表!G10,'附表7-扣除项目明细采集底稿'!V:V,"直接归集成本费用") -> 0 | F57: =SUMIFS('附表7-扣除项目明细采集底稿'!X:X,'附表7-扣除项目明细采集底稿'!E:E,数据对照表!G10,'附表7-扣除项目明细采集底稿'!V:V,"直接归集成本费用") -> 0 | G57: =SUMIFS('附表7-扣除项目明细采集底稿'!Y:Y,'附表7-扣除项目明细采集底稿'!E:E,数据对照表!G10,'附表7-扣除项目明细采集底稿'!V:V,"直接归集成本费用") -> 0 | H57: =SUM(E57:G57) -> 0 | I57: =SUMIFS('附表7-扣除项目明细采集底稿'!W:W,'附表7-扣除项目明细采集底稿'!E:E,数据对照表!G10,'附表7-扣除项目明细采集底稿'!V:V,"共同成本费用") -> 0 | J57: =SUMIFS('附表7-扣除项目明细采集底稿'!X:X,'附表7-扣除项目明细采集底稿'!E:E,数据对照表!G10,'附表7-扣除项目明细采集底稿'!V:V,"共同成本费用") -> 0 | K57: =SUMIFS('附表7-扣除项目明细采集底稿'!Y:Y,'附表7-扣除项目明细采集底稿'!E:E,数据对照表!G10,'附表7-扣除项目明细采集底稿'!V:V,"共同成本费用") -> 0 | L57: =SUM(I57:K57) -> 0 | M57: =H57+L57 -> 0
A58: 53 | D58: =数据对照表!G11 -> 文体场馆费用 | E58: =SUMIFS('附表7-扣除项目明细采集底稿'!W:W,'附表7-扣除项目明细采集底稿'!E:E,数据对照表!G11,'附表7-扣除项目明细采集底稿'!V:V,"直接归集成本费用") -> 0 | F58: =SUMIFS('附表7-扣除项目明细采集底稿'!X:X,'附表7-扣除项目明细采集底稿'!E:E,数据对照表!G11,'附表7-扣除项目明细采集底稿'!V:V,"直接归集成本费用") -> 0 | G58: =SUMIFS('附表7-扣除项目明细采集底稿'!Y:Y,'附表7-扣除项目明细采集底稿'!E:E,数据对照表!G11,'附表7-扣除项目明细采集底稿'!V:V,"直接归集成本费用") -> 0 | H58: =SUM(E58:G58) -> 0 | I58: =SUMIFS('附表7-扣除项目明细采集底稿'!W:W,'附表7-扣除项目明细采集底稿'!E:E,数据对照表!G11,'附表7-扣除项目明细采集底稿'!V:V,"共同成本费用") -> 0 | J58: =SUMIFS('附表7-扣除项目明细采集底稿'!X:X,'附表7-扣除项目明细采集底稿'!E:E,数据对照表!G11,'附表7-扣除项目明细采集底稿'!V:V,"共同成本费用") -> 0 | K58: =SUMIFS('附表7-扣除项目明细采集底稿'!Y:Y,'附表7-扣除项目明细采集底稿'!E:E,数据对照表!G11,'附表7-扣除项目明细采集底稿'!V:V,"共同成本费用") -> 0 | L58: =SUM(I58:K58) -> 0 | M58: =H58+L58 -> 0
A59: 54 | D59: =数据对照表!G12 -> 学校费用 | E59: =SUMIFS('附表7-扣除项目明细采集底稿'!W:W,'附表7-扣除项目明细采集底稿'!E:E,数据对照表!G12,'附表7-扣除项目明细采集底稿'!V:V,"直接归集成本费用") -> 0 | F59: =SUMIFS('附表7-扣除项目明细采集底稿'!X:X,'附表7-扣除项目明细采集底稿'!E:E,数据对照表!G12,'附表7-扣除项目明细采集底稿'!V:V,"直接归集成本费用") -> 0 | G59: =SUMIFS('附表7-扣除项目明细采集底稿'!Y:Y,'附表7-扣除项目明细采集底稿'!E:E,数据对照表!G12,'附表7-扣除项目明细采集底稿'!V:V,"直接归集成本费用") -> 0 | H59: =SUM(E59:G59) -> 0 | I59: =SUMIFS('附表7-扣除项目明细采集底稿'!W:W,'附表7-扣除项目明细采集底稿'!E:E,数据对照表!G12,'附表7-扣除项目明细采集底稿'!V:V,"共同成本费用") -> 0 | J59: =SUMIFS('附表7-扣除项目明细采集底稿'!X:X,'附表7-扣除项目明细采集底稿'!E:E,数据对照表!G12,'附表7-扣除项目明细采集底稿'!V:V,"共同成本费用") -> 0 | K59: =SUMIFS('附表7-扣除项目明细采集底稿'!Y:Y,'附表7-扣除项目明细采集底稿'!E:E,数据对照表!G12,'附表7-扣除项目明细采集底稿'!V:V,"共同成本费用") -> 0 | L59: =SUM(I59:K59) -> 0 | M59: =H59+L59 -> 0
A60: 55 | D60: =数据对照表!G13 -> 幼儿园费用 | E60: =SUMIFS('附表7-扣除项目明细采集底稿'!W:W,'附表7-扣除项目明细采集底稿'!E:E,数据对照表!G13,'附表7-扣除项目明细采集底稿'!V:V,"直接归集成本费用") -> 0 | F60: =SUMIFS('附表7-扣除项目明细采集底稿'!X:X,'附表7-扣除项目明细采集底稿'!E:E,数据对照表!G13,'附表7-扣除项目明细采集底稿'!V:V,"直接归集成本费用") -> 0 | G60: =SUMIFS('附表7-扣除项目明细采集底稿'!Y:Y,'附表7-扣除项目明细采集底稿'!E:E,数据对照表!G13,'附表7-扣除项目明细采集底稿'!V:V,"直接归集成本费用") -> 0 | H60: =SUM(E60:G60) -> 0 | I60: =SUMIFS('附表7-扣除项目明细采集底稿'!W:W,'附表7-扣除项目明细采集底稿'!E:E,数据对照表!G13,'附表7-扣除项目明细采集底稿'!V:V,"共同成本费用") -> 1849633.4 | J60: =SUMIFS('附表7-扣除项目明细采集底稿'!X:X,'附表7-扣除项目明细采集底稿'!E:E,数据对照表!G13,'附表7-扣除项目明细采集底稿'!V:V,"共同成本费用") -> 0 | K60: =SUMIFS('附表7-扣除项目明细采集底稿'!Y:Y,'附表7-扣除项目明细采集底稿'!E:E,数据对照表!G13,'附表7-扣除项目明细采集底稿'!V:V,"共同成本费用") -> 114945.01 | L60: =SUM(I60:K60) -> 1964578.4 | M60: =H60+L60 -> 1964578.4
A61: 56 | D61: =数据对照表!G14 -> 托儿所费用 | E61: =SUMIFS('附表7-扣除项目明细采集底稿'!W:W,'附表7-扣除项目明细采集底稿'!E:E,数据对照表!G14,'附表7-扣除项目明细采集底稿'!V:V,"直接归集成本费用") -> 0 | F61: =SUMIFS('附表7-扣除项目明细采集底稿'!X:X,'附表7-扣除项目明细采集底稿'!E:E,数据对照表!G14,'附表7-扣除项目明细采集底稿'!V:V,"直接归集成本费用") -> 0 | G61: =SUMIFS('附表7-扣除项目明细采集底稿'!Y:Y,'附表7-扣除项目明细采集底稿'!E:E,数据对照表!G14,'附表7-扣除项目明细采集底稿'!V:V,"直接归集成本费用") -> 0 | H61: =SUM(E61:G61) -> 0 | I61: =SUMIFS('附表7-扣除项目明细采集底稿'!W:W,'附表7-扣除项目明细采集底稿'!E:E,数据对照表!G14,'附表7-扣除项目明细采集底稿'!V:V,"共同成本费用") -> 0 | J61: =SUMIFS('附表7-扣除项目明细采集底稿'!X:X,'附表7-扣除项目明细采集底稿'!E:E,数据对照表!G14,'附表7-扣除项目明细采集底稿'!V:V,"共同成本费用") -> 0 | K61: =SUMIFS('附表7-扣除项目明细采集底稿'!Y:Y,'附表7-扣除项目明细采集底稿'!E:E,数据对照表!G14,'附表7-扣除项目明细采集底稿'!V:V,"共同成本费用") -> 0 | L61: =SUM(I61:K61) -> 0 | M61: =H61+L61 -> 0
... A64: 59 | D64: =数据对照表!G17 -> 其他非营业性房产费用 | E64: =SUMIFS('附表7-扣除项目明细采集底稿'!W:W,'附表7-扣除项目明细采集底稿'!E:E,数据对照表!G17,'附表7-扣除项目明细采集底稿'!V:V,"直接归集成本费用") -> 0 | F64: =SUMIFS('附表7-扣除项目明细采集底稿'!X:X,'附表7-扣除项目明细采集底稿'!E:E,数据对照表!G17,'附表7-扣除项目明细采集底稿'!V:V,"直接归集成本费用") -> 0 | G64: =SUMIFS('附表7-扣除项目明细采集底稿'!Y:Y,'附表7-扣除项目明细采集底稿'!E:E,数据对照表!G17,'附表7-扣除项目明细采集底稿'!V:V,"直接归集成本费用") -> 0 | H64: =SUM(E64:G64) -> 0 | I64: =SUMIFS('附表7-扣除项目明细采集底稿'!W:W,'附表7-扣除项目明细采集底稿'!E:E,数据对照表!G17,'附表7-扣除项目明细采集底稿'!V:V,"共同成本费用") -> 781246.58 | J64: =SUMIFS('附表7-扣除项目明细采集底稿'!X:X,'附表7-扣除项目明细采集底稿'!E:E,数据对照表!G17,'附表7-扣除项目明细采集底稿'!V:V,"共同成本费用") -> 0 | K64: =SUMIFS('附表7-扣除项目明细采集底稿'!Y:Y,'附表7-扣除项目明细采集底稿'!E:E,数据对照表!G17,'附表7-扣除项目明细采集底稿'!V:V,"共同成本费用") -> 48550.37 | L64: =SUM(I64:K64) -> 829796.95 | M64: =H64+L64 -> 829796.95
A65: 60 | C65: =数据对照表!H1 -> 开发间接费用 | E65: =SUMIFS('附表7-扣除项目明细采集底稿'!W:W,'附表7-扣除项目明细采集底稿'!D:D,数据对照表!H1,'附表7-扣除项目明细采集底稿'!V:V,"直接归集成本费用") -> 0 | F65: =SUMIFS('附表7-扣除项目明细采集底稿'!X:X,'附表7-扣除项目明细采集底稿'!D:D,数据对照表!H1,'附表7-扣除项目明细采集底稿'!V:V,"直接归集成本费用") -> 0 | G65: =SUMIFS('附表7-扣除项目明细采集底稿'!Y:Y,'附表7-扣除项目明细采集底稿'!D:D,数据对照表!H1,'附表7-扣除项目明细采集底稿'!V:V,"直接归集成本费用") -> 0 | H65: =SUM(E65:G65) -> 0 | I65: =SUMIFS('附表7-扣除项目明细采集底稿'!W:W,'附表7-扣除项目明细采集底稿'!D:D,数据对照表!H1,'附表7-扣除项目明细采集底稿'!V:V,"共同成本费用") -> 1369937.9 | J65: =SUMIFS('附表7-扣除项目明细采集底稿'!X:X,'附表7-扣除项目明细采集底稿'!D:D,数据对照表!H1,'附表7-扣除项目明细采集底稿'!V:V,"共同成本费用") -> 0 | K65: =SUMIFS('附表7-扣除项目明细采集底稿'!Y:Y,'附表7-扣除项目明细采集底稿'!D:D,数据对照表!H1,'附表7-扣除项目明细采集底稿'!V:V,"共同成本费用") -> 85134.43 | L65: =SUM(I65:K65) -> 1455072.3 | M65: =H65+L65 -> 1455072.3
A66: 61 | C66: 其中 | D66: =数据对照表!H2 -> 管理人员工资 | E66: =SUMIFS('附表7-扣除项目明细采集底稿'!W:W,'附表7-扣除项目明细采集底稿'!E:E,数据对照表!H2,'附表7-扣除项目明细采集底稿'!V:V,"直接归集成本费用") -> 0 | F66: =SUMIFS('附表7-扣除项目明细采集底稿'!X:X,'附表7-扣除项目明细采集底稿'!E:E,数据对照表!H2,'附表7-扣除项目明细采集底稿'!V:V,"直接归集成本费用") -> 0 | G66: =SUMIFS('附表7-扣除项目明细采集底稿'!Y:Y,'附表7-扣除项目明细采集底稿'!E:E,数据对照表!H2,'附表7-扣除项目明细采集底稿'!V:V,"直接归集成本费用") -> 0 | H66: =SUM(E66:G66) -> 0 | I66: =SUMIFS('附表7-扣除项目明细采集底稿'!W:W,'附表7-扣除项目明细采集底稿'!E:E,数据对照表!H2,'附表7-扣除项目明细采集底稿'!V:V,"共同成本费用") -> 1369937.9 | J66: =SUMIFS('附表7-扣除项目明细采集底稿'!X:X,'附表7-扣除项目明细采集底稿'!E:E,数据对照表!H2,'附表7-扣除项目明细采集底稿'!V:V,"共同成本费用") -> 0 | K66: =SUMIFS('附表7-扣除项目明细采集底稿'!Y:Y,'附表7-扣除项目明细采集底稿'!E:E,数据对照表!H2,'附表7-扣除项目明细采集底稿'!V:V,"共同成本费用") -> 85134.43 | L66: =SUM(I66:K66) -> 1455072.3 | M66: =H66+L66 -> 1455072.3
A67: 62 | D67: =数据对照表!H3 -> 职工福利费 | E67: =SUMIFS('附表7-扣除项目明细采集底稿'!W:W,'附表7-扣除项目明细采集底稿'!E:E,数据对照表!H3,'附表7-扣除项目明细采集底稿'!V:V,"直接归集成本费用") -> 0 | F67: =SUMIFS('附表7-扣除项目明细采集底稿'!X:X,'附表7-扣除项目明细采集底稿'!E:E,数据对照表!H3,'附表7-扣除项目明细采集底稿'!V:V,"直接归集成本费用") -> 0 | G67: =SUMIFS('附表7-扣除项目明细采集底稿'!Y:Y,'附表7-扣除项目明细采集底稿'!E:E,数据对照表!H3,'附表7-扣除项目明细采集底稿'!V:V,"直接归集成本费用") -> 0 | H67: =SUM(E67:G67) -> 0 | I67: =SUMIFS('附表7-扣除项目明细采集底稿'!W:W,'附表7-扣除项目明细采集底稿'!E:E,数据对照表!H3,'附表7-扣除项目明细采集底稿'!V:V,"共同成本费用") -> 0 | J67: =SUMIFS('附表7-扣除项目明细采集底稿'!X:X,'附表7-扣除项目明细采集底稿'!E:E,数据对照表!H3,'附表7-扣除项目明细采集底稿'!V:V,"共同成本费用") -> 0 | K67: =SUMIFS('附表7-扣除项目明细采集底稿'!Y:Y,'附表7-扣除项目明细采集底稿'!E:E,数据对照表!H3,'附表7-扣除项目明细采集底稿'!V:V,"共同成本费用") -> 0 | L67: =SUM(I67:K67) -> 0 | M67: =H67+L67 -> 0
A68: 63 | D68: =数据对照表!H4 -> 折旧费 | E68: =SUMIFS('附表7-扣除项目明细采集底稿'!W:W,'附表7-扣除项目明细采集底稿'!E:E,数据对照表!H4,'附表7-扣除项目明细采集底稿'!V:V,"直接归集成本费用") -> 0 | F68: =SUMIFS('附表7-扣除项目明细采集底稿'!X:X,'附表7-扣除项目明细采集底稿'!E:E,数据对照表!H4,'附表7-扣除项目明细采集底稿'!V:V,"直接归集成本费用") -> 0 | G68: =SUMIFS('附表7-扣除项目明细采集底稿'!Y:Y,'附表7-扣除项目明细采集底稿'!E:E,数据对照表!H4,'附表7-扣除项目明细采集底稿'!V:V,"直接归集成本费用") -> 0 | H68: =SUM(E68:G68) -> 0 | I68: =SUMIFS('附表7-扣除项目明细采集底稿'!W:W,'附表7-扣除项目明细采集底稿'!E:E,数据对照表!H4,'附表7-扣除项目明细采集底稿'!V:V,"共同成本费用") -> 0 | J68: =SUMIFS('附表7-扣除项目明细采集底稿'!X:X,'附表7-扣除项目明细采集底稿'!E:E,数据对照表!H4,'附表7-扣除项目明细采集底稿'!V:V,"共同成本费用") -> 0 | K68: =SUMIFS('附表7-扣除项目明细采集底稿'!Y:Y,'附表7-扣除项目明细采集底稿'!E:E,数据对照表!H4,'附表7-扣除项目明细采集底稿'!V:V,"共同成本费用") -> 0 | L68: =SUM(I68:K68) -> 0 | M68: =H68+L68 -> 0
A69: 64 | D69: =数据对照表!H5 -> 修理费 | E69: =SUMIFS('附表7-扣除项目明细采集底稿'!W:W,'附表7-扣除项目明细采集底稿'!E:E,数据对照表!H5,'附表7-扣除项目明细采集底稿'!V:V,"直接归集成本费用") -> 0 | F69: =SUMIFS('附表7-扣除项目明细采集底稿'!X:X,'附表7-扣除项目明细采集底稿'!E:E,数据对照表!H5,'附表7-扣除项目明细采集底稿'!V:V,"直接归集成本费用") -> 0 | G69: =SUMIFS('附表7-扣除项目明细采集底稿'!Y:Y,'附表7-扣除项目明细采集底稿'!E:E,数据对照表!H5,'附表7-扣除项目明细采集底稿'!V:V,"直接归集成本费用") -> 0 | H69: =SUM(E69:G69) -> 0 | I69: =SUMIFS('附表7-扣除项目明细采集底稿'!W:W,'附表7-扣除项目明细采集底稿'!E:E,数据对照表!H5,'附表7-扣除项目明细采集底稿'!V:V,"共同成本费用") -> 0 | J69: =SUMIFS('附表7-扣除项目明细采集底稿'!X:X,'附表7-扣除项目明细采集底稿'!E:E,数据对照表!H5,'附表7-扣除项目明细采集底稿'!V:V,"共同成本费用") -> 0 | K69: =SUMIFS('附表7-扣除项目明细采集底稿'!Y:Y,'附表7-扣除项目明细采集底稿'!E:E,数据对照表!H5,'附表7-扣除项目明细采集底稿'!V:V,"共同成本费用") -> 0 | L69: =SUM(I69:K69) -> 0 | M69: =H69+L69 -> 0
A70: 65 | D70: =数据对照表!H6 -> 办公费 | E70: =SUMIFS('附表7-扣除项目明细采集底稿'!W:W,'附表7-扣除项目明细采集底稿'!E:E,数据对照表!H6,'附表7-扣除项目明细采集底稿'!V:V,"直接归集成本费用") -> 0 | F70: =SUMIFS('附表7-扣除项目明细采集底稿'!X:X,'附表7-扣除项目明细采集底稿'!E:E,数据对照表!H6,'附表7-扣除项目明细采集底稿'!V:V,"直接归集成本费用") -> 0 | G70: =SUMIFS('附表7-扣除项目明细采集底稿'!Y:Y,'附表7-扣除项目明细采集底稿'!E:E,数据对照表!H6,'附表7-扣除项目明细采集底稿'!V:V,"直接归集成本费用") -> 0 | H70: =SUM(E70:G70) -> 0 | I70: =SUMIFS('附表7-扣除项目明细采集底稿'!W:W,'附表7-扣除项目明细采集底稿'!E:E,数据对照表!H6,'附表7-扣除项目明细采集底稿'!V:V,"共同成本费用") -> 0 | J70: =SUMIFS('附表7-扣除项目明细采集底稿'!X:X,'附表7-扣除项目明细采集底稿'!E:E,数据对照表!H6,'附表7-扣除项目明细采集底稿'!V:V,"共同成本费用") -> 0 | K70: =SUMIFS('附表7-扣除项目明细采集底稿'!Y:Y,'附表7-扣除项目明细采集底稿'!E:E,数据对照表!H6,'附表7-扣除项目明细采集底稿'!V:V,"共同成本费用") -> 0 | L70: =SUM(I70:K70) -> 0 | M70: =H70+L70 -> 0
A71: 66 | D71: =数据对照表!H7 -> 水电费 | E71: =SUMIFS('附表7-扣除项目明细采集底稿'!W:W,'附表7-扣除项目明细采集底稿'!E:E,数据对照表!H7,'附表7-扣除项目明细采集底稿'!V:V,"直接归集成本费用") -> 0 | F71: =SUMIFS('附表7-扣除项目明细采集底稿'!X:X,'附表7-扣除项目明细采集底稿'!E:E,数据对照表!H7,'附表7-扣除项目明细采集底稿'!V:V,"直接归集成本费用") -> 0 | G71: =SUMIFS('附表7-扣除项目明细采集底稿'!Y:Y,'附表7-扣除项目明细采集底稿'!E:E,数据对照表!H7,'附表7-扣除项目明细采集底稿'!V:V,"直接归集成本费用") -> 0 | H71: =SUM(E71:G71) -> 0 | I71: =SUMIFS('附表7-扣除项目明细采集底稿'!W:W,'附表7-扣除项目明细采集底稿'!E:E,数据对照表!H7,'附表7-扣除项目明细采集底稿'!V:V,"共同成本费用") -> 0 | J71: =SUMIFS('附表7-扣除项目明细采集底稿'!X:X,'附表7-扣除项目明细采集底稿'!E:E,数据对照表!H7,'附表7-扣除项目明细采集底稿'!V:V,"共同成本费用") -> 0 | K71: =SUMIFS('附表7-扣除项目明细采集底稿'!Y:Y,'附表7-扣除项目明细采集底稿'!E:E,数据对照表!H7,'附表7-扣除项目明细采集底稿'!V:V,"共同成本费用") -> 0 | L71: =SUM(I71:K71) -> 0 | M71: =H71+L71 -> 0
A72: 67 | D72: =数据对照表!H8 -> 劳动保护费 | E72: =SUMIFS('附表7-扣除项目明细采集底稿'!W:W,'附表7-扣除项目明细采集底稿'!E:E,数据对照表!H8,'附表7-扣除项目明细采集底稿'!V:V,"直接归集成本费用") -> 0 | F72: =SUMIFS('附表7-扣除项目明细采集底稿'!X:X,'附表7-扣除项目明细采集底稿'!E:E,数据对照表!H8,'附表7-扣除项目明细采集底稿'!V:V,"直接归集成本费用") -> 0 | G72: =SUMIFS('附表7-扣除项目明细采集底稿'!Y:Y,'附表7-扣除项目明细采集底稿'!E:E,数据对照表!H8,'附表7-扣除项目明细采集底稿'!V:V,"直接归集成本费用") -> 0 | H72: =SUM(E72:G72) -> 0 | I72: =SUMIFS('附表7-扣除项目明细采集底稿'!W:W,'附表7-扣除项目明细采集底稿'!E:E,数据对照表!H8,'附表7-扣除项目明细采集底稿'!V:V,"共同成本费用") -> 0 | J72: =SUMIFS('附表7-扣除项目明细采集底稿'!X:X,'附表7-扣除项目明细采集底稿'!E:E,数据对照表!H8,'附表7-扣除项目明细采集底稿'!V:V,"共同成本费用") -> 0 | K72: =SUMIFS('附表7-扣除项目明细采集底稿'!Y:Y,'附表7-扣除项目明细采集底稿'!E:E,数据对照表!H8,'附表7-扣除项目明细采集底稿'!V:V,"共同成本费用") -> 0 | L72: =SUM(I72:K72) -> 0 | M72: =H72+L72 -> 0
A73: 68 | D73: =数据对照表!H9 -> 周转房摊销费 | E73: =SUMIFS('附表7-扣除项目明细采集底稿'!W:W,'附表7-扣除项目明细采集底稿'!E:E,数据对照表!H9,'附表7-扣除项目明细采集底稿'!V:V,"直接归集成本费用") -> 0 | F73: =SUMIFS('附表7-扣除项目明细采集底稿'!X:X,'附表7-扣除项目明细采集底稿'!E:E,数据对照表!H9,'附表7-扣除项目明细采集底稿'!V:V,"直接归集成本费用") -> 0 | G73: =SUMIFS('附表7-扣除项目明细采集底稿'!Y:Y,'附表7-扣除项目明细采集底稿'!E:E,数据对照表!H9,'附表7-扣除项目明细采集底稿'!V:V,"直接归集成本费用") -> 0 | H73: =SUM(E73:G73) -> 0 | I73: =SUMIFS('附表7-扣除项目明细采集底稿'!W:W,'附表7-扣除项目明细采集底稿'!E:E,数据对照表!H9,'附表7-扣除项目明细采集底稿'!V:V,"共同成本费用") -> 0 | J73: =SUMIFS('附表7-扣除项目明细采集底稿'!X:X,'附表7-扣除项目明细采集底稿'!E:E,数据对照表!H9,'附表7-扣除项目明细采集底稿'!V:V,"共同成本费用") -> 0 | K73: =SUMIFS('附表7-扣除项目明细采集底稿'!Y:Y,'附表7-扣除项目明细采集底稿'!E:E,数据对照表!H9,'附表7-扣除项目明细采集底稿'!V:V,"共同成本费用") -> 0 | L73: =SUM(I73:K73) -> 0 | M73: =H73+L73 -> 0
A74: 69 | D74: =数据对照表!H10 -> 其他发生的间接费用 | E74: =SUMIFS('附表7-扣除项目明细采集底稿'!W:W,'附表7-扣除项目明细采集底稿'!E:E,数据对照表!H10,'附表7-扣除项目明细采集底稿'!V:V,"直接归集成本费用") -> 0 | F74: =SUMIFS('附表7-扣除项目明细采集底稿'!X:X,'附表7-扣除项目明细采集底稿'!E:E,数据对照表!H10,'附表7-扣除项目明细采集底稿'!V:V,"直接归集成本费用") -> 0 | G74: =SUMIFS('附表7-扣除项目明细采集底稿'!Y:Y,'附表7-扣除项目明细采集底稿'!E:E,数据对照表!H10,'附表7-扣除项目明细采集底稿'!V:V,"直接归集成本费用") -> 0 | H74: =SUM(E74:G74) -> 0 | I74: =SUMIFS('附表7-扣除项目明细采集底稿'!W:W,'附表7-扣除项目明细采集底稿'!E:E,数据对照表!H10,'附表7-扣除项目明细采集底稿'!V:V,"共同成本费用") -> 0 | J74: =SUMIFS('附表7-扣除项目明细采集底稿'!X:X,'附表7-扣除项目明细采集底稿'!E:E,数据对照表!H10,'附表7-扣除项目明细采集底稿'!V:V,"共同成本费用") -> 0 | K74: =SUMIFS('附表7-扣除项目明细采集底稿'!Y:Y,'附表7-扣除项目明细采集底稿'!E:E,数据对照表!H10,'附表7-扣除项目明细采集底稿'!V:V,"共同成本费用") -> 0 | L74: =SUM(I74:K74) -> 0 | M74: =H74+L74 -> 0
A75: 70 | B75: 其中：不可加计扣除金额 | E75: =SUM(SUMIFS('附表7-扣除项目明细采集底稿'!W:W,'附表7-扣除项目明细采集底稿'!D:D,"土地征用及拆迁补偿费",'附表7-扣除项目明细采集底稿'!V:V,"直接归集成本费用",'附表7-扣除项目明细采集底稿'!AB:AB,"不可加计"),SUMIFS('附表7-扣除项目明细采集底稿'!W:W,'附表7-扣除项目明细采集底稿'!D:D,"前期工程费",'附表7-扣除项目明细采集底稿'!V:V,"直接归集成本费用",'附表7-扣除项目明细采集底稿'!AB:AB,"不可加计"),SUMIFS('附表7-扣除项目明细采集底稿'!W:W,'附表7-扣除项目明细采集底稿'!D:D,"建筑安装工程费",'附表7-扣除项目明细采集底稿'!V:V,"直接归集成本费用",'附表7-扣除项目明细采集底稿'!AB:AB,"不可加计"),SUMIFS('附表7-扣除项目明细采集底稿'!W:W,'附表7-扣除项目明细采集底稿'!D:D,"基础设施费",'附表7-扣除项目明细采集底稿'!V:V,"直接归集成本费用",'附表7-扣除项目明细采集底稿'!AB:AB,"不可加计"),SUMIFS('附表7-扣除项目明细采集底稿'!W:W,'附表7-扣除项目明细采集底稿'!D:D,"公共配套设施费",'附表7-扣除项目明细采集底稿'!V:V,"直接归集成本费用",'附表7-扣除项目明细采集底稿'!AB:AB,"不可加计"),SUMIFS('附表7-扣除项目明细采集底稿'!W:W,'附表7-扣除项目明细采集底稿'!D:D,"开发间接费用",'附表7-扣除项目明细采集底稿'!V:V,"直接归集成本费用",'附表7-扣除项目明细采集底稿'!AB:AB,"不可加计")) -> 0 | F75: =SUM(SUMIFS('附表7-扣除项目明细采集底稿'!X:X,'附表7-扣除项目明细采集底稿'!D:D,"土地征用及拆迁补偿费",'附表7-扣除项目明细采集底稿'!V:V,"直接归集成本费用",'附表7-扣除项目明细采集底稿'!AB:AB,"不可加计"),SUMIFS('附表7-扣除项目明细采集底稿'!X:X,'附表7-扣除项目明细采集底稿'!D:D,"前期工程费",'附表7-扣除项目明细采集底稿'!V:V,"直接归集成本费用",'附表7-扣除项目明细采集底稿'!AB:AB,"不可加计"),SUMIFS('附表7-扣除项目明细采集底稿'!X:X,'附表7-扣除项目明细采集底稿'!D:D,"建筑安装工程费",'附表7-扣除项目明细采集底稿'!V:V,"直接归集成本费用",'附表7-扣除项目明细采集底稿'!AB:AB,"不可加计"),SUMIFS('附表7-扣除项目明细采集底稿'!X:X,'附表7-扣除项目明细采集底稿'!D:D,"基础设施费",'附表7-扣除项目明细采集底稿'!V:V,"直接归集成本费用",'附表7-扣除项目明细采集底稿'!AB:AB,"不可加计"),SUMIFS('附表7-扣除项目明细采集底稿'!X:X,'附表7-扣除项目明细采集底稿'!D:D,"公共配套设施费",'附表7-扣除项目明细采集底稿'!V:V,"直接归集成本费用",'附表7-扣除项目明细采集底稿'!AB:AB,"不可加计"),SUMIFS('附表7-扣除项目明细采集底稿'!X:X,'附表7-扣除项目明细采集底稿'!D:D,"开发间接费用",'附表7-扣除项目明细采集底稿'!V:V,"直接归集成本费用",'附表7-扣除项目明细采集底稿'!AB:AB,"不可加计")) -> 0 | G75: =SUM(SUMIFS('附表7-扣除项目明细采集底稿'!Y:Y,'附表7-扣除项目明细采集底稿'!D:D,"土地征用及拆迁补偿费",'附表7-扣除项目明细采集底稿'!V:V,"直接归集成本费用",'附表7-扣除项目明细采集底稿'!AB:AB,"不可加计"),SUMIFS('附表7-扣除项目明细采集底稿'!Y:Y,'附表7-扣除项目明细采集底稿'!D:D,"前期工程费",'附表7-扣除项目明细采集底稿'!V:V,"直接归集成本费用",'附表7-扣除项目明细采集底稿'!AB:AB,"不可加计"),SUMIFS('附表7-扣除项目明细采集底稿'!Y:Y,'附表7-扣除项目明细采集底稿'!D:D,"建筑安装工程费",'附表7-扣除项目明细采集底稿'!V:V,"直接归集成本费用",'附表7-扣除项目明细采集底稿'!AB:AB,"不可加计"),SUMIFS('附表7-扣除项目明细采集底稿'!Y:Y,'附表7-扣除项目明细采集底稿'!D:D,"基础设施费",'附表7-扣除项目明细采集底稿'!V:V,"直接归集成本费用",'附表7-扣除项目明细采集底稿'!AB:AB,"不可加计"),SUMIFS('附表7-扣除项目明细采集底稿'!Y:Y,'附表7-扣除项目明细采集底稿'!D:D,"公共配套设施费",'附表7-扣除项目明细采集底稿'!V:V,"直接归集成本费用",'附表7-扣除项目明细采集底稿'!AB:AB,"不可加计"),SUMIFS('附表7-扣除项目明细采集底稿'!Y:Y,'附表7-扣除项目明细采集底稿'!D:D,"开发间接费用",'附表7-扣除项目明细采集底稿'!V:V,"直接归集成本费用",'附表7-扣除项目明细采集底稿'!AB:AB,"不可加计")) -> 0 | H75: =SUM(E75:G75) -> 0 | I75: =SUM(SUMIFS('附表7-扣除项目明细采集底稿'!W:W,'附表7-扣除项目明细采集底稿'!D:D,"土地征用及拆迁补偿费",'附表7-扣除项目明细采集底稿'!V:V,"共同成本费用",'附表7-扣除项目明细采集底稿'!AB:AB,"不可加计"),SUMIFS('附表7-扣除项目明细采集底稿'!W:W,'附表7-扣除项目明细采集底稿'!D:D,"前期工程费",'附表7-扣除项目明细采集底稿'!V:V,"共同成本费用",'附表7-扣除项目明细采集底稿'!AB:AB,"不可加计"),SUMIFS('附表7-扣除项目明细采集底稿'!W:W,'附表7-扣除项目明细采集底稿'!D:D,"建筑安装工程费",'附表7-扣除项目明细采集底稿'!V:V,"共同成本费用",'附表7-扣除项目明细采集底稿'!AB:AB,"不可加计"),SUMIFS('附表7-扣除项目明细采集底稿'!W:W,'附表7-扣除项目明细采集底稿'!D:D,"基础设施费",'附表7-扣除项目明细采集底稿'!V:V,"共同成本费用",'附表7-扣除项目明细采集底稿'!AB:AB,"不可加计"),SUMIFS('附表7-扣除项目明细采集底稿'!W:W,'附表7-扣除项目明细采集底稿'!D:D,"公共配套设施费",'附表7-扣除项目明细采集底稿'!V:V,"共同成本费用",'附表7-扣除项目明细采集底稿'!AB:AB,"不可加计"),SUMIFS('附表7-扣除项目明细采集底稿'!W:W,'附表7-扣除项目明细采集底稿'!D:D,"开发间接费用",'附表7-扣除项目明细采集底稿'!V:V,"共同成本费用",'附表7-扣除项目明细采集底稿'!AB:AB,"不可加计")) -> 0 | J75: =SUM(SUMIFS('附表7-扣除项目明细采集底稿'!X:X,'附表7-扣除项目明细采集底稿'!D:D,"土地征用及拆迁补偿费",'附表7-扣除项目明细采集底稿'!V:V,"共同成本费用",'附表7-扣除项目明细采集底稿'!AB:AB,"不可加计"),SUMIFS('附表7-扣除项目明细采集底稿'!X:X,'附表7-扣除项目明细采集底稿'!D:D,"前期工程费",'附表7-扣除项目明细采集底稿'!V:V,"共同成本费用",'附表7-扣除项目明细采集底稿'!AB:AB,"不可加计"),SUMIFS('附表7-扣除项目明细采集底稿'!X:X,'附表7-扣除项目明细采集底稿'!D:D,"建筑安装工程费",'附表7-扣除项目明细采集底稿'!V:V,"共同成本费用",'附表7-扣除项目明细采集底稿'!AB:AB,"不可加计"),SUMIFS('附表7-扣除项目明细采集底稿'!X:X,'附表7-扣除项目明细采集底稿'!D:D,"基础设施费",'附表7-扣除项目明细采集底稿'!V:V,"共同成本费用",'附表7-扣除项目明细采集底稿'!AB:AB,"不可加计"),SUMIFS('附表7-扣除项目明细采集底稿'!X:X,'附表7-扣除项目明细采集底稿'!D:D,"公共配套设施费",'附表7-扣除项目明细采集底稿'!V:V,"共同成本费用",'附表7-扣除项目明细采集底稿'!AB:AB,"不可加计"),SUMIFS('附表7-扣除项目明细采集底稿'!X:X,'附表7-扣除项目明细采集底稿'!D:D,"开发间接费用",'附表7-扣除项目明细采集底稿'!V:V,"共同成本费用",'附表7-扣除项目明细采集底稿'!AB:AB,"不可加计")) -> 0 | K75: =SUM(SUMIFS('附表7-扣除项目明细采集底稿'!Y:Y,'附表7-扣除项目明细采集底稿'!D:D,"土地征用及拆迁补偿费",'附表7-扣除项目明细采集底稿'!V:V,"共同成本费用",'附表7-扣除项目明细采集底稿'!AB:AB,"不可加计"),SUMIFS('附表7-扣除项目明细采集底稿'!Y:Y,'附表7-扣除项目明细采集底稿'!D:D,"前期工程费",'附表7-扣除项目明细采集底稿'!V:V,"共同成本费用",'附表7-扣除项目明细采集底稿'!AB:AB,"不可加计"),SUMIFS('附表7-扣除项目明细采集底稿'!Y:Y,'附表7-扣除项目明细采集底稿'!D:D,"建筑安装工程费",'附表7-扣除项目明细采集底稿'!V:V,"共同成本费用",'附表7-扣除项目明细采集底稿'!AB:AB,"不可加计"),SUMIFS('附表7-扣除项目明细采集底稿'!Y:Y,'附表7-扣除项目明细采集底稿'!D:D,"基础设施费",'附表7-扣除项目明细采集底稿'!V:V,"共同成本费用",'附表7-扣除项目明细采集底稿'!AB:AB,"不可加计"),SUMIFS('附表7-扣除项目明细采集底稿'!Y:Y,'附表7-扣除项目明细采集底稿'!D:D,"公共配套设施费",'附表7-扣除项目明细采集底稿'!V:V,"共同成本费用",'附表7-扣除项目明细采集底稿'!AB:AB,"不可加计"),SUMIFS('附表7-扣除项目明细采集底稿'!Y:Y,'附表7-扣除项目明细采集底稿'!D:D,"开发间接费用",'附表7-扣除项目明细采集底稿'!V:V,"共同成本费用",'附表7-扣除项目明细采集底稿'!AB:AB,"不可加计")) -> 0 | L75: =SUM(I75:K75) -> 0 | M75: =H75+L75 -> 0
A76: 71 | B76: =数据对照表!I1 -> 房地产开发费用 | E76: =SUM(E77:E78) -> 0 | F76: =SUM(F77:F78) -> 0 | G76: =SUM(G77:G78) -> 0 | H76: =SUM(E76:G76) -> 0 | I76: =SUM(I77:I78) -> 13987796 | J76: =SUM(J77:J78) -> 0 | K76: =SUM(K77:K78) -> 869268.3 | L76: =SUM(I76:K76) -> 14857064 | M76: =H76+L76 -> 14857064
A77: 72 | B77: 其中 | C77: =数据对照表!I2 -> 利息支出 | D77: 计算扣除 | E77: =IF(D77="计算扣除",0,SUMIFS('附表7-扣除项目明细采集底稿'!W:W,'附表7-扣除项目明细采集底稿'!E:E,数据对照表!I2,'附表7-扣除项目明细采集底稿'!V:V,"直接归集成本费用")) -> 0 | F77: =IF(D77="计算扣除",0,SUMIFS('附表7-扣除项目明细采集底稿'!X:X,'附表7-扣除项目明细采集底稿'!E:E,数据对照表!I2,'附表7-扣除项目明细采集底稿'!V:V,"直接归集成本费用")) -> 0 | G77: =IF(D77="计算扣除",0,SUMIFS('附表7-扣除项目明细采集底稿'!Y:Y,'附表7-扣除项目明细采集底稿'!E:E,数据对照表!I2,'附表7-扣除项目明细采集底稿'!V:V,"直接归集成本费用")) -> 0 | H77: =SUM(E77:G77) -> 0 | I77: =IF(D77="计算扣除",0,SUMIFS('附表7-扣除项目明细采集底稿'!W:W,'附表7-扣除项目明细采集底稿'!E:E,数据对照表!I2,'附表7-扣除项目明细采集底稿'!V:V,"共同成本费用")) -> 0 | J77: =IF(D77="计算扣除",0,SUMIFS('附表7-扣除项目明细采集底稿'!X:X,'附表7-扣除项目明细采集底稿'!E:E,数据对照表!I2,'附表7-扣除项目明细采集底稿'!V:V,"共同成本费用")) -> 0 | K77: =IF(D77="计算扣除",0,SUMIFS('附表7-扣除项目明细采集底稿'!Y:Y,'附表7-扣除项目明细采集底稿'!E:E,数据对照表!I2,'附表7-扣除项目明细采集底稿'!V:V,"共同成本费用")) -> 0 | L77: =SUM(I77:K77) -> 0 | M77: =H77+L77 -> 0
A78: 73 | C78: 其它房地产开发费用 | E78: =IF($D$77="计算扣除",((E6-E10)+(E11-E75))*10%,((E6-E10)+(E11-E75))*5%) -> 0 | F78: =IF($D$77="计算扣除",((F6-F10)+(F11-F75))*10%,((F6-F10)+(F11-F75))*5%) -> 0 | G78: =IF($D$77="计算扣除",((G6-G10)+(G11-G75))*10%,((G6-G10)+(G11-G75))*5%) -> 0 | H78: =SUM(E78:G78) -> 0 | I78: =IF($D$77="计算扣除",((I6-I10)+(I11-I75))*10%,((I6-I10)+(I11-I75))*5%) -> 13987796 | J78: =IF($D$77="计算扣除",((J6-J10)+(J11-J75))*10%,((J6-J10)+(J11-J75))*5%) -> 0 | K78: =IF($D$77="计算扣除",((K6-K10)+(K11-K75))*10%,((K6-K10)+(K11-K75))*5%) -> 869268.3 | L78: =SUM(I78:K78) -> 14857064 | M78: =H78+L78 -> 14857064
A79: 74 | B79: 与转让房地产有关的税金 | E79: =SUM(E80:E84) -> 849325.62 | F79: =SUM(F80:F84) -> 0 | G79: =SUM(G80:G84) -> 0 | H79: =SUM(E79:G79) -> 849325.62 | M79: =H79+L79 -> 849325.62
A80: 75 | B80: 其中 | C80: 营业税 | E80: 0 | F80: 0 | G80: 0 | H80: =SUM(E80:G80) -> 0 | M80: =H80+L80 -> 0
A81: 76 | C81: 城市维护建设税 | E81: 426590.26 | F81: 0 | G81: 0 | H81: =SUM(E81:G81) -> 426590.26 | M81: =H81+L81 -> 426590.26
A82: 77 | C82: 教育费附加 | E82: 182824.3 | F82: 0 | G82: 0 | H82: =SUM(E82:G82) -> 182824.3 | M82: =H82+L82 -> 182824.3
A83: 78 | C83: 地方教育费附加 | E83: 121883.59 | F83: 0 | G83: 0 | H83: =SUM(E83:G83) -> 121883.59 | M83: =H83+L83 -> 121883.59
A84: 79 | C84: 其他税（费） | E84: 118027.47 | F84: 0 | G84: 0 | H84: =SUM(E84:G84) -> 118027.47 | M84: =H84+L84 -> 118027.47
A85: 80 | B85: 财政部规定的其他扣除项目 | E85: =((E6-E10)+(E11-E75))*20% -> 0 | F85: =((F6-F10)+(F11-F75))*20% -> 0 | G85: =((G6-G10)+(G11-G75))*20% -> 0 | H85: =SUM(E85:G85) -> 0 | I85: =((I6-I10)+(I11-I75))*20% -> 27975592 | J85: =((J6-J10)+(J11-J75))*20% -> 0 | K85: =((K6-K10)+(K11-K75))*20% -> 1738536.6 | L85: =SUM(I85:K85) -> 29714129 | M85: =H85+L85 -> 29714129
A86: 81 | B86: 代收费用 | E86: 0 | F86: 0 | G86: 0 | H86: =SUM(E86:G86) -> 0 | I86: 0 | J86: 0 | K86: 0 | L86: =SUM(I86:K86) -> 0 | M86: =H86+L86 -> 0
A87: 82 | B87: 合计 | E87: =E6+E11+E76+E79+E85+SUM(E86) -> 849325.62 | F87: =F6+F11+F76+F79+F85+SUM(F86) -> 0 | G87: =G6+G11+G76+G79+G85+SUM(G86) -> 0 | H87: =SUM(E87:G87) -> 849325.62 | I87: =I6+I11+I76+I79+I85+SUM(I86) -> 1.8184135e+08 | J87: =J6+J11+J76+J79+J85+SUM(J86) -> 0 | K87: =K6+K11+K76+K79+K85+SUM(K86) -> 11300488 | L87: =SUM(I87:K87) -> 1.9314184e+08 | M87: =H87+L87 -> 1.9399116e+08

Sheet 附表6-收入明细采集底稿
A1: T22100附表6-收入明细采集底稿
A2: =土地增值税税源明细表!F5&"："&土地增值税税源明细表!H5&" "&土地增值税税源明细表!A5&"："&土地增值税税源明细表!B5&" "&"金额单位:人民币元(列至角分)" -> 项目编码：Z65280120210001 项目名称：沁春锦苑三期 金额单位:人民币元(列至角分)
A3: 序号 | B3: 幢号 | C3: 单元号 | D3: *楼层 | E3: *房号 | F3: 不动产单元号 | G3: *房屋类型 | H3: *房屋状态 | I3: *收入类型 | J3: （网签）合同编号 | K3: *合同签订时间 | L3: 合同金额 | M3: 购房人姓名 | N3: 合同建筑面积（㎡） | O3: 合同套内面积（㎡） | P3: *实测建筑面积（㎡） | Q3: 实测套内面积（㎡） | R3: 朝向 | S3: 发票代码 | T3: 发票号码 | U3: 发票金额 | V3: 发票税额 | W3: 发票价税合计 | X3: *土地增值税应税收入 | Y3: 土地增值税应税单价 | Z3: 情况说明
A4: 总计 | B4: * | C4: * | D4: * | E4: * | F4: * | G4: * | H4: * | I4: * | J4: * | K4: * | L4: =SUM(L$7:L$1048575) -> 2.3622507e+08 | M4: * | N4: =SUM(N$7:N$1048575) -> 64074.09 | O4: =SUM(O$7:O$1048575) -> 0 | P4: =SUM(P$7:P$1048575) -> 64074.09 | Q4: =SUM(Q$7:Q$1048575) -> 0 | R4: * | S4: * | T4: * | U4: =SUM(U$7:U$1048575) -> 2.1672025e+08 | V4: =SUM(V$7:V$1048575) -> 19504823 | W4: =SUM(W$7:W$1048575) -> 2.3622507e+08 | X4: =SUM(X$7:X$1048575) -> 2.1672025e+08 | Y4: =IF(SUMIFS(X$7:X$1048575,H$7:H$1048575,"已售")=0,"*",ROUND(SUMIFS(X$7:X$1048575,H$7:H$1048575,"已售")/SUMIFS(P$7:P$1048575,H$7:H$1048575,"已售"),2)) -> 4289.61 | Z4: *
A5: 筛选小计 | B5: * | C5: * | D5: * | E5: * | F5: * | G5: * | H5: * | I5: * | J5: * | K5: * | L5: =SUBTOTAL(9,L$7:L$1048575) -> 0 | M5: * | N5: =SUBTOTAL(9,N$7:N$1048575) -> 3413.88 | O5: =SUBTOTAL(9,O$7:O$1048575) -> 0 | P5: =SUBTOTAL(9,P$7:P$1048575) -> 3413.88 | Q5: =SUBTOTAL(9,Q$7:Q$1048575) -> 0 | R5: * | S5: * | T5: * | U5: =SUBTOTAL(9,U$7:U$1048575) -> 0 | V5: =SUBTOTAL(9,V$7:V$1048575) -> 0 | W5: =SUBTOTAL(9,W$7:W$1048575) -> 0 | X5: =SUBTOTAL(9,X$7:X$1048575) -> 0 | Y5: =IF(AND(SUBTOTAL(3,K$7:K$1048575)=SUBTOTAL(3,P$7:P$1048575),SUBTOTAL(9,P$7:P$1048575)<>0),ROUND(SUBTOTAL(9,X$7:X$1048575)/SUBTOTAL(9,P$7:P$1048575),2),"*") -> 0 | Z5: *
A6: 列次 | B6: 1 | C6: 2 | D6: 3 | E6: 4 | F6: 5 | G6: 6 | H6: 7 | I6: 8 | J6: 9 | K6: 10 | L6: 11 | M6: 12 | N6: 13≥14 | O6: 14 | P6: 15≥16 | Q6: 16 | R6: 17 | S6: 18 | T6: 19 | U6: 20 | V6: 21 | W6: 22=20+21 | X6: 23 | Y6: 24=23÷15 | Z6: 25
A7: 1 | B7: 12 | C7: 1 | D7: 1 | E7: 101 | G7: 普通住宅 | H7: 已售 | I7: 货币收入 | J7: 20220002498 | K7: 2022-03-30 | L7: 1006272 | M7: 刘洁 | N7: 139.76 | P7: 139.76 | S7: 065002100105 | T7: 01500587 | U7: =ROUND(L7/1.09,2) -> 923185.32 | V7: =ROUND(U7*0.09,2) -> 83086.68 | W7: =SUM(U7)+SUM(V7) -> 1006272 | X7: 923185.32 | Y7: =IF(SUM(P7)=0,"",ROUND(SUM(X7)/SUM(P7),2)) -> 6605.5
A8: 2 | B8: 12 | C8: 1 | D8: 1 | E8: 102 | G8: 普通住宅 | H8: 已售 | I8: 货币收入 | J8: 20230005493 | K8: 2023-07-03 | L8: 945450 | M8: 明常飞 | N8: 139.35 | P8: 139.35 | S8: 065002100105 | T8: 01537165 | U8: =ROUND(L8/1.09,2) -> 867385.32 | V8: =ROUND(U8*0.09,2) -> 78064.68 | W8: =SUM(U8)+SUM(V8) -> 945450 | X8: 867385.32 | Y8: =IF(SUM(P8)=0,"",ROUND(SUM(X8)/SUM(P8),2)) -> 6224.51
A9: 3 | B9: 12 | C9: 1 | D9: 2 | E9: 201 | G9: 普通住宅 | H9: 已售 | I9: 货币收入 | J9: 20210006431 | K9: 2021-07-17 | L9: 636849 | M9: 李红杰 | N9: 139.76 | P9: 139.76 | S9: 065002100105 | T9: 01500577 | U9: =ROUND(L9/1.09,2) -> 584265.14 | V9: =ROUND(U9*0.09,2) -> 52583.86 | W9: =SUM(U9)+SUM(V9) -> 636849 | X9: 584265.14 | Y9: =IF(SUM(P9)=0,"",ROUND(SUM(X9)/SUM(P9),2)) -> 4180.49
A10: 4 | B10: 12 | C10: 1 | D10: 2 | E10: 202 | G10: 普通住宅 | H10: 已售 | I10: 货币收入 | J10: 20210005623 | K10: 2021-06-19 | L10: 600000 | M10: 邱耀民 | N10: 139.35 | P10: 139.35 | S10: 065002100105 | T10: 01500578 | U10: =ROUND(L10/1.09,2) -> 550458.72 | V10: =ROUND(U10*0.09,2) -> 49541.28 | W10: =SUM(U10)+SUM(V10) -> 600000 | X10: 550458.72 | Y10: =IF(SUM(P10)=0,"",ROUND(SUM(X10)/SUM(P10),2)) -> 3950.19
A11: 5 | B11: 12 | C11: 1 | D11: 3 | E11: 301 | G11: 普通住宅 | H11: 已售 | I11: 货币收入 | J11: 20210003456 | K11: 2021-04-17 | L11: 599000 | M11: 徐佳钰、侯建新 | N11: 139.76 | P11: 139.76 | S11: 065002100105 | T11: 01500581 | U11: =ROUND(L11/1.09,2) -> 549541.28 | V11: =ROUND(U11*0.09,2) -> 49458.72 | W11: =SUM(U11)+SUM(V11) -> 599000 | X11: 549541.28 | Y11: =IF(SUM(P11)=0,"",ROUND(SUM(X11)/SUM(P11),2)) -> 3932.04
A12: 6 | B12: 12 | C12: 1 | D12: 3 | E12: 302 | G12: 普通住宅 | H12: 已售 | I12: 货币收入 | J12: 20210002583 | K12: 2021-03-18 | L12: 597075 | M12: 裴进东、王璐璐 | N12: 139.35 | P12: 139.35 | S12: 065002100105 | T12: 01500582 | U12: =ROUND(L12/1.09,2) -> 547775.23 | V12: =ROUND(U12*0.09,2) -> 49299.77 | W12: =SUM(U12)+SUM(V12) -> 597075 | X12: 547775.23 | Y12: =IF(SUM(P12)=0,"",ROUND(SUM(X12)/SUM(P12),2)) -> 3930.93
A13: 7 | B13: 12 | C13: 1 | D13: 4 | E13: 401 | G13: 普通住宅 | H13: 已售 | I13: 货币收入 | J13: 20210003995 | K13: 2021-05-07 | L13: 610000 | M13: 张春龙 | N13: 139.76 | P13: 139.76 | S13: 065002100105 | T13: 01537114 | U13: =ROUND(L13/1.09,2) -> 559633.03 | V13: =ROUND(U13*0.09,2) -> 50366.97 | W13: =SUM(U13)+SUM(V13) -> 610000 | X13: 559633.03 | Y13: =IF(SUM(P13)=0,"",ROUND(SUM(X13)/SUM(P13),2)) -> 4004.24
A14: 8 | B14: 12 | C14: 1 | D14: 4 | E14: 402 | G14: 普通住宅 | H14: 已售 | I14: 货币收入 | J14: 20210005786 | K14: 2021-06-25 | L14: 605436 | M14: 王华、张翠玲 | N14: 139.35 | P14: 139.35 | S14: 065002100105 | T14: 01500583 | U14: =ROUND(L14/1.09,2) -> 555445.87 | V14: =ROUND(U14*0.09,2) -> 49990.13 | W14: =SUM(U14)+SUM(V14) -> 605436 | X14: 555445.87 | Y14: =IF(SUM(P14)=0,"",ROUND(SUM(X14)/SUM(P14),2)) -> 3985.98
A15: 9 | B15: 12 | C15: 1 | D15: 5 | E15: 501 | G15: 普通住宅 | H15: 已售 | I15: 货币收入 | J15: 20210008548 | K15: 2021-09-02 | L15: 619884 | M15: 艾尔登高娃 | N15: 139.76 | P15: 139.76 | S15: 065002100105 | T15: 01500584 | U15: =ROUND(L15/1.09,2) -> 568700.92 | V15: =ROUND(U15*0.09,2) -> 51183.08 | W15: =SUM(U15)+SUM(V15) -> 619884 | X15: 568700.92 | Y15: =IF(SUM(P15)=0,"",ROUND(SUM(X15)/SUM(P15),2)) -> 4069.13
A16: 10 | B16: 12 | C16: 1 | D16: 5 | E16: 502 | G16: 普通住宅 | H16: 已售 | I16: 货币收入 | J16: 20210001557 | K16: 2021-02-18 | L16: 588435 | M16: 陈攀、闫金凤 | N16: 139.35 | P16: 139.35 | S16: 065002100105 | T16: 01500585 | U16: =ROUND(L16/1.09,2) -> 539848.62 | V16: =ROUND(U16*0.09,2) -> 48586.38 | W16: =SUM(U16)+SUM(V16) -> 588435 | X16: 539848.62 | Y16: =IF(SUM(P16)=0,"",ROUND(SUM(X16)/SUM(P16),2)) -> 3874.05
A17: 11 | B17: 12 | C17: 1 | D17: 6 | E17: 601 | G17: 普通住宅 | H17: 已售 | I17: 货币收入 | J17: 20210003122 | K17: 2021-04-03 | L17: 616666 | M17: 于飞翔 | N17: 139.76 | P17: 139.76 | S17: 065002100105 | T17: 01500588 | U17: =ROUND(L17/1.09,2) -> 565748.62 | V17: =ROUND(U17*0.09,2) -> 50917.38 | W17: =SUM(U17)+SUM(V17) -> 616666 | X17: 565748.62 | Y17: =IF(SUM(P17)=0,"",ROUND(SUM(X17)/SUM(P17),2)) -> 4048
A18: 12 | B18: 12 | C18: 1 | D18: 6 | E18: 602 | G18: 普通住宅 | H18: 已售 | I18: 货币收入 | J18: 20210005229 | K18: 2021-06-05 | L18: 600000 | M18: 何俊 | N18: 139.35 | P18: 139.35 | S18: 065002100105 | T18: 01500589 | U18: =ROUND(L18/1.09,2) -> 550458.72 | V18: =ROUND(U18*0.09,2) -> 49541.28 | W18: =SUM(U18)+SUM(V18) -> 600000 | X18: 550458.72 | Y18: =IF(SUM(P18)=0,"",ROUND(SUM(X18)/SUM(P18),2)) -> 3950.19
... A28: 22 | B28: 12 | C28: 1 | D28: 11 | E28: 1102 | G28: 普通住宅 | H28: 已售 | I28: 货币收入 | J28: 20210010703 | K28: 2021-10-18 | L28: 625084 | M28: 黄海鹏 | N28: 139.35 | P28: 139.35 | S28: 065002100105 | T28: 01500595 | U28: =ROUND(L28/1.09,2) -> 573471.56 | V28: =ROUND(U28*0.09,2) -> 51612.44 | W28: =SUM(U28)+SUM(V28) -> 625084 | X28: 573471.56 | Y28: =IF(SUM(P28)=0,"",ROUND(SUM(X28)/SUM(P28),2)) -> 4115.33
A29: 23 | B29: 12 | C29: 1 | D29: -1 | E29: -101 | G29: 其他营业性房产 | H29: 未售 | N29: 10.09 | P29: 10.09 | W29: =SUM(U29)+SUM(V29) -> 0 | X29: 0 | Y29: =IF(SUM(P29)=0,"",ROUND(SUM(X29)/SUM(P29),2)) -> 0
A30: 24 | B30: 12 | C30: 1 | D30: -1 | E30: -102 | G30: 其他营业性房产 | H30: 未售 | N30: 8.78 | P30: 8.78 | W30: =SUM(U30)+SUM(V30) -> 0 | X30: 0 | Y30: =IF(SUM(P30)=0,"",ROUND(SUM(X30)/SUM(P30),2)) -> 0
A31: 25 | B31: 12 | C31: 1 | D31: -1 | E31: -103 | G31: 其他营业性房产 | H31: 未售 | N31: 9.21 | P31: 9.21 | W31: =SUM(U31)+SUM(V31) -> 0 | X31: 0 | Y31: =IF(SUM(P31)=0,"",ROUND(SUM(X31)/SUM(P31),2)) -> 0
A32: 26 | B32: 12 | C32: 1 | D32: -1 | E32: -104 | G32: 其他营业性房产 | H32: 未售 | N32: 8.78 | P32: 8.78 | W32: =SUM(U32)+SUM(V32) -> 0 | X32: 0 | Y32: =IF(SUM(P32)=0,"",ROUND(SUM(X32)/SUM(P32),2)) -> 0
A33: 27 | B33: 12 | C33: 1 | D33: -1 | E33: -105 | G33: 其他营业性房产 | H33: 未售 | N33: 8.06 | P33: 8.06 | W33: =SUM(U33)+SUM(V33) -> 0 | X33: 0 | Y33: =IF(SUM(P33)=0,"",ROUND(SUM(X33)/SUM(P33),2)) -> 0
A34: 28 | B34: 12 | C34: 1 | D34: -1 | E34: -106 | G34: 其他营业性房产 | H34: 未售 | N34: 75.26 | P34: 75.26 | W34: =SUM(U34)+SUM(V34) -> 0 | X34: 0 | Y34: =IF(SUM(P34)=0,"",ROUND(SUM(X34)/SUM(P34),2)) -> 0
A35: 29 | B35: 12 | C35: 1 | D35: -1 | E35: -107 | G35: 其他营业性房产 | H35: 未售 | N35: 7.94 | P35: 7.94 | W35: =SUM(U35)+SUM(V35) -> 0 | X35: 0 | Y35: =IF(SUM(P35)=0,"",ROUND(SUM(X35)/SUM(P35),2)) -> 0
A36: 30 | B36: 12 | C36: 1 | D36: -1 | E36: -108 | G36: 其他营业性房产 | H36: 未售 | N36: 8.19 | P36: 8.19 | W36: =SUM(U36)+SUM(V36) -> 0 | X36: 0 | Y36: =IF(SUM(P36)=0,"",ROUND(SUM(X36)/SUM(P36),2)) -> 0
A37: 31 | B37: 12 | C37: 1 | D37: -1 | E37: -109 | G37: 其他营业性房产 | H37: 未售 | N37: 8.19 | P37: 8.19 | W37: =SUM(U37)+SUM(V37) -> 0 | X37: 0 | Y37: =IF(SUM(P37)=0,"",ROUND(SUM(X37)/SUM(P37),2)) -> 0
A38: 32 | B38: 12 | C38: 1 | D38: -1 | E38: -110 | G38: 其他营业性房产 | H38: 未售 | N38: 7.94 | P38: 7.94 | W38: =SUM(U38)+SUM(V38) -> 0 | X38: 0 | Y38: =IF(SUM(P38)=0,"",ROUND(SUM(X38)/SUM(P38),2)) -> 0
A39: 33 | B39: 12 | C39: 1 | D39: -1 | E39: -111 | G39: 其他营业性房产 | H39: 未售 | N39: 75.26 | P39: 75.26 | W39: =SUM(U39)+SUM(V39) -> 0 | X39: 0 | Y39: =IF(SUM(P39)=0,"",ROUND(SUM(X39)/SUM(P39),2)) -> 0
A40: 34 | B40: 12 | C40: 1 | D40: -1 | E40: -112 | G40: 其他营业性房产 | H40: 未售 | N40: 8.06 | P40: 8.06 | W40: =SUM(U40)+SUM(V40) -> 0 | X40: 0 | Y40: =IF(SUM(P40)=0,"",ROUND(SUM(X40)/SUM(P40),2)) -> 0
... A44: 38 | B44: 12 | C44: 1 | D44: -1 | E44: -116 | G44: 其他营业性房产 | H44: 未售 | N44: 8.78 | P44: 8.78 | W44: =SUM(U44)+SUM(V44) -> 0 | X44: 0 | Y44: =IF(SUM(P44)=0,"",ROUND(SUM(X44)/SUM(P44),2)) -> 0
A45: 39 | B45: 12 | C45: 2 | D45: 1 | E45: 101 | G45: 普通住宅 | H45: 已售 | I45: 货币收入 | J45: 20230002980 | K45: 2023-04-01 | L45: 1000000 | M45: 刘元华 | N45: 139.35 | P45: 139.35 | S45: 065002100105 | T45: 01537127 | U45: =ROUND(L45/1.09,2) -> 917431.19 | V45: =ROUND(U45*0.09,2) -> 82568.81 | W45: =SUM(U45)+SUM(V45) -> 1000000 | X45: 917431.19 | Y45: =IF(SUM(P45)=0,"",ROUND(SUM(X45)/SUM(P45),2)) -> 6583.65
A46: 40 | B46: 12 | C46: 2 | D46: 1 | E46: 102 | G46: 普通住宅 | H46: 已售 | I46: 货币收入 | J46: 20210013374 | K46: 2021-12-22 | L46: 948320 | M46: 李萍 | N46: 139.76 | P46: 139.76 | S46: 065002100105 | T46: 01500596 | U46: =ROUND(L46/1.09,2) -> 870018.35 | V46: =ROUND(U46*0.09,2) -> 78301.65 | W46: =SUM(U46)+SUM(V46) -> 948320 | X46: 870018.35 | Y46: =IF(SUM(P46)=0,"",ROUND(SUM(X46)/SUM(P46),2)) -> 6225.09
A47: 41 | B47: 12 | C47: 2 | D47: 2 | E47: 201 | G47: 普通住宅 | H47: 已售 | I47: 货币收入 | J47: 20210007190 | K47: 2021-08-03 | L47: 602000 | M47: 黄范 | N47: 139.35 | P47: 139.35 | S47: 065002100105 | T47: 01500597 | U47: =ROUND(L47/1.09,2) -> 552293.58 | V47: =ROUND(U47*0.09,2) -> 49706.42 | W47: =SUM(U47)+SUM(V47) -> 602000 | X47: 552293.58 | Y47: =IF(SUM(P47)=0,"",ROUND(SUM(X47)/SUM(P47),2)) -> 3963.36
A48: 42 | B48: 12 | C48: 2 | D48: 2 | E48: 202 | G48: 普通住宅 | H48: 已售 | I48: 货币收入 | J48: 20220003123 | K48: 2022-04-25 | L48: 597000 | M48: 赵书红、蒲以平 | N48: 139.76 | P48: 139.76 | S48: 065002100105 | T48: 01500598 | U48: =ROUND(L48/1.09,2) -> 547706.42 | V48: =ROUND(U48*0.09,2) -> 49293.58 | W48: =SUM(U48)+SUM(V48) -> 597000 | X48: 547706.42 | Y48: =IF(SUM(P48)=0,"",ROUND(SUM(X48)/SUM(P48),2)) -> 3918.91
A49: 43 | B49: 12 | C49: 2 | D49: 3 | E49: 301 | G49: 普通住宅 | H49: 已售 | I49: 货币收入 | J49: 20210007364 | K49: 2021-08-08 | L49: 596666 | M49: 朱烨铖 | N49: 139.35 | P49: 139.35 | S49: 065002100105 | T49: 01537118 | U49: =ROUND(L49/1.09,2) -> 547400 | V49: =ROUND(U49*0.09,2) -> 49266 | W49: =SUM(U49)+SUM(V49) -> 596666 | X49: 547400 | Y49: =IF(SUM(P49)=0,"",ROUND(SUM(X49)/SUM(P49),2)) -> 3928.24
A50: 44 | B50: 12 | C50: 2 | D50: 3 | E50: 302 | G50: 普通住宅 | H50: 已售 | I50: 货币收入 | J50: 20210003071 | K50: 2021-04-01 | L50: 597522 | M50: 张杨 | N50: 139.76 | P50: 139.76 | S50: 065002100105 | T50: 01500599 | U50: =ROUND(L50/1.09,2) -> 548185.32 | V50: =ROUND(U50*0.09,2) -> 49336.68 | W50: =SUM(U50)+SUM(V50) -> 597522 | X50: 548185.32 | Y50: =IF(SUM(P50)=0,"",ROUND(SUM(X50)/SUM(P50),2)) -> 3922.33
A51: 45 | B51: 12 | C51: 2 | D51: 4 | E51: 401 | G51: 普通住宅 | H51: 已售 | I51: 货币收入 | J51: 20210012226 | K51: 2021-11-26 | L51: 663963 | M51: 艾霞 | N51: 139.35 | P51: 139.35 | S51: 065002100105 | T51: 01500600 | U51: =ROUND(L51/1.09,2) -> 609140.37 | V51: =ROUND(U51*0.09,2) -> 54822.63 | W51: =SUM(U51)+SUM(V51) -> 663963 | X51: 609140.37 | Y51: =IF(SUM(P51)=0,"",ROUND(SUM(X51)/SUM(P51),2)) -> 4371.3
A52: 46 | B52: 12 | C52: 2 | D52: 4 | E52: 402 | G52: 普通住宅 | H52: 已售 | I52: 货币收入 | J52: 20210000001 | K52: 2021-01-01 | L52: 581882 | M52: 王同越 | N52: 139.76 | P52: 139.76 | S52: 065002100105 | T52: 01500601 | U52: =ROUND(L52/1.09,2) -> 533836.7 | V52: =ROUND(U52*0.09,2) -> 48045.3 | W52: =SUM(U52)+SUM(V52) -> 581882 | X52: 533836.7 | Y52: =IF(SUM(P52)=0,"",ROUND(SUM(X52)/SUM(P52),2)) -> 3819.67
A53: 47 | B53: 12 | C53: 2 | D53: 5 | E53: 501 | G53: 普通住宅 | H53: 已售 | I53: 货币收入 | J53: 20210002904 | K53: 2021-03-28 | L53: 608223 | M53: 卢超 | N53: 139.35 | P53: 139.35 | S53: 065002100105 | T53: 01500602 | U53: =ROUND(L53/1.09,2) -> 558002.75 | V53: =ROUND(U53*0.09,2) -> 50220.25 | W53: =SUM(U53)+SUM(V53) -> 608223 | X53: 558002.75 | Y53: =IF(SUM(P53)=0,"",ROUND(SUM(X53)/SUM(P53),2)) -> 4004.33
A54: 48 | B54: 12 | C54: 2 | D54: 5 | E54: 502 | G54: 普通住宅 | H54: 已售 | I54: 货币收入 | J54: 20200012197 | K54: 2020-12-11 | L54: 584804 | M54: 郭迪 | N54: 139.76 | P54: 139.76 | S54: 065002100105 | T54: 01500603 | U54: =ROUND(L54/1.09,2) -> 536517.43 | V54: =ROUND(U54*0.09,2) -> 48286.57 | W54: =SUM(U54)+SUM(V54) -> 584804 | X54: 536517.43 | Y54: =IF(SUM(P54)=0,"",ROUND(SUM(X54)/SUM(P54),2)) -> 3838.85
A55: 49 | B55: 12 | C55: 2 | D55: 6 | E55: 601 | G55: 普通住宅 | H55: 已售 | I55: 货币收入 | J55: 20210004176 | K55: 2021-05-13 | L55: 615191 | M55: 乔淑红 | N55: 139.35 | P55: 139.35 | S55: 065002100105 | T55: 01500604 | U55: =ROUND(L55/1.09,2) -> 564395.41 | V55: =ROUND(U55*0.09,2) -> 50795.59 | W55: =SUM(U55)+SUM(V55) -> 615191 | X55: 564395.41 | Y55: =IF(SUM(P55)=0,"",ROUND(SUM(X55)/SUM(P55),2)) -> 4050.2
A56: 50 | B56: 12 | C56: 2 | D56: 6 | E56: 602 | G56: 普通住宅 | H56: 已售 | I56: 货币收入 | J56: 20210004907 | K56: 2021-05-27 | L56: 593960 | M56: 范绪盛 | N56: 139.76 | P56: 139.76 | S56: 065002100105 | T56: 01500605 | U56: =ROUND(L56/1.09,2) -> 544917.43 | V56: =ROUND(U56*0.09,2) -> 49042.57 | W56: =SUM(U56)+SUM(V56) -> 593960 | X56: 544917.43 | Y56: =IF(SUM(P56)=0,"",ROUND(SUM(X56)/SUM(P56),2)) -> 3898.95
... A66: 60 | B66: 12 | C66: 2 | D66: 11 | E66: 1102 | G66: 普通住宅 | H66: 已售 | I66: 货币收入 | J66: 20210003450 | K66: 2021-04-17 | L66: 616666 | M66: 韩雪娥、马鹏飞 | N66: 139.76 | P66: 139.76 | S66: 065002100105 | T66: 01500614 | U66: =ROUND(L66/1.09,2) -> 565748.62 | V66: =ROUND(U66*0.09,2) -> 50917.38 | W66: =SUM(U66)+SUM(V66) -> 616666 | X66: 565748.62 | Y66: =IF(SUM(P66)=0,"",ROUND(SUM(X66)/SUM(P66),2)) -> 4048
A67: 61 | B67: 12 | C67: 2 | D67: -1 | E67: -201 | G67: 其他营业性房产 | H67: 未售 | N67: 10.09 | P67: 10.09 | W67: =SUM(U67)+SUM(V67) -> 0 | X67: 0 | Y67: =IF(SUM(P67)=0,"",ROUND(SUM(X67)/SUM(P67),2)) -> 0
A68: 62 | B68: 12 | C68: 2 | D68: -1 | E68: -202 | G68: 其他营业性房产 | H68: 未售 | N68: 8.78 | P68: 8.78 | W68: =SUM(U68)+SUM(V68) -> 0 | X68: 0 | Y68: =IF(SUM(P68)=0,"",ROUND(SUM(X68)/SUM(P68),2)) -> 0
A69: 63 | B69: 12 | C69: 2 | D69: -1 | E69: -203 | G69: 其他营业性房产 | H69: 未售 | N69: 9.21 | P69: 9.21 | W69: =SUM(U69)+SUM(V69) -> 0 | X69: 0 | Y69: =IF(SUM(P69)=0,"",ROUND(SUM(X69)/SUM(P69),2)) -> 0
A70: 64 | B70: 12 | C70: 2 | D70: -1 | E70: -204 | G70: 其他营业性房产 | H70: 未售 | N70: 8.78 | P70: 8.78 | W70: =SUM(U70)+SUM(V70) -> 0 | X70: 0 | Y70: =IF(SUM(P70)=0,"",ROUND(SUM(X70)/SUM(P70),2)) -> 0
A71: 65 | B71: 12 | C71: 2 | D71: -1 | E71: -205 | G71: 其他营业性房产 | H71: 未售 | N71: 8.06 | P71: 8.06 | W71: =SUM(U71)+SUM(V71) -> 0 | X71: 0 | Y71: =IF(SUM(P71)=0,"",ROUND(SUM(X71)/SUM(P71),2)) -> 0
A72: 66 | B72: 12 | C72: 2 | D72: -1 | E72: -206 | G72: 其他营业性房产 | H72: 未售 | N72: 75.26 | P72: 75.26 | W72: =SUM(U72)+SUM(V72) -> 0 | X72: 0 | Y72: =IF(SUM(P72)=0,"",ROUND(SUM(X72)/SUM(P72),2)) -> 0
A73: 67 | B73: 12 | C73: 2 | D73: -1 | E73: -207 | G73: 其他营业性房产 | H73: 未售 | N73: 7.94 | P73: 7.94 | W73: =SUM(U73)+SUM(V73) -> 0 | X73: 0 | Y73: =IF(SUM(P73)=0,"",ROUND(SUM(X73)/SUM(P73),2)) -> 0
A74: 68 | B74: 12 | C74: 2 | D74: -1 | E74: -208 | G74: 其他营业性房产 | H74: 未售 | N74: 8.19 | P74: 8.19 | W74: =SUM(U74)+SUM(V74) -> 0 | X74: 0 | Y74: =IF(SUM(P74)=0,"",ROUND(SUM(X74)/SUM(P74),2)) -> 0
A75: 69 | B75: 12 | C75: 2 | D75: -1 | E75: -209 | G75: 其他营业性房产 | H75: 未售 | N75: 8.19 | P75: 8.19 | W75: =SUM(U75)+SUM(V75) -> 0 | X75: 0 | Y75: =IF(SUM(P75)=0,"",ROUND(SUM(X75)/SUM(P75),2)) -> 0
A76: 70 | B76: 12 | C76: 2 | D76: -1 | E76: -210 | G76: 其他营业性房产 | H76: 未售 | N76: 7.94 | P76: 7.94 | W76: =SUM(U76)+SUM(V76) -> 0 | X76: 0 | Y76: =IF(SUM(P76)=0,"",ROUND(SUM(X76)/SUM(P76),2)) -> 0
A77: 71 | B77: 12 | C77: 2 | D77: -1 | E77: -211 | G77: 其他营业性房产 | H77: 未售 | N77: 75.26 | P77: 75.26 | W77: =SUM(U77)+SUM(V77) -> 0 | X77: 0 | Y77: =IF(SUM(P77)=0,"",ROUND(SUM(X77)/SUM(P77),2)) -> 0
A78: 72 | B78: 12 | C78: 2 | D78: -1 | E78: -212 | G78: 其他营业性房产 | H78: 未售 | N78: 8.06 | P78: 8.06 | W78: =SUM(U78)+SUM(V78) -> 0 | X78: 0 | Y78: =IF(SUM(P78)=0,"",ROUND(SUM(X78)/SUM(P78),2)) -> 0
... A82: 76 | B82: 12 | C82: 2 | D82: -1 | E82: -216 | G82: 其他营业性房产 | H82: 未售 | N82: 8.78 | P82: 8.78 | W82: =SUM(U82)+SUM(V82) -> 0 | X82: 0 | Y82: =IF(SUM(P82)=0,"",ROUND(SUM(X82)/SUM(P82),2)) -> 0
A83: 77 | B83: 13 | C83: 1 | D83: 1 | E83: 101 | G83: 普通住宅 | H83: 已售 | I83: 货币收入 | J83: 20230004082 | K83: 2023-05-12 | L83: 883400 | M83: 李书平、唐敏桂 | N83: 126.2 | P83: 126.2 | S83: 065002100105 | T83: 01537140 | U83: =ROUND(L83/1.09,2) -> 810458.72 | V83: =ROUND(U83*0.09,2) -> 72941.28 | W83: =SUM(U83)+SUM(V83) -> 883400 | X83: 810458.72 | Y83: =IF(SUM(P83)=0,"",ROUND(SUM(X83)/SUM(P83),2)) -> 6422.02
A84: 78 | B84: 13 | C84: 1 | D84: 1 | E84: 102 | G84: 普通住宅 | H84: 已售 | I84: 货币收入 | J84: 20230008251 | K84: 2023-10-08 | L84: 890000 | M84: 马海龙 | N84: 125.72 | P84: 125.72 | S84: 065002100105 | T84: 01537200 | U84: =ROUND(L84/1.09,2) -> 816513.76 | V84: =ROUND(U84*0.09,2) -> 73486.24 | W84: =SUM(U84)+SUM(V84) -> 890000 | X84: 816513.76 | Y84: =IF(SUM(P84)=0,"",ROUND(SUM(X84)/SUM(P84),2)) -> 6494.7
A85: 79 | B85: 13 | C85: 1 | D85: 2 | E85: 201 | G85: 普通住宅 | H85: 已售 | I85: 货币收入 | J85: 20210001635 | K85: 2021-02-21 | L85: 521958 | M85: 丁杰 | N85: 126.2 | P85: 126.2 | S85: 065002100105 | T85: 01500615 | U85: =ROUND(L85/1.09,2) -> 478860.55 | V85: =ROUND(U85*0.09,2) -> 43097.45 | W85: =SUM(U85)+SUM(V85) -> 521958 | X85: 478860.55 | Y85: =IF(SUM(P85)=0,"",ROUND(SUM(X85)/SUM(P85),2)) -> 3794.46
A86: 80 | B86: 13 | C86: 1 | D86: 2 | E86: 202 | G86: 普通住宅 | H86: 已售 | I86: 货币收入 | J86: 20200012179 | K86: 2020-12-11 | L86: 522184 | M86: 张长江、饶隆青 | N86: 125.82 | P86: 125.82 | S86: 065002100105 | T86: 01500617 | U86: =ROUND(L86/1.09,2) -> 479067.89 | V86: =ROUND(U86*0.09,2) -> 43116.11 | W86: =SUM(U86)+SUM(V86) -> 522184 | X86: 479067.89 | Y86: =IF(SUM(P86)=0,"",ROUND(SUM(X86)/SUM(P86),2)) -> 3807.57
A87: 81 | B87: 13 | C87: 1 | D87: 3 | E87: 301 | G87: 普通住宅 | H87: 已售 | I87: 货币收入 | J87: 20210001597 | K87: 2021-02-19 | L87: 535000 | M87: 邵建忠、刘革 | N87: 126.2 | P87: 126.2 | S87: 065002100105 | T87: 01500657 | U87: =ROUND(L87/1.09,2) -> 490825.69 | V87: =ROUND(U87*0.09,2) -> 44174.31 | W87: =SUM(U87)+SUM(V87) -> 535000 | X87: 490825.69 | Y87: =IF(SUM(P87)=0,"",ROUND(SUM(X87)/SUM(P87),2)) -> 3889.27
A88: 82 | B88: 13 | C88: 1 | D88: 3 | E88: 302 | G88: 普通住宅 | H88: 已售 | I88: 货币收入 | J88: 20200012243 | K88: 2020-12-13 | L88: 528756 | M88: 岳雷 | N88: 125.82 | P88: 125.82 | S88: 065002100105 | T88: 01500618 | U88: =ROUND(L88/1.09,2) -> 485097.25 | V88: =ROUND(U88*0.09,2) -> 43658.75 | W88: =SUM(U88)+SUM(V88) -> 528756 | X88: 485097.25 | Y88: =IF(SUM(P88)=0,"",ROUND(SUM(X88)/SUM(P88),2)) -> 3855.49
A89: 83 | B89: 13 | C89: 1 | D89: 4 | E89: 401 | G89: 普通住宅 | H89: 已售 | I89: 货币收入 | J89: 20210001680 | K89: 2021-02-23 | L89: 537247 | M89: 杨爱姣、申玉峰 | N89: 126.2 | P89: 126.2 | S89: 065002100105 | T89: 01500619 | U89: =ROUND(L89/1.09,2) -> 492887.16 | V89: =ROUND(U89*0.09,2) -> 44359.84 | W89: =SUM(U89)+SUM(V89) -> 537247 | X89: 492887.16 | Y89: =IF(SUM(P89)=0,"",ROUND(SUM(X89)/SUM(P89),2)) -> 3905.6
A90: 84 | B90: 13 | C90: 1 | D90: 4 | E90: 402 | G90: 普通住宅 | H90: 已售 | I90: 货币收入 | J90: 20200012157 | K90: 2020-12-10 | L90: 534910 | M90: 王明德、柯德存 | N90: 125.82 | P90: 125.82 | S90: 065002100105 | T90: 01500620 | U90: =ROUND(L90/1.09,2) -> 490743.12 | V90: =ROUND(U90*0.09,2) -> 44166.88 | W90: =SUM(U90)+SUM(V90) -> 534910 | X90: 490743.12 | Y90: =IF(SUM(P90)=0,"",ROUND(SUM(X90)/SUM(P90),2)) -> 3900.36
A91: 85 | B91: 13 | C91: 1 | D91: 5 | E91: 501 | G91: 普通住宅 | H91: 已售 | I91: 货币收入 | J91: 20200012236 | K91: 2020-12-12 | L91: 543421 | M91: 李成福 | N91: 126.2 | P91: 126.2 | S91: 065001800105 | T91: 09178452 | U91: =ROUND(L91/1.09,2) -> 498551.38 | V91: =ROUND(U91*0.09,2) -> 44869.62 | W91: =SUM(U91)+SUM(V91) -> 543421 | X91: 498551.38 | Y91: =IF(SUM(P91)=0,"",ROUND(SUM(X91)/SUM(P91),2)) -> 3950.49
A92: 86 | B92: 13 | C92: 1 | D92: 5 | E92: 502 | G92: 普通住宅 | H92: 已售 | I92: 货币收入 | J92: 20200012240 | K92: 2020-12-12 | L92: 538706 | M92: 赵正海、李成 | N92: 125.82 | P92: 125.82 | S92: 065002100105 | T92: 01500541 | U92: =ROUND(L92/1.09,2) -> 494225.69 | V92: =ROUND(U92*0.09,2) -> 44480.31 | W92: =SUM(U92)+SUM(V92) -> 538706 | X92: 494225.69 | Y92: =IF(SUM(P92)=0,"",ROUND(SUM(X92)/SUM(P92),2)) -> 3928.04
A93: 87 | B93: 13 | C93: 1 | D93: 6 | E93: 601 | G93: 普通住宅 | H93: 已售 | I93: 货币收入 | J93: 20210005109 | K93: 2021-06-02 | L93: 549595 | M93: 鲜小云 | N93: 126.2 | P93: 126.2 | S93: 065002100105 | T93: 01500621 | U93: =ROUND(L93/1.09,2) -> 504215.6 | V93: =ROUND(U93*0.09,2) -> 45379.4 | W93: =SUM(U93)+SUM(V93) -> 549595 | X93: 504215.6 | Y93: =IF(SUM(P93)=0,"",ROUND(SUM(X93)/SUM(P93),2)) -> 3995.37
A94: 88 | B94: 13 | C94: 1 | D94: 6 | E94: 602 | G94: 普通住宅 | H94: 已售 | I94: 货币收入 | J94: 20210004995 | K94: 2021-05-30 | L94: 584002 | M94: 王朝阳、徐东梅 | N94: 125.82 | P94: 125.82 | S94: 065002100105 | T94: 01500624 | U94: =ROUND(L94/1.09,2) -> 535781.65 | V94: =ROUND(U94*0.09,2) -> 48220.35 | W94: =SUM(U94)+SUM(V94) -> 584002 | X94: 535781.65 | Y94: =IF(SUM(P94)=0,"",ROUND(SUM(X94)/SUM(P94),2)) -> 4258.32
... A98: 92 | B98: 13 | C98: 1 | D98: 8 | E98: 802 | G98: 普通住宅 | H98: 已售 | I98: 货币收入 | J98: 20210003897 | K98: 2021-05-05 | L98: 565000 | M98: 王禄合、董晓明 | N98: 125.82 | P98: 125.82 | S98: 065002100105 | T98: 01500627 | U98: =ROUND(L98/1.09,2) -> 518348.62 | V98: =ROUND(U98*0.09,2) -> 46651.38 | W98: =SUM(U98)+SUM(V98) -> 565000 | X98: 518348.62 | Y98: =IF(SUM(P98)=0,"",ROUND(SUM(X98)/SUM(P98),2)) -> 4119.76
A99: 93 | B99: 13 | C99: 1 | D99: -1 | E99: -101 | G99: 其他营业性房产 | H99: 未售 | N99: 12.73 | P99: 12.73 | W99: =SUM(U99)+SUM(V99) -> 0 | X99: 0 | Y99: =IF(SUM(P99)=0,"",ROUND(SUM(X99)/SUM(P99),2)) -> 0
A100: 94 | B100: 13 | C100: 1 | D100: -1 | E100: -102 | G100: 其他营业性房产 | H100: 未售 | N100: 6.08 | P100: 6.08 | W100: =SUM(U100)+SUM(V100) -> 0 | X100: 0 | Y100: =IF(SUM(P100)=0,"",ROUND(SUM(X100)/SUM(P100),2)) -> 0
A101: 95 | B101: 13 | C101: 1 | D101: -1 | E101: -103 | G101: 其他营业性房产 | H101: 未售 | N101: 6.64 | P101: 6.64 | W101: =SUM(U101)+SUM(V101) -> 0 | X101: 0 | Y101: =IF(SUM(P101)=0,"",ROUND(SUM(X101)/SUM(P101),2)) -> 0
A102: 96 | B102: 13 | C102: 1 | D102: -1 | E102: -104 | G102: 其他营业性房产 | H102: 未售 | N102: 9.03 | P102: 9.03 | W102: =SUM(U102)+SUM(V102) -> 0 | X102: 0 | Y102: =IF(SUM(P102)=0,"",ROUND(SUM(X102)/SUM(P102),2)) -> 0
A103: 97 | B103: 13 | C103: 1 | D103: -1 | E103: -105 | G103: 其他营业性房产 | H103: 未售 | N103: 7.33 | P103: 7.33 | W103: =SUM(U103)+SUM(V103) -> 0 | X103: 0 | Y103: =IF(SUM(P103)=0,"",ROUND(SUM(X103)/SUM(P103),2)) -> 0
A104: 98 | B104: 13 | C104: 1 | D104: -1 | E104: -106 | G104: 其他营业性房产 | H104: 未售 | N104: 60.47 | P104: 60.47 | W104: =SUM(U104)+SUM(V104) -> 0 | X104: 0 | Y104: =IF(SUM(P104)=0,"",ROUND(SUM(X104)/SUM(P104),2)) -> 0
A105: 99 | B105: 13 | C105: 1 | D105: -1 | E105: -107 | G105: 其他营业性房产 | H105: 未售 | N105: 7.88 | P105: 7.88 | W105: =SUM(U105)+SUM(V105) -> 0 | X105: 0 | Y105: =IF(SUM(P105)=0,"",ROUND(SUM(X105)/SUM(P105),2)) -> 0
A106: 100 | B106: 13 | C106: 1 | D106: -1 | E106: -108 | G106: 其他营业性房产 | H106: 未售 | N106: 8.66 | P106: 8.66 | W106: =SUM(U106)+SUM(V106) -> 0 | X106: 0 | Y106: =IF(SUM(P106)=0,"",ROUND(SUM(X106)/SUM(P106),2)) -> 0
A107: 101 | B107: 13 | C107: 1 | D107: -1 | E107: -109 | G107: 其他营业性房产 | H107: 未售 | N107: 8.66 | P107: 8.66 | W107: =SUM(U107)+SUM(V107) -> 0 | X107: 0 | Y107: =IF(SUM(P107)=0,"",ROUND(SUM(X107)/SUM(P107),2)) -> 0
A108: 102 | B108: 13 | C108: 1 | D108: -1 | E108: -110 | G108: 其他营业性房产 | H108: 未售 | N108: 7.88 | P108: 7.88 | W108: =SUM(U108)+SUM(V108) -> 0 | X108: 0 | Y108: =IF(SUM(P108)=0,"",ROUND(SUM(X108)/SUM(P108),2)) -> 0
A109: 103 | B109: 13 | C109: 1 | D109: -1 | E109: -111 | G109: 其他营业性房产 | H109: 未售 | N109: 60.47 | P109: 60.47 | W109: =SUM(U109)+SUM(V109) -> 0 | X109: 0 | Y109: =IF(SUM(P109)=0,"",ROUND(SUM(X109)/SUM(P109),2)) -> 0
A110: 104 | B110: 13 | C110: 1 | D110: -1 | E110: -112 | G110: 其他营业性房产 | H110: 未售 | N110: 12.52 | P110: 12.52 | W110: =SUM(U110)+SUM(V110) -> 0 | X110: 0 | Y110: =IF(SUM(P110)=0,"",ROUND(SUM(X110)/SUM(P110),2)) -> 0
... A115: 109 | B115: 13 | C115: 2 | D115: 1 | E115: 101 | G115: 普通住宅 | H115: 未售 | N115: 125.76 | P115: 125.76 | W115: =SUM(U115)+SUM(V115) -> 0 | X115: 0 | Y115: =IF(SUM(P115)=0,"",ROUND(SUM(X115)/SUM(P115),2)) -> 0
A116: 110 | B116: 13 | C116: 2 | D116: 1 | E116: 102 | G116: 普通住宅 | H116: 已售 | I116: 货币收入 | J116: 20230007855 | K116: 2023-09-13 | L116: 954048 | M116: 路寰 | N116: 126.16 | P116: 126.16 | S116: 065002100105 | T116: 01537191 | U116: =ROUND(L116/1.09,2) -> 875273.39 | V116: =ROUND(U116*0.09,2) -> 78774.61 | W116: =SUM(U116)+SUM(V116) -> 954048 | X116: 875273.39 | Y116: =IF(SUM(P116)=0,"",ROUND(SUM(X116)/SUM(P116),2)) -> 6937.8
A117: 111 | B117: 13 | C117: 2 | D117: 2 | E117: 201 | G117: 普通住宅 | H117: 已售 | I117: 货币收入 | J117: 20210004881 | K117: 2021-05-27 | L117: 532000 | M117: 王金林 | N117: 125.76 | P117: 125.76 | S117: 065002100105 | T117: 01500531 | U117: =ROUND(L117/1.09,2) -> 488073.39 | V117: =ROUND(U117*0.09,2) -> 43926.61 | W117: =SUM(U117)+SUM(V117) -> 532000 | X117: 488073.39 | Y117: =IF(SUM(P117)=0,"",ROUND(SUM(X117)/SUM(P117),2)) -> 3880.99
A118: 112 | B118: 13 | C118: 2 | D118: 2 | E118: 202 | G118: 普通住宅 | H118: 已售 | I118: 货币收入 | J118: 20200012398 | K118: 2020-12-16 | L118: 524241 | M118: 郑宇航 | N118: 126.26 | P118: 126.26 | S118: 065002100105 | T118: 01500628 | U118: =ROUND(L118/1.09,2) -> 480955.05 | V118: =ROUND(U118*0.09,2) -> 43285.95 | W118: =SUM(U118)+SUM(V118) -> 524241 | X118: 480955.05 | Y118: =IF(SUM(P118)=0,"",ROUND(SUM(X118)/SUM(P118),2)) -> 3809.24
A119: 113 | B119: 13 | C119: 2 | D119: 3 | E119: 301 | G119: 普通住宅 | H119: 已售 | I119: 货币收入 | J119: 20210002369 | K119: 2021-05-26 | L119: 528489 | M119: 徐思勋 | N119: 125.76 | P119: 125.76 | S119: 065002100105 | T119: 01500629 | U119: =ROUND(L119/1.09,2) -> 484852.29 | V119: =ROUND(U119*0.09,2) -> 43636.71 | W119: =SUM(U119)+SUM(V119) -> 528489 | X119: 484852.29 | Y119: =IF(SUM(P119)=0,"",ROUND(SUM(X119)/SUM(P119),2)) -> 3855.38
A120: 114 | B120: 13 | C120: 2 | D120: 3 | E120: 302 | G120: 普通住宅 | H120: 已售 | I120: 货币收入 | J120: 20210000729 | K120: 2021-01-19 | L120: 530836 | M120: 申梦君、宋向魁 | N120: 126.26 | P120: 126.26 | S120: 065002100105 | T120: 01537113 | U120: =ROUND(L120/1.09,2) -> 487005.5 | V120: =ROUND(U120*0.09,2) -> 43830.5 | W120: =SUM(U120)+SUM(V120) -> 530836 | X120: 487005.5 | Y120: =IF(SUM(P120)=0,"",ROUND(SUM(X120)/SUM(P120),2)) -> 3857.16
A121: 115 | B121: 13 | C121: 2 | D121: 4 | E121: 401 | G121: 普通住宅 | H121: 已售 | I121: 货币收入 | J121: 20210001599 | K121: 2021-02-19 | L121: 535920 | M121: 国非、陈奎花 | N121: 125.76 | P121: 125.76 | S121: 065002100105 | T121: 01500630 | U121: =ROUND(L121/1.09,2) -> 491669.72 | V121: =ROUND(U121*0.09,2) -> 44250.27 | W121: =SUM(U121)+SUM(V121) -> 535919.99 | X121: 491669.72 | Y121: =IF(SUM(P121)=0,"",ROUND(SUM(X121)/SUM(P121),2)) -> 3909.59
A122: 116 | B122: 13 | C122: 2 | D122: 4 | E122: 402 | G122: 普通住宅 | H122: 已售 | I122: 货币收入 | J122: 20200012258 | K122: 2020-12-13 | L122: 537013 | M122: 王佳、许雷 | N122: 126.26 | P122: 126.26 | S122: 065002100105 | T122: 01500631 | U122: =ROUND(L122/1.09,2) -> 492672.48 | V122: =ROUND(U122*0.09,2) -> 44340.52 | W122: =SUM(U122)+SUM(V122) -> 537013 | X122: 492672.48 | Y122: =IF(SUM(P122)=0,"",ROUND(SUM(X122)/SUM(P122),2)) -> 3902.05
A123: 117 | B123: 13 | C123: 2 | D123: 5 | E123: 501 | G123: 普通住宅 | H123: 已售 | I123: 货币收入 | J123: 20210002097 | K123: 2021-03-07 | L123: 553369 | M123: 江闻政 | N123: 125.76 | P123: 125.76 | S123: 065002100105 | T123: 01500632 | U123: =ROUND(L123/1.09,2) -> 507677.98 | V123: =ROUND(U123*0.09,2) -> 45691.02 | W123: =SUM(U123)+SUM(V123) -> 553369 | X123: 507677.98 | Y123: =IF(SUM(P123)=0,"",ROUND(SUM(X123)/SUM(P123),2)) -> 4036.88
A124: 118 | B124: 13 | C124: 2 | D124: 5 | E124: 502 | G124: 普通住宅 | H124: 已售 | I124: 货币收入 | J124: 20210002948 | K124: 2021-03-29 | L124: 543189 | M124: 杜小梅、马连军 | N124: 126.26 | P124: 126.26 | S124: 065001800105 | T124: 09178455 | U124: =ROUND(L124/1.09,2) -> 498338.53 | V124: =ROUND(U124*0.09,2) -> 44850.47 | W124: =SUM(U124)+SUM(V124) -> 543189 | X124: 498338.53 | Y124: =IF(SUM(P124)=0,"",ROUND(SUM(X124)/SUM(P124),2)) -> 3946.92
A125: 119 | B125: 13 | C125: 2 | D125: 6 | E125: 601 | G125: 普通住宅 | H125: 已售 | I125: 货币收入 | J125: 20210001286 | K125: 2021-02-02 | L125: 546946 | M125: 刘志远 | N125: 125.76 | P125: 125.76 | S125: 065002100105 | T125: 01500633 | U125: =ROUND(L125/1.09,2) -> 501785.32 | V125: =ROUND(U125*0.09,2) -> 45160.68 | W125: =SUM(U125)+SUM(V125) -> 546946 | X125: 501785.32 | Y125: =IF(SUM(P125)=0,"",ROUND(SUM(X125)/SUM(P125),2)) -> 3990.02
A126: 120 | B126: 13 | C126: 2 | D126: 6 | E126: 602 | G126: 普通住宅 | H126: 已售 | I126: 货币收入 | J126: 20210005076 | K126: 2021-06-01 | L126: 549365 | M126: 崔孟娟、冯宾宾 | N126: 126.26 | P126: 126.26 | S126: 065002100105 | T126: 01500634 | U126: =ROUND(L126/1.09,2) -> 504004.59 | V126: =ROUND(U126*0.09,2) -> 45360.41 | W126: =SUM(U126)+SUM(V126) -> 549365 | X126: 504004.59 | Y126: =IF(SUM(P126)=0,"",ROUND(SUM(X126)/SUM(P126),2)) -> 3991.8
A127: 121 | B127: 13 | C127: 2 | D127: 7 | E127: 701 | G127: 普通住宅 | H127: 已售 | I127: 货币收入 | J127: 20210001488 | K127: 2021-02-08 | L127: 553098 | M127: 闫玉申 | N127: 125.76 | P127: 125.76 | S127: 065002100105 | T127: 01500635 | U127: =ROUND(L127/1.09,2) -> 507429.36 | V127: =ROUND(U127*0.09,2) -> 45668.64 | W127: =SUM(U127)+SUM(V127) -> 553098 | X127: 507429.36 | Y127: =IF(SUM(P127)=0,"",ROUND(SUM(X127)/SUM(P127),2)) -> 4034.9
... A130: 124 | B130: 13 | C130: 2 | D130: 8 | E130: 802 | G130: 普通住宅 | H130: 已售 | I130: 货币收入 | J130: 20210000386 | K130: 2021-01-09 | L130: 538956 | M130: 马莉娟、魏涛 | N130: 126.26 | P130: 126.26 | S130: 065002100105 | T130: 01500638 | U130: =ROUND(L130/1.09,2) -> 494455.05 | V130: =ROUND(U130*0.09,2) -> 44500.95 | W130: =SUM(U130)+SUM(V130) -> 538956 | X130: 494455.05 | Y130: =IF(SUM(P130)=0,"",ROUND(SUM(X130)/SUM(P130),2)) -> 3916.17
A131: 125 | B131: 13 | C131: 2 | D131: -1 | E131: -201 | G131: 其他营业性房产 | H131: 未售 | N131: 6.08 | P131: 6.08 | W131: =SUM(U131)+SUM(V131) -> 0 | X131: 0 | Y131: =IF(SUM(P131)=0,"",ROUND(SUM(X131)/SUM(P131),2)) -> 0
A132: 126 | B132: 13 | C132: 2 | D132: -1 | E132: -202 | G132: 其他营业性房产 | H132: 未售 | N132: 10.55 | P132: 10.55 | W132: =SUM(U132)+SUM(V132) -> 0 | X132: 0 | Y132: =IF(SUM(P132)=0,"",ROUND(SUM(X132)/SUM(P132),2)) -> 0
A133: 127 | B133: 13 | C133: 2 | D133: -1 | E133: -203 | G133: 其他营业性房产 | H133: 未售 | N133: 11.39 | P133: 11.39 | W133: =SUM(U133)+SUM(V133) -> 0 | X133: 0 | Y133: =IF(SUM(P133)=0,"",ROUND(SUM(X133)/SUM(P133),2)) -> 0
...

Sheet 附表7-扣除项目明细采集底稿
A1: T23210附表7-扣除项目明细采集底稿
A2: =土地增值税税源明细表!F5&"："&土地增值税税源明细表!H5&" "&土地增值税税源明细表!A5&"："&土地增值税税源明细表!B5&" "&"金额单位:人民币元(列至角分)" -> 项目编码：Z65280120210001 项目名称：沁春锦苑三期 金额单位:人民币元(列至角分)
A3: 序号 | B3: *记账日期 | C3: *记账凭证号码 | D3: *科目名称 | E3: *二级科目名称 | F3: 内容摘要 | G3: 合同编号 | H3: 合同名称 | I3: 合同类别 | J3: 收款单位 | K3: *凭据类型 | L3: 发票(凭据)代码 | M3: 发票(凭据)号码 | N3: *发票(凭据)金额 | O3: *付款金额 | P3: *记账金额 | Q3: 申报调整金额 | R3: *申报扣除的记账金额 | S3: 分摊至本项目比例 | T3: *本项目扣除金额 | U3: 情况说明 | V3: *成本对象类型 | W3: *普通住宅分摊金额 | X3: *非普通住宅分摊金额 | Y3: *其他类型房产分摊金额 | Z3: *分摊方法 | AA3: 分摊方法说明 | AB3: *是否可加计扣除
A4: 总计 | B4: * | C4: * | D4: * | E4: * | F4: * | G4: * | H4: * | I4: * | J4: * | K4: * | L4: * | M4: * | N4: =SUM(N$7:N$1048341) -> 1.8469157e+08 | O4: =SUM(O$7:O$1048341) -> 1.9488208e+08 | P4: =SUM(P$7:P$1048341) -> 1.8593464e+08 | Q4: =SUM(Q$7:Q$1048341) -> -5601182.4 | R4: =SUM(R$7:R$1048341) -> 1.8033346e+08 | S4: =IF(R5=0,"",ROUND(T5/R5,6)) -> 0.875805 | T4: =SUM(T$7:T$1048341) -> 6.1415993e+08 | U4: * | V4: * | W4: =SUM(W$7:W$1048341) -> 1.3987796e+08 | X4: =SUM(X$7:X$1048341) -> 0 | Y4: =SUM(Y$7:Y$1048341) -> 8692683 | Z4: * | AA4: * | AB4: *
A5: 筛选小计 | B5: * | C5: * | D5: * | E5: * | F5: * | G5: * | H5: * | I5: * | J5: * | K5: * | L5: * | M5: * | N5: =SUBTOTAL(9,N$7:N$1048341) -> 1.245264e+08 | O5: =SUBTOTAL(9,O$7:O$1048341) -> 1.3430621e+08 | P5: =SUBTOTAL(9,P$7:P$1048341) -> 1.2584589e+08 | Q5: =SUBTOTAL(9,Q$7:Q$1048341) -> -2097992.3 | R5: =SUBTOTAL(9,R$7:R$1048341) -> 1.237479e+08 | S5: =IF(SUM(R6)=0,"",ROUND(SUM(T6)/SUM(R6),6)) | T5: =SUBTOTAL(9,T$7:T$1048341) -> 1.0837905e+08 | U5: * | V5: * | W5: =SUBTOTAL(9,W$7:W$1048341) -> 1.0203793e+08 | X5: =SUBTOTAL(9,X$7:X$1048341) -> 0 | Y5: =SUBTOTAL(9,Y$7:Y$1048341) -> 6341123.1 | Z5: * | AA5: * | AB5: *
A6: 列次 | B6: 1 | C6: 2 | D6: 3 | E6: 4 | F6: 5 | G6: 6 | H6: 7 | I6: 8 | J6: 9 | K6: 10 | L6: 11 | M6: 12 | N6: 13 | O6: 14 | P6: 15 | Q6: 16 | R6: 17=15+16 | S6: 18 | T6: 19=17*18 | U6: 20 | V6: 21 | W6: 22 | X6: 23=19-22-24 | Y6: 24 | Z6: 25 | AA6: 26 | AB6: 27
A7: 1 | B7: 43131 | C7: 0066 | D7: 土地征用及拆迁补偿费 | E7: 土地征用费用 | F7: 调2014年3月42#凭证 | G7: CQ-001 | H7: =IF(G7="","",VLOOKUP(G7,'附表8-合同明细采集底稿'!B:I,2,0)) -> 拆迁协议 | I7: =IF(G7="","",VLOOKUP(G7,'附表8-合同明细采集底稿'!B:I,3,0)) -> 建设工程合同 | J7: =IF(G7="","",VLOOKUP(G7,'附表8-合同明细采集底稿'!B:I,4,0)) -> 巴州建新公路维护有限公司 | K7: 其他凭据 | N7: 500000 | O7: 500000 | P7: 500000 | R7: =P7+Q7 -> 500000 | S7: =IFERROR(VLOOKUP(G7,'附表8-合同明细采集底稿'!B:M,12,0),100%) -> 0.33192427 | T7: =ROUND(SUM(R7)*SUM(S7),2) -> 165962.13 | V7: 共同成本费用 | W7: =IF('附表1-面积统计表'!$D$29=0,"",IF(AND(V7="共同成本费用",Z7="总建筑面积法"),ROUND(T7/'附表1-面积统计表'!$D$29*'附表1-面积统计表'!$D$5,2),IF(AND(V7="共同成本费用",Z7="可售建筑面积法"),ROUND(T7/'附表1-面积统计表'!$F$29*'附表1-面积统计表'!$F$5,2),"请手工填写"))) -> 156251.89 | X7: =IF(SUM('附表1-面积统计表'!$D$6)=0,"",SUM(T7)-SUM(W7)-SUM(Y7)) | Y7: =IF(SUM('附表1-面积统计表'!$D$6)=0,SUM(T7)-SUM(W7),IF('附表1-面积统计表'!$D$29=0,"",IF(AND(V7="共同成本费用",Z7="总建筑面积法"),ROUND(T7/'附表1-面积统计表'!$D$29*'附表1-面积统计表'!$D$7,2),IF(AND(V7="共同成本费用",Z7="可售建筑面积法"),ROUND(T7/'附表1-面积统计表'!$F$29*'附表1-面积统计表'!$F$7,2),"请手工填写")))) -> 9710.24 | Z7: 可售建筑面积法 | AB7: 可加计
A8: 2 | B8: 43131 | C8: 0066 | D8: 土地征用及拆迁补偿费 | E8: 土地征用费用 | F8: 调2014年8月56#凭证 | H8: =IF(G8="","",VLOOKUP(G8,'附表8-合同明细采集底稿'!B:I,2,0)) | I8: =IF(G8="","",VLOOKUP(G8,'附表8-合同明细采集底稿'!B:I,3,0)) | J8: =IF(G8="","",VLOOKUP(G8,'附表8-合同明细采集底稿'!B:I,4,0)) | K8: 其他凭据 | N8: 200000 | O8: 200000 | P8: 200000 | Q8: -200000 | R8: =P8+Q8 -> 0 | S8: =IFERROR(VLOOKUP(G8,'附表8-合同明细采集底稿'!B:M,12,0),100%) -> 1 | T8: =ROUND(SUM(R8)*SUM(S8),2) -> 0 | V8: 共同成本费用 | W8: =IF('附表1-面积统计表'!$D$29=0,"",IF(AND(V8="共同成本费用",Z8="总建筑面积法"),ROUND(T8/'附表1-面积统计表'!$D$29*'附表1-面积统计表'!$D$5,2),IF(AND(V8="共同成本费用",Z8="可售建筑面积法"),ROUND(T8/'附表1-面积统计表'!$F$29*'附表1-面积统计表'!$F$5,2),"请手工填写"))) -> 0 | X8: =IF(SUM('附表1-面积统计表'!$D$6)=0,"",SUM(T8)-SUM(W8)-SUM(Y8)) | Y8: =IF(SUM('附表1-面积统计表'!$D$6)=0,SUM(T8)-SUM(W8),IF('附表1-面积统计表'!$D$29=0,"",IF(AND(V8="共同成本费用",Z8="总建筑面积法"),ROUND(T8/'附表1-面积统计表'!$D$29*'附表1-面积统计表'!$D$7,2),IF(AND(V8="共同成本费用",Z8="可售建筑面积法"),ROUND(T8/'附表1-面积统计表'!$F$29*'附表1-面积统计表'!$F$7,2),"请手工填写")))) -> 0 | Z8: 可售建筑面积法 | AB8: 可加计
A9: 3 | B9: 43131 | C9: 0066 | D9: 土地征用及拆迁补偿费 | E9: 土地征用费用 | F9: 调2014年8月84#凭证 | G9: CQ-001 | H9: =IF(G9="","",VLOOKUP(G9,'附表8-合同明细采集底稿'!B:I,2,0)) -> 拆迁协议 | I9: =IF(G9="","",VLOOKUP(G9,'附表8-合同明细采集底稿'!B:I,3,0)) -> 建设工程合同 | J9: =IF(G9="","",VLOOKUP(G9,'附表8-合同明细采集底稿'!B:I,4,0)) -> 巴州建新公路维护有限公司 | K9: 其他凭据 | N9: 500000 | O9: 500000 | P9: 500000 | R9: =P9+Q9 -> 500000 | S9: =IFERROR(VLOOKUP(G9,'附表8-合同明细采集底稿'!B:M,12,0),100%) -> 0.33192427 | T9: =ROUND(SUM(R9)*SUM(S9),2) -> 165962.13 | V9: 共同成本费用 | W9: =IF('附表1-面积统计表'!$D$29=0,"",IF(AND(V9="共同成本费用",Z9="总建筑面积法"),ROUND(T9/'附表1-面积统计表'!$D$29*'附表1-面积统计表'!$D$5,2),IF(AND(V9="共同成本费用",Z9="可售建筑面积法"),ROUND(T9/'附表1-面积统计表'!$F$29*'附表1-面积统计表'!$F$5,2),"请手工填写"))) -> 156251.89 | X9: =IF(SUM('附表1-面积统计表'!$D$6)=0,"",SUM(T9)-SUM(W9)-SUM(Y9)) | Y9: =IF(SUM('附表1-面积统计表'!$D$6)=0,SUM(T9)-SUM(W9),IF('附表1-面积统计表'!$D$29=0,"",IF(AND(V9="共同成本费用",Z9="总建筑面积法"),ROUND(T9/'附表1-面积统计表'!$D$29*'附表1-面积统计表'!$D$7,2),IF(AND(V9="共同成本费用",Z9="可售建筑面积法"),ROUND(T9/'附表1-面积统计表'!$F$29*'附表1-面积统计表'!$F$7,2),"请手工填写")))) -> 9710.24 | Z9: 可售建筑面积法 | AB9: 可加计
A10: 4 | B10: 43131 | C10: 0066 | D10: 土地征用及拆迁补偿费 | E10: 土地征用费用 | F10: 调2014年8月111#凭证 | H10: =IF(G10="","",VLOOKUP(G10,'附表8-合同明细采集底稿'!B:I,2,0)) | I10: =IF(G10="","",VLOOKUP(G10,'附表8-合同明细采集底稿'!B:I,3,0)) | J10: =IF(G10="","",VLOOKUP(G10,'附表8-合同明细采集底稿'!B:I,4,0)) | K10: 其他凭据 | N10: 100833 | O10: 100833 | P10: 100833 | Q10: -100833 | R10: =P10+Q10 -> 0 | S10: =IFERROR(VLOOKUP(G10,'附表8-合同明细采集底稿'!B:M,12,0),100%) -> 1 | T10: =ROUND(SUM(R10)*SUM(S10),2) -> 0 | V10: 共同成本费用 | W10: =IF('附表1-面积统计表'!$D$29=0,"",IF(AND(V10="共同成本费用",Z10="总建筑面积法"),ROUND(T10/'附表1-面积统计表'!$D$29*'附表1-面积统计表'!$D$5,2),IF(AND(V10="共同成本费用",Z10="可售建筑面积法"),ROUND(T10/'附表1-面积统计表'!$F$29*'附表1-面积统计表'!$F$5,2),"请手工填写"))) -> 0 | X10: =IF(SUM('附表1-面积统计表'!$D$6)=0,"",SUM(T10)-SUM(W10)-SUM(Y10)) | Y10: =IF(SUM('附表1-面积统计表'!$D$6)=0,SUM(T10)-SUM(W10),IF('附表1-面积统计表'!$D$29=0,"",IF(AND(V10="共同成本费用",Z10="总建筑面积法"),ROUND(T10/'附表1-面积统计表'!$D$29*'附表1-面积统计表'!$D$7,2),IF(AND(V10="共同成本费用",Z10="可售建筑面积法"),ROUND(T10/'附表1-面积统计表'!$F$29*'附表1-面积统计表'!$F$7,2),"请手工填写")))) -> 0 | Z10: 可售建筑面积法 | AB10: 可加计
A11: 5 | B11: 43131 | C11: 0066 | D11: 土地征用及拆迁补偿费 | E11: 土地征用费用 | F11: 调2014年8月156#凭证 | H11: =IF(G11="","",VLOOKUP(G11,'附表8-合同明细采集底稿'!B:I,2,0)) | I11: =IF(G11="","",VLOOKUP(G11,'附表8-合同明细采集底稿'!B:I,3,0)) | J11: =IF(G11="","",VLOOKUP(G11,'附表8-合同明细采集底稿'!B:I,4,0)) | K11: 其他凭据 | N11: 63894 | O11: 63894 | P11: 63894 | Q11: -63894 | R11: =P11+Q11 -> 0 | S11: =IFERROR(VLOOKUP(G11,'附表8-合同明细采集底稿'!B:M,12,0),100%) -> 1 | T11: =ROUND(SUM(R11)*SUM(S11),2) -> 0 | V11: 共同成本费用 | W11: =IF('附表1-面积统计表'!$D$29=0,"",IF(AND(V11="共同成本费用",Z11="总建筑面积法"),ROUND(T11/'附表1-面积统计表'!$D$29*'附表1-面积统计表'!$D$5,2),IF(AND(V11="共同成本费用",Z11="可售建筑面积法"),ROUND(T11/'附表1-面积统计表'!$F$29*'附表1-面积统计表'!$F$5,2),"请手工填写"))) -> 0 | X11: =IF(SUM('附表1-面积统计表'!$D$6)=0,"",SUM(T11)-SUM(W11)-SUM(Y11)) | Y11: =IF(SUM('附表1-面积统计表'!$D$6)=0,SUM(T11)-SUM(W11),IF('附表1-面积统计表'!$D$29=0,"",IF(AND(V11="共同成本费用",Z11="总建筑面积法"),ROUND(T11/'附表1-面积统计表'!$D$29*'附表1-面积统计表'!$D$7,2),IF(AND(V11="共同成本费用",Z11="可售建筑面积法"),ROUND(T11/'附表1-面积统计表'!$F$29*'附表1-面积统计表'!$F$7,2),"请手工填写")))) -> 0 | Z11: 可售建筑面积法 | AB11: 可加计
A12: 6 | B12: 43131 | C12: 0066 | D12: 土地征用及拆迁补偿费 | E12: 土地征用费用 | F12: 调2014年9月60#凭证 | G12: CQ-001 | H12: =IF(G12="","",VLOOKUP(G12,'附表8-合同明细采集底稿'!B:I,2,0)) -> 拆迁协议 | I12: =IF(G12="","",VLOOKUP(G12,'附表8-合同明细采集底稿'!B:I,3,0)) -> 建设工程合同 | J12: =IF(G12="","",VLOOKUP(G12,'附表8-合同明细采集底稿'!B:I,4,0)) -> 巴州建新公路维护有限公司 | K12: 其他凭据 | N12: 1730000 | O12: 1730000 | P12: 1730000 | R12: =P12+Q12 -> 1730000 | S12: =IFERROR(VLOOKUP(G12,'附表8-合同明细采集底稿'!B:M,12,0),100%) -> 0.33192427 | T12: =ROUND(SUM(R12)*SUM(S12),2) -> 574228.98 | V12: 共同成本费用 | W12: =IF('附表1-面积统计表'!$D$29=0,"",IF(AND(V12="共同成本费用",Z12="总建筑面积法"),ROUND(T12/'附表1-面积统计表'!$D$29*'附表1-面积统计表'!$D$5,2),IF(AND(V12="共同成本费用",Z12="可售建筑面积法"),ROUND(T12/'附表1-面积统计表'!$F$29*'附表1-面积统计表'!$F$5,2),"请手工填写"))) -> 540631.56 | X12: =IF(SUM('附表1-面积统计表'!$D$6)=0,"",SUM(T12)-SUM(W12)-SUM(Y12)) | Y12: =IF(SUM('附表1-面积统计表'!$D$6)=0,SUM(T12)-SUM(W12),IF('附表1-面积统计表'!$D$29=0,"",IF(AND(V12="共同成本费用",Z12="总建筑面积法"),ROUND(T12/'附表1-面积统计表'!$D$29*'附表1-面积统计表'!$D$7,2),IF(AND(V12="共同成本费用",Z12="可售建筑面积法"),ROUND(T12/'附表1-面积统计表'!$F$29*'附表1-面积统计表'!$F$7,2),"请手工填写")))) -> 33597.42 | Z12: 可售建筑面积法 | AB12: 可加计
A13: 7 | B13: 43131 | C13: 0066 | D13: 土地征用及拆迁补偿费 | E13: 土地征用费用 | F13: 调2014年9月126#凭证 | G13: CQ-001 | H13: =IF(G13="","",VLOOKUP(G13,'附表8-合同明细采集底稿'!B:I,2,0)) -> 拆迁协议 | I13: =IF(G13="","",VLOOKUP(G13,'附表8-合同明细采集底稿'!B:I,3,0)) -> 建设工程合同 | J13: =IF(G13="","",VLOOKUP(G13,'附表8-合同明细采集底稿'!B:I,4,0)) -> 巴州建新公路维护有限公司 | K13: 其他凭据 | N13: 1230000 | O13: 1230000 | P13: 1230000 | R13: =P13+Q13 -> 1230000 | S13: =IFERROR(VLOOKUP(G13,'附表8-合同明细采集底稿'!B:M,12,0),100%) -> 0.33192427 | T13: =ROUND(SUM(R13)*SUM(S13),2) -> 408266.85 | V13: 共同成本费用 | W13: =IF('附表1-面积统计表'!$D$29=0,"",IF(AND(V13="共同成本费用",Z13="总建筑面积法"),ROUND(T13/'附表1-面积统计表'!$D$29*'附表1-面积统计表'!$D$5,2),IF(AND(V13="共同成本费用",Z13="可售建筑面积法"),ROUND(T13/'附表1-面积统计表'!$F$29*'附表1-面积统计表'!$F$5,2),"请手工填写"))) -> 384379.67 | X13: =IF(SUM('附表1-面积统计表'!$D$6)=0,"",SUM(T13)-SUM(W13)-SUM(Y13)) | Y13: =IF(SUM('附表1-面积统计表'!$D$6)=0,SUM(T13)-SUM(W13),IF('附表1-面积统计表'!$D$29=0,"",IF(AND(V13="共同成本费用",Z13="总建筑面积法"),ROUND(T13/'附表1-面积统计表'!$D$29*'附表1-面积统计表'!$D$7,2),IF(AND(V13="共同成本费用",Z13="可售建筑面积法"),ROUND(T13/'附表1-面积统计表'!$F$29*'附表1-面积统计表'!$F$7,2),"请手工填写")))) -> 23887.18 | Z13: 可售建筑面积法 | AB13: 可加计
A14: 8 | B14: 43131 | C14: 0066 | D14: 土地征用及拆迁补偿费 | E14: 其他土地征用及拆迁补偿费 | F14: 调2015年6月87#凭证 | H14: =IF(G14="","",VLOOKUP(G14,'附表8-合同明细采集底稿'!B:I,2,0)) | I14: =IF(G14="","",VLOOKUP(G14,'附表8-合同明细采集底稿'!B:I,3,0)) | J14: 国家税务总局库尔勒市税务局 | K14: 其他凭据 | N14: 215553.55 | O14: 215553.55 | P14: 215553.55 | Q14: -96753.55 | R14: =P14+Q14 -> 118800 | S14: 0.33133978 | T14: =ROUND(SUM(R14)*SUM(S14),2) -> 39363.17 | V14: 共同成本费用 | W14: =IF('附表1-面积统计表'!$D$29=0,"",IF(AND(V14="共同成本费用",Z14="总建筑面积法"),ROUND(T14/'附表1-面积统计表'!$D$29*'附表1-面积统计表'!$D$5,2),IF(AND(V14="共同成本费用",Z14="可售建筑面积法"),ROUND(T14/'附表1-面积统计表'!$F$29*'附表1-面积统计表'!$F$5,2),"请手工填写"))) -> 37060.08 | X14: =IF(SUM('附表1-面积统计表'!$D$6)=0,"",SUM(T14)-SUM(W14)-SUM(Y14)) | Y14: =IF(SUM('附表1-面积统计表'!$D$6)=0,SUM(T14)-SUM(W14),IF('附表1-面积统计表'!$D$29=0,"",IF(AND(V14="共同成本费用",Z14="总建筑面积法"),ROUND(T14/'附表1-面积统计表'!$D$29*'附表1-面积统计表'!$D$7,2),IF(AND(V14="共同成本费用",Z14="可售建筑面积法"),ROUND(T14/'附表1-面积统计表'!$F$29*'附表1-面积统计表'!$F$7,2),"请手工填写")))) -> 2303.09 | Z14: 可售建筑面积法 | AB14: 可加计
A15: 9 | B15: 43283 | C15: 0009 | D15: 公共配套设施费 | E15: 派出所用房费用 | F15: 警务室劳务费 | H15: =IF(G15="","",VLOOKUP(G15,'附表8-合同明细采集底稿'!B:I,2,0)) | I15: =IF(G15="","",VLOOKUP(G15,'附表8-合同明细采集底稿'!B:I,3,0)) | J15: 崔红卫 | K15: 增值税普通发票 | L15: 065002100111 | M15: 03791310 | N15: 20000 | O15: 20000 | P15: 20000 | R15: =P15+Q15 -> 20000 | S15: 0.33133978 | T15: =ROUND(SUM(R15)*SUM(S15),2) -> 6626.8 | V15: 共同成本费用 | W15: =IF('附表1-面积统计表'!$D$29=0,"",IF(AND(V15="共同成本费用",Z15="总建筑面积法"),ROUND(T15/'附表1-面积统计表'!$D$29*'附表1-面积统计表'!$D$5,2),IF(AND(V15="共同成本费用",Z15="可售建筑面积法"),ROUND(T15/'附表1-面积统计表'!$F$29*'附表1-面积统计表'!$F$5,2),"请手工填写"))) -> 6239.07 | X15: =IF(SUM('附表1-面积统计表'!$D$6)=0,"",SUM(T15)-SUM(W15)-SUM(Y15)) | Y15: =IF(SUM('附表1-面积统计表'!$D$6)=0,SUM(T15)-SUM(W15),IF('附表1-面积统计表'!$D$29=0,"",IF(AND(V15="共同成本费用",Z15="总建筑面积法"),ROUND(T15/'附表1-面积统计表'!$D$29*'附表1-面积统计表'!$D$7,2),IF(AND(V15="共同成本费用",Z15="可售建筑面积法"),ROUND(T15/'附表1-面积统计表'!$F$29*'附表1-面积统计表'!$F$7,2),"请手工填写")))) -> 387.73 | Z15: 可售建筑面积法 | AB15: 可加计
A16: 10 | B16: 43332 | C16: 73 | D16: 前期工程费 | E16: 设计费用 | F16: 沁春锦苑设计费 | G16: 其他合同-36 | H16: =IF(G16="","",VLOOKUP(G16,'附表8-合同明细采集底稿'!B:I,2,0)) -> 规划设计合同书 | I16: =IF(G16="","",VLOOKUP(G16,'附表8-合同明细采集底稿'!B:I,3,0)) -> 其他合同 | J16: =IF(G16="","",VLOOKUP(G16,'附表8-合同明细采集底稿'!B:I,4,0)) -> 上海联创建筑设计有限公司新疆分公司 | K16: 增值税专用发票 | L16: 6500174130 | M16: 00436471 | N16: 94245.28 | O16: 99900 | P16: 94245.28 | R16: =P16+Q16 -> 94245.28 | S16: =IFERROR(VLOOKUP(G16,'附表8-合同明细采集底稿'!B:M,12,0),100%) -> 0.33192427 | T16: =ROUND(SUM(R16)*SUM(S16),2) -> 31282.3 | U16: 已核实 | V16: 共同成本费用 | W16: =IF('附表1-面积统计表'!$D$29=0,"",IF(AND(V16="共同成本费用",Z16="总建筑面积法"),ROUND(T16/'附表1-面积统计表'!$D$29*'附表1-面积统计表'!$D$5,2),IF(AND(V16="共同成本费用",Z16="可售建筑面积法"),ROUND(T16/'附表1-面积统计表'!$F$29*'附表1-面积统计表'!$F$5,2),"请手工填写"))) -> 29452.01 | X16: =IF(SUM('附表1-面积统计表'!$D$6)=0,"",SUM(T16)-SUM(W16)-SUM(Y16)) | Y16: =IF(SUM('附表1-面积统计表'!$D$6)=0,SUM(T16)-SUM(W16),IF('附表1-面积统计表'!$D$29=0,"",IF(AND(V16="共同成本费用",Z16="总建筑面积法"),ROUND(T16/'附表1-面积统计表'!$D$29*'附表1-面积统计表'!$D$7,2),IF(AND(V16="共同成本费用",Z16="可售建筑面积法"),ROUND(T16/'附表1-面积统计表'!$F$29*'附表1-面积统计表'!$F$7,2),"请手工填写")))) -> 1830.29 | Z16: 可售建筑面积法 | AB16: 可加计
A17: 11 | B17: 43332 | C17: 73 | D17: 前期工程费 | E17: 设计费用 | F17: 沁春锦苑设计费 | G17: 其他合同-36 | H17: =IF(G17="","",VLOOKUP(G17,'附表8-合同明细采集底稿'!B:I,2,0)) -> 规划设计合同书 | I17: =IF(G17="","",VLOOKUP(G17,'附表8-合同明细采集底稿'!B:I,3,0)) -> 其他合同 | J17: =IF(G17="","",VLOOKUP(G17,'附表8-合同明细采集底稿'!B:I,4,0)) -> 上海联创建筑设计有限公司新疆分公司 | K17: 增值税专用发票 | L17: 6500174130 | M17: 00436472 | N17: 94245.28 | O17: 99900 | P17: 94245.28 | R17: =P17+Q17 -> 94245.28 | S17: =IFERROR(VLOOKUP(G17,'附表8-合同明细采集底稿'!B:M,12,0),100%) -> 0.33192427 | T17: =ROUND(SUM(R17)*SUM(S17),2) -> 31282.3 | U17: 已核实 | V17: 共同成本费用 | W17: =IF('附表1-面积统计表'!$D$29=0,"",IF(AND(V17="共同成本费用",Z17="总建筑面积法"),ROUND(T17/'附表1-面积统计表'!$D$29*'附表1-面积统计表'!$D$5,2),IF(AND(V17="共同成本费用",Z17="可售建筑面积法"),ROUND(T17/'附表1-面积统计表'!$F$29*'附表1-面积统计表'!$F$5,2),"请手工填写"))) -> 29452.01 | X17: =IF(SUM('附表1-面积统计表'!$D$6)=0,"",SUM(T17)-SUM(W17)-SUM(Y17)) | Y17: =IF(SUM('附表1-面积统计表'!$D$6)=0,SUM(T17)-SUM(W17),IF('附表1-面积统计表'!$D$29=0,"",IF(AND(V17="共同成本费用",Z17="总建筑面积法"),ROUND(T17/'附表1-面积统计表'!$D$29*'附表1-面积统计表'!$D$7,2),IF(AND(V17="共同成本费用",Z17="可售建筑面积法"),ROUND(T17/'附表1-面积统计表'!$F$29*'附表1-面积统计表'!$F$7,2),"请手工填写")))) -> 1830.29 | Z17: 可售建筑面积法 | AB17: 可加计
A18: 12 | B18: 43332 | C18: 73 | D18: 前期工程费 | E18: 设计费用 | F18: 沁春锦苑设计费 | G18: 其他合同-36 | H18: =IF(G18="","",VLOOKUP(G18,'附表8-合同明细采集底稿'!B:I,2,0)) -> 规划设计合同书 | I18: =IF(G18="","",VLOOKUP(G18,'附表8-合同明细采集底稿'!B:I,3,0)) -> 其他合同 | J18: =IF(G18="","",VLOOKUP(G18,'附表8-合同明细采集底稿'!B:I,4,0)) -> 上海联创建筑设计有限公司新疆分公司 | K18: 增值税专用发票 | L18: 6500174130 | M18: 00436473 | N18: 94245.28 | O18: 99900 | P18: 94245.28 | R18: =P18+Q18 -> 94245.28 | S18: =IFERROR(VLOOKUP(G18,'附表8-合同明细采集底稿'!B:M,12,0),100%) -> 0.33192427 | T18: =ROUND(SUM(R18)*SUM(S18),2) -> 31282.3 | U18: 已核实 | V18: 共同成本费用 | W18: =IF('附表1-面积统计表'!$D$29=0,"",IF(AND(V18="共同成本费用",Z18="总建筑面积法"),ROUND(T18/'附表1-面积统计表'!$D$29*'附表1-面积统计表'!$D$5,2),IF(AND(V18="共同成本费用",Z18="可售建筑面积法"),ROUND(T18/'附表1-面积统计表'!$F$29*'附表1-面积统计表'!$F$5,2),"请手工填写"))) -> 29452.01 | X18: =IF(SUM('附表1-面积统计表'!$D$6)=0,"",SUM(T18)-SUM(W18)-SUM(Y18)) | Y18: =IF(SUM('附表1-面积统计表'!$D$6)=0,SUM(T18)-SUM(W18),IF('附表1-面积统计表'!$D$29=0,"",IF(AND(V18="共同成本费用",Z18="总建筑面积法"),ROUND(T18/'附表1-面积统计表'!$D$29*'附表1-面积统计表'!$D$7,2),IF(AND(V18="共同成本费用",Z18="可售建筑面积法"),ROUND(T18/'附表1-面积统计表'!$F$29*'附表1-面积统计表'!$F$7,2),"请手工填写")))) -> 1830.29 | Z18: 可售建筑面积法 | AB18: 可加计
A19: 13 | B19: 43332 | C19: 73 | D19: 前期工程费 | E19: 设计费用 | F19: 沁春锦苑设计费 | G19: 其他合同-36 | H19: =IF(G19="","",VLOOKUP(G19,'附表8-合同明细采集底稿'!B:I,2,0)) -> 规划设计合同书 | I19: =IF(G19="","",VLOOKUP(G19,'附表8-合同明细采集底稿'!B:I,3,0)) -> 其他合同 | J19: =IF(G19="","",VLOOKUP(G19,'附表8-合同明细采集底稿'!B:I,4,0)) -> 上海联创建筑设计有限公司新疆分公司 | K19: 增值税专用发票 | L19: 6500174130 | M19: 00436474 | N19: 94245.28 | O19: 99900 | P19: 94245.28 | R19: =P19+Q19 -> 94245.28 | S19: =IFERROR(VLOOKUP(G19,'附表8-合同明细采集底稿'!B:M,12,0),100%) -> 0.33192427 | T19: =ROUND(SUM(R19)*SUM(S19),2) -> 31282.3 | U19: 已核实 | V19: 共同成本费用 | W19: =IF('附表1-面积统计表'!$D$29=0,"",IF(AND(V19="共同成本费用",Z19="总建筑面积法"),ROUND(T19/'附表1-面积统计表'!$D$29*'附表1-面积统计表'!$D$5,2),IF(AND(V19="共同成本费用",Z19="可售建筑面积法"),ROUND(T19/'附表1-面积统计表'!$F$29*'附表1-面积统计表'!$F$5,2),"请手工填写"))) -> 29452.01 | X19: =IF(SUM('附表1-面积统计表'!$D$6)=0,"",SUM(T19)-SUM(W19)-SUM(Y19)) | Y19: =IF(SUM('附表1-面积统计表'!$D$6)=0,SUM(T19)-SUM(W19),IF('附表1-面积统计表'!$D$29=0,"",IF(AND(V19="共同成本费用",Z19="总建筑面积法"),ROUND(T19/'附表1-面积统计表'!$D$29*'附表1-面积统计表'!$D$7,2),IF(AND(V19="共同成本费用",Z19="可售建筑面积法"),ROUND(T19/'附表1-面积统计表'!$F$29*'附表1-面积统计表'!$F$7,2),"请手工填写")))) -> 1830.29 | Z19: 可售建筑面积法 | AB19: 可加计
A20: 14 | B20: 43332 | C20: 73 | D20: 前期工程费 | E20: 设计费用 | F20: 沁春锦苑设计费 | G20: 其他合同-36 | H20: =IF(G20="","",VLOOKUP(G20,'附表8-合同明细采集底稿'!B:I,2,0)) -> 规划设计合同书 | I20: =IF(G20="","",VLOOKUP(G20,'附表8-合同明细采集底稿'!B:I,3,0)) -> 其他合同 | J20: =IF(G20="","",VLOOKUP(G20,'附表8-合同明细采集底稿'!B:I,4,0)) -> 上海联创建筑设计有限公司新疆分公司 | K20: 增值税专用发票 | L20: 6500174130 | M20: 00436475 | N20: 94245.28 | O20: 99900 | P20: 94245.28 | R20: =P20+Q20 -> 94245.28 | S20: =IFERROR(VLOOKUP(G20,'附表8-合同明细采集底稿'!B:M,12,0),100%) -> 0.33192427 | T20: =ROUND(SUM(R20)*SUM(S20),2) -> 31282.3 | U20: 已核实 | V20: 共同成本费用 | W20: =IF('附表1-面积统计表'!$D$29=0,"",IF(AND(V20="共同成本费用",Z20="总建筑面积法"),ROUND(T20/'附表1-面积统计表'!$D$29*'附表1-面积统计表'!$D$5,2),IF(AND(V20="共同成本费用",Z20="可售建筑面积法"),ROUND(T20/'附表1-面积统计表'!$F$29*'附表1-面积统计表'!$F$5,2),"请手工填写"))) -> 29452.01 | X20: =IF(SUM('附表1-面积统计表'!$D$6)=0,"",SUM(T20)-SUM(W20)-SUM(Y20)) | Y20: =IF(SUM('附表1-面积统计表'!$D$6)=0,SUM(T20)-SUM(W20),IF('附表1-面积统计表'!$D$29=0,"",IF(AND(V20="共同成本费用",Z20="总建筑面积法"),ROUND(T20/'附表1-面积统计表'!$D$29*'附表1-面积统计表'!$D$7,2),IF(AND(V20="共同成本费用",Z20="可售建筑面积法"),ROUND(T20/'附表1-面积统计表'!$F$29*'附表1-面积统计表'!$F$7,2),"请手工填写")))) -> 1830.29 | Z20: 可售建筑面积法 | AB20: 可加计
A21: 15 | B21: 43332 | C21: 73 | D21: 前期工程费 | E21: 设计费用 | F21: 沁春锦苑设计费 | G21: 其他合同-36 | H21: =IF(G21="","",VLOOKUP(G21,'附表8-合同明细采集底稿'!B:I,2,0)) -> 规划设计合同书 | I21: =IF(G21="","",VLOOKUP(G21,'附表8-合同明细采集底稿'!B:I,3,0)) -> 其他合同 | J21: =IF(G21="","",VLOOKUP(G21,'附表8-合同明细采集底稿'!B:I,4,0)) -> 上海联创建筑设计有限公司新疆分公司 | K21: 增值税专用发票 | L21: 6500174130 | M21: 00436476 | N21: 70757.74 | O21: 75003.2 | P21: 70757.74 | R21: =P21+Q21 -> 70757.74 | S21: =IFERROR(VLOOKUP(G21,'附表8-合同明细采集底稿'!B:M,12,0),100%) -> 0.33192427 | T21: =ROUND(SUM(R21)*SUM(S21),2) -> 23486.21 | U21: 已核实 | V21: 共同成本费用 | W21: =IF('附表1-面积统计表'!$D$29=0,"",IF(AND(V21="共同成本费用",Z21="总建筑面积法"),ROUND(T21/'附表1-面积统计表'!$D$29*'附表1-面积统计表'!$D$5,2),IF(AND(V21="共同成本费用",Z21="可售建筑面积法"),ROUND(T21/'附表1-面积统计表'!$F$29*'附表1-面积统计表'!$F$5,2),"请手工填写"))) -> 22112.06 | X21: =IF(SUM('附表1-面积统计表'!$D$6)=0,"",SUM(T21)-SUM(W21)-SUM(Y21)) | Y21: =IF(SUM('附表1-面积统计表'!$D$6)=0,SUM(T21)-SUM(W21),IF('附表1-面积统计表'!$D$29=0,"",IF(AND(V21="共同成本费用",Z21="总建筑面积法"),ROUND(T21/'附表1-面积统计表'!$D$29*'附表1-面积统计表'!$D$7,2),IF(AND(V21="共同成本费用",Z21="可售建筑面积法"),ROUND(T21/'附表1-面积统计表'!$F$29*'附表1-面积统计表'!$F$7,2),"请手工填写")))) -> 1374.15 | Z21: 可售建筑面积法 | AB21: 可加计
A22: 16 | B22: 43381 | C22: 0006 | D22: 前期工程费 | E22: 设计费用 | F22: 杜鹃河道路设计费 | G22: 其他合同-41 | H22: =IF(G22="","",VLOOKUP(G22,'附表8-合同明细采集底稿'!B:I,2,0)) -> 建设工程设计合同（专业建设工程） | I22: =IF(G22="","",VLOOKUP(G22,'附表8-合同明细采集底稿'!B:I,3,0)) -> 建设工程合同 | J22: =IF(G22="","",VLOOKUP(G22,'附表8-合同明细采集底稿'!B:I,4,0)) -> 安徽宏泰交通工程设计研究院有限公司 | K22: 增值税专用发票 | L22: 3400182130 | M22: 10976911 | N22: 18867.92 | O22: 1132.08 | P22: 18867.92 | Q22: -18867.92 | R22: =P22+Q22 -> 0 | S22: =IFERROR(VLOOKUP(G22,'附表8-合同明细采集底稿'!B:M,12,0),100%) -> 0.33192427 | T22: =ROUND(SUM(R22)*SUM(S22),2) -> 0 | V22: 共同成本费用 | W22: =IF('附表1-面积统计表'!$D$29=0,"",IF(AND(V22="共同成本费用",Z22="总建筑面积法"),ROUND(T22/'附表1-面积统计表'!$D$29*'附表1-面积统计表'!$D$5,2),IF(AND(V22="共同成本费用",Z22="可售建筑面积法"),ROUND(T22/'附表1-面积统计表'!$F$29*'附表1-面积统计表'!$F$5,2),"请手工填写"))) -> 0 | X22: =IF(SUM('附表1-面积统计表'!$D$6)=0,"",SUM(T22)-SUM(W22)-SUM(Y22)) | Y22: =IF(SUM('附表1-面积统计表'!$D$6)=0,SUM(T22)-SUM(W22),IF('附表1-面积统计表'!$D$29=0,"",IF(AND(V22="共同成本费用",Z22="总建筑面积法"),ROUND(T22/'附表1-面积统计表'!$D$29*'附表1-面积统计表'!$D$7,2),IF(AND(V22="共同成本费用",Z22="可售建筑面积法"),ROUND(T22/'附表1-面积统计表'!$F$29*'附表1-面积统计表'!$F$7,2),"请手工填写")))) -> 0 | Z22: 可售建筑面积法 | AB22: 可加计
A23: 17 | B23: 43439 | C23: 0023 | D23: 前期工程费 | E23: 规划费用 | F23: 预付设计费 | G23: JC-GW-01 | H23: =IF(G23="","",VLOOKUP(G23,'附表8-合同明细采集底稿'!B:I,2,0)) -> 沁春锦苑室外管网设计 | I23: =IF(G23="","",VLOOKUP(G23,'附表8-合同明细采集底稿'!B:I,3,0)) -> 技术合同 | J23: =IF(G23="","",VLOOKUP(G23,'附表8-合同明细采集底稿'!B:I,4,0)) -> 库尔勒开拓规划设计研究院 | K23: 增值税专用发票 | L23: 6500182130 | M23: 02900087 | N23: 20407 | O23: 20407 | P23: 20407 | R23: =P23+Q23 -> 20407 | S23: =IFERROR(VLOOKUP(G23,'附表8-合同明细采集底稿'!B:M,12,0),100%) -> 0.33192427 | T23: =ROUND(SUM(R23)*SUM(S23),2) -> 6773.58 | U23: 已核对 | V23: 共同成本费用 | W23: =IF('附表1-面积统计表'!$D$29=0,"",IF(AND(V23="共同成本费用",Z23="总建筑面积法"),ROUND(T23/'附表1-面积统计表'!$D$29*'附表1-面积统计表'!$D$5,2),IF(AND(V23="共同成本费用",Z23="可售建筑面积法"),ROUND(T23/'附表1-面积统计表'!$F$29*'附表1-面积统计表'!$F$5,2),"请手工填写"))) -> 6377.27 | X23: =IF(SUM('附表1-面积统计表'!$D$6)=0,"",SUM(T23)-SUM(W23)-SUM(Y23)) | Y23: =IF(SUM('附表1-面积统计表'!$D$6)=0,SUM(T23)-SUM(W23),IF('附表1-面积统计表'!$D$29=0,"",IF(AND(V23="共同成本费用",Z23="总建筑面积法"),ROUND(T23/'附表1-面积统计表'!$D$29*'附表1-面积统计表'!$D$7,2),IF(AND(V23="共同成本费用",Z23="可售建筑面积法"),ROUND(T23/'附表1-面积统计表'!$F$29*'附表1-面积统计表'!$F$7,2),"请手工填写")))) -> 396.31 | Z23: 可售建筑面积法 | AB23: 可加计
A24: 18 | B24: 43490 | C24: 0065 | D24: 前期工程费 | E24: 设计费用 | F24: 沁春锦苑设计费 | G24: 其他合同-36 | H24: =IF(G24="","",VLOOKUP(G24,'附表8-合同明细采集底稿'!B:I,2,0)) -> 规划设计合同书 | I24: =IF(G24="","",VLOOKUP(G24,'附表8-合同明细采集底稿'!B:I,3,0)) -> 其他合同 | J24: =IF(G24="","",VLOOKUP(G24,'附表8-合同明细采集底稿'!B:I,4,0)) -> 上海联创建筑设计有限公司新疆分公司 | K24: 增值税专用发票 | L24: 6500181130；6500162130 | M24: 00054906； 00054904； 00054903； 03888084 | N24: 377358.48 | O24: 400000 | P24: 377358.48 | R24: =P24+Q24 -> 377358.48 | S24: =IFERROR(VLOOKUP(G24,'附表8-合同明细采集底稿'!B:M,12,0),100%) -> 0.33192427 | T24: =ROUND(SUM(R24)*SUM(S24),2) -> 125254.44 | U24: 已核实 | V24: 共同成本费用 | W24: =IF('附表1-面积统计表'!$D$29=0,"",IF(AND(V24="共同成本费用",Z24="总建筑面积法"),ROUND(T24/'附表1-面积统计表'!$D$29*'附表1-面积统计表'!$D$5,2),IF(AND(V24="共同成本费用",Z24="可售建筑面积法"),ROUND(T24/'附表1-面积统计表'!$F$29*'附表1-面积统计表'!$F$5,2),"请手工填写"))) -> 117925.96 | X24: =IF(SUM('附表1-面积统计表'!$D$6)=0,"",SUM(T24)-SUM(W24)-SUM(Y24)) | Y24: =IF(SUM('附表1-面积统计表'!$D$6)=0,SUM(T24)-SUM(W24),IF('附表1-面积统计表'!$D$29=0,"",IF(AND(V24="共同成本费用",Z24="总建筑面积法"),ROUND(T24/'附表1-面积统计表'!$D$29*'附表1-面积统计表'!$D$7,2),IF(AND(V24="共同成本费用",Z24="可售建筑面积法"),ROUND(T24/'附表1-面积统计表'!$F$29*'附表1-面积统计表'!$F$7,2),"请手工填写")))) -> 7328.48 | Z24: 可售建筑面积法 | AB24: 可加计
A25: 19 | B25: 43544 | C25: 0060 | D25: 前期工程费 | E25: 设计费用 | F25: 沁春锦苑设计费 | G25: 其他合同-36 | H25: =IF(G25="","",VLOOKUP(G25,'附表8-合同明细采集底稿'!B:I,2,0)) -> 规划设计合同书 | I25: =IF(G25="","",VLOOKUP(G25,'附表8-合同明细采集底稿'!B:I,3,0)) -> 其他合同 | J25: =IF(G25="","",VLOOKUP(G25,'附表8-合同明细采集底稿'!B:I,4,0)) -> 上海联创建筑设计有限公司新疆分公司 | K25: 增值税专用发票 | L25: 6500182130 | M25: 00302867;00302866 | N25: 157831.87 | O25: 167301.79 | P25: 157831.87 | R25: =P25+Q25 -> 157831.87 | S25: =IFERROR(VLOOKUP(G25,'附表8-合同明细采集底稿'!B:M,12,0),100%) -> 0.33192427 | T25: =ROUND(SUM(R25)*SUM(S25),2) -> 52388.23 | U25: 已核实 | V25: 共同成本费用 | W25: =IF('附表1-面积统计表'!$D$29=0,"",IF(AND(V25="共同成本费用",Z25="总建筑面积法"),ROUND(T25/'附表1-面积统计表'!$D$29*'附表1-面积统计表'!$D$5,2),IF(AND(V25="共同成本费用",Z25="可售建筑面积法"),ROUND(T25/'附表1-面积统计表'!$F$29*'附表1-面积统计表'!$F$5,2),"请手工填写"))) -> 49323.06 | X25: =IF(SUM('附表1-面积统计表'!$D$6)=0,"",SUM(T25)-SUM(W25)-SUM(Y25)) | Y25: =IF(SUM('附表1-面积统计表'!$D$6)=0,SUM(T25)-SUM(W25),IF('附表1-面积统计表'!$D$29=0,"",IF(AND(V25="共同成本费用",Z25="总建筑面积法"),ROUND(T25/'附表1-面积统计表'!$D$29*'附表1-面积统计表'!$D$7,2),IF(AND(V25="共同成本费用",Z25="可售建筑面积法"),ROUND(T25/'附表1-面积统计表'!$F$29*'附表1-面积统计表'!$F$7,2),"请手工填写")))) -> 3065.17 | Z25: 可售建筑面积法 | AB25: 可加计
A26: 20 | B26: 43590 | C26: 0002 | D26: 前期工程费 | E26: 规划费用 | F26: 44#小区土地评估费 | H26: =IF(G26="","",VLOOKUP(G26,'附表8-合同明细采集底稿'!B:I,2,0)) | I26: =IF(G26="","",VLOOKUP(G26,'附表8-合同明细采集底稿'!B:I,3,0)) | J26: 新疆兆新房产土地评估有限公司巴州分公司 | K26: 增值税专用发票 | L26: 6500182130 | M26: 05192668 | N26: 97087.38 | O26: 100000 | P26: 97087.38 | R26: =P26+Q26 -> 97087.38 | S26: 0.33133978 | T26: =ROUND(SUM(R26)*SUM(S26),2) -> 32168.91 | V26: 共同成本费用 | W26: =IF('附表1-面积统计表'!$D$29=0,"",IF(AND(V26="共同成本费用",Z26="总建筑面积法"),ROUND(T26/'附表1-面积统计表'!$D$29*'附表1-面积统计表'!$D$5,2),IF(AND(V26="共同成本费用",Z26="可售建筑面积法"),ROUND(T26/'附表1-面积统计表'!$F$29*'附表1-面积统计表'!$F$5,2),"请手工填写"))) -> 30286.75 | X26: =IF(SUM('附表1-面积统计表'!$D$6)=0,"",SUM(T26)-SUM(W26)-SUM(Y26)) | Y26: =IF(SUM('附表1-面积统计表'!$D$6)=0,SUM(T26)-SUM(W26),IF('附表1-面积统计表'!$D$29=0,"",IF(AND(V26="共同成本费用",Z26="总建筑面积法"),ROUND(T26/'附表1-面积统计表'!$D$29*'附表1-面积统计表'!$D$7,2),IF(AND(V26="共同成本费用",Z26="可售建筑面积法"),ROUND(T26/'附表1-面积统计表'!$F$29*'附表1-面积统计表'!$F$7,2),"请手工填写")))) -> 1882.16 | Z26: 可售建筑面积法 | AB26: 可加计
A27: 21 | B27: 43640 | C27: 0036 | D27: 基础设施费 | E27: 供水工程支出 | F27: 沁春锦苑自来水接口 | G27: 其他合同-29 | H27: =IF(G27="","",VLOOKUP(G27,'附表8-合同明细采集底稿'!B:I,2,0)) -> 供水管道安装（自来水接口） | I27: =IF(G27="","",VLOOKUP(G27,'附表8-合同明细采集底稿'!B:I,3,0)) -> 承揽合同 | J27: =IF(G27="","",VLOOKUP(G27,'附表8-合同明细采集底稿'!B:I,4,0)) -> 新疆昌源水务集团库尔勒银泉供水有限公司工程分公司 | K27: 增值税专用发票 | L27: 6500191130 | M27: 01532016 | N27: 4265.2 | O27: 4649.07 | P27: 4265.2 | R27: =P27+Q27 -> 4265.2 | S27: =IFERROR(VLOOKUP(G27,'附表8-合同明细采集底稿'!B:M,12,0),100%) -> 0.33192427 | T27: =ROUND(SUM(R27)*SUM(S27),2) -> 1415.72 | U27: 已核实 | V27: 共同成本费用 | W27: =IF('附表1-面积统计表'!$D$29=0,"",IF(AND(V27="共同成本费用",Z27="总建筑面积法"),ROUND(T27/'附表1-面积统计表'!$D$29*'附表1-面积统计表'!$D$5,2),IF(AND(V27="共同成本费用",Z27="可售建筑面积法"),ROUND(T27/'附表1-面积统计表'!$F$29*'附表1-面积统计表'!$F$5,2),"请手工填写"))) -> 1332.89 | X27: =IF(SUM('附表1-面积统计表'!$D$6)=0,"",SUM(T27)-SUM(W27)-SUM(Y27)) | Y27: =IF(SUM('附表1-面积统计表'!$D$6)=0,SUM(T27)-SUM(W27),IF('附表1-面积统计表'!$D$29=0,"",IF(AND(V27="共同成本费用",Z27="总建筑面积法"),ROUND(T27/'附表1-面积统计表'!$D$29*'附表1-面积统计表'!$D$7,2),IF(AND(V27="共同成本费用",Z27="可售建筑面积法"),ROUND(T27/'附表1-面积统计表'!$F$29*'附表1-面积统计表'!$F$7,2),"请手工填写")))) -> 82.83 | Z27: 可售建筑面积法 | AB27: 可加计
A28: 22 | B28: 43648 | C28: 0006 | D28: 基础设施费 | E28: 绿化费用 | F28: 沁春锦苑景观廊架 | G28: JC-LH-20 | H28: =IF(G28="","",VLOOKUP(G28,'附表8-合同明细采集底稿'!B:I,2,0)) -> 沁春锦苑小区景观廊架工程 | I28: =IF(G28="","",VLOOKUP(G28,'附表8-合同明细采集底稿'!B:I,3,0)) -> 技术合同 | J28: =IF(G28="","",VLOOKUP(G28,'附表8-合同明细采集底稿'!B:I,4,0)) -> 库尔勒坚乐美建筑工程有限责任公司（郑长银） | K28: 增值税专用发票 | L28: 6500182130 | M28: 01958676 | N28: 88495.58 | O28: 100000 | P28: 88495.58 | R28: =P28+Q28 -> 88495.58 | S28: =IFERROR(VLOOKUP(G28,'附表8-合同明细采集底稿'!B:M,12,0),100%) -> 0.33192427 | T28: =ROUND(SUM(R28)*SUM(S28),2) -> 29373.83 | U28: 已核实 | V28: 共同成本费用 | W28: =IF('附表1-面积统计表'!$D$29=0,"",IF(AND(V28="共同成本费用",Z28="总建筑面积法"),ROUND(T28/'附表1-面积统计表'!$D$29*'附表1-面积统计表'!$D$5,2),IF(AND(V28="共同成本费用",Z28="可售建筑面积法"),ROUND(T28/'附表1-面积统计表'!$F$29*'附表1-面积统计表'!$F$5,2),"请手工填写"))) -> 27655.2 | X28: =IF(SUM('附表1-面积统计表'!$D$6)=0,"",SUM(T28)-SUM(W28)-SUM(Y28)) | Y28: =IF(SUM('附表1-面积统计表'!$D$6)=0,SUM(T28)-SUM(W28),IF('附表1-面积统计表'!$D$29=0,"",IF(AND(V28="共同成本费用",Z28="总建筑面积法"),ROUND(T28/'附表1-面积统计表'!$D$29*'附表1-面积统计表'!$D$7,2),IF(AND(V28="共同成本费用",Z28="可售建筑面积法"),ROUND(T28/'附表1-面积统计表'!$F$29*'附表1-面积统计表'!$F$7,2),"请手工填写")))) -> 1718.63 | Z28: 可售建筑面积法 | AB28: 可加计
A29: 23 | B29: 43668 | C29: 0078 | D29: 基础设施费 | E29: 绿化费用 | F29: 景观石材 | G29: 其他合同-65 | H29: =IF(G29="","",VLOOKUP(G29,'附表8-合同明细采集底稿'!B:I,2,0)) -> （石材）材料购销合同 | I29: =IF(G29="","",VLOOKUP(G29,'附表8-合同明细采集底稿'!B:I,3,0)) -> 技术合同 | J29: =IF(G29="","",VLOOKUP(G29,'附表8-合同明细采集底稿'!B:I,4,0)) -> 托里县天和石业发展有限总公司 | K29: 增值税专用发票 | L29: 6500182130 | M29: 03755481 | N29: 192175.02 | O29: 197940.27 | P29: 192175.02 | R29: =P29+Q29 -> 192175.02 | S29: =IFERROR(VLOOKUP(G29,'附表8-合同明细采集底稿'!B:M,12,0),100%) -> 0.33192427 | T29: =ROUND(SUM(R29)*SUM(S29),2) -> 63787.55 | U29: 已核实 | V29: 共同成本费用 | W29: =IF('附表1-面积统计表'!$D$29=0,"",IF(AND(V29="共同成本费用",Z29="总建筑面积法"),ROUND(T29/'附表1-面积统计表'!$D$29*'附表1-面积统计表'!$D$5,2),IF(AND(V29="共同成本费用",Z29="可售建筑面积法"),ROUND(T29/'附表1-面积统计表'!$F$29*'附表1-面积统计表'!$F$5,2),"请手工填写"))) -> 60055.42 | X29: =IF(SUM('附表1-面积统计表'!$D$6)=0,"",SUM(T29)-SUM(W29)-SUM(Y29)) | Y29: =IF(SUM('附表1-面积统计表'!$D$6)=0,SUM(T29)-SUM(W29),IF('附表1-面积统计表'!$D$29=0,"",IF(AND(V29="共同成本费用",Z29="总建筑面积法"),ROUND(T29/'附表1-面积统计表'!$D$29*'附表1-面积统计表'!$D$7,2),IF(AND(V29="共同成本费用",Z29="可售建筑面积法"),ROUND(T29/'附表1-面积统计表'!$F$29*'附表1-面积统计表'!$F$7,2),"请手工填写")))) -> 3732.13 | Z29: 可售建筑面积法 | AB29: 可加计
A30: 24 | B30: 43704 | C30: 0102 | D30: 前期工程费 | E30: 设计费用 | F30: 原发票作废重新开具 | G30: JC-LH-04 | H30: =IF(G30="","",VLOOKUP(G30,'附表8-合同明细采集底稿'!B:I,2,0)) -> 专业建设工程设计合同 | I30: =IF(G30="","",VLOOKUP(G30,'附表8-合同明细采集底稿'!B:I,3,0)) -> 技术合同 | J30: =IF(G30="","",VLOOKUP(G30,'附表8-合同明细采集底稿'!B:I,4,0)) -> 乌鲁木齐大漠林海绿化有限责任公司（蔚晓芳） | K30: 增值税专用发票 | L30: 6500181130 | M30: 00125673 | N30: 33786.41 | O30: 34800 | P30: 33786.41 | R30: =P30+Q30 -> 33786.41 | S30: =IFERROR(VLOOKUP(G30,'附表8-合同明细采集底稿'!B:M,12,0),100%) -> 0.33192427 | T30: =ROUND(SUM(R30)*SUM(S30),2) -> 11214.53 | U30: 已核实 | V30: 共同成本费用 | W30: =IF('附表1-面积统计表'!$D$29=0,"",IF(AND(V30="共同成本费用",Z30="总建筑面积法"),ROUND(T30/'附表1-面积统计表'!$D$29*'附表1-面积统计表'!$D$5,2),IF(AND(V30="共同成本费用",Z30="可售建筑面积法"),ROUND(T30/'附表1-面积统计表'!$F$29*'附表1-面积统计表'!$F$5,2),"请手工填写"))) -> 10558.38 | X30: =IF(SUM('附表1-面积统计表'!$D$6)=0,"",SUM(T30)-SUM(W30)-SUM(Y30)) | Y30: =IF(SUM('附表1-面积统计表'!$D$6)=0,SUM(T30)-SUM(W30),IF('附表1-面积统计表'!$D$29=0,"",IF(AND(V30="共同成本费用",Z30="总建筑面积法"),ROUND(T30/'附表1-面积统计表'!$D$29*'附表1-面积统计表'!$D$7,2),IF(AND(V30="共同成本费用",Z30="可售建筑面积法"),ROUND(T30/'附表1-面积统计表'!$F$29*'附表1-面积统计表'!$F$7,2),"请手工填写")))) -> 656.15 | Z30: 可售建筑面积法 | AB30: 可加计
A31: 25 | B31: 43704 | C31: 0102 | D31: 前期工程费 | E31: 设计费用 | F31: 原发票作废重新开具 | G31: JC-LH-04 | H31: =IF(G31="","",VLOOKUP(G31,'附表8-合同明细采集底稿'!B:I,2,0)) -> 专业建设工程设计合同 | I31: =IF(G31="","",VLOOKUP(G31,'附表8-合同明细采集底稿'!B:I,3,0)) -> 技术合同 | J31: =IF(G31="","",VLOOKUP(G31,'附表8-合同明细采集底稿'!B:I,4,0)) -> 乌鲁木齐大漠林海绿化有限责任公司（蔚晓芳） | K31: 增值税专用发票 | L31: 6500181130 | M31: 00125671 | N31: 65000 | O31: 66950 | P31: 65000 | R31: =P31+Q31 -> 65000 | S31: =IFERROR(VLOOKUP(G31,'附表8-合同明细采集底稿'!B:M,12,0),100%) -> 0.33192427 | T31: =ROUND(SUM(R31)*SUM(S31),2) -> 21575.08 | U31: 已核实 | V31: 共同成本费用 | W31: =IF('附表1-面积统计表'!$D$29=0,"",IF(AND(V31="共同成本费用",Z31="总建筑面积法"),ROUND(T31/'附表1-面积统计表'!$D$29*'附表1-面积统计表'!$D$5,2),IF(AND(V31="共同成本费用",Z31="可售建筑面积法"),ROUND(T31/'附表1-面积统计表'!$F$29*'附表1-面积统计表'!$F$5,2),"请手工填写"))) -> 20312.75 | X31: =IF(SUM('附表1-面积统计表'!$D$6)=0,"",SUM(T31)-SUM(W31)-SUM(Y31)) | Y31: =IF(SUM('附表1-面积统计表'!$D$6)=0,SUM(T31)-SUM(W31),IF('附表1-面积统计表'!$D$29=0,"",IF(AND(V31="共同成本费用",Z31="总建筑面积法"),ROUND(T31/'附表1-面积统计表'!$D$29*'附表1-面积统计表'!$D$7,2),IF(AND(V31="共同成本费用",Z31="可售建筑面积法"),ROUND(T31/'附表1-面积统计表'!$F$29*'附表1-面积统计表'!$F$7,2),"请手工填写")))) -> 1262.33 | Z31: 可售建筑面积法 | AB31: 可加计
A32: 26 | B32: 43704 | C32: 0102 | D32: 前期工程费 | E32: 设计费用 | F32: 原发票作废重新开具 | G32: JC-LH-04 | H32: =IF(G32="","",VLOOKUP(G32,'附表8-合同明细采集底稿'!B:I,2,0)) -> 专业建设工程设计合同 | I32: =IF(G32="","",VLOOKUP(G32,'附表8-合同明细采集底稿'!B:I,3,0)) -> 技术合同 | J32: =IF(G32="","",VLOOKUP(G32,'附表8-合同明细采集底稿'!B:I,4,0)) -> 乌鲁木齐大漠林海绿化有限责任公司（蔚晓芳） | K32: 增值税专用发票 | L32: 6500181130 | M32: 00125672 | N32: 97087.38 | O32: 100000 | P32: 97087.38 | R32: =P32+Q32 -> 97087.38 | S32: =IFERROR(VLOOKUP(G32,'附表8-合同明细采集底稿'!B:M,12,0),100%) -> 0.33192427 | T32: =ROUND(SUM(R32)*SUM(S32),2) -> 32225.66 | U32: 已核实 | V32: 共同成本费用 | W32: =IF('附表1-面积统计表'!$D$29=0,"",IF(AND(V32="共同成本费用",Z32="总建筑面积法"),ROUND(T32/'附表1-面积统计表'!$D$29*'附表1-面积统计表'!$D$5,2),IF(AND(V32="共同成本费用",Z32="可售建筑面积法"),ROUND(T32/'附表1-面积统计表'!$F$29*'附表1-面积统计表'!$F$5,2),"请手工填写"))) -> 30340.18 | X32: =IF(SUM('附表1-面积统计表'!$D$6)=0,"",SUM(T32)-SUM(W32)-SUM(Y32)) | Y32: =IF(SUM('附表1-面积统计表'!$D$6)=0,SUM(T32)-SUM(W32),IF('附表1-面积统计表'!$D$29=0,"",IF(AND(V32="共同成本费用",Z32="总建筑面积法"),ROUND(T32/'附表1-面积统计表'!$D$29*'附表1-面积统计表'!$D$7,2),IF(AND(V32="共同成本费用",Z32="可售建筑面积法"),ROUND(T32/'附表1-面积统计表'!$F$29*'附表1-面积统计表'!$F$7,2),"请手工填写")))) -> 1885.48 | Z32: 可售建筑面积法 | AB32: 可加计
A33: 27 | B33: 43704 | C33: 0102 | D33: 前期工程费 | E33: 设计费用 | F33: 原发票作废重新开具 | G33: JC-LH-04 | H33: =IF(G33="","",VLOOKUP(G33,'附表8-合同明细采集底稿'!B:I,2,0)) -> 专业建设工程设计合同 | I33: =IF(G33="","",VLOOKUP(G33,'附表8-合同明细采集底稿'!B:I,3,0)) -> 技术合同 | J33: =IF(G33="","",VLOOKUP(G33,'附表8-合同明细采集底稿'!B:I,4,0)) -> 乌鲁木齐大漠林海绿化有限责任公司（蔚晓芳） | K33: 增值税专用发票 | L33: 6500191130 | M33: 01282186 | N33: 97087.38 | O33: 100000 | P33: 97087.38 | R33: =P33+Q33 -> 97087.38 | S33: =IFERROR(VLOOKUP(G33,'附表8-合同明细采集底稿'!B:M,12,0),100%) -> 0.33192427 | T33: =ROUND(SUM(R33)*SUM(S33),2) -> 32225.66 | U33: 已核实 | V33: 共同成本费用 | W33: =IF('附表1-面积统计表'!$D$29=0,"",IF(AND(V33="共同成本费用",Z33="总建筑面积法"),ROUND(T33/'附表1-面积统计表'!$D$29*'附表1-面积统计表'!$D$5,2),IF(AND(V33="共同成本费用",Z33="可售建筑面积法"),ROUND(T33/'附表1-面积统计表'!$F$29*'附表1-面积统计表'!$F$5,2),"请手工填写"))) -> 30340.18 | X33: =IF(SUM('附表1-面积统计表'!$D$6)=0,"",SUM(T33)-SUM(W33)-SUM(Y33)) | Y33: =IF(SUM('附表1-面积统计表'!$D$6)=0,SUM(T33)-SUM(W33),IF('附表1-面积统计表'!$D$29=0,"",IF(AND(V33="共同成本费用",Z33="总建筑面积法"),ROUND(T33/'附表1-面积统计表'!$D$29*'附表1-面积统计表'!$D$7,2),IF(AND(V33="共同成本费用",Z33="可售建筑面积法"),ROUND(T33/'附表1-面积统计表'!$F$29*'附表1-面积统计表'!$F$7,2),"请手工填写")))) -> 1885.48 | Z33: 可售建筑面积法 | AB33: 可加计
A34: 28 | B34: 43748 | C34: 0027 | D34: 基础设施费 | E34: 绿化费用 | F34: 景观亮华 | G34: JC-LH-17 | H34: =IF(G34="","",VLOOKUP(G34,'附表8-合同明细采集底稿'!B:I,2,0)) -> 沁春锦苑小区景观轴亮化工程合同 | I34: =IF(G34="","",VLOOKUP(G34,'附表8-合同明细采集底稿'!B:I,3,0)) -> 建设工程合同 | J34: =IF(G34="","",VLOOKUP(G34,'附表8-合同明细采集底稿'!B:I,4,0)) -> 巴州青橄榄电子科技有限公司（党曌） | K34: 增值税专用发票 | L34: 6500192130 | M34: 07341165 | N34: 34951.46 | O34: 36000 | P34: 34951.46 | R34: =P34+Q34 -> 34951.46 | S34: =IFERROR(VLOOKUP(G34,'附表8-合同明细采集底稿'!B:M,12,0),100%) -> 0.33192427 | T34: =ROUND(SUM(R34)*SUM(S34),2) -> 11601.24 | V34: 共同成本费用 | W34: =IF('附表1-面积统计表'!$D$29=0,"",IF(AND(V34="共同成本费用",Z34="总建筑面积法"),ROUND(T34/'附表1-面积统计表'!$D$29*'附表1-面积统计表'!$D$5,2),IF(AND(V34="共同成本费用",Z34="可售建筑面积法"),ROUND(T34/'附表1-面积统计表'!$F$29*'附表1-面积统计表'!$F$5,2),"请手工填写"))) -> 10922.47 | X34: =IF(SUM('附表1-面积统计表'!$D$6)=0,"",SUM(T34)-SUM(W34)-SUM(Y34)) | Y34: =IF(SUM('附表1-面积统计表'!$D$6)=0,SUM(T34)-SUM(W34),IF('附表1-面积统计表'!$D$29=0,"",IF(AND(V34="共同成本费用",Z34="总建筑面积法"),ROUND(T34/'附表1-面积统计表'!$D$29*'附表1-面积统计表'!$D$7,2),IF(AND(V34="共同成本费用",Z34="可售建筑面积法"),ROUND(T34/'附表1-面积统计表'!$F$29*'附表1-面积统计表'!$F$7,2),"请手工填写")))) -> 678.77 | Z34: 可售建筑面积法 | AB34: 可加计
A35: 29 | B35: 43757 | C35: 0048 | D35: 基础设施费 | E35: 绿化费用 | F35: 石材雕刻 | G35: JC-LH-05 | H35: =IF(G35="","",VLOOKUP(G35,'附表8-合同明细采集底稿'!B:I,2,0)) -> 雕塑工程合同 | I35: =IF(G35="","",VLOOKUP(G35,'附表8-合同明细采集底稿'!B:I,3,0)) -> 建设工程合同 | J35: =IF(G35="","",VLOOKUP(G35,'附表8-合同明细采集底稿'!B:I,4,0)) -> 曲阳县石磊石材雕塑有限公司 | K35: 增值税专用发票 | L35: 1300191130 | M35: 18370133 | N35: 80421.24 | O35: 90876 | P35: 80421.24 | R35: =P35+Q35 -> 80421.24 | S35: =IFERROR(VLOOKUP(G35,'附表8-合同明细采集底稿'!B:M,12,0),100%) -> 0.33192427 | T35: =ROUND(SUM(R35)*SUM(S35),2) -> 26693.76 | U35: 已核实 | V35: 共同成本费用 | W35: =IF('附表1-面积统计表'!$D$29=0,"",IF(AND(V35="共同成本费用",Z35="总建筑面积法"),ROUND(T35/'附表1-面积统计表'!$D$29*'附表1-面积统计表'!$D$5,2),IF(AND(V35="共同成本费用",Z35="可售建筑面积法"),ROUND(T35/'附表1-面积统计表'!$F$29*'附表1-面积统计表'!$F$5,2),"请手工填写"))) -> 25131.94 | X35: =IF(SUM('附表1-面积统计表'!$D$6)=0,"",SUM(T35)-SUM(W35)-SUM(Y35)) | Y35: =IF(SUM('附表1-面积统计表'!$D$6)=0,SUM(T35)-SUM(W35),IF('附表1-面积统计表'!$D$29=0,"",IF(AND(V35="共同成本费用",Z35="总建筑面积法"),ROUND(T35/'附表1-面积统计表'!$D$29*'附表1-面积统计表'!$D$7,2),IF(AND(V35="共同成本费用",Z35="可售建筑面积法"),ROUND(T35/'附表1-面积统计表'!$F$29*'附表1-面积统计表'!$F$7,2),"请手工填写")))) -> 1561.82 | Z35: 可售建筑面积法 | AB35: 可加计
A36: 30 | B36: 43757 | C36: 0048 | D36: 基础设施费 | E36: 绿化费用 | F36: 石材雕刻 | G36: JC-LH-05 | H36: =IF(G36="","",VLOOKUP(G36,'附表8-合同明细采集底稿'!B:I,2,0)) -> 雕塑工程合同 | I36: =IF(G36="","",VLOOKUP(G36,'附表8-合同明细采集底稿'!B:I,3,0)) -> 建设工程合同 | J36: =IF(G36="","",VLOOKUP(G36,'附表8-合同明细采集底稿'!B:I,4,0)) -> 曲阳县石磊石材雕塑有限公司 | K36: 增值税专用发票 | L36: 1300191130 | M36: 18370132 | N36: 80421.24 | O36: 90876 | P36: 80421.24 | R36: =P36+Q36 -> 80421.24 | S36: =IFERROR(VLOOKUP(G36,'附表8-合同明细采集底稿'!B:M,12,0),100%) -> 0.33192427 | T36: =ROUND(SUM(R36)*SUM(S36),2) -> 26693.76 | U36: 已核实 | V36: 共同成本费用 | W36: =IF('附表1-面积统计表'!$D$29=0,"",IF(AND(V36="共同成本费用",Z36="总建筑面积法"),ROUND(T36/'附表1-面积统计表'!$D$29*'附表1-面积统计表'!$D$5,2),IF(AND(V36="共同成本费用",Z36="可售建筑面积法"),ROUND(T36/'附表1-面积统计表'!$F$29*'附表1-面积统计表'!$F$5,2),"请手工填写"))) -> 25131.94 | X36: =IF(SUM('附表1-面积统计表'!$D$6)=0,"",SUM(T36)-SUM(W36)-SUM(Y36)) | Y36: =IF(SUM('附表1-面积统计表'!$D$6)=0,SUM(T36)-SUM(W36),IF('附表1-面积统计表'!$D$29=0,"",IF(AND(V36="共同成本费用",Z36="总建筑面积法"),ROUND(T36/'附表1-面积统计表'!$D$29*'附表1-面积统计表'!$D$7,2),IF(AND(V36="共同成本费用",Z36="可售建筑面积法"),ROUND(T36/'附表1-面积统计表'!$F$29*'附表1-面积统计表'!$F$7,2),"请手工填写")))) -> 1561.82 | Z36: 可售建筑面积法 | AB36: 可加计
A37: 31 | B37: 43757 | C37: 0048 | D37: 基础设施费 | E37: 绿化费用 | F37: 石材雕刻 | G37: JC-LH-05 | H37: =IF(G37="","",VLOOKUP(G37,'附表8-合同明细采集底稿'!B:I,2,0)) -> 雕塑工程合同 | I37: =IF(G37="","",VLOOKUP(G37,'附表8-合同明细采集底稿'!B:I,3,0)) -> 建设工程合同 | J37: =IF(G37="","",VLOOKUP(G37,'附表8-合同明细采集底稿'!B:I,4,0)) -> 曲阳县石磊石材雕塑有限公司 | K37: 增值税专用发票 | L37: 1300191130 | M37: 18370131 | N37: 80421.24 | O37: 90876 | P37: 80421.24 | Q37: 18913.27 | R37: =P37+Q37 -> 99334.51 | S37: =IFERROR(VLOOKUP(G37,'附表8-合同明细采集底稿'!B:M,12,0),100%) -> 0.33192427 | T37: =ROUND(SUM(R37)*SUM(S37),2) -> 32971.53 | U37: 已核实 | V37: 共同成本费用 | W37: =IF('附表1-面积统计表'!$D$29=0,"",IF(AND(V37="共同成本费用",Z37="总建筑面积法"),ROUND(T37/'附表1-面积统计表'!$D$29*'附表1-面积统计表'!$D$5,2),IF(AND(V37="共同成本费用",Z37="可售建筑面积法"),ROUND(T37/'附表1-面积统计表'!$F$29*'附表1-面积统计表'!$F$5,2),"请手工填写"))) -> 31042.41 | X37: =IF(SUM('附表1-面积统计表'!$D$6)=0,"",SUM(T37)-SUM(W37)-SUM(Y37)) | Y37: =IF(SUM('附表1-面积统计表'!$D$6)=0,SUM(T37)-SUM(W37),IF('附表1-面积统计表'!$D$29=0,"",IF(AND(V37="共同成本费用",Z37="总建筑面积法"),ROUND(T37/'附表1-面积统计表'!$D$29*'附表1-面积统计表'!$D$7,2),IF(AND(V37="共同成本费用",Z37="可售建筑面积法"),ROUND(T37/'附表1-面积统计表'!$F$29*'附表1-面积统计表'!$F$7,2),"请手工填写")))) -> 1929.12 | Z37: 可售建筑面积法 | AB37: 可加计
A38: 32 | B38: 43757 | C38: 0048 | D38: 基础设施费 | E38: 绿化费用 | F38: 石材雕刻 | G38: JC-LH-06 | H38: =IF(G38="","",VLOOKUP(G38,'附表8-合同明细采集底稿'!B:I,2,0)) -> 新增产品合同 | I38: =IF(G38="","",VLOOKUP(G38,'附表8-合同明细采集底稿'!B:I,3,0)) -> 产权转移书据 | J38: =IF(G38="","",VLOOKUP(G38,'附表8-合同明细采集底稿'!B:I,4,0)) -> 曲阳县石磊石材雕塑有限公司 | K38: 增值税专用发票 | L38: 1300191130 | M38: 18370130 | N38: 80421.24 | O38: 90876 | P38: 80421.24 | Q38: -18913.267 | R38: =P38+Q38 -> 61507.973 | S38: =IFERROR(VLOOKUP(G38,'附表8-合同明细采集底稿'!B:M,12,0),100%) -> 0.33192427 | T38: =ROUND(SUM(R38)*SUM(S38),2) -> 20415.99 | U38: 已核实 | V38: 共同成本费用 | W38: =IF('附表1-面积统计表'!$D$29=0,"",IF(AND(V38="共同成本费用",Z38="总建筑面积法"),ROUND(T38/'附表1-面积统计表'!$D$29*'附表1-面积统计表'!$D$5,2),IF(AND(V38="共同成本费用",Z38="可售建筑面积法"),ROUND(T38/'附表1-面积统计表'!$F$29*'附表1-面积统计表'!$F$5,2),"请手工填写"))) -> 19221.48 | X38: =IF(SUM('附表1-面积统计表'!$D$6)=0,"",SUM(T38)-SUM(W38)-SUM(Y38)) | Y38: =IF(SUM('附表1-面积统计表'!$D$6)=0,SUM(T38)-SUM(W38),IF('附表1-面积统计表'!$D$29=0,"",IF(AND(V38="共同成本费用",Z38="总建筑面积法"),ROUND(T38/'附表1-面积统计表'!$D$29*'附表1-面积统计表'!$D$7,2),IF(AND(V38="共同成本费用",Z38="可售建筑面积法"),ROUND(T38/'附表1-面积统计表'!$F$29*'附表1-面积统计表'!$F$7,2),"请手工填写")))) -> 1194.51 | Z38: 可售建筑面积法 | AB38: 可加计
A39: 33 | B39: 43757 | C39: 0048 | D39: 基础设施费 | E39: 绿化费用 | F39: 石材雕刻 | G39: JC-LH-06 | H39: =IF(G39="","",VLOOKUP(G39,'附表8-合同明细采集底稿'!B:I,2,0)) -> 新增产品合同 | I39: =IF(G39="","",VLOOKUP(G39,'附表8-合同明细采集底稿'!B:I,3,0)) -> 产权转移书据 | J39: =IF(G39="","",VLOOKUP(G39,'附表8-合同明细采集底稿'!B:I,4,0)) -> 曲阳县石磊石材雕塑有限公司 | K39: 增值税专用发票 | L39: 1300191130 | M39: 18370134 | N39: 80423.89 | O39: 90879 | P39: 80423.89 | R39: =P39+Q39 -> 80423.89 | S39: =IFERROR(VLOOKUP(G39,'附表8-合同明细采集底稿'!B:M,12,0),100%) -> 0.33192427 | T39: =ROUND(SUM(R39)*SUM(S39),2) -> 26694.64 | U39: 已核实 | V39: 共同成本费用 | W39: =IF('附表1-面积统计表'!$D$29=0,"",IF(AND(V39="共同成本费用",Z39="总建筑面积法"),ROUND(T39/'附表1-面积统计表'!$D$29*'附表1-面积统计表'!$D$5,2),IF(AND(V39="共同成本费用",Z39="可售建筑面积法"),ROUND(T39/'附表1-面积统计表'!$F$29*'附表1-面积统计表'!$F$5,2),"请手工填写"))) -> 25132.77 | X39: =IF(SUM('附表1-面积统计表'!$D$6)=0,"",SUM(T39)-SUM(W39)-SUM(Y39)) | Y39: =IF(SUM('附表1-面积统计表'!$D$6)=0,SUM(T39)-SUM(W39),IF('附表1-面积统计表'!$D$29=0,"",IF(AND(V39="共同成本费用",Z39="总建筑面积法"),ROUND(T39/'附表1-面积统计表'!$D$29*'附表1-面积统计表'!$D$7,2),IF(AND(V39="共同成本费用",Z39="可售建筑面积法"),ROUND(T39/'附表1-面积统计表'!$F$29*'附表1-面积统计表'!$F$7,2),"请手工填写")))) -> 1561.87 | Z39: 可售建筑面积法 | AB39: 可加计
A40: 34 | B40: 43760 | C40: 0085 | D40: 基础设施费 | E40: 绿化费用 | F40: 沁春锦苑大门景观防水 | H40: =IF(G40="","",VLOOKUP(G40,'附表8-合同明细采集底稿'!B:I,2,0)) | I40: =IF(G40="","",VLOOKUP(G40,'附表8-合同明细采集底稿'!B:I,3,0)) | J40: 巴州坤霸商贸有限公司 | K40: 增值税专用发票 | L40: 6500181130 | M40: 00067027 | N40: 8038.83 | O40: 8280 | P40: 8038.83 | R40: =P40+Q40 -> 8038.83 | S40: 0.33133978 | T40: =ROUND(SUM(R40)*SUM(S40),2) -> 2663.58 | V40: 共同成本费用 | W40: =IF('附表1-面积统计表'!$D$29=0,"",IF(AND(V40="共同成本费用",Z40="总建筑面积法"),ROUND(T40/'附表1-面积统计表'!$D$29*'附表1-面积统计表'!$D$5,2),IF(AND(V40="共同成本费用",Z40="可售建筑面积法"),ROUND(T40/'附表1-面积统计表'!$F$29*'附表1-面积统计表'!$F$5,2),"请手工填写"))) -> 2507.74 | X40: =IF(SUM('附表1-面积统计表'!$D$6)=0,"",SUM(T40)-SUM(W40)-SUM(Y40)) | Y40: =IF(SUM('附表1-面积统计表'!$D$6)=0,SUM(T40)-SUM(W40),IF('附表1-面积统计表'!$D$29=0,"",IF(AND(V40="共同成本费用",Z40="总建筑面积法"),ROUND(T40/'附表1-面积统计表'!$D$29*'附表1-面积统计表'!$D$7,2),IF(AND(V40="共同成本费用",Z40="可售建筑面积法"),ROUND(T40/'附表1-面积统计表'!$F$29*'附表1-面积统计表'!$F$7,2),"请手工填写")))) -> 155.84 | Z40: 可售建筑面积法 | AB40: 可加计
A41: 35 | B41: 43762 | C41: 0102 | D41: 基础设施费 | E41: 开发小区内道路工程支出 | F41: 材料 | H41: =IF(G41="","",VLOOKUP(G41,'附表8-合同明细采集底稿'!B:I,2,0)) | I41: =IF(G41="","",VLOOKUP(G41,'附表8-合同明细采集底稿'!B:I,3,0)) | J41: 库尔勒四季红五金胶业批发部 | K41: 增值税普通发票 | L41: 065002100111 | M41: 37140894 | N41: 600 | O41: 600 | P41: 600 | Q41: -600 | R41: =P41+Q41 -> 0 | S41: =IFERROR(VLOOKUP(G41,'附表8-合同明细采集底稿'!B:M,12,0),100%) -> 1 | T41: =ROUND(SUM(R41)*SUM(S41),2) -> 0 | V41: 共同成本费用 | W41: =IF('附表1-面积统计表'!$D$29=0,"",IF(AND(V41="共同成本费用",Z41="总建筑面积法"),ROUND(T41/'附表1-面积统计表'!$D$29*'附表1-面积统计表'!$D$5,2),IF(AND(V41="共同成本费用",Z41="可售建筑面积法"),ROUND(T41/'附表1-面积统计表'!$F$29*'附表1-面积统计表'!$F$5,2),"请手工填写"))) -> 0 | X41: =IF(SUM('附表1-面积统计表'!$D$6)=0,"",SUM(T41)-SUM(W41)-SUM(Y41)) | Y41: =IF(SUM('附表1-面积统计表'!$D$6)=0,SUM(T41)-SUM(W41),IF('附表1-面积统计表'!$D$29=0,"",IF(AND(V41="共同成本费用",Z41="总建筑面积法"),ROUND(T41/'附表1-面积统计表'!$D$29*'附表1-面积统计表'!$D$7,2),IF(AND(V41="共同成本费用",Z41="可售建筑面积法"),ROUND(T41/'附表1-面积统计表'!$F$29*'附表1-面积统计表'!$F$7,2),"请手工填写")))) -> 0 | Z41: 可售建筑面积法 | AB41: 可加计
A42: 36 | B42: 43766 | C42: 0109 | D42: 基础设施费 | E42: 绿化费用 | F42: 景观瓷砖 | H42: =IF(G42="","",VLOOKUP(G42,'附表8-合同明细采集底稿'!B:I,2,0)) | I42: =IF(G42="","",VLOOKUP(G42,'附表8-合同明细采集底稿'!B:I,3,0)) | J42: 库尔勒经济技术开发区罗马利奥瓷砖专卖店 | K42: 增值税普通发票 | L42: 065002100111 | M42: 29976493 | N42: 8250 | O42: 8250 | P42: 8250 | Q42: -8250 | R42: =P42+Q42 -> 0 | S42: =IFERROR(VLOOKUP(G42,'附表8-合同明细采集底稿'!B:M,12,0),100%) -> 1 | T42: =ROUND(SUM(R42)*SUM(S42),2) -> 0 | V42: 共同成本费用 | W42: =IF('附表1-面积统计表'!$D$29=0,"",IF(AND(V42="共同成本费用",Z42="总建筑面积法"),ROUND(T42/'附表1-面积统计表'!$D$29*'附表1-面积统计表'!$D$5,2),IF(AND(V42="共同成本费用",Z42="可售建筑面积法"),ROUND(T42/'附表1-面积统计表'!$F$29*'附表1-面积统计表'!$F$5,2),"请手工填写"))) -> 0 | X42: =IF(SUM('附表1-面积统计表'!$D$6)=0,"",SUM(T42)-SUM(W42)-SUM(Y42)) | Y42: =IF(SUM('附表1-面积统计表'!$D$6)=0,SUM(T42)-SUM(W42),IF('附表1-面积统计表'!$D$29=0,"",IF(AND(V42="共同成本费用",Z42="总建筑面积法"),ROUND(T42/'附表1-面积统计表'!$D$29*'附表1-面积统计表'!$D$7,2),IF(AND(V42="共同成本费用",Z42="可售建筑面积法"),ROUND(T42/'附表1-面积统计表'!$F$29*'附表1-面积统计表'!$F$7,2),"请手工填写")))) -> 0 | Z42: 可售建筑面积法 | AB42: 可加计
A43: 37 | B43: 43766 | C43: 0109 | D43: 基础设施费 | E43: 绿化费用 | F43: 景观瓷砖 | H43: =IF(G43="","",VLOOKUP(G43,'附表8-合同明细采集底稿'!B:I,2,0)) | I43: =IF(G43="","",VLOOKUP(G43,'附表8-合同明细采集底稿'!B:I,3,0)) | J43: 库尔勒经济技术开发区罗马利奥瓷砖专卖店 | K43: 增值税普通发票 | L43: 065002100111 | M43: 29976494 | N43: 3400 | O43: 3400 | P43: 3400 | Q43: -3400 | R43: =P43+Q43 -> 0 | S43: =IFERROR(VLOOKUP(G43,'附表8-合同明细采集底稿'!B:M,12,0),100%) -> 1 | T43: =ROUND(SUM(R43)*SUM(S43),2) -> 0 | V43: 共同成本费用 | W43: =IF('附表1-面积统计表'!$D$29=0,"",IF(AND(V43="共同成本费用",Z43="总建筑面积法"),ROUND(T43/'附表1-面积统计表'!$D$29*'附表1-面积统计表'!$D$5,2),IF(AND(V43="共同成本费用",Z43="可售建筑面积法"),ROUND(T43/'附表1-面积统计表'!$F$29*'附表1-面积统计表'!$F$5,2),"请手工填写"))) -> 0 | X43: =IF(SUM('附表1-面积统计表'!$D$6)=0,"",SUM(T43)-SUM(W43)-SUM(Y43)) | Y43: =IF(SUM('附表1-面积统计表'!$D$6)=0,SUM(T43)-SUM(W43),IF('附表1-面积统计表'!$D$29=0,"",IF(AND(V43="共同成本费用",Z43="总建筑面积法"),ROUND(T43/'附表1-面积统计表'!$D$29*'附表1-面积统计表'!$D$7,2),IF(AND(V43="共同成本费用",Z43="可售建筑面积法"),ROUND(T43/'附表1-面积统计表'!$F$29*'附表1-面积统计表'!$F$7,2),"请手工填写")))) -> 0 | Z43: 可售建筑面积法 | AB43: 可加计
A44: 38 | B44: 43776 | C44: 0046 | D44: 基础设施费 | E44: 绿化费用 | F44: 廊架 | G44: JC-LH-20 | H44: =IF(G44="","",VLOOKUP(G44,'附表8-合同明细采集底稿'!B:I,2,0)) -> 沁春锦苑小区景观廊架工程 | I44: =IF(G44="","",VLOOKUP(G44,'附表8-合同明细采集底稿'!B:I,3,0)) -> 技术合同 | J44: =IF(G44="","",VLOOKUP(G44,'附表8-合同明细采集底稿'!B:I,4,0)) -> 库尔勒坚乐美建筑工程有限责任公司（郑长银） | K44: 增值税专用发票 | L44: 6500191130 | M44: 01684501 | N44: 88495.58 | O44: 100000 | P44: 88495.58 | R44: =P44+Q44 -> 88495.58 | S44: =IFERROR(VLOOKUP(G44,'附表8-合同明细采集底稿'!B:M,12,0),100%) -> 0.33192427 | T44: =ROUND(SUM(R44)*SUM(S44),2) -> 29373.83 | U44: 已核实 | V44: 共同成本费用 | W44: =IF('附表1-面积统计表'!$D$29=0,"",IF(AND(V44="共同成本费用",Z44="总建筑面积法"),ROUND(T44/'附表1-面积统计表'!$D$29*'附表1-面积统计表'!$D$5,2),IF(AND(V44="共同成本费用",Z44="可售建筑面积法"),ROUND(T44/'附表1-面积统计表'!$F$29*'附表1-面积统计表'!$F$5,2),"请手工填写"))) -> 27655.2 | X44: =IF(SUM('附表1-面积统计表'!$D$6)=0,"",SUM(T44)-SUM(W44)-SUM(Y44)) | Y44: =IF(SUM('附表1-面积统计表'!$D$6)=0,SUM(T44)-SUM(W44),IF('附表1-面积统计表'!$D$29=0,"",IF(AND(V44="共同成本费用",Z44="总建筑面积法"),ROUND(T44/'附表1-面积统计表'!$D$29*'附表1-面积统计表'!$D$7,2),IF(AND(V44="共同成本费用",Z44="可售建筑面积法"),ROUND(T44/'附表1-面积统计表'!$F$29*'附表1-面积统计表'!$F$7,2),"请手工填写")))) -> 1718.63 | Z44: 可售建筑面积法 | AB44: 可加计
A45: 39 | B45: 43777 | C45: 0062 | D45: 基础设施费 | E45: 绿化费用 | F45: 黑冰花石材 | H45: =IF(G45="","",VLOOKUP(G45,'附表8-合同明细采集底稿'!B:I,2,0)) | I45: =IF(G45="","",VLOOKUP(G45,'附表8-合同明细采集底稿'!B:I,3,0)) | J45: 库尔勒新聚石材经销部 | K45: 增值税普通发票 | L45: 065002100111 | M45: 02217356 | N45: 50225.35 | O45: 50225.35 | P45: 50225.35 | R45: =P45+Q45 -> 50225.35 | S45: 0.33133978 | T45: =ROUND(SUM(R45)*SUM(S45),2) -> 16641.66 | V45: 共同成本费用 | W45: =IF('附表1-面积统计表'!$D$29=0,"",IF(AND(V45="共同成本费用",Z45="总建筑面积法"),ROUND(T45/'附表1-面积统计表'!$D$29*'附表1-面积统计表'!$D$5,2),IF(AND(V45="共同成本费用",Z45="可售建筑面积法"),ROUND(T45/'附表1-面积统计表'!$F$29*'附表1-面积统计表'!$F$5,2),"请手工填写"))) -> 15667.98 | X45: =IF(SUM('附表1-面积统计表'!$D$6)=0,"",SUM(T45)-SUM(W45)-SUM(Y45)) | Y45: =IF(SUM('附表1-面积统计表'!$D$6)=0,SUM(T45)-SUM(W45),IF('附表1-面积统计表'!$D$29=0,"",IF(AND(V45="共同成本费用",Z45="总建筑面积法"),ROUND(T45/'附表1-面积统计表'!$D$29*'附表1-面积统计表'!$D$7,2),IF(AND(V45="共同成本费用",Z45="可售建筑面积法"),ROUND(T45/'附表1-面积统计表'!$F$29*'附表1-面积统计表'!$F$7,2),"请手工填写")))) -> 973.68 | Z45: 可售建筑面积法 | AB45: 可加计
A46: 40 | B46: 43777 | C46: 0064 | D46: 基础设施费 | E46: 绿化费用 | F46: 水下彩灯 | H46: =IF(G46="","",VLOOKUP(G46,'附表8-合同明细采集底稿'!B:I,2,0)) | I46: =IF(G46="","",VLOOKUP(G46,'附表8-合同明细采集底稿'!B:I,3,0)) | J46: 乌鲁木齐市双龙园林喷泉水景艺术有限公司 | K46: 增值税普通发票 | L46: 065002100111 | M46: 27342038 | N46: 6615 | O46: 6615 | P46: 6615 | R46: =P46+Q46 -> 6615 | S46: 0.33133978 | T46: =ROUND(SUM(R46)*SUM(S46),2) -> 2191.81 | V46: 共同成本费用 | W46: =IF('附表1-面积统计表'!$D$29=0,"",IF(AND(V46="共同成本费用",Z46="总建筑面积法"),ROUND(T46/'附表1-面积统计表'!$D$29*'附表1-面积统计表'!$D$5,2),IF(AND(V46="共同成本费用",Z46="可售建筑面积法"),ROUND(T46/'附表1-面积统计表'!$F$29*'附表1-面积统计表'!$F$5,2),"请手工填写"))) -> 2063.57 | X46: =IF(SUM('附表1-面积统计表'!$D$6)=0,"",SUM(T46)-SUM(W46)-SUM(Y46)) | Y46: =IF(SUM('附表1-面积统计表'!$D$6)=0,SUM(T46)-SUM(W46),IF('附表1-面积统计表'!$D$29=0,"",IF(AND(V46="共同成本费用",Z46="总建筑面积法"),ROUND(T46/'附表1-面积统计表'!$D$29*'附表1-面积统计表'!$D$7,2),IF(AND(V46="共同成本费用",Z46="可售建筑面积法"),ROUND(T46/'附表1-面积统计表'!$F$29*'附表1-面积统计表'!$F$7,2),"请手工填写")))) -> 128.24 | Z46: 可售建筑面积法 | AB46: 可加计
A47: 41 | B47: 43777 | C47: 0066 | D47: 基础设施费 | E47: 其他设施工程发生的支出 | F47: 沁春锦苑围栏维修 | G47: JC-LH-17 | H47: =IF(G47="","",VLOOKUP(G47,'附表8-合同明细采集底稿'!B:I,2,0)) -> 沁春锦苑小区景观轴亮化工程合同 | I47: =IF(G47="","",VLOOKUP(G47,'附表8-合同明细采集底稿'!B:I,3,0)) -> 建设工程合同 | J47: =IF(G47="","",VLOOKUP(G47,'附表8-合同明细采集底稿'!B:I,4,0)) -> 巴州青橄榄电子科技有限公司（党曌） | K47: 增值税普通发票 | L47: 065002100111 | M47: 62451348 | N47: 17000 | O47: 17000 | P47: 17000 | Q47: =-P47 -> -17000 | R47: =P47+Q47 -> 0 | S47: =IFERROR(VLOOKUP(G47,'附表8-合同明细采集底稿'!B:M,12,0),100%) -> 0.33192427 | T47: =ROUND(SUM(R47)*SUM(S47),2) -> 0 | V47: 共同成本费用 | W47: =IF('附表1-面积统计表'!$D$29=0,"",IF(AND(V47="共同成本费用",Z47="总建筑面积法"),ROUND(T47/'附表1-面积统计表'!$D$29*'附表1-面积统计表'!$D$5,2),IF(AND(V47="共同成本费用",Z47="可售建筑面积法"),ROUND(T47/'附表1-面积统计表'!$F$29*'附表1-面积统计表'!$F$5,2),"请手工填写"))) -> 0 | X47: =IF(SUM('附表1-面积统计表'!$D$6)=0,"",SUM(T47)-SUM(W47)-SUM(Y47)) | Y47: =IF(SUM('附表1-面积统计表'!$D$6)=0,SUM(T47)-SUM(W47),IF('附表1-面积统计表'!$D$29=0,"",IF(AND(V47="共同成本费用",Z47="总建筑面积法"),ROUND(T47/'附表1-面积统计表'!$D$29*'附表1-面积统计表'!$D$7,2),IF(AND(V47="共同成本费用",Z47="可售建筑面积法"),ROUND(T47/'附表1-面积统计表'!$F$29*'附表1-面积统计表'!$F$7,2),"请手工填写")))) -> 0 | Z47: 可售建筑面积法 | AB47: 可加计
A48: 42 | B48: 43781 | C48: 0094 | D48: 基础设施费 | E48: 绿化费用 | F48: 景观石材 | G48: JC-LH-06 | H48: =IF(G48="","",VLOOKUP(G48,'附表8-合同明细采集底稿'!B:I,2,0)) -> 新增产品合同 | I48: =IF(G48="","",VLOOKUP(G48,'附表8-合同明细采集底稿'!B:I,3,0)) -> 产权转移书据 | J48: =IF(G48="","",VLOOKUP(G48,'附表8-合同明细采集底稿'!B:I,4,0)) -> 曲阳县石磊石材雕塑有限公司 | K48: 增值税专用发票 | L48: 1300191130 | M48: 18370135 | N48: 82300.88 | O48: 93000 | P48: 82300.88 | R48: =P48+Q48 -> 82300.88 | S48: =IFERROR(VLOOKUP(G48,'附表8-合同明细采集底稿'!B:M,12,0),100%) -> 0.33192427 | T48: =ROUND(SUM(R48)*SUM(S48),2) -> 27317.66 | U48: 已核实 | V48: 共同成本费用 | W48: =IF('附表1-面积统计表'!$D$29=0,"",IF(AND(V48="共同成本费用",Z48="总建筑面积法"),ROUND(T48/'附表1-面积统计表'!$D$29*'附表1-面积统计表'!$D$5,2),IF(AND(V48="共同成本费用",Z48="可售建筑面积法"),ROUND(T48/'附表1-面积统计表'!$F$29*'附表1-面积统计表'!$F$5,2),"请手工填写"))) -> 25719.34 | X48: =IF(SUM('附表1-面积统计表'!$D$6)=0,"",SUM(T48)-SUM(W48)-SUM(Y48)) | Y48: =IF(SUM('附表1-面积统计表'!$D$6)=0,SUM(T48)-SUM(W48),IF('附表1-面积统计表'!$D$29=0,"",IF(AND(V48="共同成本费用",Z48="总建筑面积法"),ROUND(T48/'附表1-面积统计表'!$D$29*'附表1-面积统计表'!$D$7,2),IF(AND(V48="共同成本费用",Z48="可售建筑面积法"),ROUND(T48/'附表1-面积统计表'!$F$29*'附表1-面积统计表'!$F$7,2),"请手工填写")))) -> 1598.32 | Z48: 可售建筑面积法 | AB48: 可加计
A49: 43 | B49: 2020-03-31 | C49: 记 - 54 | D49: 基础设施费 | E49: 照明工程支出 | F49: 3-23付巴州青橄榄沁春锦苑围栏维修款 | G49: JC-LH-17 | H49: =IF(G49="","",VLOOKUP(G49,'附表8-合同明细采集底稿'!B:I,2,0)) -> 沁春锦苑小区景观轴亮化工程合同 | I49: =IF(G49="","",VLOOKUP(G49,'附表8-合同明细采集底稿'!B:I,3,0)) -> 建设工程合同 | J49: =IF(G49="","",VLOOKUP(G49,'附表8-合同明细采集底稿'!B:I,4,0)) -> 巴州青橄榄电子科技有限公司（党曌） | K49: 增值税普通发票 | L49: 065002100111 | M49: 62451359 | N49: 8500 | O49: 8500 | P49: 8500 | Q49: =-P49 -> -8500 | R49: =P49+Q49 -> 0 | S49: =IFERROR(VLOOKUP(G49,'附表8-合同明细采集底稿'!B:M,12,0),100%) -> 0.33192427 | T49: =ROUND(SUM(R49)*SUM(S49),2) -> 0 | V49: 共同成本费用 | W49: =IF('附表1-面积统计表'!$D$29=0,"",IF(AND(V49="共同成本费用",Z49="总建筑面积法"),ROUND(T49/'附表1-面积统计表'!$D$29*'附表1-面积统计表'!$D$5,2),IF(AND(V49="共同成本费用",Z49="可售建筑面积法"),ROUND(T49/'附表1-面积统计表'!$F$29*'附表1-面积统计表'!$F$5,2),"请手工填写"))) -> 0 | X49: =IF(SUM('附表1-面积统计表'!$D$6)=0,"",SUM(T49)-SUM(W49)-SUM(Y49)) | Y49: =IF(SUM('附表1-面积统计表'!$D$6)=0,SUM(T49)-SUM(W49),IF('附表1-面积统计表'!$D$29=0,"",IF(AND(V49="共同成本费用",Z49="总建筑面积法"),ROUND(T49/'附表1-面积统计表'!$D$29*'附表1-面积统计表'!$D$7,2),IF(AND(V49="共同成本费用",Z49="可售建筑面积法"),ROUND(T49/'附表1-面积统计表'!$F$29*'附表1-面积统计表'!$F$7,2),"请手工填写")))) -> 0 | Z49: 可售建筑面积法 | AB49: 可加计
A50: 44 | B50: 2020-04-30 | C50: 记 - 169 | D50: 前期工程费 | E50: 设计费用 | F50: 4-28大漠林海发票到 | G50: JC-LH-04 | H50: =IF(G50="","",VLOOKUP(G50,'附表8-合同明细采集底稿'!B:I,2,0)) -> 专业建设工程设计合同 | I50: =IF(G50="","",VLOOKUP(G50,'附表8-合同明细采集底稿'!B:I,3,0)) -> 技术合同 | J50: =IF(G50="","",VLOOKUP(G50,'附表8-合同明细采集底稿'!B:I,4,0)) -> 乌鲁木齐大漠林海绿化有限责任公司（蔚晓芳） | K50: 增值税专用发票 | L50: 6500192130 | M50: 03285814 | N50: 63758.42 | O50: 64396 | P50: 63758.42 | R50: =P50+Q50 -> 63758.42 | S50: =IFERROR(VLOOKUP(G50,'附表8-合同明细采集底稿'!B:M,12,0),100%) -> 0.33192427 | T50: =ROUND(SUM(R50)*SUM(S50),2) -> 21162.97 | U50: 已核实 | V50: 共同成本费用 | W50: =IF('附表1-面积统计表'!$D$29=0,"",IF(AND(V50="共同成本费用",Z50="总建筑面积法"),ROUND(T50/'附表1-面积统计表'!$D$29*'附表1-面积统计表'!$D$5,2),IF(AND(V50="共同成本费用",Z50="可售建筑面积法"),ROUND(T50/'附表1-面积统计表'!$F$29*'附表1-面积统计表'!$F$5,2),"请手工填写"))) -> 19924.75 | X50: =IF(SUM('附表1-面积统计表'!$D$6)=0,"",SUM(T50)-SUM(W50)-SUM(Y50)) | Y50: =IF(SUM('附表1-面积统计表'!$D$6)=0,SUM(T50)-SUM(W50),IF('附表1-面积统计表'!$D$29=0,"",IF(AND(V50="共同成本费用",Z50="总建筑面积法"),ROUND(T50/'附表1-面积统计表'!$D$29*'附表1-面积统计表'!$D$7,2),IF(AND(V50="共同成本费用",Z50="可售建筑面积法"),ROUND(T50/'附表1-面积统计表'!$F$29*'附表1-面积统计表'!$F$7,2),"请手工填写")))) -> 1238.22 | Z50: 可售建筑面积法 | AB50: 可加计
A51: 45 | B51: 2020-06-10 | C51: 记 - 66 | D51: 前期工程费 | E51: 规划费用 | F51: 6-9付益诚沁春锦苑交通分析规划图 | H51: =IF(G51="","",VLOOKUP(G51,'附表8-合同明细采集底稿'!B:I,2,0)) | I51: =IF(G51="","",VLOOKUP(G51,'附表8-合同明细采集底稿'!B:I,3,0)) | J51: 新疆益诚开拓空间规划建筑设计研究院有限公司 | K51: 增值税专用发票 | L51: 6500193130 | M51: 03815930 | N51: 4716.98 | O51: 5000 | P51: 4716.98 | R51: =P51+Q51 -> 4716.98 | S51: 0.33133978 | T51: =ROUND(SUM(R51)*SUM(S51),2) -> 1562.92 | U51: 已核对 | V51: 共同成本费用 | W51: =IF('附表1-面积统计表'!$D$29=0,"",IF(AND(V51="共同成本费用",Z51="总建筑面积法"),ROUND(T51/'附表1-面积统计表'!$D$29*'附表1-面积统计表'!$D$5,2),IF(AND(V51="共同成本费用",Z51="可售建筑面积法"),ROUND(T51/'附表1-面积统计表'!$F$29*'附表1-面积统计表'!$F$5,2),"请手工填写"))) -> 1471.48 | X51: =IF(SUM('附表1-面积统计表'!$D$6)=0,"",SUM(T51)-SUM(W51)-SUM(Y51)) | Y51: =IF(SUM('附表1-面积统计表'!$D$6)=0,SUM(T51)-SUM(W51),IF('附表1-面积统计表'!$D$29=0,"",IF(AND(V51="共同成本费用",Z51="总建筑面积法"),ROUND(T51/'附表1-面积统计表'!$D$29*'附表1-面积统计表'!$D$7,2),IF(AND(V51="共同成本费用",Z51="可售建筑面积法"),ROUND(T51/'附表1-面积统计表'!$F$29*'附表1-面积统计表'!$F$7,2),"请手工填写")))) -> 91.44 | Z51: 可售建筑面积法 | AB51: 可加计
A52: 46 | B52: 2020-06-19 | C52: 记 - 158 | D52: 前期工程费 | E52: 设计费用 | F52: 6-23预付安徽宏泰杜鹃路设计费 | G52: 其他合同-41 | H52: =IF(G52="","",VLOOKUP(G52,'附表8-合同明细采集底稿'!B:I,2,0)) -> 建设工程设计合同（专业建设工程） | I52: =IF(G52="","",VLOOKUP(G52,'附表8-合同明细采集底稿'!B:I,3,0)) -> 建设工程合同 | J52: =IF(G52="","",VLOOKUP(G52,'附表8-合同明细采集底稿'!B:I,4,0)) -> 安徽宏泰交通工程设计研究院有限公司 | K52: 增值税专用发票 | L52: 3400194130 | M52: 15984650 | N52: 0 | O52: 1698.11 | P52: 28301.89 | Q52: -28301.89 | R52: =P52+Q52 -> 0 | S52: =IFERROR(VLOOKUP(G52,'附表8-合同明细采集底稿'!B:M,12,0),100%) -> 0.33192427 | T52: =ROUND(SUM(R52)*SUM(S52),2) -> 0 | V52: 共同成本费用 | W52: =IF('附表1-面积统计表'!$D$29=0,"",IF(AND(V52="共同成本费用",Z52="总建筑面积法"),ROUND(T52/'附表1-面积统计表'!$D$29*'附表1-面积统计表'!$D$5,2),IF(AND(V52="共同成本费用",Z52="可售建筑面积法"),ROUND(T52/'附表1-面积统计表'!$F$29*'附表1-面积统计表'!$F$5,2),"请手工填写"))) -> 0 | X52: =IF(SUM('附表1-面积统计表'!$D$6)=0,"",SUM(T52)-SUM(W52)-SUM(Y52)) | Y52: =IF(SUM('附表1-面积统计表'!$D$6)=0,SUM(T52)-SUM(W52),IF('附表1-面积统计表'!$D$29=0,"",IF(AND(V52="共同成本费用",Z52="总建筑面积法"),ROUND(T52/'附表1-面积统计表'!$D$29*'附表1-面积统计表'!$D$7,2),IF(AND(V52="共同成本费用",Z52="可售建筑面积法"),ROUND(T52/'附表1-面积统计表'!$F$29*'附表1-面积统计表'!$F$7,2),"请手工填写")))) -> 0 | Z52: 可售建筑面积法 | AB52: 可加计
